Workbook

Sheet Home
C2: सेवानिवत्तीचा प्रस्ताव तयार करण्यासाठीची माहिती https://gramvikaseseva.com
C4: 1 | D4: तपासणी यादी -Check list | F4: 17 | G4: भविष्य निर्वाह निधी
C5: 2 | D5: Pension Form | F5: 18 | G5: रजा रोखिकरण अर्ज
C6: 3 | D6: Non Drawal Letter ना देय प्रमाणपत्र | F6: 19 | G6: BTR26 Leave Incashment Bill
C7: 4 | D7: नमुना -- ७ फॉर्म | F7: 20 | G7: Pass Leave Incashment Bill
C8: 5 | D8: नमुना -- ५ फॉर्म | F8: 21 | G8: Inner Leave Incashment Bill
C9: 6 | D9: नमुना -- ३ फॉर्म कुटुंबाचा तपशील | F9: 22 | G9: Certificate Leave Incashment Bill
C10: 7 | D10: नमुना -- ६ फॉर्म निवृत्तीवेतन व उपदान निर्धारणासाठी | F10: 23 | G10: बदली प्रवास भत्ता
C11: 8 | D11: नमुना बी निव्रुतीवेतनाच्या काही भागाच्या अंश:राशीकरण नमुना | F11: 24 | G11: नमुना २७ प्रवास भत्ता देयक
C12: 9 | D12: नमुना १ मृत्यू निसेवानिवृत्ती उपदान: नामनिर्देशन | F12: 25 | G12: राज्य शासकीय गट विमा योजना प्रस्ताव
C13: 10 | D13: अंतिम वेतन प्रमाणपत्र | F13: 26 | G13: Formuala Use In This Worksheet
C14: 11 | D14: फॉर्म ४२ | F14: 27 | G14: Formulas (सेवानिव्रुती )
C15: 12 | D15: निवृत्तीवेतन परिगणना (प्रपत्र ३) | F15: 28 | G15: Output मिळणारे सेवानिवृती वेतन
... C17: 14 | D17: PENSION PAYMENT ORDER Disburse's Porition | F17: 30 | G17: All Information Pay & PENS
A18: Created By: https://gramvikaseseva.com | C18: 15 | D18: Reverse of Disburse’s Portion | F18: 31 | G18: महागाई भत्ता दर DA Rates (ह्या शीट मध्ये बदल करून घ्यावेत
C19: 16 | D19: PPO Book | F19: 32
A27: शासना मार्फत वेळोवेळी महागाई भत्ता जाहिर झालेवर DA Rates ह्या शीत मधे बदल करावे.

Sheet Output
B2: सेवानिवृत्ती नंतरचे लाभ
B3: नांव | D3: ='Pension form'!C2 -> सोमनाथ चटर्जी
B4: जन्मतारीख | D4: ='Pension form'!C6 -> 29000
B5: सेवेत रुजू दिनांक | D5: ='Pension form'!C7 -> 38047
B6: सेवानिवृत्त दिनांक | D6: ='Pension form'!C8 -> 50191
B7: एकूण सेवा निवृत्तीसाठी | D7: ='Pension form'!C10 -> 33
B8: रजारोखीकरणसाठी एकूण सेवा | D8: =D7 -> 33
B9: शेवटचे वेतन | D9: ='Pension form'!D38 -> 67100 | E9: =D9*'Pension form'!C13/100 -> 33550 | G9: https://gramvikaseseva.com
B10: मूळ निवृत्तीवेतन | D10: ='Pension form'!F50 -> 33550
B11: दरमहा निवृत्तीवेतन | D11: =D10+E11 -> 50325 | E11: =D10*'Pension form'!C13% -> 16775
E12: =E11-F11 -> 16775
B13: अंशराशीकरण मूल्य | D13: =D9*40% -> 26840
B14: अंशराशीकरण दर | D14: ='Pension form'!D53 -> 8.371
B15: अंशराशीकरण रक्कम | D15: ='Namuna b'!B66 -> 1348066
B16: रजा रोखिकरण | D16: ='BTR26'!N34 -> 1006500
B17: भविष्य निर्वाह रक्कम
B18: उपदान | D18: =D9*'Pension form'!C10/2 -> 1107150 | E18: ='Pension form'!F52 -> 1107150
B19: रजा रोखिकरण | D19: ='BTR26'!N54 -> 1006500
B20: बदली प्रवास भत्ता | D20: ='Transfer Ta'!U35 -> 33770
B21: एकूण | D21: =D18+D16+D15+D19+D20+D17 -> 4501986 | E21: =D9 -> 67100
B27: दरमहा निवृतीवेतन | C27: दरमहा निवृतीवेतन=निव्वृत्तीवेतन+महागाई भत्ता-निवृतीवेतन विक्री
H28: 0.4
E30: रजा रोखिकरण | H30: (अंतिम वेतन +महागाई+ग्रे वे * शिल्लक रजा /30 )
I32: ( सेवा ३३ वर्ष लिमिटेड )
F33: उपदान | G33: अंतिम वेतन * सेवा /२
E38: kutumb nivruti vetan
E39: शेवटचे वेतन *50% | H39: (निवृत्ती वेतन 7 वर्ष पर्यंत
E40: =#REF!*50% -> #REF! | H40: मयात साठी १० वर्ष
H41: १० वर्ष ननंतर ३० टक्के दर ne

Sheet Checklist
A1: ¨ÉÚ³ý ºÉä´ÉÉ {ÉÖºiÉEò SÉäEòÊ±Éº]õ | I1: https://gramvikaseseva.com
A2: Eò¨ÉÇSÉÉ­ªÉÉSÉä xÉÉ´É :- ------------------------------------------------ {ÉnùxÉÉ¨É -------------------
A3: .+.Gò | B3: SÉäEòÊ±Éº]õ Ê´É¹ÉªÉ | C3: ½þÉäªÉ / xÉÉ½þÒ | D3: .+.Gò | E3: SÉäEòÊ±Éº]õ Ê´É¹ÉªÉ | F3: ½þÉäªÉ / xÉÉ½þÒ | I3: 👉१. पहिल्या पानावरील जन्मतारखेची नोंद पडताळणी केली आहे का
A4: 1 | B4: {ÉÊ½þ±ªÉÉ {ÉÉxÉÉ´É®úÒ±É VÉx¨ÉiÉÉ®úJÉäSÉÒ xÉÉånùù {Éb÷iÉÉ³ýhÉÒ Eäò±ÉÒ +É½äþ EòÉªÉ | D4: 21 | E4: ´ÉÉ½þxÉ SÉÉ±ÉEò +ºÉ±ªÉÉºÉ ´ÉÉ½þxÉ {É®ú´ÉÉxÉÉ /xÉÖiÉxÉÒEò®úhÉ xÉÉånù +É½äþ EòÉªÉ | I4: 👉२. पहिल्या पानावरील नोंद दर पाच वर्षांनी तपासणी करुन प्रमाणित करणे.
A5: 2 | B5: {ÉÆSÉ´ÉÉÌ¹ÉEò {Éb÷iÉÉ³ýhÉÒ |É¨ÉÉÊhÉiÉ +É½äþ EòÉªÉ | D5: 22 | E5: ºÉä´ÉÉ|É´Éä¶ÉÉäkÉ®ú {ÉÊ®úIÉÉ =kÉÒhÉÇ xÉÉånù +É½äþ EòÉªÉ | I5: 👉३. वैद्यकिय दाखल्याची नोंद.
A6: 3 | B6: ´ÉÉÌ¹ÉEò ºÉä´ÉÉ {Éb÷iÉÉ³ýhÉÒ +É½äþ EòÉªÉ | D6: 23 | E6: Ê´É½þÒiÉ ¨ÉÖnùiÉÒiÉ {ÉÊ®úIÉÉ =kÉÒhÉÇ xÉºÉ±ªÉÉºÉ ´ÉäiÉxÉ´ÉÉføÒ ¤ÉÆnù Eò®úhªÉÉiÉ +É±ªÉÉ EòÉªÉ | I6: 👉४. जात पडताळणी बाबतची नोंद.
A7: 4 | B7: ´ÉènùªÉEòÒªÉ iÉ{ÉÉºÉhÉÒ xÉÉånù/nùÉJÉ±ÉÉ +É½äþ EòÉªÉ | D7: 24 | E7: ±ÉäJÉÉ {ÉÊ®úIÉÉ =kÉÒhÉÇ xÉÉånù +É½þ EòÉªÉ | I7: 👉५. भविष्य निर्वाह निधी खाते क्रमांक नोंद.
A8: 5 | B8: परिविक्षाधीन कालावधी ¨ÉÆVÉÚ®úÒSÉÒ xÉÉånù +É½äþ EòÉªÉ | D8: 25 | E8: +Ê¦ÉªÉÉÆÊjÉEòÒ ºÉÆ´ÉMÉÉÇSÉÒ ´ªÉÉ´ÉºÉÉÊªÉEò {ÉÊ®úIÉÉ =iÉÂÒhÉÇ xÉÉånù +É½äþ EòÉªÉ | I8: 👉६. निवृत्तीवेतन नामनिर्देशनाची नोंद.
A9: 6 | B9: ¦É ÊxÉ ÊxÉ ªÉÉäVÉxÉÉ ±ÉÉMÉÚ EòÒ +Æ¶ÉnùÉxÉ ÊxÉ´ÉÞkÉÒ ´ÉäiÉxÉ ªÉÉäVÉxÉÉ ±ÉÉMÉÚ +É½äþ | D9: 26 | E9: ´ÉªÉÉSÉÒ 45 ´É¹Éæ {ÉÚhÉÇ ZÉÉ±Éä±ÉÒ +ºÉ±ªÉÉxÉä ´É®úÒ±É 20,22 ´É 23SÉÒ {ÉÊ®úIÉÉ ºÉÖ]õ xÉÉånù +É½äþ EòÉªÉ | I9: 👉७. मृत्यू अन सेवानिवृत्ती उपदान नामनिर्देशनाची नोंद.
A10: 7 | B10: ¦É ÊxÉ ÊxÉ Gò¨ÉÉÆEòÉSÉÒ xÉÉånù +É½äþ EòÉªÉ | D10: 27 | E10: ¨É®úÉ`öÒ / Ë½þnùÒ ¦ÉÉ¹ÉÉ {ÉÊ®úIÉÉ ºÉÖ]õ xÉÉånù PÉähªÉÉiÉ +É±ÉÒ EòÉªÉ | I10: 👉८. गटविमा योजणेच्या सदस्यत्वाची नोंद.
A11: 8 | B11: +¶ÉÆnùÉxÉ ÊxÉ´ÉÞkÉÒ ´ÉäiÉxÉ ªÉÉäVÉxÉäSÉÒ (dcps) xÉÉån +É½äþ EòÉªÉù | D11: 28 | E11: nùIÉiÉÉ ®úÉävÉ ¨ÉÆVÉÚ®úÒSÉÒ xÉÉånù +É½äþ EòÉªÉ | I11: 👉९. गटविमा योजणेच्या वर्गणीची नोंद. ( सुरुवातीची व वेळोवेळी बदलानुसार )
A12: 9 | B12: MÉ]õ ¤ÉSÉiÉ VÉÉäb÷Ê´É¨ÉÉ (GSLIS)ªÉÉäVÉxÉäSÉä ºÉ¦ÉÉºÉnù +É½äþ EòÉªÉ +ºÉ±ªÉÉºÉ {ÉÊ®úSÉªÉ Gò¨ÉÉÆEò xÉÉånù +É½äþ EòÉªÉ | D12: 29 | E12: ´ÉäiÉxÉ +ÉªÉÉäMÉÉxÉÖºÉÉ®ú ´ÉäiÉxÉÊxÉÎ¶SÉiÉÒ ´ÉSÉxÉ{ÉjÉ Ê´ÉEò±{É Ê´É´É®úhÉ ´É xÉÉånù PÉäiÉ±ÉÒ EòÉªÉ | I12: 👉१०. गटविमा नामनिर्देशनाची नोंद.
A13: 10 | B13: ¶ÉÉºÉEòÒªÉ MÉ]õ Ê´É¨ÉÉ (GIS)ªÉÉäVÉxÉäSÉä ºÉ¦ÉÉºÉnùú ZÉÉ±ªÉÉSÉÒ xÉÉånù +É½äþ EòÉªÉ | D13: 30 | E13: ´ÉäiÉxÉÊxÉÎ¶SÉiÉÒ {Éb÷iÉÉ³ýhÉÒ +lÉÇ Ê´É¦ÉÉMÉÉEòbÚ÷xÉ iÉ{ÉÉºÉhÉÒ xÉÉånù +É½äþ EòÉªÉ SÉÉèlÉÉ +ÉªÉÉäMÉ / {ÉÉSÉ´ÉÉ +ÉªÉÉäMÉ / ºÉ½þÉ´ÉÉ ´ÉäiÉxÉ +ÉªÉÉäMÉ | I13: 👉११. विहीत संगणक अर्हता परिक्षा उत्तीर्ण नोंद.
A14: 11 | B14: ¶ÉÉºÉEòÒªÉ MÉ]õ Ê´É¨ÉÉ ´ÉMÉÇhÉÒ ´ÉÉføÒ´É nù®úÉSÉÒ xÉÉånù PÉäiÉ±ÉÒ +É½äþ EòÉªÉ 2003 ´É 2010 | D14: 31 | E14: {ÉnùÉäzÉiÉÒ +ºÉ±ªÉÉºÉ Ê´ÉEò±{ÉÉSÉÒ xÉÉånù ´É ´ÉäiÉxÉÊxÉÎ¶SÉiÉÒ xÉÉånù Eäò±ÉÒ +É½äþ EòÉªÉ | I14: 👉१२. सेवांतर्गत प्रशिक्षणाची नोंद.
A15: 12 | B15: MÉ]õ ¤ÉSÉiÉ VÉÉäb÷Ê´É¨ÉÉ ªÉÉäVÉxÉÉ / ¶ÉÉºÉEòÒªÉ MÉ]õ Ê´É¨ÉÉ / ¦É ÊxÉ ÊxÉ / ÊxÉ´ÉÞkÉÒ ´ÉäiÉxÉ ªÉÉäVÉxÉÉ / Eöò]ÖÆõ¤É ÊxÉ´ÉÞkÉÒ ´ÉäiÉxÉ / +ÆÆ¶ÉnùÉxÉ ÊxÉ´ÉÞkÉÒ ´ÉäiÉxÉ xÉÉ¨ÉÊxÉnæù¶ÉxÉ ¦É®ú±Éä +É½äþiÉ EòÉªÉ | D15: 32 | E15: .+É·ÉÉÊºÉiÉ |ÉMÉiÉÒ ªÉÉäVÉxÉÉ 12 ´É¹Éæ / 24 ´É¹Éæ {ÉÉjÉ +ºÉ±ªÉÉºÉ ±ÉÉ¦É Ênù±ÉÉ +É½äþ EòÉªÉ | I15: 👉१३. वार्षिक वेतनवाढ नोंद.
... A21: 18 | B21: VÉÉiÉÒSÉÒ xÉÉånù ´É VÉÉiÉ ´ÉèvÉiÉÉ |É¨ÉÉhÉ{ÉjÉ PÉäiÉ±Éä +É½äþ EòÉªÉ | D21: 38 | E21: EòÉªÉÉÇ±ÉªÉ |É¨ÉÖJÉÉSªÉÉ º´ÉÉIÉ­ªÉÉ {ÉÚhÉÇ +É½äþiÉ EòÉªÉ | I21: 👉१९. स्वग्राम घोषनापत्राची नोंद.
A22: 19 | B22: EòÉªÉ¨É{ÉhÉÉSÉä ¡òÉªÉnäù |É¨ÉÉhÉ{ÉjÉ |ÉÉ{iÉ Eò¯ûxÉ ºÉä´ÉÉ {ÉÖºiÉEò xÉÉänù PÉäiÉ±ÉÒ EòÉªÉ | D22: 39 | I22: 👉२०. वेतन आयोगानुसार वेतन निश्चिती नोंद व पडताळणीची नोंद.
A23: 20 | B23: PÉ®ú¤ÉÉÆvÉhÉÒ +OÉÒ¨É (ÊVÉ{É)/ MÉÞ½þ ÊxÉ¨ÉÉÇhÉ ºÉÆºlÉÉ PÉ®ú ¤ÉÉÆvÉhÉÒ +OÉÒ¨É (¶ÉÉºÉxÉ) xÉÉånù +É½äþ EòÉªÉ ´É ´ÉºÉÖ±ÉÒ ºÉÖ¯û +É½äþ EòÉªÉ | E23: JÉÉiÉä |É¨ÉÖJÉÉSÉÒ º´ÉÉIÉ®úÒ | I23: 👉२१. पदोन्नती / आश्वासित प्रगती योजना / एकस्तर यामुळे झालेल्या वेतन निश्चितीची नोंद.
I24: 👉२२. पुरस्कार प तद्नुषंगिक अनुज्ञेय लाभाच्या नोंदी.
I25: 👉२३. अर्जीत / परावर्तीत रजा दर सहामाही जमा केल्याची नोंद.
I26: 👉२४. घेतलेल्या रजेच्या आदेशाची नोंद व रजा लेख्यात खर्ची घातल्याची नोंद.
I27: 👉२५. रजा प्रवास सवलत नोंद.
I28: 👉२६. दुय्यम सेवापुस्तक दिल्याबाबतची नोंद.
I29: 👉२७. मानीव दिनांक / वेतन समानीकरण संबंधीच्या नोंदी.
I30: 👉२८. सेवा पडताळणीची नोंद.
I31: 👉२९. जनगणना रजा नोंद.
I32: 👉३०. सुट्टीच्या कालावधीत प्रशिक्षण झालेल्या रजा नोंदी.
I33: 👉३१)हिंदी व मराठी भाषा पास झाल्याची वा सुट मिळाल्याची नोंद

Sheet DA Rates
B1: Month | C1: 5th | D1: 6th | E1: 7th | H1: Month | J1: Month | AL1: 36500 | AM1: 40600 | AN1: 44400 | AO1: 51900 | AP1: 59200 | AQ1: 59200 | AR1: 72100 | AS1: 72100 | AT1: 72100 | AU1: 91400 | AW1: 91400 | AX1: 96900 | AY1: 107900 | AZ1: 114000 | BA1: 138000 | BB1: 160300
A2: 37987 | B2: जानेवारी-2004 | C2: 61 | J2: 37987
A3: 38018 | B3: फेब्रुवारी-2004 | C3: 61 | J3: 38018
A4: 38047 | B4: मार्च-2004 | C4: 61 | J4: 38047
A5: 38078 | B5: एप्रिल-2004 | C5: 61 | J5: 38078
A6: 38108 | B6: मे-2004 | C6: 61 | J6: 38108
A7: 38139 | B7: जून-2004 | C7: 61 | J7: 38139
A8: 38169 | B8: जुलै-2004 | C8: 61 | J8: 38169
A9: 38200 | B9: ऑगस्ट-2004 | C9: 11 | J9: 38200
A10: 38231 | B10: सप्टेंबर-2004 | C10: 11 | J10: 38231
A11: 38261 | B11: ऑक्टोबर-2004 | C11: 11 | J11: 38261
A12: 38292 | B12: नोव्हेंबर-2004 | C12: 11 | J12: 38292
A13: 38322 | B13: डिसेंबर-2004 | C13: 11 | J13: 38322
... A25: 38687 | B25: डिसेंबर-2005 | C25: 21 | J25: 38687
A26: 38718 | B26: जानेवारी-2006 | C26: 21 | D26: 0 | F26: 0.08 | H26: जानेवारी-2006 | J26: 38718 | AL26: 37600 | AM26: 41800 | AN26: 45700 | AO26: 53500 | AP26: 61000 | AQ26: 61000 | AR26: 74300 | AS26: 74300 | AT26: 74300 | AU26: 94100 | AW26: 94100 | AX26: 99800 | AY26: 111100 | AZ26: 117400 | BA26: 142100 | BB26: 165100
A27: 38749 | B27: फेब्रुवारी-2006 | C27: 21 | D27: 0 | F27: 0.08 | H27: फेब्रुवारी-2006 | J27: 38749 | AL27: 38700 | AM27: 43100 | AN27: 47100 | AO27: 55100 | AP27: 62800 | AQ27: 62800 | AR27: 76500 | AS27: 76500 | AT27: 76500 | AU27: 96900 | AW27: 96900 | AX27: 102800 | AY27: 114400 | AZ27: 120900 | BA27: 146400 | BB27: 170100
A28: 38777 | B28: मार्च-2006 | C28: 21 | D28: 0 | F28: 0.08 | H28: मार्च-2006 | J28: 38777 | AL28: 39900 | AM28: 44400 | AN28: 48500 | AO28: 56800 | AP28: 64700 | AQ28: 64700 | AR28: 78800 | AS28: 78800 | AT28: 78800 | AU28: 99800 | AW28: 99800 | AX28: 105900 | AY28: 117800 | AZ28: 124500 | BA28: 150800 | BB28: 175200
A29: 38808 | B29: एप्रिल-2006 | C29: 21 | D29: 0 | F29: 0.08 | H29: एप्रिल-2006 | J29: 38808 | AL29: 41100 | AM29: 45700 | AN29: 50000 | AO29: 58500 | AP29: 66600 | AQ29: 66600 | AR29: 81200 | AS29: 81200 | AT29: 81200 | AU29: 102800 | AW29: 102800 | AX29: 109100 | AY29: 121300 | AZ29: 128200 | BA29: 155300 | BB29: 180500
A30: 38838 | B30: मे-2006 | C30: 24 | D30: 0 | F30: 0.08 | H30: मे-2006 | J30: 38838 | AL30: 42300 | AM30: 47100 | AN30: 51500 | AO30: 60300 | AP30: 68600 | AQ30: 68600 | AR30: 83600 | AS30: 83600 | AT30: 83600 | AU30: 105900 | AW30: 105900 | AX30: 112400 | AY30: 124900 | AZ30: 132000 | BA30: 160000 | BB30: 185900
A31: 38869 | B31: जून-2006 | C31: 24 | D31: 0 | F31: 0.08 | H31: जून-2006 | J31: 38869 | AL31: 43600 | AM31: 48500 | AN31: 53000 | AO31: 62100 | AP31: 70700 | AQ31: 70700 | AR31: 86100 | AS31: 86100 | AT31: 86100 | AU31: 109100 | AW31: 109100 | AX31: 115800 | AY31: 128600 | AZ31: 136000 | BA31: 164800 | BB31: 191500
A32: 38899 | B32: जुलै-2006 | C32: 24 | D32: 2 | F32: 0.08 | H32: जुलै-2006 | J32: 38899 | AL32: 44900 | AM32: 50000 | AN32: 54600 | AO32: 64000 | AP32: 72800 | AQ32: 72800 | AR32: 88700 | AS32: 88700 | AT32: 88700 | AU32: 112400 | AW32: 112400 | AX32: 119300 | AY32: 132500 | AZ32: 140100 | BA32: 169700 | BB32: 197200
A33: 38930 | B33: ऑगस्ट-2006 | C33: 24 | D33: 2 | F33: 0.08 | H33: ऑगस्ट-2006 | J33: 38930 | AL33: 46200 | AM33: 51500 | AN33: 56200 | AO33: 65900 | AP33: 75000 | AQ33: 75000 | AR33: 91400 | AS33: 91400 | AT33: 91400 | AU33: 115800 | AW33: 115800 | AX33: 122900 | AY33: 136500 | AZ33: 144300 | BA33: 174800 | BB33: 203100
A34: 38961 | B34: सप्टेंबर-2006 | C34: 29 | D34: 2 | F34: 0.08 | H34: सप्टेंबर-2006 | J34: 38961 | AL34: 47600 | AM34: 53000 | AN34: 57900 | AO34: 67900 | AP34: 77300 | AQ34: 77300 | AR34: 94100 | AS34: 94100 | AT34: 94100 | AU34: 119300 | AW34: 119300 | AX34: 126600 | AY34: 140600 | AZ34: 148600 | BA34: 180000 | BB34: 209200
A35: 38991 | B35: ऑक्टोबर-2006 | C35: 29 | D35: 2 | F35: 0.08 | H35: ऑक्टोबर-2006 | J35: 38991 | AL35: 49000 | AM35: 54600 | AN35: 59600 | AO35: 69900 | AP35: 79600 | AQ35: 79600 | AR35: 96900 | AS35: 96900 | AT35: 96900 | AU35: 122900 | AW35: 122900 | AX35: 130400 | AY35: 144800 | AZ35: 153100 | BA35: 185400
A36: 39022 | B36: नोव्हेंबर-2006 | C36: 29 | D36: 2 | F36: 0.08 | H36: नोव्हेंबर-2006 | J36: 39022 | M36: जानेवारी","फेब्रुवारी","मार्च","एप्रिल","मे","जून","जुलै","ऑगस्ट","सप्टेंबर","ऑक्टोबर","नोव्हेंबर","डिसेंबर | AL36: 50500 | AM36: 56200 | AN36: 61400 | AO36: 72000 | AP36: 82000 | AQ36: 82000 | AR36: 99800 | AS36: 99800 | AT36: 99800 | AU36: 126600 | AW36: 126600 | AX36: 134300 | AY36: 149100 | AZ36: 157700 | BA36: 191000
A37: 39052 | B37: डिसेंबर-2006 | C37: 29 | D37: 2 | F37: 0.08 | H37: डिसेंबर-2006 | J37: 39052 | AL37: 52000 | AM37: 57900 | AN37: 63200 | AO37: 74200 | AP37: 84500 | AQ37: 84500 | AR37: 102800 | AS37: 102800 | AT37: 102800 | AU37: 130400 | AW37: 130400 | AX37: 138300 | AY37: 153600 | AZ37: 162400 | BA37: 196700
A38: 39083 | B38: जानेवारी-2007 | C38: 29 | D38: 6 | F38: 0.08 | H38: जानेवारी-2007 | J38: 39083 | M38: जानेवारी | AL38: 53600 | AM38: 59600 | AN38: 65100 | AO38: 76400 | AP38: 87000 | AQ38: 87000 | AR38: 105900 | AS38: 105900 | AT38: 105900 | AU38: 134300 | AW38: 134300 | AX38: 142400 | AY38: 158200 | AZ38: 167300 | BA38: 202600
A39: 39114 | B39: फेब्रुवारी-2007 | C39: 29 | D39: 6 | F39: 0.08 | H39: फेब्रुवारी-2007 | J39: 39114 | M39: फेब्रुवारी | AL39: 55200 | AM39: 61400 | AN39: 67100 | AO39: 78700 | AP39: 89600 | AQ39: 89600 | AR39: 109100 | AS39: 109100 | AT39: 109100 | AU39: 138300 | AW39: 138300 | AX39: 146700 | AY39: 162900 | AZ39: 172300 | BA39: 208700
A40: 39142 | B40: मार्च-2007 | C40: 29 | D40: 6 | F40: 0.08 | H40: मार्च-2007 | J40: 39142 | M40: मार्च | AL40: 56900 | AM40: 63200 | AN40: 69100 | AO40: 81100 | AP40: 92300 | AQ40: 92300 | AR40: 112400 | AS40: 112400 | AT40: 112400 | AU40: 142400 | AW40: 142400 | AX40: 151100 | AY40: 167800 | AZ40: 177500
A41: 39173 | B41: एप्रिल-2007 | C41: 35 | D41: 6 | F41: 0.08 | H41: एप्रिल-2007 | J41: 39173 | M41: एप्रिल
A42: 39203 | B42: मे-2007 | C42: 35 | D42: 6 | F42: 0.08 | H42: मे-2007 | J42: 39203 | M42: मे | P42: Year | Q42: Opening Balance
A43: 39234 | B43: जून-2007 | C43: 35 | D43: 6 | F43: 0.08 | H43: जून-2007 | J43: 39234 | M43: जून | P43: 2006-07 | Q43: 8
A44: 39264 | B44: जुलै-2007 | C44: 41 | D44: 9 | F44: 0.08 | H44: जुलै-2007 | J44: 39264 | M44: जुलै | P44: 2007-08 | Q44: 8
A45: 39295 | B45: ऑगस्ट-2007 | C45: 41 | D45: 9 | F45: 0.08 | H45: ऑगस्ट-2007 | J45: 39295 | M45: ऑगस्ट | P45: 2008-09 | Q45: 8
A46: 39326 | B46: सप्टेंबर-2007 | C46: 41 | D46: 9 | F46: 0.08 | H46: सप्टेंबर-2007 | J46: 39326 | M46: सप्टेंबर | P46: 2009-10 | Q46: 8
A47: 39356 | B47: ऑक्टोबर-2007 | C47: 41 | D47: 9 | F47: 0.08 | H47: ऑक्टोबर-2007 | J47: 39356 | M47: ऑक्टोबर | P47: 2010-11 | Q47: 8
A48: 39387 | B48: नोव्हेंबर-2007 | C48: 41 | D48: 9 | F48: 0.08 | H48: नोव्हेंबर-2007 | J48: 39387 | M48: नोव्हेंबर | P48: 2011-12 | Q48: 8
A49: 39417 | B49: डिसेंबर-2007 | C49: 41 | D49: 9 | F49: 0.08 | H49: डिसेंबर-2007 | J49: 39417 | M49: डिसेंबर | P49: 2012-13 | Q49: 8
A50: 39448 | B50: जानेवारी-2008 | C50: 47 | D50: 12 | F50: 0.08 | H50: जानेवारी-2008 | J50: 39448 | P50: 2013-14 | Q50: 8
A51: 39479 | B51: फेब्रुवारी-2008 | C51: 47 | D51: 12 | F51: 0.08 | H51: फेब्रुवारी-2008 | J51: 39479 | P51: 2014-15 | Q51: 8
A52: 39508 | B52: मार्च-2008 | C52: 47 | D52: 12 | F52: 0.08 | H52: मार्च-2008 | J52: 39508 | P52: 2015-16 | Q52: 8
A53: 39539 | B53: एप्रिल-2008 | C53: 47 | D53: 12 | F53: 0.08 | H53: एप्रिल-2008 | J53: 39539 | P53: 2016-17 | Q53: 8
A54: 39569 | B54: मे-2008 | C54: 47 | D54: 12 | F54: 0.08 | H54: मे-2008 | J54: 39569 | P54: 2017-18 | Q54: 8
A55: 39600 | B55: जून-2008 | C55: 47 | D55: 12 | F55: 0.08 | H55: जून-2008 | J55: 39600 | P55: 2018-19 | Q55: 8
A56: 39630 | B56: जुलै-2008 | C56: 54 | D56: 16 | F56: 0.08 | H56: जुलै-2008 | J56: 39630 | P56: 2019-20 | Q56: 8
A57: 39661 | B57: ऑगस्ट-2008 | C57: 54 | D57: 16 | F57: 0.08 | H57: ऑगस्ट-2008 | J57: 39661 | P57: 2020-21 | Q57: 8
A58: 39692 | B58: सप्टेंबर-2008 | C58: 54 | D58: 16 | F58: 0.08 | H58: सप्टेंबर-2008 | J58: 39692 | P58: 2021-22 | Q58: 8
A59: 39722 | B59: ऑक्टोबर-2008 | C59: 54 | D59: 16 | F59: 0.08 | H59: ऑक्टोबर-2008 | J59: 39722 | P59: 2022-23 | Q59: 8
A60: 39753 | B60: नोव्हेंबर-2008 | C60: 54 | D60: 16 | F60: 0.08 | H60: नोव्हेंबर-2008 | J60: 39753 | P60: 2023-24 | Q60: 8
A61: 39783 | B61: डिसेंबर-2008 | C61: 54 | D61: 16 | F61: 0.08 | H61: डिसेंबर-2008 | J61: 39783 | P61: 2024-25 | Q61: 8
A62: 39814 | B62: जानेवारी-2009 | D62: 22 | F62: 0.08 | H62: जानेवारी-2009 | J62: 39814 | P62: 2025-26 | Q62: 8
A63: 39845 | B63: फेब्रुवारी-2009 | D63: 22 | F63: 0.08 | H63: फेब्रुवारी-2009 | J63: 39845 | P63: 2026-27 | Q63: 8
A64: 39873 | B64: मार्च-2009 | D64: 22 | F64: 0.08 | H64: मार्च-2009 | J64: 39873 | P64: 2027-28 | Q64: 8
A65: 39904 | B65: एप्रिल-2009 | D65: 22 | F65: 0.08 | H65: एप्रिल-2009 | J65: 39904 | P65: 2028-29 | Q65: 8
A66: 39934 | B66: मे-2009 | D66: 22 | F66: 0.08 | H66: मे-2009 | J66: 39934 | P66: 2029-30 | Q66: 8
A67: 39965 | B67: जून-2009 | D67: 22 | F67: 0.08 | H67: जून-2009 | J67: 39965 | P67: 2030-31 | Q67: 8
A68: 39995 | B68: जुलै-2009 | D68: 27 | F68: 0.08 | H68: जुलै-2009 | J68: 39995 | P68: 2031-32 | Q68: 8
A69: 40026 | B69: ऑगस्ट-2009 | D69: 27 | F69: 0.08 | H69: ऑगस्ट-2009 | J69: 40026 | P69: 2032-33 | Q69: 8
A70: 40057 | B70: सप्टेंबर-2009 | D70: 27 | F70: 0.08 | H70: सप्टेंबर-2009 | J70: 40057 | P70: 2033-34 | Q70: 8
A71: 40087 | B71: ऑक्टोबर-2009 | D71: 27 | F71: 0.08 | H71: ऑक्टोबर-2009 | J71: 40087 | P71: 2034-35 | Q71: 8
A72: 40118 | B72: नोव्हेंबर-2009 | D72: 27 | F72: 0.08 | H72: नोव्हेंबर-2009 | J72: 40118 | P72: 2035-36 | Q72: 8
A73: 40148 | B73: डिसेंबर-2009 | D73: 27 | F73: 0.08 | H73: डिसेंबर-2009 | J73: 40148 | P73: 2036-37 | Q73: 8
... A86: 40544 | B86: जानेवारी-2011 | D86: 45 | F86: 0.08 | H86: जानेवारी-2011 | J86: 40544 | P86: 2049-50 | Q86: 8
A87: 40575 | B87: फेब्रुवारी-2011 | D87: 45 | F87: 0.08 | H87: फेब्रुवारी-2011 | J87: 40575
A88: 40603 | B88: मार्च-2011 | D88: 45 | F88: 0.08 | H88: मार्च-2011 | J88: 40603
A89: 40634 | B89: एप्रिल-2011 | D89: 45 | F89: 0.08 | H89: एप्रिल-2011 | J89: 40634
A90: 40664 | B90: मे-2011 | D90: 51 | F90: 0.08 | H90: मे-2011 | J90: 40664
A91: 40695 | B91: जून-2011 | D91: 51 | F91: 0.08 | H91: जून-2011 | J91: 40695
A92: 40725 | B92: जुलै-2011 | D92: 51 | F92: 0.08 | H92: जुलै-2011 | J92: 40725
A93: 40756 | B93: ऑगस्ट-2011 | D93: 51 | F93: 0.08 | H93: ऑगस्ट-2011 | J93: 40756
A94: 40787 | B94: सप्टेंबर-2011 | D94: 51 | F94: 0.08 | H94: सप्टेंबर-2011 | J94: 40787
A95: 40817 | B95: ऑक्टोबर-2011 | D95: 58 | F95: 0.08 | H95: ऑक्टोबर-2011 | J95: 40817
A96: 40848 | B96: नोव्हेंबर-2011 | D96: 58 | F96: 0.08 | H96: नोव्हेंबर-2011 | J96: 40848
A97: 40878 | B97: डिसेंबर-2011 | D97: 58 | F97: 0.08 | H97: डिसेंबर-2011 | J97: 40878
A98: 40909 | B98: जानेवारी-2012 | D98: 65 | F98: 0.08 | H98: जानेवारी-2012 | J98: 40909
... A145: 42339 | B145: डिसेंबर-2015 | D145: 119 | F145: 0.08 | H145: डिसेंबर-2015 | J145: 42339
A146: 42370 | B146: जानेवारी-2016 | D146: 125 | E146: 0 | F146: 0.08 | H146: जानेवारी-2016 | J146: 42370
A147: 42401 | B147: फेब्रुवारी-2016 | D147: 125 | E147: 0 | F147: 0.08 | H147: फेब्रुवारी-2016 | J147: 42401
A148: 42430 | B148: मार्च-2016 | D148: 125 | E148: 0 | F148: 0.08 | H148: मार्च-2016 | J148: 42430
A149: 42461 | B149: एप्रिल-2016 | D149: 125 | E149: 0 | F149: 0.08 | H149: एप्रिल-2016 | J149: 42461
A150: 42491 | B150: मे-2016 | D150: 125 | E150: 0 | F150: 0.08 | H150: मे-2016 | J150: 42491
A151: 42522 | B151: जून-2016 | D151: 125 | E151: 0 | F151: 0.08 | H151: जून-2016 | J151: 42522
A152: 42552 | B152: जुलै-2016 | D152: 132 | E152: 2 | F152: 0.08 | H152: जुलै-2016 | J152: 42552
A153: 42583 | B153: ऑगस्ट-2016 | D153: 132 | E153: 2 | F153: 0.08 | H153: ऑगस्ट-2016 | J153: 42583
A154: 42614 | B154: सप्टेंबर-2016 | D154: 132 | E154: 2 | F154: 0.08 | H154: सप्टेंबर-2016 | J154: 42614
A155: 42644 | B155: ऑक्टोबर-2016 | D155: 132 | E155: 2 | F155: 0.08 | H155: ऑक्टोबर-2016 | J155: 42644
A156: 42675 | B156: नोव्हेंबर-2016 | D156: 132 | E156: 2 | F156: 0.08 | H156: नोव्हेंबर-2016 | J156: 42675
A157: 42705 | B157: डिसेंबर-2016 | D157: 132 | E157: 2 | F157: 0.08 | H157: डिसेंबर-2016 | J157: 42705
... A182: 43466 | B182: जानेवारी-2019 | D182: 142 | E182: 12 | F182: 0.08 | H182: जानेवारी-2019 | J182: 43466
A183: 43497 | B183: फेब्रुवारी-2019 | D183: 142 | E183: =E182 -> 12 | F183: 0.08 | H183: फेब्रुवारी-2019 | J183: 43497
A184: 43525 | B184: मार्च-2019 | D184: 142 | E184: =E183 -> 12 | F184: 0.08 | H184: मार्च-2019 | J184: 43525
A185: 43556 | B185: एप्रिल-2019 | D185: 142 | E185: =E184 -> 12 | F185: 0.08 | H185: एप्रिल-2019 | J185: 43556
A186: 43586 | B186: मे-2019 | E186: =E185 -> 12 | F186: 0.08 | H186: मे-2019 | J186: 43586
A187: 43617 | B187: जून-2019 | E187: =E186 -> 12 | F187: 0.08 | H187: जून-2019 | J187: 43617
A188: 43647 | B188: जुलै-2019 | E188: 17 | F188: 0.08 | H188: जुलै-2019 | J188: 43647
A189: 43678 | B189: ऑगस्ट-2019 | E189: =E188 -> 17 | F189: 0.08 | H189: ऑगस्ट-2019 | J189: 43678
A190: 43709 | B190: सप्टेंबर-2019 | E190: =E189 -> 17 | F190: 0.08 | H190: सप्टेंबर-2019 | J190: 43709
A191: 43739 | B191: ऑक्टोबर-2019 | E191: =E190 -> 17 | F191: 0.08 | H191: ऑक्टोबर-2019 | J191: 43739
A192: 43770 | B192: नोव्हेंबर-2019 | E192: =E191 -> 17 | F192: 0.08 | H192: नोव्हेंबर-2019 | J192: 43770
A193: 43800 | B193: डिसेंबर-2019 | E193: =E192 -> 17 | F193: 0.08 | H193: डिसेंबर-2019 | J193: 43800
...

Sheet Pension form
A1: सेवानिवत्तीचा प्रस्ताव तयार करण्यासाठीची माहिती | H1: / /20 | K1: जिल्हा परिषद | CA1: बीड
A2: नांव | B2: श्री | C2: सोमनाथ चटर्जी | D2: vÉ¨ÉÇ | E2: हिंदु | F2: https://gramvikaseseva.com | K2: जाक्र/ | M2: अस्था /आरआर/ /20 | CA2: अक्कलकुवा | DP2: हुद्दा | DT2: तालुका | DW2: विभाग | DY2: तालुका कार्यालय | EA2: विभाग प्रमुख | EC2: तालुका प्रमुख
A3: वडीलांचे/ पतीचे नांव | AZ3: Select your GP | BD3: Select your GP | CA3: अहमदनगर | CB3: अकोला | CC3: अमरावती | CD3: उस्मानाबाद | CE3: औरंगाबाद | CF3: कोल्हापूर | CG3: गडचिरोली | CH3: गोंदिया | CI3: चंद्रपूर | CJ3: जालना | CK3: जळगाव | CL3: ठाणे | CM3: नाशिक | CN3: धुळे | CO3: नागपूर | CP3: नंदुरबार | CQ3: नांदेड | CR3: परभणी | CS3: पालघर | CT3: पुणे | CU3: बीड | CV3: बुलाडाणा | CW3: भंडारा | CX3: मुंबई शहर | CY3: मुंबई उपनगर | CZ3: यवतमाळ | DA3: रायगड | DB3: रत्नागिरी | DC3: लातूर | DD3: वर्धा | DE3: वाशीम | DF3: सातारा | DG3: सिंधुदुर्ग | DH3: सोलापूर | DI3: सांगली | DJ3: हिंगोली | DP3: अतिरिक्त मुख्य कार्यकारी अधिकारी | DT3: अमळनेर | DW3: सामान्य प्रशासन विभाग | DY3: पंचायत समिती | EA3: अतिरिक्त मुख्य कार्यकारी अधिकारी | EC3: गट विकास अधिकारी वर्ग 1
A4: पदनाम | C4: कक्ष अधिकारी | D4: जिल्हा | E4: नाशिक | F4: तालुका | G4: कळवण | K4: =IF($K$2="","",($K$2&""&$G$5&"/"&IF($G$5="","",$M$2&""))) -> जाक्र/ सामन्य प्रशासन/अस्था /आरआर/ /20 | AF4: श्री | AJ4: 1 | AK4: S-1 | AL4: 15000-47600 | AZ4: Pay Band 1 (4440-7440) - 1300 | BA4: 1300 | BB4: 1300 | BD4: Pay Band 1 (4440-7440) - 1300 | BE4: 1300 | BF4: 1300 | BH4: S-1 | BI4: 1 | BJ4: S-1 | BK4: 4440-7440 | BL4: 1300 | BT4: BC | BU4: A | BV4: BC | BW4: A | BZ4: 1 | CA4: 2 | CB4: 3 | CC4: 4 | CD4: 5 | CE4: 6 | CF4: 7 | CG4: 8 | CH4: 9 | CI4: 10 | CJ4: 11 | CK4: 12 | CL4: 13 | CM4: 14 | CN4: 15 | CO4: 16 | CP4: 17 | CQ4: 18 | CR4: 19 | CS4: 20 | CT4: 21 | CU4: 22 | CV4: 23 | CW4: 24 | CX4: 25 | CY4: 26 | CZ4: 27 | DA4: 28 | DB4: 29 | DC4: 30 | DD4: 31 | DE4: 32 | DF4: 33 | DG4: 34 | DH4: 35 | DI4: 36 | DJ4: 37 | DK4: 38 | DL4: 39 | DM4: 40 | DN4: 41 | DP4: उप मुख्य कार्यकारी अधिकारी (साप्र) | DT4: बोदवड | DW4: ग्रामपंचायत विभाग | DY4: एकात्मिक बाल विकास योजना | EA4: उप मुख्य कार्यकारी अधिकारी (साप्र) | EC4: बाल विकास प्रकल्प अधिकारी | EG4: नियत वयोमानानुसार | EJ4: 37987
A5: कार्यालयाचे नांव | C5: पंचायत समिती | F5: विभाग | G5: सामन्य प्रशासन | H5: =C5 -> पंचायत समिती | K5: =IF($C$5="","",($C$5&" "&IF($B$17=" ","",$D$5&""&IF($D$4="","",$G$4&" "&IF($D$4="","",$E$4))))) -> पंचायत समिती कळवण नाशिक | AF5: श्रीमती | AG5: स्वत: | AJ5: 2 | AK5: S-2 | AL5: 15300-48700 | AZ5: Pay Band 1 (4440-7440) - 1400 | BA5: 1400 | BB5: 1400 | BD5: Pay Band 1 (4440-7440) - 1400 | BE5: 1400 | BF5: 1400 | BH5: S-2 | BI5: 2 | BJ5: S-1 | BK5: 4440-7440 | BL5: 1400 | BN5: 1 | BO5: Z class city/others (10%) | BP5: 1 | BQ5: 8 | BR5: 10 | BT5: =IF((#REF!<7440)*AND(#REF!>0)*AND(#REF!<4200)*AND(#REF!>0),400,0) -> #REF! | BU5: =IF((#REF!<7440)*AND(#REF!>0)*AND(#REF!<4200)*AND(#REF!>0),600,0) -> #REF! | BV5: =IF((CN10>0)*AND(CN10<3),900,0) -> 0 | BW5: =IF((CN10>0)*AND(CN10<3),1350,0) -> 0 | BZ5: 1 | CA5: अहमदनगर | CB5: अकोला | CC5: अमरावती | CD5: उस्मानाबाद | CE5: औरंगाबाद | CF5: कोल्हापूर - करवीर | CG5: गडचिरोली | CH5: गोंदिया | CI5: चंद्रपूर | CJ5: जालना | CK5: अमळनेर | CL5: ठाणे | CM5: नाशिक | CN5: धुळे | CO5: नागपूर | CP5: नंदुरबार | CQ5: नांदेड | CR5: परभणी | CS5: पालघर | CT5: पुणे शहर | CU5: बीड | CV5: बुलाडाणा | CW5: भंडारा | CY5: अंधेरी | CZ5: यवतमाळ | DA5: अलिबाग | DB5: रत्नागिरी | DC5: लातूर | DD5: वर्धा | DE5: वाशीम | DF5: सातारा | DG5: ओरस | DH5: उत्तर सोलापूर | DI5: शिराळा ( महाल ) | DJ5: हिंगोली | DP5: गट विकास अधिकारी वर्ग 1 | DT5: भुसावळ | DW5: बांधकाम विभाग | DY5: तालुका वैदयकीय अधिकारी कार्यालय | EA5: उप मुख्य कार्यकारी अधिकारी (ग्रापं) | EC5: तालुका वैदयकीय अधिकारी | EG5: º´ÉäSUôÉ ºÉä´ÉÉÊxÉ´ÉÞkÉÒ | EJ5: 38018
A6: जन्मतारिख | C6: 29000 | AF6: कुमारी | AG6: पती | AJ6: 3 | AK6: S-3 | AL6: 16600-52400 | AZ6: Pay Band 1 (4440-7440) - 1600 | BA6: 1600 | BB6: 1600 | BD6: Pay Band 1 (4440-7440) - 1600 | BE6: 1600 | BF6: 1600 | BH6: S-3 | BI6: 3 | BJ6: S-1 | BK6: 4440-7440 | BL6: 1600 | BN6: 2 | BO6: Y class city (20%) | BP6: 2 | BQ6: 16 | BR6: 20 | BT6: =IF((#REF!<7440)*AND(#REF!>0)*AND(#REF!<4200)*AND(#REF!>0),400,0) -> #REF! | BU6: =IF((#REF!<7440)*AND(#REF!>0)*AND(#REF!<4200)*AND(#REF!>0),600,0) -> #REF! | BV6: =IF((CN10>2)*AND(CN10<9),1800,0) -> 0 | BW6: =IF((CN10>2)*AND(CN10<9),3600,0) -> 0 | BX6: श्री | BZ6: 2 | CA6: कोपरगाव | CB6: तेल्हारा | CC6: धारणी ( मेळघाट ) | CD6: भूम ( महाल ) | CE6: सोयगाव | CF6: शाहुवाडी | CG6: कुरखेडा | CH6: तिरोडा | CI6: चिमूर | CJ6: भोकरदन | CK6: भडगाव | CL6: शहापूर | CM6: सटाणा ( बागलाण ) | CN6: शिरपूर | CO6: नरखेड | CP6: अक्कलकुवा | CQ6: किनवट | CR6: जिंतूर | CS6: तलासरी | CT6: जुन्नर | CU6: गेवराई | CV6: जळगाव ( जामोद ) | CW6: तुमसर | CY6: बोरीवली | CZ6: बाभूळगाव | DA6: पनवेल | DB6: मंडणगड | DC6: अहमदपूर | DD6: आष्टी | DE6: कारंजा | DF6: खंडाळा | DG6: देवगड | DH6: करमाळा | DI6: विटा ( खानापूर ) | DJ6: कळमनुरी | DP6: सहायक गट विकास अधिकारी | DT6: भडगांव | DW6: जलसंधारण विभाग ल पा (सिंचन) | DY6: बांधकाम उपविभाग | EA6: उपमुख्य कार्यकारी अधिकारी पा व स्व | EC6: उप अभियंता बा.ध | EG6: ¨ÉªÉiÉ | EJ6: 38047
A7: नेाकरी सुरु दि | C7: 38047 | D7: से नि सुरु दि | AF7: सौ | AG7: पत्नी | AJ7: 4 | AK7: S-4 | AL7: 17100-54000 | AZ7: Pay Band 1 (4440-7440) - 1650 | BA7: 1650 | BB7: 1650 | BD7: Pay Band 1 (4440-7440) - 1650 | BE7: 1650 | BF7: 1650 | BH7: S-4 | BI7: 4 | BJ7: S-1 | BK7: 4440-7440 | BL7: 1650 | BN7: 3 | BO7: X class city (30%) | BP7: 3 | BQ7: 24 | BR7: 30 | BT7: =IF((#REF!>=4200)*(#REF!<5400)*AND(#REF!>0),800,0) -> #REF! | BU7: =IF((#REF!>=4200)*(#REF!<5400)*AND(#REF!>0),1600,0) -> #REF! | BV7: =IF((CN10>8)*AND(CN10<20),3600,0) -> 0 | BW7: =IF((CN10>8)*AND(CN10<20),7200,0) -> 0 | BX7: श्रीमती | BZ7: 3 | CA7: अकोले | CB7: आकोट | CC7: चिखलदरा | CD7: कळंब | CE7: कन्नड | CF7: पन्हाळा | CG7: आरमोरी | CH7: गोरेगाव | CI7: नागभीड | CJ7: जाफराबाद | CK7: भुसावळ | CL7: भिवंडी | CM7: सुरगाणा | CN7: शिंदखेडा | CO7: सावनेर | CP7: धडगाव ( अक्राणी ) | CQ7: हदगाव | CR7: पाथरी | CS7: जव्हार | CT7: आंबेगाव ( घोडेगाव ) | CU7: आष्टी | CV7: संग्रामपूर | CW7: मोहोडी | CY7: कुर्ला | CZ7: नेर | DA7: कर्जत | DB7: दापोली | DC7: औसा | DD7: कारंजा | DE7: मालेगाव | DF7: महाबळेश्वर | DG7: वैभववाडी | DH7: माढा | DI7: आटपाडी | DJ7: बसमत | DP7: कक्ष अधिकारी | DT7: चाळीसगांव | DW7: ग्रामीण पाणी पुरवठा विभाग | DY7: लघुसिंचन उपविभाग | EA7: जिल्हा आरोग्य अधिकारी | EC7: उप अभियंता लघु सिं | EJ7: 38078
A8: सेवानिवत्त दि | C8: =IF(C2="","",IF(ISERROR(C6+S9),"Error in data entry",IF(DAY(C6)=1,EOMONTH(C6,S9-1),EOMONTH(C6,S9)))) -> 50191 | D8: =IF(C2="","",C8+1) -> 50192 | E8: ºÉä´ÉÉÊxÉ´ÉÞkÉÒ |ÉEòÉ®ú | F8: नियत वयोमानानुसार | I8: Mar-19 | J8: =TEXT(B8,"mmm-yy") -> Jan-00 | K8: =IF(C8="","",VLOOKUP(I8,'DA Rates'!A2:F565,5,)) -> #N/A | M8: सेवा निव.त्त दिनांक | N8: सेवा निवत्‍त सुरु दि | AG8: मुलगा | AJ8: 5 | AK8: S-4 | AL8: 17100-54000 | AZ8: Pay Band 1 (4440-7440) - 1700 | BA8: 1700 | BB8: 1700 | BD8: Pay Band 1 (4440-7440) - 1700 | BE8: 1700 | BF8: 1700 | BH8: S-4 | BI8: 5 | BJ8: S-1 | BK8: 4440-7440 | BL8: 1700 | BN8: 4 | BO8: No HRA | BP8: 4 | BQ8: 0 | BR8: 0 | BT8: =IF((#REF!>=5400)*AND(#REF!>0),1600,0) -> #REF! | BU8: =IF((#REF!>=5400)*AND(#REF!>0),3200,0) -> #REF! | BX8: कुमारी | BZ8: 4 | CA8: संगमनेर | CB8: बाळापुर | CC8: अचलपूर | CD8: परांडा | CE8: सिल्लोड | CF8: हातकणंगले | CG8: धानोरा | CH8: आमगाव | CI8: ब्रम्हपुरी | CJ8: अंबड | CK8: बोदवड | CL8: कल्याण | CM8: कळवण | CN8: साक्री | CO8: पारशिवनी | CP8: तळोदा | CQ8: भोकर | CR8: गंगाखेड | CS8: मोखाडा | CT8: वडगाव ( मावळ ) | CU8: पाटोदा | CV8: मलकापूर | CW8: साकोली | CZ8: दारव्हा | DA8: उरण | DB8: खेड | DC8: निलंगा | DD8: आर्वी | DE8: मंगरूळपीर | DF8: वाई | DG8: मालवण | DH8: बार्शी | DI8: इस्लामपूर ( वाळवा ) | DJ8: औंढा नागनाथ | DP8: कार्यालयिन अधीक्षक | DT8: चोपडा | DW8: आरोग्य विभाग | DY8: ग्रामीण पाणी पुरवठा उपविभाग | EA8: कार्यकारी अभियंता | EC8: उप अभियंता ग्रा पा पु | EJ8: 38108
A9: एकुण सेवा | C9: =IF(C2="","",DATEDIF(C7,C8,"y")&" years, "&DATEDIF(C7,C8,"ym")&" months, "&DATEDIF(C7,C8,"md")&" days") -> 33 years, 2 months, 30 days | D9: एकुण सेवा वर्षात | E9: =IF(C2="","",DATEDIF(C7,C8,"y")) -> 33 | F9: =IF(D2="","",DATEDIF(C7,C8,"ym")) -> 2 | G9: =IF(E2="","",DATEDIF(C7,C8,"md")) -> 30 | I9: 43525 | J9: =J8 -> Jan-00 | K9: =IF(J9="","",VLOOKUP(J9,'DA Rates'!A2:F565,5,)) -> #N/A | L9: =IF(I9="","",VLOOKUP(I9,'DA Rates'!A2:F565,5,)) -> 12 | M9: =IF(ISERROR(C6+S9),"Error in data entry",IF(DAY(C6)=1,EOMONTH(C6,S9-1),EOMONTH(C6,S9))) -> 50191 | N9: =M9+1 -> 50192 | S9: =58*12 -> 696 | AG9: मुलगी | AJ9: 6 | AK9: S-5 | AL9: 18000-56900 | AZ9: Pay Band 1 (5200-20200) - 1800 | BA9: 1800 | BB9: 1800 | BD9: Pay Band 1 (5200-20200) - 1800 | BE9: 1800 | BF9: 1800 | BH9: S-5 | BI9: 6 | BJ9: PB-1 | BK9: 5200-20200 | BL9: 1800 | BN9: 5 | BT9: =IF((#REF!=0),1600,0) -> #REF! | BU9: =IF((#REF!=0),3200,0) -> #REF! | BZ9: 5 | CA9: श्रीरामपूर | CB9: मुर्तीजापूर | CC9: चांदूर बाजार | CD9: तुळजापूर | CE9: वैजापूर | CF9: गगनबावळा | CG9: चामोशी | CH9: देवरी | CI9: वरोडा | CJ9: परतूर | CK9: चाळीसगाव | CL9: मुरबाड | CM9: मालेगाव | CO9: रामटेक | CP9: शहादा | CQ9: कंधार | CR9: सोनपेठ | CS9: डहाणू | CT9: राजगुरुनगर ( खेड ) | CU9: माजलगाव | CV9: नांदुरा | CW9: पौनी | CZ9: कळंब | DA9: खालापूर | DB9: गुहागर | DC9: उदगीर | DD9: सेलू | DE9: रिसोड | DF9: फलटण | DG9: कणकवली | DH9: माळशिरस | DI9: तासगाव | DJ9: सेनगाव | DP9: विस्तार अधिकारी सांख्यिकी | DT9: एरंडोल | DW9: महिला व बाल कल्याण विभाग | DY9: प्राथमिक आरोग्य केंद्र | EA9: जिल्हा पशुसंवर्धन अधिकारी | EC9: वैदयकीय अधिकारी | EJ9: 38139
A10: Limtied 33 | C10: =IF(C2="","",IF(E9>=33,33,IF(D10<3,N21,IF((D10<9),E9+0.5,E9+1)))) -> 33 | J10: ='Pension form'!J7 -> 0 | N10: 0 | AG10: आई | AJ10: 7 | AK10: S-6 | AL10: 19900-63200 | AZ10: Pay Band 1 (5200-20200) - 1900 | BA10: 1900 | BB10: 1900 | BD10: Pay Band 1 (5200-20200) - 1900 | BE10: 1900 | BF10: 1900 | BH10: S-6 | BI10: 7 | BJ10: PB-1 | BK10: 5200-20200 | BL10: 1900 | BN10: 6 | BP10: =IF((#REF!="Z class city/others (10%)"),1,IF((#REF!="Y class city (20%)"),2,IF((#REF!="X class city (30%)"),3,IF((#REF!="No HRA"),4,0)))) -> #REF! | BR10: NO | BS10: NO | BV10: =SUM(BT5:BT9) -> #REF! | BW10: =SUM(BV5:BV9) -> 0 | BZ10: 6 | CA10: राहुरी | CB10: पातुर | CC10: मोर्शी | CD10: उमरगा | CE10: खुलताबाद | CF10: शिरोळ | CG10: एटापल्ली | CH10: सालकेसा | CI10: भद्रावती | CJ10: मंठा | CK10: चोपडा | CL10: उल्हासनगर | CM10: पेठ | CO10: काटोल | CP10: नावापुर | CQ10: बिलोली | CR10: मानवत | CS10: वाडा | CT10: शिरूर | CU10: केज | CV10: शेगाव | CW10: लाखांदूर लाखनी | CZ10: राळेगाव | DA10: पेन | DB10: चिपळूण | DC10: देवणी | DD10: देवळी | DE10: मानोरा | DF10: मेढे ( जावळी ) | DG10: वेंगुर्ला | DH10: पंढरपूर | DI10: कवठेमहांकाळ | DP10: लघुलेखक उच्चश्रेणी | DT10: धरणगांव | DW10: पशुसंवर्धन विभाग | DY10: पशुवैद्यकीय दवाखाना | EA10: जिल्हा महिला व बाल विकास अधिकारी | EC10: पशुधन विकास अधिकारी | EJ10: 38169
A11: वेतनश्रेणी 6 वा वेतन | C11: Pay Band 2 (9300-34800) - 4500 | D11: =IF(C11="","",VLOOKUP(C11,BD4:BK44,5,0)) -> S-16 | AG11: वडील | AJ11: 8 | AK11: S-7 | AL11: 21700-69100 | AZ11: Pay Band 1 (5200-20200) - 2000 | BA11: 2000 | BB11: 2000 | BD11: Pay Band 1 (5200-20200) - 2000 | BE11: 2000 | BF11: 2000 | BH11: S-7 | BI11: 8 | BJ11: PB-1 | BK11: 5200-20200 | BL11: 2000 | BN11: 7 | BR11: YES | BS11: YES (TA @ Double rate) | BV11: =SUM(BU5:BU9) -> #REF! | BW11: =SUM(BW5:BW9) -> 0 | BZ11: 7 | CA11: नेवासे | CB11: बार्शीटाकळी | CC11: वरुड | CD11: वाशी | CE11: गंगापूर | CF11: कागल | CG11: अहेरी | CH11: अर्जुनी मोरगाव | CI11: सिंधेवाही | CJ11: घनसावंगी | CK11: धरणगाव | CL11: अंबरनाथ | CM11: दिंडोरी | CO11: कळमेश्वर | CQ11: मुखेड | CR11: सेलू | CS11: वसई | CT11: पौड ( मुळशी ) | CU11: अंबेजोगाई | CV11: मोताळा | CZ11: दिग्रस | DA11: पाली ( सुधागड ) | DB11: संगमेश्वर | DC11: शिरूर अनंतपाळ | DD11: हिंगणघाट | DF11: कोरेगाव | DG11: सावंतवाडी | DH11: मोहोळ | DI11: जत | DP11: लघुलेखक निम्नश्रेणी | DT11: मुक्ताईनगर | DW11: समाज कल्याण विभाग | DY11: जिल्हा परिषद | EA11: मुख्य लेखा व वित्त अधिकारी | EC11: कृषि अधिकारी | EJ11: 38200
B12: =C8 -> 50191 | D12: GSLI No | I12: =IF($C$6="","",($C$5&" "&$G$4&" "&IF($G$4="","",$F$4&""&IF($C$5="","",$G$4&" "&IF($E$4="","",$D$4&""&IF($E$4="","",$E$4)))))) -> पंचायत समिती कळवण तालुका कळवण जिल्हा नाशिक | AJ12: 9 | AK12: S-8 | AL12: 25500-81100 | AZ12: Pay Band 1 (5200-20200) - 2400 | BA12: 2400 | BB12: 2400 | BD12: Pay Band 1 (5200-20200) - 2400 | BE12: 2400 | BF12: 2400 | BH12: S-8 | BI12: 9 | BJ12: PB-1 | BK12: 5200-20200 | BL12: 2400 | BN12: 8 | BS12: =IF((CD11="NO"),1,IF((CD11="YES (TA @ Double rate)"),2)) -> FALSE | BZ12: 8 | CA12: पारनेर | CC12: अंजनगाव - सुर्जी | CD12: लोहारा | CE12: पैठण | CF12: राधानगरी | CG12: सिरोंचा | CH12: सडक - अर्जुनी | CI12: मूल | CJ12: बदनापूर | CK12: एरंडोल | CM12: चांदवड | CO12: कामठी | CQ12: देगलूर | CR12: पालम | CS12: विक्रमगड | CT12: हवेली | CU12: वडवणी | CV12: खामगाव | CZ12: घाटंजी | DA12: मुरुड | DB12: लांजा | DC12: जळकोट | DD12: समुद्रपूर | DF12: खटाव ( वळूज ) | DG12: दोडामार्ग | DH12: सांगोला | DI12: मिरज | DP12: लघुटंकलेखक | DT12: जळगांव | DW12: अर्थ विभाग | EA12: जिल्हा मोहीम अधिकारी | EC12: गट शिक्षणाधिकारी | EJ12: 38231
A13: महागाईभत्ता दर निवडा | B13: 45717 | C13: =IFERROR(IF(B13="","",VLOOKUP(B13,'DA Rates'!A2:E565,5,)),0) -> 50 | D13: ¦ÉÊ´É¹ªÉ ÊxÉ´ÉÉÇ½þ ÊxÉvÉÒ Gò¨ÉÉÆEò | E13: 9282 | I13: =IF($K$1="","",$K$1&","&""&$E$4) -> जिल्हा परिषद ,नाशिक | AJ13: 10 | AK13: S-9 | AL13: 26400-83600 | AZ13: Pay Band 1 (5200-20200) - 2500 | BA13: 2500 | BB13: 2500 | BD13: Pay Band 1 (5200-20200) - 2500 | BE13: 2500 | BF13: 2500 | BH13: S-9 | BI13: 10 | BJ13: PB-1 | BK13: 5200-20200 | BL13: 2500 | BN13: 9 | BS13: Other cities | BU13: 1 | BV13: =IF((BS12=2)*AND(BV10<500),1000,IF((BS12=2)*AND(BV10>499),(BV10*2),IF((BS12=1),BV10))) -> #REF! | BW13: =IF((BS12=2)*AND(BW10<1125),2250,IF((BS12=2)*AND(BW10>1124),(BW10*2),IF((BS12=1),BW10))) -> FALSE | BZ13: 9 | CA13: शेवगाव | CC13: भातकुली | CE13: फुलंब्री | CF13: गारगोटी ( भुदरगड ) | CG13: भामरागड | CI13: राजुरा | CK13: जळगाव | CM13: निफाड | CO13: मौदा | CQ13: मुदखेड | CR13: पूर्णा | CT13: दौंड | CU13: शिरूर ( कासार ) | CV13: चिखली | CZ13: पांढरकवडा ( केळापूर ) | DA13: रोहा | DB13: राजापूर | DC13: रेणापूर | DF13: दहिवडी ( माण ) | DH13: मंगळवेढा | DI13: पलूस | DP13: वरिष्ट सहायक लिपिकवर्गीय | DT13: जामनेर | DW13: कृषि विभाग | EA13: जिल्हा कृषि अधिकारी | EC13: उप मुख्य कार्यकारी अधिकारी (साप्र) | EJ13: 38261 | EM13: पिवला रंग
C14: =IFERROR(IF(B14="","",VLOOKUP(B14,'DA Rates'!A2:E565,4,)),0) | I14: =IF($C$5="","",($C$2&","&$C$4&" "&IF($G$4="","",$C$5&" "&IF($C$2="","",$D$5&""&IF($D$4="","",$G$4&" "&IF($D$4="","",$E$4)))))) -> सोमनाथ चटर्जी ,कक्ष अधिकारी पंचायत समिती कळवण नाशिक | AJ14: 11 | AK14: S-10 | AL14: 29200-92300 | AZ14: Pay Band 1 (5200-20200) - 2800 | BA14: 2800 | BB14: 2800 | BD14: Pay Band 1 (5200-20200) - 2800 | BE14: 2800 | BF14: 2800 | BH14: S-10 | BI14: 11 | BJ14: PB-1 | BK14: 5200-20200 | BL14: 2800 | BN14: 10 | BS14: Higher TPTA cities (A/A1) | BU14: 2 | BV14: =IF((BS12=2)*AND(BV11<500),1000,IF((BS12=2)*AND(BV11>499),(BV11*2),IF((BS12=1),BV11))) -> #REF! | BW14: =IF((BS12=2)*AND(BW11<1125),2250,IF((BS12=2)*AND(BW11>1124),(BW11*2),IF((BS12=1),BW11))) -> FALSE | BZ14: 10 | CA14: पाथर्डी | CC14: तिवसा | CF14: गडहिंग्लज | CG14: कोरची वडसा | CI14: गोंडपिंपरी | CK14: जामनेर | CM14: नांदगाव | CO14: हिंगणा | CQ14: हिमायतनगर | CT14: वेल्हे | CU14: परळी | CV14: मेहकर | CZ14: मारेगाव | DA14: माणगाव | DC14: चाकूर | DF14: पाटण | DH14: दक्षिण सोलापूर | DI14: कडेगाव | DP14: कनिष्ट सहायक लिपिकवर्गीय | DT14: पाचोरा | DW14: पाणी व स्वच्छता विभाग | EA14: शिक्षणाधिकारी प्राथ | EC14: उप मुख्य कार्यकारी अधिकारी (ग्रापं) | EJ14: 38292 | EM14: Orange
BZ15: 11 | CA15: श्रीगोंदे | CC15: दर्यापूर | CF15: आजरा ( महाल ) | CG15: वडसा देसाईगंज | CI15: बल्लारपूर | CK15: मुक्ताईनगर | CM15: येवले | CO15: नागपूर ग्रामीण ( ३ भाग ) | CQ15: माहूर | CT15: सासवड ( पुरंदर ) | CU15: धारूर | CV15: देऊळगाव राजा | CZ15: वणी | DA15: श्रीवर्धन | DF15: कराड | DH15: अक्कलकोट | EC15: उपमुख्य कार्यकारी अधिकारी पा व स्व | EJ15: 38322
BZ16: 12 | CA16: कर्जत | CC16: नांदगाव ( खंडेश्वर ) | CF16: चंदगड | CG16: मुलचेरा | CI16: पोभूर्णा | CK16: पारोळा | CM16: इगतपुरी | CO16: उमरेड | CQ16: धर्माबाद | CT16: भोर | CV16: सिंदखेड राजा | CZ16: पुसद | DA16: म्हसळा | EJ16: 38353
A17: |ÉEò®úhÉ {ÉÉ`öÊ´ÉhÉÉ®äú EòÉªÉÉÇ±ÉªÉ | B17: पंचायत समिती | C17: |ÉEò®úhÉ {ÉÉ`öÊ´ÉhÉÉ®äú +ÊvÉEòÉ®úÒ | D17: गट विकास अधिकारी वर्ग 1 | H17: =D17 -> गट विकास अधिकारी वर्ग 1 | N17: =DATEDIF(C7,C8,"y")&" years" -> 33 years | O17: =DATEDIF(C7,C8,"ym")&" months" -> 2 months | P17: =DATEDIF(C7,C8,"md") & " days" -> 30 days | AJ17: 12 | AK17: S-11 | AL17: 30100-95100 | AZ17: Pay Band 1 (5200-20200) - 2900 | BA17: 2900 | BB17: 2900 | BD17: Pay Band 1 (5200-20200) - 2900 | BE17: 2900 | BF17: 2900 | BH17: S-11 | BI17: 12 | BJ17: PB-1 | BK17: 5200-20200 | BL17: 2900 | BN17: 11 | BS17: =IF((CD9="Other cities"),1,2) -> 2 | BZ17: 13 | CA17: जामखेड | CC17: चांदूर रेल्वे | CI17: सावली | CK17: पाचोरा | CM17: सिन्नर | CO17: कुही | CQ17: पेठ उमरी | CT17: बारामती | CV17: लोणार | CZ17: महागाव | DA17: महाड | DP17: वाहन चालक | DT17: पारोळा | DW17: जिल्हा ग्रामीण विकास यंत्रणा | EA17: प्रकल्प संचालक | EJ17: 38384
A18: जिल्हास्तर प्रकरण पाठविण्याचे कार्यालय | B18: सामान्य प्रशासन विभाग | C18: उप मुख्य कार्यकारी अधिकारी (साप्र) | D18: =IF($K$1="","",$K$1&","&""&$E$4) -> जिल्हा परिषद ,नाशिक | M18: एकुण सेवा | AG18: बहीण | AJ18: 13 | AK18: S-11 | AL18: 30100-95100 | AZ18: Pay Band 1 (5200-20200) - 3000 | BA18: 3000 | BB18: 3000 | BD18: Pay Band 1 (5200-20200) - 3000 | BE18: 3000 | BF18: 3000 | BH18: S-11 | BI18: 13 | BJ18: PB-1 | BK18: 5200-20200 | BL18: 3000 | BN18: 12 | BZ18: 14 | CA18: राहता | CC18: धामणगाव रेल्वे | CI18: कोरपना | CK18: रावेर | CM18: त्र्यंबकेश्वर | CO18: भिवापूर | CQ18: अर्धापूर | CT18: इंदापूर | CZ18: उमरखेड | DA18: पोलादपूर | DP18: परिचर | DT18: रावेर | DW18: शिक्षण विभाग (प्राथमिक) | EJ18: 38412
M19: =DATEDIF(C7,C8,"y") & " years, " & DATEDIF(C7,C8,"ym") & " months, " & DATEDIF(C7,C8,"md") & " days" -> 33 years, 2 months, 30 days | AG19: भाऊ | AJ19: 14 | AK19: S-12 | AL19: 32000-101600 | AZ19: Pay Band 1 (5200-20200) - 3500 | BA19: 3500 | BB19: 3500 | BD19: Pay Band 1 (5200-20200) - 3500 | BE19: 3500 | BF19: 3500 | BH19: S-12 | BI19: 14 | BJ19: PB-1 | BK19: 5200-20200 | BL19: 3500 | BN19: 13 | BZ19: 15 | CI19: जिवेटी | CK19: यावल | CM19: देवळा | CQ19: लोहा | CZ19: आर्णी | DA19: तळा | DP19: संगणक ऑपरेटर | DT19: यावल | DW19: शिक्षण विभाग (माध्यमिक) | EJ19: 38443
A20: सध्याचा पत्ता | D20: ¨ÉÖ {ÉÉä +b÷É´Énù iÉÉ SÉÉä{Éb÷É | I20: =IF($B$17="","",$B$17&","&""&$G$4) -> पंचायत समिती,कळवण | AJ20: 15 | AK20: S-13 | AL20: 35400-112400 | AZ20: Pay Band 2 (9300-34800) - 4100 | BA20: 4100 | BB20: 4100 | BD20: Pay Band 2 (9300-34800) - 4100 | BE20: 4100 | BF20: 4100 | BH20: S-13 | BI20: 15 | BJ20: PB-2 | BK20: 9300-34800 | BL20: 4100 | BN20: 14 | BZ20: 16 | CQ20: नायगाव ( खैरगाव ) | CZ20: झरी जामणी | DP20: उप मुख्य कार्यकारी अधिकारी (ग्रापं) | EJ20: 38473
A21: सेवानिवत्ती नंतरचा पत्ता | D21: ¨ÉÖ {ÉÉä +b÷É´Énù iÉÉ SÉÉä{Éb÷É | H21: Þ | M21: एकुण सेवा वर्षात | N21: =DATEDIF(C7,M9,"y") -> 33 | R21: y | S21: m | T21: d | AJ21: 16 | AK21: S-13 | AL21: 35400-112400 | AZ21: Pay Band 2 (9300-34800) - 4200 | BA21: 4200 | BB21: 4200 | BD21: Pay Band 2 (9300-34800) - 4200 | BE21: 4200 | BF21: 4200 | BH21: S-13 | BI21: 16 | BJ21: PB-2 | BK21: 9300-34800 | BL21: 4200 | BN21: 15 | BZ21: 17 | DP21: विस्तार अधिकारी ग्रामपंचायत | EJ21: 38504
A22: निवÞत्ती वेतन घ्यावयाचे कार्यालय | M22: Limtied 33 | N22: =IF(N21>=33,33,IF(O21<3,N21,IF((O21<9),N21+0.5,N21+1))) -> 33 | R22: =Q25 -> 24 | S22: =R25 -> 2 | T22: =S25 -> 2 | AJ22: 17 | AK22: S-14 | AL22: 38600-122800 | AZ22: Pay Band 2 (9300-34800) - 4300 | BA22: 4300 | BB22: 4300 | BD22: Pay Band 2 (9300-34800) - 4300 | BE22: 4300 | BF22: 4300 | BH22: S-14 | BI22: 17 | BJ22: PB-2 | BK22: 9300-34800 | BL22: 4300 | BN22: 16 | DP22: विस्तार अधिकारी आयआरडीपी | EJ22: 38534
A23: बॅकेचे नांव व पत्ता | D23: VÉä b÷Ò ºÉÒ ºÉÒ ¤ÉÄEò ¶ÉÉJÉÉ +b÷É´Énù | I23: =IF($D$17="","",$D$17&","&""&$C$5) -> गट विकास अधिकारी वर्ग 1,पंचायत समिती | M23: Actual Service Length | N23: =IF(N22>=20,20,IF(P21<3,P21,IF((P21<9),N22+0.5,N22+1))) -> 20 | O23: Yrs | R23: 2019 | S23: 2 | T23: 28 | AJ23: 18 | AK23: S-15 | AL23: 41800-132300 | AZ23: Pay Band 2 (9300-34800) - 4400 | BA23: 4400 | BB23: 4400 | BD23: Pay Band 2 (9300-34800) - 4400 | BE23: 4400 | BF23: 4400 | BH23: S-15 | BI23: 18 | BJ23: PB-2 | BK23: 9300-34800 | BL23: 4400 | BN23: 17 | BZ23: 18 | DP23: ग्रामविकास अधिकारी | EJ23: 38565
A24: उंची | D24: 5 ¡Öò]õõ 3 <ÆSÉ | R24: 1994 | S24: 12 | T24: 30 | AJ24: 19 | AK24: S-16 | AL24: 44900-142400 | AZ24: Pay Band 2 (9300-34800) - 4500 | BA24: 4500 | BB24: 4500 | BD24: Pay Band 2 (9300-34800) - 4500 | BE24: 4500 | BF24: 4500 | BH24: S-16 | BI24: 19 | BJ24: PB-2 | BK24: 9300-34800 | BL24: 4500 | BN24: 18 | BZ24: 19 | DP24: ग्रामसेवक | EJ24: 38596
A25: ओळख खुण | D25: ½þÉiÉÉSÉä EòÉä{É®úÉ´É®ú EòÉ³ýÉ iÉÒ³ý | Q25: 24 | R25: 2 | S25: 2 | T25: 24 | AJ25: 20 | AK25: S-16 | AL25: 44900-142400 | AZ25: Pay Band 2 (9300-34800) - 4600 | BA25: 4600 | BB25: 4600 | BD25: Pay Band 2 (9300-34800) - 4600 | BE25: 4600 | BF25: 4600 | BH25: S-16 | BI25: 20 | BJ25: PB-2 | BK25: 9300-34800 | BL25: 4600 | BN25: 19 | BZ25: 20 | DP25: कार्यकारी अभियंता | EJ25: 38626
A26: सध्याचा कार्यालय कार्यरत कालावधी | D26: 38176 | E26: ते | F26: =C8 -> 50191 | AJ26: 21 | AK26: S-17 | AL26: 47600-151100 | AZ26: Pay Band 2 (9300-34800) - 4800 | BA26: 4800 | BB26: 4800 | BD26: Pay Band 2 (9300-34800) - 4800 | BE26: 4800 | BF26: 4800 | BH26: S-17 | BI26: 21 | BJ26: PB-2 | BK26: 9300-34800 | BL26: 4800 | CI26: =INDEX(BZ4:DN4,MATCH(E4,BZ3:DN3,0)) -> 14 | DP26: उप कार्यकारी अभियंता | EJ26: 38657
A27: Home Town स्वगह | CH27: 1 | CI27: =IF(ISNA(VLOOKUP(CH27,$BZ$5:$DN$25,$CI$26,FALSE)) = TRUE, "Block not found", VLOOKUP(CH27,$BZ$5:$DN$25,$CI$26,FALSE)) -> नाशिक | DP27: उप मुख्य कार्यकारी अधिकारी (साप्र) | EJ27: 38687
A28: अ क्र | B28: कुटुंब सदस्य | C28: जन्मदिनांक | D28: सदस्य नाते | F28: वय | AJ28: 22 | AK28: S-18 | AL28: 49100-155800 | AZ28: Pay Band 2 (9300-34800) - 4900 | BA28: 4900 | BB28: 4900 | BD28: Pay Band 2 (9300-34800) - 4900 | BE28: 4900 | BF28: 4900 | BH28: S-18 | BI28: 22 | BJ28: PB-2 | BK28: 9300-34800 | BL28: 4900 | CH28: 2 | CI28: =IF(ISNA(VLOOKUP(CH28,$BZ$5:$DN$25,$CI$26,FALSE)) = TRUE, "Block not found", VLOOKUP(CH28,$BZ$5:$DN$25,$CI$26,FALSE)) -> सटाणा ( बागलाण ) | DP28: उप अभियंता | EJ28: 38718
A29: 1 | C29: =C6 -> 29000 | D29: º´ÉiÉ: | F29: =DATEDIF(C29,TODAY(),"Y") & " वर्ष, " & DATEDIF(C29,TODAY(),"YM") & " महिना, " & DATEDIF(C29,TODAY(),"MD") & " दिवस" -> 45 वर्ष, 8 महिना, 22 दिवस | AJ29: 23 | AK29: S-18 | AL29: 49100-155800 | AZ29: Pay Band 2 (9300-34800) - 5000 | BA29: 5000 | BB29: 5000 | BD29: Pay Band 2 (9300-34800) - 5000 | BE29: 5000 | BF29: 5000 | BH29: S-18 | BI29: 23 | BJ29: PB-2 | BK29: 9300-34800 | BL29: 5000 | CH29: 3 | CI29: =IF(ISNA(VLOOKUP(CH29,$BZ$5:$DN$25,$CI$26,FALSE)) = TRUE, "Block not found", VLOOKUP(CH29,$BZ$5:$DN$25,$CI$26,FALSE)) -> सुरगाणा | DP29: सहाययक अभियंता श्रेणी 2 | EJ29: 38749
A30: 2 | C30: 31352 | D30: पत्नी | F30: =DATEDIF(C30,TODAY(),"Y") & " वर्ष, " & DATEDIF(C30,TODAY(),"YM") & " महिना, " & DATEDIF(C30,TODAY(),"MD") & " दिवस" -> 39 वर्ष, 3 महिना, 15 दिवस | AJ30: 24 | AK30: S-19 | AL30: 55100-175100 | AZ30: Pay Band 2 (9300-34800) - 5400 | BA30: 5400 | BB30: 5400 | BD30: Pay Band 3 (15600-39100) - 5000 | BE30: 5000 | BF30: 5000 | BH30: S-19 | BI30: 24 | BJ30: PB-3 | BK30: 15600-39100 | BL30: 5000 | CH30: 4 | CI30: =IF(ISNA(VLOOKUP(CH30,$BZ$5:$DN$25,$CI$26,FALSE)) = TRUE, "Block not found", VLOOKUP(CH30,$BZ$5:$DN$25,$CI$26,FALSE)) -> कळवण | DP30: शाखा अभियंता | EJ30: 38777
A31: 3 | C31: 39245 | D31: मुलगी | F31: =DATEDIF(C31,TODAY(),"Y") & " वर्ष, " & DATEDIF(C31,TODAY(),"YM") & " महिना, " & DATEDIF(C31,TODAY(),"MD") & " दिवस" -> 17 वर्ष, 8 महिना, 4 दिवस | AJ31: 25 | AK31: S-20 | AL31: 56100-177500 | AZ31: Pay Band 3 (15600-39100) - 5000 | BA31: 5000 | BB31: 5000 | BD31: Pay Band 2 (9300-34800) - 5400 | BE31: 5400 | BF31: 5400 | BH31: S-20 | BI31: 25 | BJ31: PB-2 | BK31: 9300-34800 | BL31: 5400 | CH31: 5 | CI31: =IF(ISNA(VLOOKUP(CH31,$BZ$5:$DN$25,$CI$26,FALSE)) = TRUE, "Block not found", VLOOKUP(CH31,$BZ$5:$DN$25,$CI$26,FALSE)) -> मालेगाव | DP31: कनिष्ट अभियंता | EJ31: 38808
A32: 4 | C32: 42445 | D32: मुलगा | F32: =DATEDIF(C32,TODAY(),"Y") & " वर्ष, " & DATEDIF(C32,TODAY(),"YM") & " महिना, " & DATEDIF(C32,TODAY(),"MD") & " दिवस" -> 8 वर्ष, 11 महिना, 0 दिवस | AJ32: 26 | AK32: S-21 | AL32: 57100-180800 | AZ32: Pay Band 3 (15600-39100) - 5400 | BA32: 5400 | BB32: 5400 | BD32: Pay Band 3 (15600-39100) - 5400 | BE32: 5400 | BF32: 5400 | BH32: S-20 | BI32: 26 | BJ32: PB-3 | BK32: 15600-39100 | BL32: 5400 | CH32: 6 | CI32: =IF(ISNA(VLOOKUP(CH32,$BZ$5:$DN$25,$CI$26,FALSE)) = TRUE, "Block not found", VLOOKUP(CH32,$BZ$5:$DN$25,$CI$26,FALSE)) -> पेठ | DP32: स्थापत्त अभियांत्रिकी सहायक | EJ32: 38838
C33: 22255 | D33: आई | F33: =DATEDIF(C33,TODAY(),"Y") & " वर्ष, " & DATEDIF(C33,TODAY(),"YM") & " महिना, " & DATEDIF(C33,TODAY(),"MD") & " दिवस" -> 64 वर्ष, 2 महिना, 11 दिवस | AJ33: 27 | AK33: S-22 | AL33: 60000-190800 | AZ33: Pay Band 3 (15600-39100) - 5500 | BA33: 5500 | BB33: 5500 | BD33: Pay Band 3 (15600-39100) - 5500 | BE33: 5500 | BF33: 5500 | BH33: S-21 | BI33: 27 | BJ33: PB-3 | BK33: 15600-39100 | BL33: 5500 | CH33: 7 | CI33: =IF(ISNA(VLOOKUP(CH33,$BZ$5:$DN$25,$CI$26,FALSE)) = TRUE, "Block not found", VLOOKUP(CH33,$BZ$5:$DN$25,$CI$26,FALSE)) -> दिंडोरी | DP33: मुख्‍य आरेखक | EJ33: 38869
A34: सरासरी अंतिम वेतनासाठीचा कालावधी | C34: पासुन | D34: पर्यत | AJ34: 28 | AK34: S-22 | AL34: 60000-190800 | AZ34: Pay Band 3 (15600-39100) - 5700 | BA34: 5700 | BB34: 5700 | BD34: Pay Band 3 (15600-39100) - 5700 | BE34: 5700 | BF34: 5700 | BH34: S-22 | BI34: 28 | BJ34: PB-3 | BK34: 15600-39100 | BL34: 5700 | CH34: 8 | CI34: =IF(ISNA(VLOOKUP(CH34,$BZ$5:$DN$25,$CI$26,FALSE)) = TRUE, "Block not found", VLOOKUP(CH34,$BZ$5:$DN$25,$CI$26,FALSE)) -> चांदवड | DP34: आरेखक | EJ34: 38899
C35: =EDATE(D35,K35) -> 49918 | D35: =C8 -> 50191 | I35: =EDATE(D35,K35) -> 49918 | K35: -9 | AJ35: 29 | AK35: S-23 | AL35: 67700-208700 | AZ35: Pay Band 3 (15600-39100) - 5800 | BA35: 5800 | BB35: 5800 | BD35: Pay Band 3 (15600-39100) - 5800 | BE35: 5800 | BF35: 5800 | BH35: S-22 | BI35: 29 | BJ35: PB-3 | BK35: 15600-39100 | BL35: 5800 | CH35: 9 | CI35: =IF(ISNA(VLOOKUP(CH35,$BZ$5:$DN$25,$CI$26,FALSE)) = TRUE, "Block not found", VLOOKUP(CH35,$BZ$5:$DN$25,$CI$26,FALSE)) -> निफाड | DP35: कनिष्ट आरेखक | EJ35: 38930
A36: निलंबन कालावधी असल्यास तपशील | D36: पासुन | E36: पर्यत | F36: पर्यत | G36: ÊxÉ®ÆúEò | AJ36: 30 | AK36: S-24 | AL36: 71100-211900 | AZ36: Pay Band 3 (15600-39100) - 6600 | BA36: 6600 | BB36: 6600 | BD36: Pay Band 3 (15600-39100) - 6600 | BE36: 6600 | BF36: 6600 | BH36: S-23 | BI36: 30 | BJ36: PB-3 | BK36: 15600-39100 | BL36: 6600 | CH36: 10 | CI36: =IF(ISNA(VLOOKUP(CH36,$BZ$5:$DN$25,$CI$26,FALSE)) = TRUE, "Block not found", VLOOKUP(CH36,$BZ$5:$DN$25,$CI$26,FALSE)) -> नांदगाव | DP36: अनुरेखक | EJ36: 38961
A37: अंतिम वेतन व श्रेणी वेतन रु | D37: 67100 | E37: 0 | F37: =D37+E37 -> 67100 | AJ37: 31 | AK37: S-25 | AL37: 78800-209200 | AZ37: Pay Band 3 (15600-39100) - 6900 | BA37: 6900 | BB37: 6900 | BD37: Pay Band 3 (15600-39100) - 6900 | BE37: 6900 | BF37: 6900 | BH37: S-24 | BI37: 31 | BJ37: PB-3 | BK37: 15600-39100 | BL37: 6900 | CH37: 11 | CI37: =IF(ISNA(VLOOKUP(CH37,$BZ$5:$DN$25,$CI$26,FALSE)) = TRUE, "Block not found", VLOOKUP(CH37,$BZ$5:$DN$25,$CI$26,FALSE)) -> येवले | DP37: वरिष्ट यांत्रिकी | EJ37: 38991
A38: सरासरी वेतन | D38: =F49/10 -> 67100 | AJ38: 32 | AK38: S-26 | AL38: 82200-211500 | AZ38: Pay Band 3 (15600-39100) - 7600 | BA38: 7600 | BB38: 7600 | BD38: Pay Band 3 (15600-39100) - 7600 | BE38: 7600 | BF38: 7600 | BH38: S-25 | BI38: 32 | BJ38: PB-3 | BK38: 15600-39100 | BL38: 7600 | CH38: 12 | CI38: =IF(ISNA(VLOOKUP(CH38,$BZ$5:$DN$25,$CI$26,FALSE)) = TRUE, "Block not found", VLOOKUP(CH38,$BZ$5:$DN$25,$CI$26,FALSE)) -> इगतपुरी | DP38: कनिष्ट यांत्रिकी | EJ38: 39022
A39: 1 | B39: =IF(D35<(EOMONTH(C35,0)),"",CHOOSE(MONTH(TEXT(EOMONTH(C35,0),"mmm-yyyy")),"जानेवारी","फेब्रुवारी","मार्च","एप्रिल","मे","जून","जुलै","ऑगस्ट","सप्टेंबर","ऑक्टोबर","नोव्हेंबर","डिसेंबर")&"-"&YEAR(TEXT(EOMONTH(C35,0),"mmm-yyyy"))) -> ऑगस्ट-2036 | D39: =F37 -> 67100 | E39: =E37 -> 0 | F39: =D39+E39 -> 67100 | AJ39: 33 | AK39: S-27 | AL39: 118500-214100 | AZ39: Pay Band 3 (15600-39100) - 7900 | BA39: 7900 | BB39: 7900 | BD39: Pay Band 3 (15600-39100) - 7900 | BE39: 7900 | BF39: 7900 | BH39: S-26 | BI39: 33 | BJ39: PB-3 | BK39: 15600-39100 | BL39: 7900 | CH39: 13 | CI39: =IF(ISNA(VLOOKUP(CH39,$BZ$5:$DN$25,$CI$26,FALSE)) = TRUE, "Block not found", VLOOKUP(CH39,$BZ$5:$DN$25,$CI$26,FALSE)) -> सिन्नर | DP39: वीजतंत्री | EJ39: 39052
A40: 2 | B40: =IF(D35<(EOMONTH(C35,1)),"",CHOOSE(MONTH(TEXT(EOMONTH(C35,1),"mmm-yyyy")),"जानेवारी","फेब्रुवारी","मार्च","एप्रिल","मे","जून","जुलै","ऑगस्ट","सप्टेंबर","ऑक्टोबर","नोव्हेंबर","डिसेंबर")&"-"&YEAR(TEXT(EOMONTH(C35,1),"mmm-yyyy"))) -> सप्टेंबर-2036 | D40: =D39 -> 67100 | E40: =E39 -> 0 | F40: =D40+E40 -> 67100 | AJ40: 34 | AK40: S-28 | AL40: 124800-212400 | AZ40: Pay Band 4 (37400-67000) - 8700 | BA40: 8700 | BB40: 8700 | BD40: Pay Band 4 (37400-67000) - 8700 | BE40: 8700 | BF40: 8700 | BH40: S-27 | BI40: 34 | BJ40: PB-4 | BK40: 37400-67000 | BL40: 8700 | CH40: 14 | CI40: =IF(ISNA(VLOOKUP(CH40,$BZ$5:$DN$25,$CI$26,FALSE)) = TRUE, "Block not found", VLOOKUP(CH40,$BZ$5:$DN$25,$CI$26,FALSE)) -> त्र्यंबकेश्वर | DP40: तारतंत्री | EJ40: 39083
A41: 3 | B41: =IF(D35<(EOMONTH(C36,2)),"",CHOOSE(MONTH(TEXT(EOMONTH(C35,2),"mmm-yyyy")),"जानेवारी","फेब्रुवारी","मार्च","एप्रिल","मे","जून","जुलै","ऑगस्ट","सप्टेंबर","ऑक्टोबर","नोव्हेंबर","डिसेंबर")&"-"&YEAR(TEXT(EOMONTH(C35,2),"mmm-yyyy"))) -> ऑक्टोबर-2036 | D41: =D40 -> 67100 | E41: =E40 -> 0 | F41: =D41+E41 -> 67100 | AJ41: 35 | AK41: S-29 | AL41: 131100-216600 | AZ41: Pay Band 4 (37400-67000) - 8800 | BA41: 8800 | BB41: 8800 | BD41: Pay Band 4 (37400-67000) - 8800 | BE41: 8800 | BF41: 8800 | BH41: S-28 | BI41: 35 | BJ41: PB-4 | BK41: 37400-67000 | BL41: 8800 | CH41: 15 | CI41: =IF(ISNA(VLOOKUP(CH41,$BZ$5:$DN$25,$CI$26,FALSE)) = TRUE, "Block not found", VLOOKUP(CH41,$BZ$5:$DN$25,$CI$26,FALSE)) -> देवळा | DP41: जोडारी | EJ41: 39114
A42: 4 | B42: =IF(D35<(EOMONTH(C35,3)),"",CHOOSE(MONTH(TEXT(EOMONTH(C35,3),"mmm-yyyy")),"जानेवारी","फेब्रुवारी","मार्च","एप्रिल","मे","जून","जुलै","ऑगस्ट","सप्टेंबर","ऑक्टोबर","नोव्हेंबर","डिसेंबर")&"-"&YEAR(TEXT(EOMONTH(C35,3),"mmm-yyyy"))) -> नोव्हेंबर-2036 | D42: =D41 -> 67100 | E42: =E41 -> 0 | F42: =D42+E42 -> 67100 | AJ42: 36 | AK42: S-30 | AL42: 144200-218200 | AZ42: Pay Band 4 (37400-67000) - 8900 | BA42: 8900 | BB42: 8900 | BD42: Pay Band 4 (37400-67000) - 8900 | BE42: 8900 | BF42: 8900 | BH42: S-29 | BI42: 36 | BJ42: PB-4 | BK42: 37400-67000 | BL42: 8900 | CH42: 16 | CI42: =IF(ISNA(VLOOKUP(CH42,$BZ$5:$DN$25,$CI$26,FALSE)) = TRUE, "Block not found", VLOOKUP(CH42,$BZ$5:$DN$25,$CI$26,FALSE)) -> 0 | DP42: मैलकामगार | EJ42: 39142
A43: 5 | B43: =IF(D35<(EOMONTH(C35,4)),"",CHOOSE(MONTH(TEXT(EOMONTH(C35,4),"mmm-yyyy")),"जानेवारी","फेब्रुवारी","मार्च","एप्रिल","मे","जून","जुलै","ऑगस्ट","सप्टेंबर","ऑक्टोबर","नोव्हेंबर","डिसेंबर")&"-"&YEAR(TEXT(EOMONTH(C35,4),"mmm-yyyy"))) -> डिसेंबर-2036 | D43: =D42 -> 67100 | E43: =E42 -> 0 | F43: =D43+E43 -> 67100 | AJ43: 37 | AK43: S-31 | AL43: 182200-220000 | AZ43: Pay Band 4 (37400-67000) - 10000 | BA43: 10000 | BB43: 10000 | BD43: Pay Band 4 (37400-67000) - 10000 | BE43: 10000 | BF43: 10000 | BH43: S-30 | BI43: 37 | BJ43: PB-4 | BK43: 37400-67000 | BL43: 10000 | CH43: 17 | CI43: =IF(ISNA(VLOOKUP(CH43,$BZ$5:$DN$25,$CI$26,FALSE)) = TRUE, "Block not found", VLOOKUP(CH43,$BZ$5:$DN$25,$CI$26,FALSE)) -> 0 | DP43: यांत्रिकी | EJ43: 39173
A44: 6 | B44: =IF(D35<(EOMONTH(C35,5)),"",CHOOSE(MONTH(TEXT(EOMONTH(C35,5),"mmm-yyyy")),"जानेवारी","फेब्रुवारी","मार्च","एप्रिल","मे","जून","जुलै","ऑगस्ट","सप्टेंबर","ऑक्टोबर","नोव्हेंबर","डिसेंबर")&"-"&YEAR(TEXT(EOMONTH(C35,5),"mmm-yyyy"))) -> जानेवारी-2037 | D44: =D43 -> 67100 | E44: =E43 -> 0 | F44: =D44+E44 -> 67100 | BH44: S-31 | BI44: 38 | BJ44: Pay Scale Rs 67000-79000 | CH44: 18 | CI44: =IF(ISNA(VLOOKUP(CH44,$BZ$5:$DN$25,$CI$26,FALSE)) = TRUE, "Block not found", VLOOKUP(CH44,$BZ$5:$DN$25,$CI$26,FALSE)) -> 0 | DP44: हातपंप मदतनीस | EJ44: 39203
A45: 7 | B45: =IF(D35<(EOMONTH(C35,6)),"",CHOOSE(MONTH(TEXT(EOMONTH(C35,6),"mmm-yyyy")),"जानेवारी","फेब्रुवारी","मार्च","एप्रिल","मे","जून","जुलै","ऑगस्ट","सप्टेंबर","ऑक्टोबर","नोव्हेंबर","डिसेंबर")&"-"&YEAR(TEXT(EOMONTH(C35,6),"mmm-yyyy"))) -> फेब्रुवारी-2037 | D45: =D44 -> 67100 | E45: =E44 -> 0 | F45: =D45+E45 -> 67100 | CH45: 19 | CI45: =IF(ISNA(VLOOKUP(CH45,$BZ$5:$DN$25,$CI$26,FALSE)) = TRUE, "Block not found", VLOOKUP(CH45,$BZ$5:$DN$25,$CI$26,FALSE)) -> 0 | DP45: जिल्हा आरोग्य अधिकारी | EJ45: 39234
A46: 8 | B46: =IF(D35<(EOMONTH(C36,7)),"",CHOOSE(MONTH(TEXT(EOMONTH(C35,7),"mmm-yyyy")),"जानेवारी","फेब्रुवारी","मार्च","एप्रिल","मे","जून","जुलै","ऑगस्ट","सप्टेंबर","ऑक्टोबर","नोव्हेंबर","डिसेंबर")&"-"&YEAR(TEXT(EOMONTH(C35,7),"mmm-yyyy"))) -> मार्च-2037 | D46: =D45 -> 67100 | E46: =E45 -> 0 | F46: =D46+E46 -> 67100 | CH46: 20 | CI46: =IF(ISNA(VLOOKUP(CH46,$BZ$5:$DN$25,$CI$26,FALSE)) = TRUE, "Block not found", VLOOKUP(CH46,$BZ$5:$DN$25,$CI$26,FALSE)) -> 0 | DP46: सहायक जिल्हा आरोग्य अधिकारी | EJ46: 39264
A47: 9 | B47: =IF(D35<(EOMONTH(C35,8)),"",CHOOSE(MONTH(TEXT(EOMONTH(C35,8),"mmm-yyyy")),"जानेवारी","फेब्रुवारी","मार्च","एप्रिल","मे","जून","जुलै","ऑगस्ट","सप्टेंबर","ऑक्टोबर","नोव्हेंबर","डिसेंबर")&"-"&YEAR(TEXT(EOMONTH(C35,8),"mmm-yyyy"))) -> एप्रिल-2037 | D47: =D46 -> 67100 | E47: =E46 -> 0 | F47: =D47+E47 -> 67100 | DP47: प्रशासन अधिकारी | EJ47: 39295
A48: 10 | B48: =IF(D35<(EOMONTH(C35,9)),"",CHOOSE(MONTH(TEXT(EOMONTH(C35,9),"mmm-yyyy")),"जानेवारी","फेब्रुवारी","मार्च","एप्रिल","मे","जून","जुलै","ऑगस्ट","सप्टेंबर","ऑक्टोबर","नोव्हेंबर","डिसेंबर")&"-"&YEAR(TEXT(EOMONTH(C35,9),"mmm-yyyy"))) -> मे-2037 | D48: =D47 -> 67100 | E48: =E47 -> 0 | F48: =D48+E48 -> 67100 | DP48: सांख्यिकी अधिकारी | EJ48: 39326
D49: एकुण वेतन | F49: =IF(C2="","",SUM(F39:F48)) -> 671000 | DP49: तालुका वैदयकीय अधिकारी | EJ49: 39356
A50: प्रस्तावित निवत्तीवेतन | F50: =IF(C2="","",F37/2) -> 33550 | DP50: वैदयकीय अधिकारी गट अ | EJ50: 39387
A51: निव.त्तीवेतन वाढ | C51: 0 | F51: =IF(C2="","",ROUND(F50*C13/100,0)) -> 16775 | DP51: वैदयकीय अधिकारी गट ब | EJ51: 39417
A52: उपदान | F52: =IF(C2="","",ROUND(F37*C10*2/4,0)) -> 1107150 | G52: =AI70 -> अकरा लाख सात हजार शंभर पन्नास मात्र. | L52: =IF(F52="","",TRIM(IF(((RIGHT(F52,9)-RIGHT(F52,7))/10000000)=0,"",(CHOOSE(((RIGHT(F52,9)-RIGHT(F52,7))/10000000),"One","Two","Three","Four","Five","Six","Seven","Eight","Nine","Ten","Eleven","Twelve","Thirteen","Fourteen","Fifteen","Sixteen","Seventeen","Eighteen","Nineteen","Twenty","Twenty one","Twenty two","Twenty three","Twenty four","Twenty five","Twenty six","Twenty seven","Twenty eight","Twenty nine","Thirty","Thirty one","Thirty two","Thirty three","Thirty four","Thirty five","Thirty six","Thirty seven","Thirty eight","Thirty nine","Fourty","Fourty one","Fourty two","Fourty three","Fourty four","Fourty five","Fourty six","Fourty seven","Fourty eight","Fourty nine","Fifty","Fifty One","Fifty Two","Fifty Three","Fifty Four","Fifty Five","Fifty Six","Fifty Seven","Fifty Eight","Fifty Nine","Sixty","Sixty One","Sixty Two","Sixty Three","Sixty Four","Sixty Five","Sixty Six","Sixty Seven","Sixty Eight","Sixty Nine","Seventy","Seventy One","Seventy Two","Seventy Three","Seventy Four","Seventy Five","Seventy Six","Seventy Seven","Seventy Eight","Seventy Nine","Eighty","Eighty One","Eighty Two","Eighty Three","Eighty Four","Eighty Five","Eighty Six","Eighty Seven","Eighty Eight","Eighty Nine","Ninety","Ninety One","Ninety Two","Ninety Three","Ninety Four","Ninety Five","Ninety Six","Ninety Seven","Ninety Eight","Ninety Nine"))&" Carod")&" "&IF(((RIGHT(F52,7)-RIGHT(F52,5))/100000)=0,"",(CHOOSE(((RIGHT(F52,7)-RIGHT(F52,5))/100000),"One","Two","Three","Four","Five","Six","Seven","Eight","Nine","Ten","Eleven","Twelve","Thirteen","Fourteen","Fifteen","Sixteen","Seventeen","Eighteen","Nineteen","Twenty","Twenty one","Twenty two","Twenty three","Twenty four","Twenty five","Twenty six","Twenty seven","Twenty eight","Twenty nine","Thirty","Thirty one","Thirty two","Thirty three","Thirty four","Thirty five","Thirty six","Thirty seven","Thirty eight","Thirty nine","Fourty","Fourty one","Fourty two","Fourty three","Fourty four","Fourty five","Fourty six","Fourty seven","Fourty eight","Fourty nine","Fifty","Fifty One","Fifty Two","Fifty Three","Fifty Four","Fifty Five","Fifty Six","Fifty Seven","Fifty Eight","Fifty Nine","Sixty","Sixty One","Sixty Two","Sixty Three","Sixty Four","Sixty Five","Sixty Six","Sixty Seven","Sixty Eight","Sixty Nine","Seventy","Seventy One","Seventy Two","Seventy Three","Seventy Four","Seventy Five","Seventy Six","Seventy Seven","Seventy Eight","Seventy Nine","Eighty","Eighty One","Eighty Two","Eighty Three","Eighty Four","Eighty Five","Eighty Six","Eighty Seven","Eighty Eight","Eighty Nine","Ninety","Ninety One","Ninety Two","Ninety Three","Ninety Four","Ninety Five","Ninety Six","Ninety Seven","Ninety Eight","Ninety Nine"))&" Lakh")&" "&IF(((RIGHT(F52,5)-RIGHT(F52,3))/1000)=0,"",(CHOOSE(((RIGHT(F52,5)-RIGHT(F52,3))/1000),"One","Two","Three","Four","Five","Six","Seven","Eight","Nine","Ten","Eleven","Twelve","Thirteen","Fourteen","Fifteen","Sixteen","Seventeen","Eighteen","Nineteen","Twenty","Twenty one","Twenty two","Twenty three","Twenty four","Twenty five","Twenty six","Twenty seven","Twenty eight","Twenty nine","Thirty","Thirty one","Thirty two","Thirty three","Thirty four","Thirty five","Thirty six","Thirty seven","Thirty eight","Thirty nine","Fourty","Fourty one","Fourty two","Fourty three","Fourty four","Fourty five","Fourty six","Fourty seven","Fourty eight","Fourty nine","Fifty","Fifty One","Fifty Two","Fifty Three","Fifty Four","Fifty Five","Fifty Six","Fifty Seven","Fifty Eight","Fifty Nine","Sixty","Sixty One","Sixty Two","Sixty Three","Sixty Four","Sixty Five","Sixty Six","Sixty Seven","Sixty Eight","Sixty Nine","Seventy","Seventy One","Seventy Two","Seventy Three","Seventy Four","Seventy Five","Seventy Six","Seventy Seven","Seventy Eight","Seventy Nine","Eighty","Eighty One","Eighty Two","Eighty Three","Eighty Four","Eighty Five","Eighty Six","Eighty Seven","Eighty Eight","Eighty Nine","Ninety","Ninety One","Ninety Two","Ninety Three","Ninety Four","Ninety Five","Ninety Six","Ninety Seven","Ninety Eight","Ninety Nine"))&" Thousand")&" "&IF(((RIGHT(F52,3)-RIGHT(F52,2))/100)=0,"",(CHOOSE(((RIGHT(F52,3)-RIGHT(F52,2))/100),"One","Two","Three","Four","Five","Six","Seven","Eight","Nine"))&" Hundred")&" "&IF(RIGHT(F52,2)="00","",CHOOSE(RIGHT(F52,2),"One","Two","Three","Four","Five","Six","Seven","Eight","Nine","Ten","Eleven","Twelve","Thirteen","Fourteen","Fifteen","Sixteen","Seventeen","Eighteen","Nineteen","Twenty","Twenty one","Twenty two","Twenty three","Twenty four","Twenty five","Twenty six","Twenty seven","Twenty eight","Twenty nine","Thirty","Thirty one","Thirty two","Thirty three","Thirty four","Thirty five","Thirty six","Thirty seven","Thirty eight","Thirty nine","Fourty","Fourty one","Fourty two","Fourty three","Fourty four","Fourty five","Fourty six","Fourty seven","Fourty eight","Fourty nine","Fifty","Fifty One","Fifty Two","Fifty Three","Fifty Four","Fifty Five","Fifty Six","Fifty Seven","Fifty Eight","Fifty Nine","Sixty","Sixty One","Sixty Two","Sixty Three","Sixty Four","Sixty Five","Sixty Six","Sixty Seven","Sixty Eight","Sixty Nine","Seventy","Seventy One","Seventy Two","Seventy Three","Seventy Four","Seventy Five","Seventy Six","Seventy Seven","Seventy Eight","Seventy Nine","Eighty","Eighty One","Eighty Two","Eighty Three","Eighty Four","Eighty Five","Eighty Six","Eighty Seven","Eighty Eight","Eighty Nine","Ninety","Ninety One","Ninety Two","Ninety Three","Ninety Four","Ninety Five","Ninety Six","Ninety Seven","Ninety Eight","Ninety Nine"))&" Only ")) -> Eleven Lakh Seven Thousand One Hundred Fifty Only | DP52: वैदयकीय अधिकारी आयुवेदिक | EJ52: 39448
A53: अंशराशीकरण मुल्य | C53: =IF(C2="","",ROUND(F50*40/100,0)) -> 13420 | D53: 8.371 | F53: =IF(C2="","",ROUND(C53*D53*12,0)) -> 1348066 | G53: =AN70 -> तेरा लाख अठ्ठेचाळीस हजार सहासष्ठ मात्र. | L53: =IF(F53="","",TRIM(IF(((RIGHT(F53,9)-RIGHT(F53,7))/10000000)=0,"",(CHOOSE(((RIGHT(F53,9)-RIGHT(F53,7))/10000000),"One","Two","Three","Four","Five","Six","Seven","Eight","Nine","Ten","Eleven","Twelve","Thirteen","Fourteen","Fifteen","Sixteen","Seventeen","Eighteen","Nineteen","Twenty","Twenty one","Twenty two","Twenty three","Twenty four","Twenty five","Twenty six","Twenty seven","Twenty eight","Twenty nine","Thirty","Thirty one","Thirty two","Thirty three","Thirty four","Thirty five","Thirty six","Thirty seven","Thirty eight","Thirty nine","Fourty","Fourty one","Fourty two","Fourty three","Fourty four","Fourty five","Fourty six","Fourty seven","Fourty eight","Fourty nine","Fifty","Fifty One","Fifty Two","Fifty Three","Fifty Four","Fifty Five","Fifty Six","Fifty Seven","Fifty Eight","Fifty Nine","Sixty","Sixty One","Sixty Two","Sixty Three","Sixty Four","Sixty Five","Sixty Six","Sixty Seven","Sixty Eight","Sixty Nine","Seventy","Seventy One","Seventy Two","Seventy Three","Seventy Four","Seventy Five","Seventy Six","Seventy Seven","Seventy Eight","Seventy Nine","Eighty","Eighty One","Eighty Two","Eighty Three","Eighty Four","Eighty Five","Eighty Six","Eighty Seven","Eighty Eight","Eighty Nine","Ninety","Ninety One","Ninety Two","Ninety Three","Ninety Four","Ninety Five","Ninety Six","Ninety Seven","Ninety Eight","Ninety Nine"))&" Carod")&" "&IF(((RIGHT(F53,7)-RIGHT(F53,5))/100000)=0,"",(CHOOSE(((RIGHT(F53,7)-RIGHT(F53,5))/100000),"One","Two","Three","Four","Five","Six","Seven","Eight","Nine","Ten","Eleven","Twelve","Thirteen","Fourteen","Fifteen","Sixteen","Seventeen","Eighteen","Nineteen","Twenty","Twenty one","Twenty two","Twenty three","Twenty four","Twenty five","Twenty six","Twenty seven","Twenty eight","Twenty nine","Thirty","Thirty one","Thirty two","Thirty three","Thirty four","Thirty five","Thirty six","Thirty seven","Thirty eight","Thirty nine","Fourty","Fourty one","Fourty two","Fourty three","Fourty four","Fourty five","Fourty six","Fourty seven","Fourty eight","Fourty nine","Fifty","Fifty One","Fifty Two","Fifty Three","Fifty Four","Fifty Five","Fifty Six","Fifty Seven","Fifty Eight","Fifty Nine","Sixty","Sixty One","Sixty Two","Sixty Three","Sixty Four","Sixty Five","Sixty Six","Sixty Seven","Sixty Eight","Sixty Nine","Seventy","Seventy One","Seventy Two","Seventy Three","Seventy Four","Seventy Five","Seventy Six","Seventy Seven","Seventy Eight","Seventy Nine","Eighty","Eighty One","Eighty Two","Eighty Three","Eighty Four","Eighty Five","Eighty Six","Eighty Seven","Eighty Eight","Eighty Nine","Ninety","Ninety One","Ninety Two","Ninety Three","Ninety Four","Ninety Five","Ninety Six","Ninety Seven","Ninety Eight","Ninety Nine"))&" Lakh")&" "&IF(((RIGHT(F53,5)-RIGHT(F53,3))/1000)=0,"",(CHOOSE(((RIGHT(F53,5)-RIGHT(F53,3))/1000),"One","Two","Three","Four","Five","Six","Seven","Eight","Nine","Ten","Eleven","Twelve","Thirteen","Fourteen","Fifteen","Sixteen","Seventeen","Eighteen","Nineteen","Twenty","Twenty one","Twenty two","Twenty three","Twenty four","Twenty five","Twenty six","Twenty seven","Twenty eight","Twenty nine","Thirty","Thirty one","Thirty two","Thirty three","Thirty four","Thirty five","Thirty six","Thirty seven","Thirty eight","Thirty nine","Fourty","Fourty one","Fourty two","Fourty three","Fourty four","Fourty five","Fourty six","Fourty seven","Fourty eight","Fourty nine","Fifty","Fifty One","Fifty Two","Fifty Three","Fifty Four","Fifty Five","Fifty Six","Fifty Seven","Fifty Eight","Fifty Nine","Sixty","Sixty One","Sixty Two","Sixty Three","Sixty Four","Sixty Five","Sixty Six","Sixty Seven","Sixty Eight","Sixty Nine","Seventy","Seventy One","Seventy Two","Seventy Three","Seventy Four","Seventy Five","Seventy Six","Seventy Seven","Seventy Eight","Seventy Nine","Eighty","Eighty One","Eighty Two","Eighty Three","Eighty Four","Eighty Five","Eighty Six","Eighty Seven","Eighty Eight","Eighty Nine","Ninety","Ninety One","Ninety Two","Ninety Three","Ninety Four","Ninety Five","Ninety Six","Ninety Seven","Ninety Eight","Ninety Nine"))&" Thousand")&" "&IF(((RIGHT(F53,3)-RIGHT(F53,2))/100)=0,"",(CHOOSE(((RIGHT(F53,3)-RIGHT(F53,2))/100),"One","Two","Three","Four","Five","Six","Seven","Eight","Nine"))&" Hundred")&" "&IF(RIGHT(F53,2)="00","",CHOOSE(RIGHT(F53,2),"One","Two","Three","Four","Five","Six","Seven","Eight","Nine","Ten","Eleven","Twelve","Thirteen","Fourteen","Fifteen","Sixteen","Seventeen","Eighteen","Nineteen","Twenty","Twenty one","Twenty two","Twenty three","Twenty four","Twenty five","Twenty six","Twenty seven","Twenty eight","Twenty nine","Thirty","Thirty one","Thirty two","Thirty three","Thirty four","Thirty five","Thirty six","Thirty seven","Thirty eight","Thirty nine","Fourty","Fourty one","Fourty two","Fourty three","Fourty four","Fourty five","Fourty six","Fourty seven","Fourty eight","Fourty nine","Fifty","Fifty One","Fifty Two","Fifty Three","Fifty Four","Fifty Five","Fifty Six","Fifty Seven","Fifty Eight","Fifty Nine","Sixty","Sixty One","Sixty Two","Sixty Three","Sixty Four","Sixty Five","Sixty Six","Sixty Seven","Sixty Eight","Sixty Nine","Seventy","Seventy One","Seventy Two","Seventy Three","Seventy Four","Seventy Five","Seventy Six","Seventy Seven","Seventy Eight","Seventy Nine","Eighty","Eighty One","Eighty Two","Eighty Three","Eighty Four","Eighty Five","Eighty Six","Eighty Seven","Eighty Eight","Eighty Nine","Ninety","Ninety One","Ninety Two","Ninety Three","Ninety Four","Ninety Five","Ninety Six","Ninety Seven","Ninety Eight","Ninety Nine"))&" Only ")) -> Thirteen Lakh Fourty eight Thousand Sixty Six Only | DP53: अवैदयकीय पर्यवेक्षक | EJ53: 39479
A54: अंशराशीकरण निवत्तीवेतन | C54: =IF(C2="","",CONCATENATE(F50&-C53)) -> 33550-13420 | D54: =IF(C2="","",F50-C53) -> 20130 | DP54: आरोग्य पर्यवेक्षक | EJ54: 39508
A55: वसुलीचा तपशील | C55: सोसा | D55: शासकीय वसुली | E55: इतर वसुली | F55: एकुण वसुली | DP55: औषध निर्माण अधिकारी | EJ55: 39539
F56: =C56+D56+E56 -> 0 | DP56: प्रयोगशाळा तंत्रज्ञ | EJ56: 39569
A57: नामनिर्देशन केलेले आहे काय | D57: ½þÉäªÉ | DP57: कृष्टरोग तंत्रज्ञ | EJ57: 39600
A58: Eöò]ÖÆõ¤É ÊxÉ´ÉÞkÉÒ´ÉäiÉxÉ ´ÉÉføÒ´É nù®ú | D58: =F50 -> 33550 | F58: =F50 -> 33550 | DP58: आरोग्य सहायक | EJ58: 39630
A59: Eöò]ÖÆõ¤É ÊxÉ´ÉÞkÉÒ´ÉäiÉxÉ ´ÉÉføÒ´É nù®ú | D59: =ROUND(F37*30/100,0) -> 20130 | F59: =ROUND(F37*30/100,0) -> 20130 | DP59: आरोग्य सहायिका | EJ59: 39661
DP60: आरोग्य सेवक | EJ60: 39692
A61: ¦ÉÊ´É¹ªÉ ÊxÉ´ÉÉÇ½þ ÊxÉvÉÒ Gò¨ÉÉÆEò | C61: =E13 -> 9282 | F61: xÉÉä´½äþ 2018 | DP61: आरोग्य सेविका | EJ61: 39722
A62: ¦ÉÊ´É¹ªÉ ÊxÉ´ÉÉÇ½þ ´ÉMÉhÉÇÒ ¯û | EJ62: 39753
A63: +) PÉäiÉ±Éä±Éä EòVÉÇ ¯û{ÉªÉä | EJ63: 39783
A64: ¤É) Ê¶É±±ÉEò EòVÉÇ ¯û{ÉªÉ | EJ64: 39814
A65: Eò) EòVÉÇ ½þ{iÉÉ ¯û{ÉªÉä | EJ65: 39845
EJ66: 39873
A67: VÉÒ BºÉ B±É +ÉªÉ BºÉ Gò¨ÉÉÆEò | D67: =E12 -> 0 | DP67: सफाई कामगार | EJ67: 39904
DP68: जिल्हा महिला व बाल विकास अधिकारी | EJ68: 39934
A69: शिल्लक अर्जित रजा | D69: 300 | DP69: बाल विकास प्रकल्प अधिकारी | EJ69: 39965
A70: स्वग.ह | AH70: =F52 -> 1107150 | AI70: =TRIM(AI76&" "&AI75&" "&AI74&" "&AI73&" "&AI72&" "&AI71) -> अकरा लाख सात हजार शंभर पन्नास मात्र. | AM70: =F53 -> 1348066 | AN70: =TRIM(AN76&" "&AN75&" "&AN74&" "&AN73&" "&AN72&" "&AN71) -> तेरा लाख अठ्ठेचाळीस हजार सहासष्ठ मात्र. | DP70: पर्यवेक्षिका | EJ70: 39995
AI71: =IF(RIGHT(AH70,2)="00","",CHOOSE(RIGHT(AH70,2),"एक","दोन","तीन","चार","पाच","सहा","सात","आठ","नऊ","दहा","अकरा","बारा","तेरा","चौदा","पंधरा","सोळा","सतरा","अठरा","एकोणवीस","वीस","एकवीस","बावीस","तेवीस","चोवीस","पंचवीस","सव्वीस","सत्तावीस","अठ्ठावीस","एकोणतीस","तीस","एकतीस","बत्तीस","तेहतीस","चौतीस","पस्तीस","छत्तीस","सदतीस","अडतीस","एकोणचाळीस","चाळीस","एकेचाळीस","बेचाळीस","त्रेचाळीस","चौवेचाळीस","पंचेचाळीस","शेहेचाळीस","सत्तेचाळीस","अठ्ठेचाळीस","एकोणपन्नास","पन्नास","एकावन्न","बावन्न","त्रेपन्न","चोपन्न","पंचावन्न","छपन्न","सत्तावन्न","अठ्ठावन्न","एकोणसाठ","साठ","एकसष्ठ","बासष्ठ","त्रेसष्ठ","चौसष्ठ","पासष्ठ","सहासष्ठ","सदुसष्ठ","अडूसष्ठ","एकोणसत्तर","सत्तर","एकाहत्तर","बहात्तर","त्र्याहत्तर","चौऱ्याहत्तर","पंचाहत्तर","शहात्तर","सत्याहत्तर","अठ्ठ्याहत्तर","एकोणऐंशी","ऐंशी","एक्याऐंशी","ब्याऐंशी","त्र्याऐंशी","चौऱ्याऐंशी","पंचाऐंशी","शहाऐंशी","सत्याऐंशी","अठ्ठ्याऐंशी","एकोणनव्वद","नव्वद","एक्याण्णव","ब्याण्णव","त्र्याण्णव","चौऱ्याण्णव","पंचाण्णव","शहाण्णव","सत्याण्णव","अठ्ठ्याण्णव","नव्याण्णव"))&" मात्र." -> पन्नास मात्र. | AN71: =IF(RIGHT(AM70,2)="00","",CHOOSE(RIGHT(AM70,2),"एक","दोन","तीन","चार","पाच","सहा","सात","आठ","नऊ","दहा","अकरा","बारा","तेरा","चौदा","पंधरा","सोळा","सतरा","अठरा","एकोणवीस","वीस","एकवीस","बावीस","तेवीस","चोवीस","पंचवीस","सव्वीस","सत्तावीस","अठ्ठावीस","एकोणतीस","तीस","एकतीस","बत्तीस","तेहतीस","चौतीस","पस्तीस","छत्तीस","सदतीस","अडतीस","एकोणचाळीस","चाळीस","एकेचाळीस","बेचाळीस","त्रेचाळीस","चौवेचाळीस","पंचेचाळीस","शेहेचाळीस","सत्तेचाळीस","अठ्ठेचाळीस","एकोणपन्नास","पन्नास","एकावन्न","बावन्न","त्रेपन्न","चोपन्न","पंचावन्न","छपन्न","सत्तावन्न","अठ्ठावन्न","एकोणसाठ","साठ","एकसष्ठ","बासष्ठ","त्रेसष्ठ","चौसष्ठ","पासष्ठ","सहासष्ठ","सदुसष्ठ","अडूसष्ठ","एकोणसत्तर","सत्तर","एकाहत्तर","बहात्तर","त्र्याहत्तर","चौऱ्याहत्तर","पंचाहत्तर","शहात्तर","सत्याहत्तर","अठ्ठ्याहत्तर","एकोणऐंशी","ऐंशी","एक्याऐंशी","ब्याऐंशी","त्र्याऐंशी","चौऱ्याऐंशी","पंचाऐंशी","शहाऐंशी","सत्याऐंशी","अठ्ठ्याऐंशी","एकोणनव्वद","नव्वद","एक्याण्णव","ब्याण्णव","त्र्याण्णव","चौऱ्याण्णव","पंचाण्णव","शहाण्णव","सत्याण्णव","अठ्ठ्याण्णव","नव्याण्णव"))&" मात्र." -> सहासष्ठ मात्र. | DP71: मुख्‍य सेविका | EJ71: 40026
AI72: =TRIM(IF(((RIGHT(AH70,3)-RIGHT(AH70,2))/100)=0,"",(CHOOSE(((RIGHT(AH70,3)-RIGHT(AH70,2))/100),"","दोन","तीन","चार","पाच","सहा","सात","आठ","नऊ"))&IF(((RIGHT(AH70,3)-RIGHT(AH70,2))/100)=1," शंभर","शे"))) -> शंभर | AN72: =TRIM(IF(((RIGHT(AM70,3)-RIGHT(AM70,2))/100)=0,"",(CHOOSE(((RIGHT(AM70,3)-RIGHT(AM70,2))/100),"","दोन","तीन","चार","पाच","सहा","सात","आठ","नऊ"))&IF(((RIGHT(AM70,3)-RIGHT(AM70,2))/100)=1," शंभर","शे"))) | DP72: जिल्हा पशुसंवर्धन अधिकारी | EJ72: 40057
A73: ¶ÉÉºÉEòÒªÉ MÉ]õ Ê´É¨ÉÉ ºÉ¦ÉÉºÉnù ÊnùxÉÉÆEò | D73: 34700 | AI73: =IF(((RIGHT(AH70,5)-RIGHT(AH70,3))/1000)=0,"",(CHOOSE(((RIGHT(AH70,5)-RIGHT(AH70,3))/1000),"एक","दोन","तीन","चार","पाच","सहा","सात","आठ","नऊ","दहा","अकरा","बारा","तेरा","चौदा","पंधरा","सोळा","सतरा","अठरा","एकोणवीस","वीस","एकवीस","बावीस","तेवीस","चोवीस","पंचवीस","सव्वीस","सत्तावीस","अठ्ठावीस","एकोणतीस","तीस","एकतीस","बत्तीस","तेहतीस","चौतीस","पस्तीस","छत्तीस","सदतीस","अडतीस","एकोणचाळीस","चाळीस","एकेचाळीस","बेचाळीस","त्रेचाळीस","चौवेचाळीस","पंचेचाळीस","शेहेचाळीस","सत्तेचाळीस","अठ्ठेचाळीस","एकोणपन्नास","पन्नास","एकावन्न","बावन्न","त्रेपन्न","चोपन्न","पंचावन्न","छपन्न","सत्तावन्न","अठ्ठावन्न","एकोणसाठ","साठ","एकसष्ठ","बासष्ठ","त्रेसष्ठ","चौसष्ठ","पासष्ठ","सहासष्ठ","सदुसष्ठ","अडूसष्ठ","एकोणसत्तर","सत्तर","एकाहत्तर","बहात्तर","त्र्याहत्तर","चौऱ्याहत्तर","पंचाहत्तर","शहात्तर","सत्याहत्तर","अठ्ठ्याहत्तर","एकोणऐंशी","ऐंशी","एक्याऐंशी","ब्याऐंशी","त्र्याऐंशी","चौऱ्याऐंशी","पंचाऐंशी","शहाऐंशी","सत्याऐंशी","अठ्ठ्याऐंशी","एकोणनव्वद","नव्वद","एक्याण्णव","ब्याण्णव","त्र्याण्णव","चौऱ्याण्णव","पंचाण्णव","शहाण्णव","सत्याण्णव","अठ्ठ्याण्णव","नव्याण्णव"))&" हजार") -> सात हजार | AN73: =IF(((RIGHT(AM70,5)-RIGHT(AM70,3))/1000)=0,"",(CHOOSE(((RIGHT(AM70,5)-RIGHT(AM70,3))/1000),"एक","दोन","तीन","चार","पाच","सहा","सात","आठ","नऊ","दहा","अकरा","बारा","तेरा","चौदा","पंधरा","सोळा","सतरा","अठरा","एकोणवीस","वीस","एकवीस","बावीस","तेवीस","चोवीस","पंचवीस","सव्वीस","सत्तावीस","अठ्ठावीस","एकोणतीस","तीस","एकतीस","बत्तीस","तेहतीस","चौतीस","पस्तीस","छत्तीस","सदतीस","अडतीस","एकोणचाळीस","चाळीस","एकेचाळीस","बेचाळीस","त्रेचाळीस","चौवेचाळीस","पंचेचाळीस","शेहेचाळीस","सत्तेचाळीस","अठ्ठेचाळीस","एकोणपन्नास","पन्नास","एकावन्न","बावन्न","त्रेपन्न","चोपन्न","पंचावन्न","छपन्न","सत्तावन्न","अठ्ठावन्न","एकोणसाठ","साठ","एकसष्ठ","बासष्ठ","त्रेसष्ठ","चौसष्ठ","पासष्ठ","सहासष्ठ","सदुसष्ठ","अडूसष्ठ","एकोणसत्तर","सत्तर","एकाहत्तर","बहात्तर","त्र्याहत्तर","चौऱ्याहत्तर","पंचाहत्तर","शहात्तर","सत्याहत्तर","अठ्ठ्याहत्तर","एकोणऐंशी","ऐंशी","एक्याऐंशी","ब्याऐंशी","त्र्याऐंशी","चौऱ्याऐंशी","पंचाऐंशी","शहाऐंशी","सत्याऐंशी","अठ्ठ्याऐंशी","एकोणनव्वद","नव्वद","एक्याण्णव","ब्याण्णव","त्र्याण्णव","चौऱ्याण्णव","पंचाण्णव","शहाण्णव","सत्याण्णव","अठ्ठ्याण्णव","नव्याण्णव"))&" हजार") -> अठ्ठेचाळीस हजार | DP73: पशुधन विकास अधिकारी | EJ73: 40087
AI74: =IF(((RIGHT(AH70,7)-RIGHT(AH70,5))/100000)=0,"",(CHOOSE(((RIGHT(AH70,7)-RIGHT(AH70,5))/100000),"एक","दोन","तीन","चार","पाच","सहा","सात","आठ","नऊ","दहा","अकरा","बारा","तेरा","चौदा","पंधरा","सोळा","सतरा","अठरा","एकोणवीस","वीस","एकवीस","बावीस","तेवीस","चोवीस","पंचवीस","सव्वीस","सत्तावीस","अठ्ठावीस","एकोणतीस","तीस","एकतीस","बत्तीस","तेहतीस","चौतीस","पस्तीस","छत्तीस","सदतीस","अडतीस","एकोणचाळीस","चाळीस","एकेचाळीस","बेचाळीस","त्रेचाळीस","चौवेचाळीस","पंचेचाळीस","शेहेचाळीस","सत्तेचाळीस","अठ्ठेचाळीस","एकोणपन्नास","पन्नास","एकावन्न","बावन्न","त्रेपन्न","चोपन्न","पंचावन्न","छपन्न","सत्तावन्न","अठ्ठावन्न","एकोणसाठ","साठ","एकसष्ठ","बासष्ठ","त्रेसष्ठ","चौसष्ठ","पासष्ठ","सहासष्ठ","सदुसष्ठ","अडूसष्ठ","एकोणसत्तर","सत्तर","एकाहत्तर","बहात्तर","त्र्याहत्तर","चौऱ्याहत्तर","पंचाहत्तर","शहात्तर","सत्याहत्तर","अठ्ठ्याहत्तर","एकोणऐंशी","ऐंशी","एक्याऐंशी","ब्याऐंशी","त्र्याऐंशी","चौऱ्याऐंशी","पंचाऐंशी","शहाऐंशी","सत्याऐंशी","अठ्ठ्याऐंशी","एकोणनव्वद","नव्वद","एक्याण्णव","ब्याण्णव","त्र्याण्णव","चौऱ्याण्णव","पंचाण्णव","शहाण्णव","सत्याण्णव","अठ्ठ्याण्णव","नव्याण्णव"))&" लाख") -> अकरा लाख | AN74: =IF(((RIGHT(AM70,7)-RIGHT(AM70,5))/100000)=0,"",(CHOOSE(((RIGHT(AM70,7)-RIGHT(AM70,5))/100000),"एक","दोन","तीन","चार","पाच","सहा","सात","आठ","नऊ","दहा","अकरा","बारा","तेरा","चौदा","पंधरा","सोळा","सतरा","अठरा","एकोणवीस","वीस","एकवीस","बावीस","तेवीस","चोवीस","पंचवीस","सव्वीस","सत्तावीस","अठ्ठावीस","एकोणतीस","तीस","एकतीस","बत्तीस","तेहतीस","चौतीस","पस्तीस","छत्तीस","सदतीस","अडतीस","एकोणचाळीस","चाळीस","एकेचाळीस","बेचाळीस","त्रेचाळीस","चौवेचाळीस","पंचेचाळीस","शेहेचाळीस","सत्तेचाळीस","अठ्ठेचाळीस","एकोणपन्नास","पन्नास","एकावन्न","बावन्न","त्रेपन्न","चोपन्न","पंचावन्न","छपन्न","सत्तावन्न","अठ्ठावन्न","एकोणसाठ","साठ","एकसष्ठ","बासष्ठ","त्रेसष्ठ","चौसष्ठ","पासष्ठ","सहासष्ठ","सदुसष्ठ","अडूसष्ठ","एकोणसत्तर","सत्तर","एकाहत्तर","बहात्तर","त्र्याहत्तर","चौऱ्याहत्तर","पंचाहत्तर","शहात्तर","सत्याहत्तर","अठ्ठ्याहत्तर","एकोणऐंशी","ऐंशी","एक्याऐंशी","ब्याऐंशी","त्र्याऐंशी","चौऱ्याऐंशी","पंचाऐंशी","शहाऐंशी","सत्याऐंशी","अठ्ठ्याऐंशी","एकोणनव्वद","नव्वद","एक्याण्णव","ब्याण्णव","त्र्याण्णव","चौऱ्याण्णव","पंचाण्णव","शहाण्णव","सत्याण्णव","अठ्ठ्याण्णव","नव्याण्णव"))&" लाख") -> तेरा लाख | DP74: सहायक पशुधन विकास अधिकारी | EJ74: 40118
A75: ¤ÉSÉiÉ JÉÉiÉÒ {ÉÊ®úMÉhÉxÉÉ ®úCEò¨É | AI75: =IF(((RIGHT(AH70,9)-RIGHT(AH70,7))/10000000)=0,"",(CHOOSE(((RIGHT(AH70,9)-RIGHT(AH70,7))/10000000),"एक","दोन","तीन","चार","पाच","सहा","सात","आठ","नऊ","दहा","अकरा","बारा","तेरा","चौदा","पंधरा","सोळा","सतरा","अठरा","एकोणवीस","वीस","एकवीस","बावीस","तेवीस","चोवीस","पंचवीस","सव्वीस","सत्तावीस","अठ्ठावीस","एकोणतीस","तीस","एकतीस","बत्तीस","तेहतीस","चौतीस","पस्तीस","छत्तीस","सदतीस","अडतीस","एकोणचाळीस","चाळीस","एकेचाळीस","बेचाळीस","त्रेचाळीस","चौवेचाळीस","पंचेचाळीस","शेहेचाळीस","सत्तेचाळीस","अठ्ठेचाळीस","एकोणपन्नास","पन्नास","एकावन्न","बावन्न","त्रेपन्न","चोपन्न","पंचावन्न","छपन्न","सत्तावन्न","अठ्ठावन्न","एकोणसाठ","साठ","एकसष्ठ","बासष्ठ","त्रेसष्ठ","चौसष्ठ","पासष्ठ","सहासष्ठ","सदुसष्ठ","अडूसष्ठ","एकोणसत्तर","सत्तर","एकाहत्तर","बहात्तर","त्र्याहत्तर","चौऱ्याहत्तर","पंचाहत्तर","शहात्तर","सत्याहत्तर","अठ्ठ्याहत्तर","एकोणऐंशी","ऐंशी","एक्याऐंशी","ब्याऐंशी","त्र्याऐंशी","चौऱ्याऐंशी","पंचाऐंशी","शहाऐंशी","सत्याऐंशी","अठ्ठ्याऐंशी","एकोणनव्वद","नव्वद","एक्याण्णव","ब्याण्णव","त्र्याण्णव","चौऱ्याण्णव","पंचाण्णव","शहाण्णव","सत्याण्णव","अठ्ठ्याण्णव","नव्याण्णव"))&" कोटी") | AN75: =IF(((RIGHT(AM70,9)-RIGHT(AM70,7))/10000000)=0,"",(CHOOSE(((RIGHT(AM70,9)-RIGHT(AM70,7))/10000000),"एक","दोन","तीन","चार","पाच","सहा","सात","आठ","नऊ","दहा","अकरा","बारा","तेरा","चौदा","पंधरा","सोळा","सतरा","अठरा","एकोणवीस","वीस","एकवीस","बावीस","तेवीस","चोवीस","पंचवीस","सव्वीस","सत्तावीस","अठ्ठावीस","एकोणतीस","तीस","एकतीस","बत्तीस","तेहतीस","चौतीस","पस्तीस","छत्तीस","सदतीस","अडतीस","एकोणचाळीस","चाळीस","एकेचाळीस","बेचाळीस","त्रेचाळीस","चौवेचाळीस","पंचेचाळीस","शेहेचाळीस","सत्तेचाळीस","अठ्ठेचाळीस","एकोणपन्नास","पन्नास","एकावन्न","बावन्न","त्रेपन्न","चोपन्न","पंचावन्न","छपन्न","सत्तावन्न","अठ्ठावन्न","एकोणसाठ","साठ","एकसष्ठ","बासष्ठ","त्रेसष्ठ","चौसष्ठ","पासष्ठ","सहासष्ठ","सदुसष्ठ","अडूसष्ठ","एकोणसत्तर","सत्तर","एकाहत्तर","बहात्तर","त्र्याहत्तर","चौऱ्याहत्तर","पंचाहत्तर","शहात्तर","सत्याहत्तर","अठ्ठ्याहत्तर","एकोणऐंशी","ऐंशी","एक्याऐंशी","ब्याऐंशी","त्र्याऐंशी","चौऱ्याऐंशी","पंचाऐंशी","शहाऐंशी","सत्याऐंशी","अठ्ठ्याऐंशी","एकोणनव्वद","नव्वद","एक्याण्णव","ब्याण्णव","त्र्याण्णव","चौऱ्याण्णव","पंचाण्णव","शहाण्णव","सत्याण्णव","अठ्ठ्याण्णव","नव्याण्णव"))&" कोटी") | DP75: पशुधन पर्यवेक्षक | EJ75: 40148
A76: ¤ÉSÉiÉ JÉÉiÉÒ +IÉ®úÒ ®úCEò¨É | AI76: =IF(((RIGHT(AH70,11)-RIGHT(AH70,9))/1000000000)=0,"",(CHOOSE(((RIGHT(AH70,11)-RIGHT(AH70,9))/1000000000),"एक","दोन","तीन","चार","पाच","सहा","सात","आठ","नऊ","दहा","अकरा","बारा","तेरा","चौदा","पंधरा","सोळा","सतरा","अठरा","एकोणवीस","वीस","एकवीस","बावीस","तेवीस","चोवीस","पंचवीस","सव्वीस","सत्तावीस","अठ्ठावीस","एकोणतीस","तीस","एकतीस","बत्तीस","तेहतीस","चौतीस","पस्तीस","छत्तीस","सदतीस","अडतीस","एकोणचाळीस","चाळीस","एकेचाळीस","बेचाळीस","त्रेचाळीस","चौवेचाळीस","पंचेचाळीस","शेहेचाळीस","सत्तेचाळीस","अठ्ठेचाळीस","एकोणपन्नास","पन्नास","एकावन्न","बावन्न","त्रेपन्न","चोपन्न","पंचावन्न","छपन्न","सत्तावन्न","अठ्ठावन्न","एकोणसाठ","साठ","एकसष्ठ","बासष्ठ","त्रेसष्ठ","चौसष्ठ","पासष्ठ","सहासष्ठ","सदुसष्ठ","अडूसष्ठ","एकोणसत्तर","सत्तर","एकाहत्तर","बहात्तर","त्र्याहत्तर","चौऱ्याहत्तर","पंचाहत्तर","शहात्तर","सत्याहत्तर","अठ्ठ्याहत्तर","एकोणऐंशी","ऐंशी","एक्याऐंशी","ब्याऐंशी","त्र्याऐंशी","चौऱ्याऐंशी","पंचाऐंशी","शहाऐंशी","सत्याऐंशी","अठ्ठ्याऐंशी","एकोणनव्वद","नव्वद","एक्याण्णव","ब्याण्णव","त्र्याण्णव","चौऱ्याण्णव","पंचाण्णव","शहाण्णव","सत्याण्णव","अठ्ठ्याण्णव","नव्याण्णव"))&" अब्ज") | AN76: =IF(((RIGHT(AM70,11)-RIGHT(AM70,9))/1000000000)=0,"",(CHOOSE(((RIGHT(AM70,11)-RIGHT(AM70,9))/1000000000),"एक","दोन","तीन","चार","पाच","सहा","सात","आठ","नऊ","दहा","अकरा","बारा","तेरा","चौदा","पंधरा","सोळा","सतरा","अठरा","एकोणवीस","वीस","एकवीस","बावीस","तेवीस","चोवीस","पंचवीस","सव्वीस","सत्तावीस","अठ्ठावीस","एकोणतीस","तीस","एकतीस","बत्तीस","तेहतीस","चौतीस","पस्तीस","छत्तीस","सदतीस","अडतीस","एकोणचाळीस","चाळीस","एकेचाळीस","बेचाळीस","त्रेचाळीस","चौवेचाळीस","पंचेचाळीस","शेहेचाळीस","सत्तेचाळीस","अठ्ठेचाळीस","एकोणपन्नास","पन्नास","एकावन्न","बावन्न","त्रेपन्न","चोपन्न","पंचावन्न","छपन्न","सत्तावन्न","अठ्ठावन्न","एकोणसाठ","साठ","एकसष्ठ","बासष्ठ","त्रेसष्ठ","चौसष्ठ","पासष्ठ","सहासष्ठ","सदुसष्ठ","अडूसष्ठ","एकोणसत्तर","सत्तर","एकाहत्तर","बहात्तर","त्र्याहत्तर","चौऱ्याहत्तर","पंचाहत्तर","शहात्तर","सत्याहत्तर","अठ्ठ्याहत्तर","एकोणऐंशी","ऐंशी","एक्याऐंशी","ब्याऐंशी","त्र्याऐंशी","चौऱ्याऐंशी","पंचाऐंशी","शहाऐंशी","सत्याऐंशी","अठ्ठ्याऐंशी","एकोणनव्वद","नव्वद","एक्याण्णव","ब्याण्णव","त्र्याण्णव","चौऱ्याण्णव","पंचाण्णव","शहाण्णव","सत्याण्णव","अठ्ठ्याण्णव","नव्याण्णव"))&" अब्ज") | DP76: व्रणोपचारक | EJ76: 40179
A77: Eò{ÉÉiÉÒSÉÉ iÉ{ÉÊ¶É±É | DP77: मुख्य लेखा व वित्त अधिकारी | EJ77: 40210
A78: +) ÊnùxÉÉÆEò | B78: 34700 | C78: iÉä | D78: 31/12/2002 | E78: {ÉÉ´ÉäiÉÉä ®úCEò¨É ¯û 30/- |É¨ÉÉhÉä | DP78: उप मुख्य लेखा व वित्त अधिकारी | EJ78: 40238
A79: ¤É) ÊnùxÉÉÆEò | B79: 37622 | C79: iÉä | D79: 31/12/2009 | E79: {ÉÉ´ÉäiÉÉä ®úCEò¨É ¯û 60/- |É¨ÉÉhÉä | DP79: लेखाधिकारी | EJ79: 40269
A80: Eò) ÊnùxÉÉÆEò | B80: 40179 | C80: iÉä | D80: 43524 | E80: {ÉÉ´ÉäiÉÉä ®úCEò¨É ¯û 120/- |É¨ÉÉhÉä | DP80: सहायक लेखाधिकारी | EJ80: 40299
DP81: कनिष्ट लेखाधिकारी | EJ81: 40330
DP82: वरिष्ट सहायक लेखा | EJ82: 40360
A83: 123 | DP83: कनिष्ट सहायक लेखा | EJ83: 40391
DP84: कृषि विकास अधिकारी | EJ84: 40422
DP85: जिल्हा मोहीम अधिकारी | EJ85: 40452
DP86: जिल्हा कृषि अधिकारी | EJ86: 40483
DP87: कृषि अधिकारी | EJ87: 40513
DP88: विस्तार अधिकारी कृषि | EJ88: 40544
DP89: शिक्षणाधिकारी प्राथ | EJ89: 40575
DP90: उप शिक्षणाधिकारी प्राथ | EJ90: 40603
DP91: गट शिक्षणाधिकारी | EJ91: 40634
DP92: विस्तार अधिकारी श्रेणी 2 | EJ92: 40664
DP93: विस्तार अधिकारी श्रेणी 3 | EJ93: 40695
DP94: केंद्रप्रमुख | EJ94: 40725
DP95: ग्रेडेड मुख्याध्यापक | EJ95: 40756
... DP104: उपमुख्य कार्यकारी अधिकारी पा व स्व | EJ104: 41030
EJ105: 41061
EJ106: 41091
EJ107: 41122
EJ108: 41153
...

Sheet Non Drawl letter
T1: ='Pension form'!K4 -> जाक्र/ सामन्य प्रशासन/अस्था /आरआर/ /20
T2: ='Pension form'!K5 -> पंचायत समिती कळवण नाशिक
T3: Ênù:- / /
B4: |ÉÊiÉ,
B5: ¨É | C5: ¶ÉÉJÉÉÊvÉEòÉ®úÒ
C6: VÉ³ýMÉÉÆ´É ÊVÉ±½þÉ ºÉ½þ ºÉÉäºÉÉ VÉ³ýMÉÉÆ´É
C8: Ê´É¹ÉªÉ | E8: ='Pension form'!I14 -> सोमनाथ चटर्जी ,कक्ष अधिकारी पंचायत समिती कळवण नाशिक
E9: ½äþ/½þªÉÉþ ºÉä´ÉÉÊxÉ´ÉÞkÉ ½þÉähÉÉ®ú +ºÉ±ªÉÉxÉä xÉÉ näùªÉ xÉÉ SÉÉèEò¶ÉÒ nùÉJÉ±Éä Ê¨É³ýhÉä ¤ÉÉ¤ÉiÉ
D11: ={É®úÉäCiÉ Ê´É¹ÉªÉÉxÉÖºÉÉ®ú | K11: =E8 -> सोमनाथ चटर्जी ,कक्ष अधिकारी पंचायत समिती कळवण नाशिक
C12: ½äÂ/½þªÉÉþ | E12: ='Pension form'!C8 -> 50191 | J12: ®úÉäVÉÒ ºÉä´ÉÉÊxÉ´ÉÞkÉ ½þÉähÉÉ® +ºÉÚxÉ iªÉÉÆSÉäÊxÉ´ÉÞkÉÒ ´ÉäiÉxÉ |ÉEò®úhÉÒú | AC12: xÉÉnäùªÉ xÉÉ SÉèÉEò¶ÉÒ
C13: nùÉJÉ±ÉÉ +iªÉÉ´É¶ªÉEò +É½ä
C14: =E8 -> सोमनाथ चटर्जी ,कक्ष अधिकारी पंचायत समिती कळवण नाशिक | AE14: ½ªÉÉÆSÉä Eòbä÷ºÉ EòÉ½þÒ
C15: ªÉähÉä ¤ÉÉEòÒ +ºÉ±ªÉÉºÉ nùÉJÉ±ÉÉ ªÉÉ EòÉªÉÉÇ±ÉªÉÉEòbä÷ºÉ {ÉÉ`öÊ´ÉhªÉÉiÉ ªÉÉ´ÉÉ, Ê½þ xÉ©É Ê´ÉxÉÆiÉÒ.
Y17: ='Pension form'!H17 -> गट विकास अधिकारी वर्ग 1
AA18: ='Pension form'!H5 -> पंचायत समिती | AG18: ='Pension form'!G4 -> कळवण | AJ18: ='Pension form'!D5 -> 0
Z19: =Z52 -> तालुका | AD19: =AD52 -> कळवण
C20: |ÉiÉ :-
C21: ¨É | D21: ='Pension form'!C18 -> उप मुख्य कार्यकारी अधिकारी (साप्र) | Q21: ='Pension form'!D18 -> जिल्हा परिषद ,नाशिक
C22: ªÉÉÆxÉÉ ¨ÉÉÊ½þiÉÒºiÉ´É ºÉÊ´ÉxÉªÉ ºÉÉnù®ú
T34: =T1 -> जाक्र/ सामन्य प्रशासन/अस्था /आरआर/ /20
T35: =T2 -> पंचायत समिती कळवण नाशिक
T36: =T3 -> Ênù:- / /
B37: |ÉÊiÉ,
B38: ¨É | C38: +vªÉIÉ
C39: Eò¨ÉÇSÉÉ®úÒ Eò±ªÉÉhÉ ÊxÉvÉÒ VÉ³ýMÉÉÆ´É
C41: Ê´É¹ÉªÉ | E41: ='Pension form'!I14 -> सोमनाथ चटर्जी ,कक्ष अधिकारी पंचायत समिती कळवण नाशिक
E42: ½äþ/½þªÉÉþ ºÉä´ÉÉÊxÉ´ÉÞkÉ ½þÉähÉÉ®ú +ºÉ±ªÉÉxÉä SÉÉèEò¶ÉÒ nùÉJÉ±Éä Ê¨É³ýhÉä ¤ÉÉ¤ÉiÉ
D44: ={É®úÉäCiÉ Ê´É¹ÉªÉÉxÉÖºÉÉ®ú | K44: =E41 -> सोमनाथ चटर्जी ,कक्ष अधिकारी पंचायत समिती कळवण नाशिक
C45: =E12 -> 50191 | F45: ½äþ/½þªÉÉ ®úÉäVÉÒ ºÉä´ÉÉÊxÉ´ÉÞkÉ ½þÉähÉÉ®ú +ºÉÚxÉ iªÉÉÆSÉä ÊxÉ´ÉÞkÉÒ ´ÉäiÉxÉ |ÉEò®úhÉÒ xÉÉ näùªÉ xÉÉ SÉèÉEò¶ÉÒ nùÉJÉ±ÉÉ
C46: +iªÉÉ´É¶ªÉEò +É½ä
C47: =K44 -> सोमनाथ चटर्जी ,कक्ष अधिकारी पंचायत समिती कळवण नाशिक | AF47: ½ªÉÉÆSÉä Eòbä÷ºÉ
C48: EòÉ½þÒ ªÉähÉä ¤ÉÉEòÒ +ºÉ±ªÉÉºÉ nùÉJÉ±ÉÉ ªÉÉ EòÉªÉÉÇ±ÉªÉÉEòbä÷ºÉ {ÉÉ`öÊ´ÉhªÉÉiÉ ªÉÉ´ÉÉ Ê½þ xÉ©É Ê´ÉxÉÆiÉÒ
Y50: =Y17 -> गट विकास अधिकारी वर्ग 1
AA51: =AA18 -> पंचायत समिती | AF51: =AG18 -> कळवण
C52: |ÉiÉ :- | Z52: ='Pension form'!F4 -> तालुका | AD52: ='Pension form'!G4 -> कळवण
C53: ¨É | D53: =D21 -> उप मुख्य कार्यकारी अधिकारी (साप्र) | Q53: =Q21 -> जिल्हा परिषद ,नाशिक
D54: =C22 -> ªÉÉÆxÉÉ ¨ÉÉÊ½þiÉÒºiÉ´É ºÉÊ´ÉxÉªÉ ºÉÉnù®ú
U65: =T1 -> जाक्र/ सामन्य प्रशासन/अस्था /आरआर/ /20
U66: =T2 -> पंचायत समिती कळवण नाशिक
U67: =T3 -> Ênù:- / /
C70: |ÉÊiÉ,
C71: ¨É ¨ÉÖJªÉ ±ÉäJÉÉ ´É Ê´ÉkÉ +ÊvÉEòÉ®úÒ
C72: ÊVÉ±½þÉ {ÉÊ®ú¹Énù VÉ³ýMÉÉÆ´É
C74: Ê´É¹ÉªÉ | E74: =E41 -> सोमनाथ चटर्जी ,कक्ष अधिकारी पंचायत समिती कळवण नाशिक
E75: ½äþ/½þªÉÉþ ºÉä´ÉÉÊxÉ´ÉÞkÉ ½þÉähÉÉ®ú +ºÉ±ªÉÉxÉä xÉÉ näùªÉ xÉÉ SÉÉèEò¶ÉÒ nùÉJÉ±Éä Ê¨É³ýhÉä ¤ÉÉ¤ÉiÉ
D77: ={É®úÉäCiÉ Ê´É¹ÉªÉÉxÉÖºÉÉ®ú | J77: =E74 -> सोमनाथ चटर्जी ,कक्ष अधिकारी पंचायत समिती कळवण नाशिक
C78: =C45 -> 50191 | F78: ½äþ/½þªÉÉ ®úÉäVÉÒ ºÉä´ÉÉÊxÉ´ÉÞkÉ ½þÉähÉÉ®ú +ºÉÚxÉ iªÉÉÆSÉä ÊxÉ´ÉÞkÉÒ´ÉäiÉxÉ |ÉEò®úhÉÒ xÉÉ näùªÉ xÉÉ SÉèÉEò¶ÉÒ nùÉJÉ±ÉÉ
C79: +iªÉÉ´É¶ªÉEò +É½ä
C80: =E74 -> सोमनाथ चटर्जी ,कक्ष अधिकारी पंचायत समिती कळवण नाशिक | AC80: ½ªÉÉÆSÉä Eòbä÷ºÉ ÊVÉ {É
C81: MÉÞ½þ ¤ÉÉÆvÉhÉÒ EòVÉÉÇºÉÆnù¦ÉÉÇiÉ EòÉ½þÒ ªÉähÉä ¤ÉÉEòÒ +ºÉ±ªÉÉºÉ nùÉJÉ±ÉÉ ªÉÉ EòÉªÉÉÇ±ÉªÉÉEòbä÷ºÉ {ÉÉ`öÊ´ÉhªÉÉiÉ ªÉÉ´ÉÉ
C82: Ê½þ Ê´ÉxÉÆiÉÒ
AD85: =Y50 -> गट विकास अधिकारी वर्ग 1
AA86: =AA51 -> पंचायत समिती | AF86: =AF51 -> कळवण | AJ86: =AJ51 -> 0
Z87: =Z52 -> तालुका | AD87: =AD52 -> कळवण
C88: |ÉiÉ :-
E89: ¨É | F89: =D53 -> उप मुख्य कार्यकारी अधिकारी (साप्र) | T89: =Q53 -> जिल्हा परिषद ,नाशिक
E90: =D54 -> ªÉÉÆxÉÉ ¨ÉÉÊ½þiÉÒºiÉ´É ºÉÊ´ÉxÉªÉ ºÉÉnù®ú
X98: =V1 -> 0
T99: =T1 -> जाक्र/ सामन्य प्रशासन/अस्था /आरआर/ /20
T100: =T2 -> पंचायत समिती कळवण नाशिक
T101: =T3 -> Ênù:- / /
B103: |ÉÊiÉ,
C104: ¨É ¤ÉÉ±É Ê´ÉEòÉºÉ |ÉEò±{É +ÊvÉEòÉ®úÒ
C105: B ¤ÉÉ Ê´É ºÉä ªÉÉä {ÉÉ®úÉä³ýÉ
C107: Ê´É¹ÉªÉ | E107: =E74 -> सोमनाथ चटर्जी ,कक्ष अधिकारी पंचायत समिती कळवण नाशिक
E108: ½äþ/½þªÉÉþ ºÉä´ÉÉÊxÉ´ÉÞkÉ ½þÉähÉÉ®ú +ºÉ±ªÉÉxÉä SÉÉèEò¶ÉÒ nùÉJÉ±Éä Ê¨É³ýhÉä ¤ÉÉ¤ÉiÉ
D110: ={É®úÉäCiÉ Ê´É¹ÉªÉÉxÉÖºÉÉ®ú | J110: =E107 -> सोमनाथ चटर्जी ,कक्ष अधिकारी पंचायत समिती कळवण नाशिक
C111: =C78 -> 50191 | F111: ®úÉäVÉÒ ºÉä´ÉÉÊxÉ´ÉÞkÉ ½þÉähÉÉ®ú +ºÉÚxÉ iªÉÉÆSÉä ÊxÉ´ÉÞkÉÒ´ÉäiÉxÉ |ÉEò®úhÉÒ xÉÉ näùªÉ xÉÉ SÉèÉEò¶ÉÒ nùÉJÉ±ÉÉ +iªÉÉ´É¶ªÉEò
C112: +É½ä | E112: ='Pension form'!B2 -> श्री | F112: =E107 -> सोमनाथ चटर्जी ,कक्ष अधिकारी पंचायत समिती कळवण नाशिक
C113: ½äþÂ/½þªÉÉþ +É{É±ªÉÉ EòÉªÉÉÇ±ÉªÉÉ +ÆiÉMÉÇiÉ Ênù- | Q113: / | S113: / | V113: Ênù | AA113: ªÉÉ EòÉ±ÉÉ´ÉvÉÒiÉ EòÉªÉÇ®úiÉ ½þÉäiÉä,
C114: iªÉÉÆSÉä ºÉä ÊxÉ EòÉ¨ÉÒ xÉÉ näùªÉ xÉÉ SÉÉèEò¶ÉÒ nùÉJÉ±ÉÉ ªÉÉ EòÉªÉÉÇ±ÉªÉÉEòbä÷ºÉ {ÉÉ`öÊ´ÉhªÉÉiÉ ªÉÉ´ÉÉ Ê½þ Ê´ÉxÉÆiÉÒ
AF116: =AD85 -> गट विकास अधिकारी वर्ग 1
AD117: =AA86 -> पंचायत समिती | AI117: =AF86 -> कळवण
AB118: =Z87 -> तालुका | AF118: =AD87 -> कळवण | AL118: =AI87 -> 0
C121: |ÉiÉ :- | E121: =E89 -> ¨É | F121: =F89 -> उप मुख्य कार्यकारी अधिकारी (साप्र) | U121: =T89 -> जिल्हा परिषद ,नाशिक
E122: =E90 -> ªÉÉÆxÉÉ ¨ÉÉÊ½þiÉÒºiÉ´É ºÉÊ´ÉxÉªÉ ºÉÉnù®ú

Sheet Tapasani Suchi
A1: iÉ{ÉÉºÉhÉÒ ªÉÉnùÒ
A2: (¨É½þÉ®úÉ¹]Åõ xÉÉMÉ®úÒ ºÉä´ÉÉ ºÉä´ÉÉ ÊxÉ´ÉÞkÉÒ ´ÉäiÉxÉ ÊxÉªÉ¨É 1982 ¨ÉvÉÒ±É ÊxÉªÉ¨É Gò 121 iÉä 123 xÉÖºÉÉ®ú )
A3: Eò¨ÉÇSÉÉ­ªÉÉSÉä xÉÉÆ´É | C3: ='Pension form'!C2 -> सोमनाथ चटर्जी
A4: ½ÖþqùÉ | C4: ='Pension form'!C4 -> कक्ष अधिकारी | E4: ='Pension form'!C5 -> पंचायत समिती | H4: ='Pension form'!G4 -> कळवण
A5: ´ÉäiÉxÉ¸ÉähÉÒ | E5: ='Pension form'!C11 -> Pay Band 2 (9300-34800) - 4500 | H5: ='Pension form'!D11 -> S-16
A6: ºÉä´ÉÉ ºÉÖ¯û ÊnùxÉÉÆEò :- | E6: ='Pension form'!C7 -> 38047
A7: ÊxÉ´ÉÞkÉÒ |ÉEòÉ®ú ´É ºÉä´ÉÉÊxÉ´É,kÉÂÒ ÊnùxÉÉÆEò | E7: ='Pension form'!F8 -> नियत वयोमानानुसार | G7: ='Pension form'!C8 -> 50191
H8: ºÉä. {ÉÖ. {ÉÞ¹]õ Gò | I8: xÉºiÉÒ ¨ÉvÉÒ±É {ÉÞ¹]õ Gò
A9: 1) ÊxÉªÉ¨É 121 (1) (B) (BEò) ºÉÆ{ÉÚhÉÇ ºÉä´ÉäSÉÒ {Éb÷iÉÉ³ýhÉÒ |É¨ÉÉhÉ{ÉjÉ
A10: 2) ºÉä´ÉäiÉ |É´Éä¶É Eäò±ªÉÉ{ÉÉºÉÚxÉ ºÉä´ÉÉÊxÉ´ÉÞkÉÒ ½þÉä<Ç{ÉªÉÈiÉ / ¨ÉªÉiÉ ZÉÉ±ªÉÉ{ÉªÉÈiÉ
A11: {ÉÆSÉ´ÉÉÌ¹ÉEò {Éb÷iÉÉ³ýhÉÒ |É¨ÉÉÊhÉiÉ xÉÉånù
A12: 3) ´ÉäiÉxÉ näùªÉEòÉxÉÖºÉÉ®ú ºÉä´ÉäSÉÒ ´ÉÉÌ¹ÉEò {Éb÷iÉÉ³ýhÉÒ |É¨ÉÉÊhÉiÉ xÉÉånù
A13: 4) ¨ÉÉMÉÒ±É nù½þÉ ´É¹ÉÉÇiÉ Ê´ÉÊ´ÉvÉ EòÉªÉÉÇ±ÉªÉÉiÉ / iÉÉ±ÉÖCªÉÉiÉ ºÉä´ÉÉ Eäò±Éä±ÉÒ +ºÉä±É iÉ®ú iªÉÉ EòÉªÉÉÇ±ÉªÉÉSÉä +É´É¶ªÉEò iÉä xÉÉ ½þ®úEòiÉ |É¨ÉÉhÉ{ÉjÉ
A14: 1) EòÉªÉÉÇ±ÉªÉÉSÉä xÉÉÆ´É EòÉ±ÉÉ´ÉvÉÒ
A15: 5) ºÉä´ÉäiÉÒ±É xÉä¨ÉhÉÖEò Ê´É½þÒiÉ ´ÉªÉÉä¨ÉªÉÉÇnäùiÉ ZÉÉ±ÉÒ xÉºÉ±ªÉÉºÉ ´ÉªÉ IÉ¨ÉÉ{ÉhÉÉ¤ÉÉ¤ÉiÉ ºÉÆ¤ÉÆÊvÉiÉ +ÊvÉEòÉ­ªÉÉSÉä IÉ¨ÉÉ{ÉÉ±ÉxÉ |É¨ÉÉhÉ{ÉjÉ
A16: 6) xÉÉ SÉÉèEò¶ÉÒ nùÉJÉ±ÉÉ
A17: 7) xÉÉ näùªÉ nùÉJÉ±É
A18: 8) ¯ûMhÉiÉÉ ÊxÉ´ÉÞkÉÒºÉÉ`öÒ +ºÉ±Éä±Éä ´ÉènùªÉEòÒªÉ |É¨ÉÉhÉ{ÉjÉ
A19: 9) +Æ¶É®úÉ¶ÉÒEò®úhÉÉ¤ÉÉ¤ÉiÉ +É´É¶ªÉEò iÉÉä Ê´É½þÒiÉ xÉ¨ÉÖxªÉÉiÉÒ±É +VÉÇ
A20: 10) º´ÉäSUôÉ ÊxÉ´ÉÞkÉÒ |ÉEò®úhÉ Eò¨ÉÇSÉÉ­ªÉÉxÉä Ênù±Éä±ªÉÉ xÉÉä]õÒºÉÒSÉÉ ÊnùxÉÉÆEò ´É EòÉ±ÉÉ´ÉvÉÒ ºÉä´ÉÉ{ÉÖºiÉEòÉ¨ÉvªÉä xÉÉånù PÉäiÉ±ªÉÉ¤ÉÉ¤ÉiÉ |É¨ÉÉÊhÉiÉ xÉÉånù
... A45: 32) Eò¨ÉÇSÉÉ®úÒ ºÉä´ÉäiÉ +ºÉiÉÉÆxÉÉ ¤Éä{ÉkÉÉ / {É®úÉÆMÉnùÉ ZÉÉ±Éä±ÉÉ +ºÉ±ªÉÉ |ÉEò®úhÉÒ {ÉÉäÊ±ÉºÉÉEòbä÷ |ÉlÉ¨É JÉ¤É®úÒ +½þ´ÉÉ±É (F I R ) nùÉJÉ±É Eäò±ªÉÉSÉÒ |ÉiÉ iÉºÉäSÉ iÉ{ÉÉºÉ Eò¯ûxÉ näùJÉÒ±É ºÉnù®úSÉÒ ´ªÉCiÉÒ +Éfø³ÚýxÉ ªÉäiÉ xÉÉ½þÒ ªÉÉ¤ÉÉ¤ÉiÉ ºÉIÉ¨É {ÉÉä±ÉÒºÉ +ÊvÉEòÉ­ªÉÉSÉÉ nùÉJÉ±ÉÉ
H48: ='Form 42'!K20 -> गट विकास अधिकारी वर्ग 1
G49: ='Form 42'!K21 -> पंचायत समिती | I49: ='Non Drawl letter'!AI117 -> कळवण

Sheet Form 7
C1: xÉ¨ÉÖxÉÉ 7
C2: (¨É½þÉ®úÉ¹]Åõ xÉÉMÉ®úÒ ºÉä´ÉÉ (ÊxÉ´ÉÞkÉÒ´ÉäiÉxÉ) ÊxÉªÉ¨É 1982 ¨ÉvÉÒ±É ÊxÉªÉ¨É 123 (1) {É½þÉ)
C3: ¶ÉÉºÉEòÒªÉ Eò¨ÉÇSÉÉ­ªÉÉÆSªÉÉ ÊxÉ´ÉÞkÉÒ´ÉäiÉxÉÉºÉÆ¤ÉÆvÉÒSÉä EòÉMÉnù{ÉjÉ {ÉÉ`ö´ÉiÉÉÆxÉÉ ±ÉäJÉÉ{ÉÊ®úIÉÉ +ÊvÉEòÉ­ªÉÉ±ÉÉ Ê±É½þÉ´ÉªÉÉSªÉÉ {ÉjÉÉSÉÉ xÉ¨ÉÖxÉÉ
I4: ='Pension form'!K4 -> जाक्र/ सामन्य प्रशासन/अस्था /आरआर/ /20
I5: ='Pension form'!K5 -> पंचायत समिती कळवण नाशिक
I6: ='Non Drawl letter'!T3 -> Ênù:- / /
C7: |ÉÊiÉ,
D8: ¨É | E8: ='Pension form'!C18 -> उप मुख्य कार्यकारी अधिकारी (साप्र)
E9: ='Pension form'!D18 -> जिल्हा परिषद ,नाशिक
D11: Ê´É¹ÉªÉ :- | E11: ='Pension form'!I14 -> सोमनाथ चटर्जी ,कक्ष अधिकारी पंचायत समिती कळवण नाशिक
E12: ½äþ /½þªÉÉþ ºÉä´ÉÉÊxÉ´ÉÞkÉ ½þÉähÉÉ®ú +ºÉ±ªÉÉxÉä ºÉä´ÉÉÊxÉ´ÉÞkÉÂÒ EòÉMÉnù{ÉjÉä ºÉÉnù®ú Eò®úhÉä ¤ÉÉ¤ÉiÉ
C14: ¨É½þÉänùªÉ ,
E15: ='Pension form'!B2 -> श्री | F15: ='Pension form'!I14 -> सोमनाथ चटर्जी ,कक्ष अधिकारी पंचायत समिती कळवण नाशिक
D16: ªÉälÉä EòÉªÉÇ®úiÉ +ºÉÖxÉ iªÉÉÆSªÉÉ ÊxÉ´ÉÞkÉÒ´ÉäiÉxÉÉSÉä EòÉMÉnù{ÉjÉ +É´É¶ªÉEò iªÉÉ {ÉÖføÒ±É EòÉªÉÇ´ÉÉ½þÒºÉÉ`öÒ
D17: {ÉÉ`öÊ´ÉhªÉÉÆiÉ ªÉäiÉ +É½äþiÉ.
D18: 2. ¶ÉÉºÉEòÒªÉ Eò¨ÉÇSÉÉ­ªÉÉSªÉÉ ºÉä´ÉÉ ÊxÉ´ÉÞkÉÒSªÉÉ Ênù´É¶ÉÒ +nùkÉ ®úÉ½þiÉÒ±É +¶ÉÉ +ÉÊhÉ ¨ÉÞiªÉÚ-ÊxÉ-ºÉä´ÉÉÊxÉ´ÉÞkÉÒ
D19: ={ÉnùÉxÉÉSªÉÉ ®úCEò¨ÉäiÉÖxÉ ´ÉºÉÖ±É Eò®úhÉä +É´É¶ªÉEò +ºÉ±Éä±ÉªÉÉ ¶ÉÉºÉEòÒªÉ ªÉähÉä ®úCEò¨ÉÉÆSÉÉ iÉ{É¶ÉÒ±É
D20: JÉÉ±ÉÒ nù¶ÉÇÊ´É±Éä±ÉäÉ +É½äþ
C22: +Gò | D22: iÉ{ÉÊ¶É±É | K22: ®úCEò¨É ¯û
C23: 1 | D23: PÉ®ú¤ÉÉÆvÉhÉÒ +OÉÒ¨ÉÉSÉÒ Ê¶É±±ÉEò ®úCEÂò¨É ºÉ MÉÞ ÊxÉ ºÉ½þ ºÉÆºlÉÉ | K23: ='Pension form'!D56 -> 0
C24: 2 | D24: ®úVÉÉ ´ÉäiÉxÉÉºÉ½þ ´ÉäiÉxÉ ´É ¦ÉkÉä ªÉÉ¤ÉÉ¤ÉiÉSÉÒ +ÊiÉ|ÉnùÉxÉ Eäò±Éä±ÉÒ ®úCEò¨É | K24: 0
C25: 3 | D25: +ÉªÉEò®ú
C26: 4 | D26: ¶ÉÉºÉEòÒªÉ ÊxÉ´ÉÉºÉºlÉÉxÉÉSÉÉ iÉÉ¤ÉÉ PÉäiÉ±ªÉÉ¤Éqù±É ±ÉÉªÉºÉxºÉ ¡òÒSÉÒ lÉEò¤ÉÉEòÒ
C27: 5 | D27: ¶ÉÉºÉEòÒªÉ ÊxÉ´ÉÉºÉºlÉÉxÉ ºÉä´ÉÉÊxÉ´ÉÞkÉÒSªÉÉ ÊnùxÉÉÆEòÉxÉÆiÉ®ú½þÒ BEò ¨ÉÊ½þxªÉÉSªÉÉ
D28: +xÉÖYÉäªÉ EòÉ±ÉÉ´ÉvÉÒEòÊ®úiÉÉ `äö´ÉÚxÉ PÉäiÉ±ªÉÉ¤Éqù±É ±ÉÉªÉºÉxºÉ ¡òÒSÉÒ ®úCEÂò¨É
C29: 6 | D29: +xªÉ EòÉähÉiªÉÉ½þÒ ÊxÉvÉÉÇÊ®úiÉ ªÉähÉä ®úEò¨ÉÉ +ÉÊhÉ iªÉÉÆSÉä º´É¯û{É. | K29: 0
C30: 7 | D30: +ÊxÉvÉÉÇÊ®úiÉ ªÉähÉä ®úEò¨ÉÉ +ºÉ±ªÉÉºÉ iªÉÉÆSªÉÉ ºÉ¨ÉÉªÉÉäVÉxÉÉºÉÉ`öÒ ®úÉäJÉÚxÉ
D31: `äö´É±Éä±ÉÒ ={ÉnùxÉÉSÉÒ ®úCEò¨É.
D32: BEÚòhÉ | K32: =SUM(K23:K31) -> 0
C33: * 3. (+) | D33: =F15 -> सोमनाथ चटर्जी ,कक्ष अधिकारी पंचायत समिती कळवण नाशिक
C34: ªÉÉÆSªÉÉ Ê´É¯ûvnù Ê´É¦ÉÉMÉÒªÉ SÉÉèEò¶ÉÒ |É±ÉÆÊ¤ÉiÉ xÉÉ½þÒ ËEò´ÉÉ iÉÒ Eò®úhªÉÉSÉä ªÉÉäÊVÉ±Éä±Éä xÉÉ½þÒ.
C35: (¤É) | D35: ¸ÉÒ ------------------------------------------------------------------------ ú
C36: ªÉÉÆSªÉÉÊ´É¯ûvnù Ê´É¦ÉÉMÉÒªÉ SÉÉèEò¶ÉÒ |É±ÉÆÊ¤ÉiÉ +É½äþ/ ËEò´ÉÉ iÉÒ Eò®úhªÉÉSÉä ªÉÉäÊVÉ±Éä +É½äþ +ÉÊhÉ <iÉ®ú iÉÉi{ÉÖ®úiÉä ÊxÉ´ÉÞkÉÒ´ÉäiÉxÉ
C37: ÊnùxÉÉÆEò- | E37: / / | G37: {ÉÉºÉÚxÉ | I37: / / | J37: {ÉªÉÇiÉ | K37: ¨ÉÆVÉÚ®ú
C38: Eò®úhªÉÉiÉ +É±Éä +É½äþ.
C39: 4. ªÉÉ {ÉjÉÉºÉÉä¤ÉiÉ {ÉÉ`öÊ´É±Éä±ªÉÉ ºÉ½þ{ÉjÉÉÆSÉÒ ªÉÉnùÒ EÞò{ÉªÉÉ {É½þÉ´ÉÒ.
C40: 5.ªÉÉ {ÉjÉÉSÉÒ EÞò{ÉªÉÉ {ÉÉäSÉ tÉ´ÉÒ +ÉÊhÉ ÊxÉ´ÉÞkÉÒ´ÉäiÉxÉÉSªÉÉ ºÉÆÊ´ÉiÉ®úhÉÉºÉÉ`öÒ ºÉÆ¤ÉÆvÉÒiÉ EòÉä¹ÉÉMÉÉ®ú +ÊvÉEòÉ­ªÉÉÆxÉÉ +É´É¶ªÉEò iªÉÉ
C41: ºÉÚSÉxÉÉ Ênù±ªÉÉ +ºÉ±ªÉÉSÉä ªÉÉ Ê´É¦ÉÉMÉÉ±ÉÉ / EòÉªÉÉÇ±ÉªÉÉ±ÉÉ EÞò{ÉªÉÉ Eò³ý´ÉÉ´Éä.
C42: 6. +É{É±ªÉÉEòbÚ÷xÉ |ÉÉÊvÉEòÉ®ú{ÉjÉ Ê¨É³ýÉ±ªÉÉxÉÆiÉ®ú, ªÉÉ Ê´É¦ÉÉMÉÉEòbÚ÷xÉ, EòÉªÉÉÇ±ÉªÉÉEòbÚ÷xÉ ¨ÉÞiªÉÚ-ÊxÉ-ºÉä´ÉÉÊxÉ´ÉÞkÉÒ ={ÉnùÉxÉ
C43: EòÉføhªÉÉiÉ ªÉä<Ç±É ´É iÉä ºÉÆÊ´ÉiÉ®úÒiÉ Eò®úhªÉÉiÉ ªÉä<Ç±É. ½þÒ ®úCEÂò¨É näùhªÉÉ{ÉÚ´ÉÔ, ´É®úÒ±É {ÉÊ®úSUäônù 2 ¨ÉvªÉä =±±ÉäÊJÉ±Éä±ªÉÉ
C44: ´ÉºÉÚ±É xÉ ZÉÉ±Éä±ªÉÉ ¶ÉÉºÉEòÒªÉ ªÉähÉä ®úEò¨ÉÉ ¨ÉÞiªÉÚ-ÊxÉ-ºÉä´ÉÉÊxÉ´ÉÞkÉÒ ={ÉnùÉxÉÉiÉÚxÉ ´ÉºÉÚ±É Eò®úhªÉÉiÉ ªÉä<Ç±É.
L48: ='Pension form'!D17 -> गट विकास अधिकारी वर्ग 1
C49: ºÉ½þ{ÉjÉÉÆSÉÒ ªÉÉnùÒ :-- | L49: ='Pension form'!H5 -> पंचायत समिती | M49: ='Tapasani Suchi'!I49 -> कळवण
C50: 1. ªÉlÉÉäÊSÉiÉÊ®úiªÉÉ ¦É®ú±Éä±Éä xÉ¨ÉÖxÉÉ 5 + ´É xÉ¨ÉÖxÉÉ 6
C51: 2. +ºÉ¨ÉlÉÇiÉäºÉÆ¤ÉÆvÉÒSÉä ´ÉètEòÒªÉ |É¨ÉÉhÉ{ÉjÉ (¯ûMhÉiÉÉ ÊxÉ´ÉÞkÉÒ´ÉäiÉxÉÉSÉÒ ¨ÉÉMÉhÉÒ +ºÉ±ªÉÉºÉ).
C52: 3. ½þÉähÉÉ­ªÉÉ ¤ÉSÉiÉÒºÉÆ¤ÉÆvÉÒSÉä Ê´É´É®úhÉ{ÉjÉ +ÉÊhÉ +xªÉjÉ xÉÉäEò®úÒ EòÉ Ê¨É³Úý ¶ÉEò±ÉÒ xÉÉ½þÒ ªÉÉSÉÒ EòÉ®úhÉä
C53: (¦É®ú{ÉÉ<Ç ÊxÉ´ÉÞkÉÒ´ÉäiÉxÉ ËEò´ÉÉ ={ÉnùÉxÉ ªÉÉºÉÉ`öÒ ¨ÉÉMÉhÉÒ +ºÉ±ªÉÉºÉ).
C54: 4. ºÉä´ÉÉ {ÉÖºiÉEò (ºÉä´ÉÉÊxÉ´ÉÞkÉÒ ÊnùxÉÉÆEò ºÉä´ÉÉ {ÉÖºiÉEòÉiÉ xÉ¨ÉÖnù Eò®úÉ´ÉÉ).
C55: 5. (+) ®úÉVÉ{ÉÊjÉiÉ ¶ÉÉºÉEòÒªÉ Eò¨ÉÇSÉÉ­ªÉÉxÉä ªÉlÉÉäÊSÉiÉ®úÒiªÉÉ ºÉÉIÉÉÆÊEòiÉ Eäò±Éä±ªÉÉ nùÉäxÉ xÉ¨ÉÖxÉÉ ºÉÁÉ ËEò´ÉÉ º´ÉiÉ:SÉÒ ºÉ½þÒ
C56: Eò®úhªÉÉ<iÉ{ÉiÉ ºÉÉIÉ®ú xÉºÉ±Éä±ªÉÉ ÊxÉ´ÉÞkÉÒ´ÉäiÉxÉvÉÉ®úEòÉSªÉÉ b÷É´ªÉÉ ½þÉiÉÉSÉÉ +ÆMÉ`öÉ ´É ¤ÉÉä]äõ ªÉÉÆSÉä `öºÉä +ºÉ±Éä±ªÉÉ +ÉÊhÉ
C57: ®úÉVÉ{ÉÊjÉiÉ ¶ÉÉºÉEòÒªÉ Eò¨ÉÇSÉÉ­ªÉÉÆxÉä ªÉlÉÉäÊSÉiÉÊ®úiªÉÉ ºÉÉIÉÉÆÊEòiÉ Eäò±Éä±ªÉÉ nùÉäxÉ ÊSÉaöªÉÉ.
C58: (¤É){ÉixÉÒºÉ½þ ËEò´ÉÉ {ÉiÉÒºÉ½þ (BEòjÉ ËEò´ÉÉ ´ÉäMÉ´ÉäMÉ²ªÉÉ) +ºÉ±Éä±ªÉÉ UôÉªÉÉÊSÉjÉÉSªÉÉ {ÉÉ®ú{ÉjÉ +ÉEòÉ®úÉSªÉÉ + iÉÒxÉ |ÉiÉÒ
C59: iªÉÉ EòÉªÉÉÇ±ÉªÉ |É¨ÉÖJÉÉÆxÉÒ ªÉlÉÉäÊSÉiÉÊ®úiªÉÉ ºÉÉIÉÉÆÊEòiÉ Eäò±Éä±ªÉÉ +ºÉÉ´ªÉÉiÉ.
C60: (Eò)=ÆSÉÒ ´É +Éä³ýJÉÊSÉx½þÉÆSªÉÉ iÉ{ÉÊ¶É±É nù¶ÉÇÊ´ÉhÉÉ­ªÉÉ, ®úÉVÉ{ÉÊjÉiÉ ¶ÉÉºÉEòÒªÉ Eò¨ÉÇSÉÉ­ªÉÉxÉä ªÉlÉÉäÊSÉiÉÊ®úiªÉÉ ºÉÉIÉÉÆÊEòiÉ
C61: Eäò±Éä±ªÉÉ nùÉäxÉ ÊSÉ`Âö`ö¬É.
... C79: (nùÉäxÉ) VÉ®ú ¶ÉÉºÉEòÒªÉ Eò¨ÉÇSÉÉ­ªÉÉºÉ, ¨É.xÉÉ.ºÉ.(ÊxÉ´ÉÞkÉÒ´ÉäiÉxÉ) ÊxÉªÉ¨É, 1982 ¨ÉvÉÒ±É ÊxÉªÉ¨É 117 ±ÉÉMÉÚ ½þÉäiÉ +ºÉä±É iÉ®ú.

Sheet Form 5
A1: xÉ¨ÉÖxÉÉ 5
A2: (¨É½þÉ®úÉ¹]Åõ xÉÉMÉ®úÒ ºÉä´ÉÉ (ÊxÉ´ÉÞkÉÒ´ÉäiÉxÉ) ÊxÉªÉ¨É 1982 ¨ÉvÉÒ±É ÊxÉªÉ¨É 121 (1) (ºÉÒ) +ÉÊhÉ 123 (1) {É½þÉ)
A3: ÊxÉ´ÉÞkÉ ½þÉähÉÉ­ªÉÉ ¶ÉÉºÉEòÒªÉ Eò¨ÉÇSÉÉ­ªÉÉEòbÚ÷xÉ iªÉÉSªÉÉ / ÊiÉSªÉÉ ÊxÉ´ÉÞkÉÒ{ÉÚ´ÉÔ +É`ö ¨ÉÊ½þxÉä +ÉvÉÒ EòÉªÉÉÇ±ÉªÉ |É¨ÉÖJÉ ªÉÉÆxÉÒ Ê¨É³ý´ÉÉ´ÉªÉÉSÉÉ iÉ{ÉÊ¶É±É.
A4: 1 | B4: ¶ÉÉºÉEòÒªÉ Eò¨ÉÇSÉÉ­ªÉÉSÉä xÉÉ´É | H4: ='Pension form'!C2 -> सोमनाथ चटर्जी
A5: 2 | B5: (+) VÉx¨É iÉÉ®úÒJÉ | H5: ='Pension form'!C6 -> 29000
B6: (¤É) ÊxÉ´ÉÞkÉÒSÉÉ ÊnùxÉÉÆEò | H6: ='Pension form'!C8 -> 50191
A7: 3 | B7: ®úÉVÉ{ÉÊjÉiÉ ¶ÉÉºÉEòÒªÉ Eò¨ÉÇSÉÉ­ªÉÉxÉä ªÉlÉÉäÊSÉiÉÊ®úiªÉÉ | H7: ºÉÉä¤ÉiÉ VÉÉäb÷±Éä±Éä +É½äþiÉ
B8: ºÉÉIÉÉÆÊEòiÉ Eäò±Éä±ªÉÉ nùÉäxÉ xÉ¨ÉÖxÉÉ ºÉÁÉ
A9: 4 | B9: {ÉixÉÒºÉ½þ ËEò´ÉÉ {ÉiÉÒºÉ½þ * BEòjÉ +ºÉ±Éä±ªÉÉ UôÉªÉÉÊSÉjÉÉSªÉÉ | H9: =H7 -> ºÉÉä¤ÉiÉ VÉÉäb÷±Éä±Éä +É½äþiÉ
B10: {ÉÊ®ú{ÉjÉ +ÉEòÉ®úÉSªÉÉ * iÉÒxÉ |ÉiÉÒ (EòÉªÉÉÇ±ÉªÉ |É¨ÉÖJÉÉÆxÉÒ iªÉÉ
B11: ºÉÉIÉÉÆÊEòiÉ Eäò±Éä±ªÉÉ +ºÉÉ´ªÉÉiÉ)
A12: 5 | B12: ®úÉVÉ{ÉjÉÒiÉ ¶ÉÉºÉEòÒªÉ Eò¨ÉÇSÉÉ­ªÉÉxÉä ªÉlÉÉäÊSÉiÉÊ®úiªÉÉ ºÉÉIÉÉÆÊEòiÉ | H12: =H9 -> ºÉÉä¤ÉiÉ VÉÉäb÷±Éä±Éä +É½äþiÉ
B13: Eäò±Éä±ªÉÉ =ÆSÉÒ ´É ´ÉèªÉCiÉÒEò +Éä³ýJÉÊSÉx½þÉSÉÉ iÉ{É¶ÉÒ±É
B14: nù¶ÉÇÊ´ÉhÉÉ­ªÉÉ nùÉäxÉ ÊSÉ`Âö`ö¬É.
A15: 6 | B15: ºÉvªÉÉSÉÉ {ÉkÉÉ | H15: ='Pension form'!D20 -> ¨ÉÖ {ÉÉä +b÷É´Énù iÉÉ SÉÉä{Éb÷É
A16: 7 | B16: ÊxÉ´ÉþÞkÉÒxÉÆiÉ®úSÉÉ {ÉkÉÉ | H16: ='Pension form'!D21 -> ¨ÉÖ {ÉÉä +b÷É´Énù iÉÉ SÉÉä{Éb÷É
A17: 8 | B17: VÉälÉÚxÉ ÊxÉ´ÉÞkÉÒ´ÉäiÉxÉ PªÉÉ´ÉªÉÉSÉä iªÉÉ ¶ÉÉºÉEòÒªÉ EòÉä¹ÉÉMÉÉ®úÉSÉ | H17: ='Pension form'!D22 -> 0
B18: ËEò´ÉÉ ºÉÉ´ÉÇVÉÊxÉEò IÉäjÉÉiÉÒ±É ¤ÉÄEäòSªÉÉ ¶ÉÉJÉäSÉä xÉÉÆ´É | H18: ='Pension form'!D23 -> VÉä b÷Ò ºÉÒ ºÉÒ ¤ÉÄEò ¶ÉÉJÉÉ +b÷É´Énù
A19: 9 | B19: @ xÉ¨ÉÖxÉÉ 3 ¨ÉvªÉä EÖò]ÖÆõ¤ÉÉSÉÉ iÉ{É¶ÉÒ±É | H19: =H12 -> ºÉÉä¤ÉiÉ VÉÉäb÷±Éä±Éä +É½äþiÉ
B20: Ê`öEòÉhÉ | D20: ='Pension form'!G4 -> कळवण
B21: ÊnùxÉÉÆEò | D21: ='Pension form'!H1 -> / /20 | I21: ='Pension form'!I14 -> सोमनाथ चटर्जी ,कक्ष अधिकारी पंचायत समिती कळवण नाशिक
B24: * º´ÉiÉ:SÉÒ ºÉ½þÒ Eò®úhªÉÉ<iÉ{ÉiÉ ºÉÉIÉ®ú xÉºÉ±Éä±ªÉÉ ´ªÉCiÉÒxÉä |ÉiªÉäEò ÊSÉaöÒ´É®ú b÷É´ªÉÉ ½þÉiÉÉSÉÉ +ÆMÉ`öÉ ´É ¤ÉÉä]õÉSÉä `öºÉä ±ÉÉ´ÉÚxÉ ªÉlÉÉäÊSÉiÉÊ®úiªÉÉ ºÉÉIÉÉÆÊEòiÉ Eäò±Éä±ªÉÉ
B25: nùÉäxÉ ÊSÉaöªÉÉ |ÉºiÉÖiÉ Eò®úÉ´ªÉÉiÉ BJÉÉtÉ ¶ÉÉºÉEòÒªÉ Eò¨ÉÇSÉÉ­ªÉÉºÉ ¶ÉÉ®úÒÊ®úEò +ºÉ¨ÉlÉÇiÉä¨ÉÖ³ä b÷É´ªÉÉ ½þÉiÉÉÆSÉÉ +ÆMÉ`öÉ ´Éý ¤ÉÉä]õÉSÉä `öºÉä näùhÉä ¶ÉCªÉ xÉºÉä±ÉiÉ®ú iªÉÉ±ÉÉ
B26: =VÉ´ªÉÉ ½þÉiÉÉSÉÉ +ÆMÉ`öÉ ´É ¤ÉÉä]ÉSÉä `öºÉä näùiÉÉ ªÉäiÉÒ±É. ¶ÉÉºÉEòÒªÉ Eò¨ÉÇSÉÉ­ªÉÉ±ÉÉ nùÉäx½þÒ½þÒ ½þÉiÉ xÉºÉiÉÒ±É iÉ®ú iªÉÉ±ÉÉ {ÉÉªÉÉSÉä ¤ÉÉä]õÉSÉä `öºÉä näùiÉÉ ªÉäiÉÒ±É +ºÉä `öºÉä
B27: ®úÉVÉ{ÉjÉÒiÉ ¶ÉÉºÉEòÒªÉ Eò¨ÉÇSÉÉ­ªÉÉxÉä ªÉlÉÉäÊSÉiÉÊ®úiªÉÉ ºÉÉIÉÉÆÊEòiÉ Eòä±Éä±Éä +ºÉ±Éä {ÉÉÊ½þVÉäiÉ.
B29: JÉÉ±ÉÒ±É ¤ÉÉ¤ÉiÉÒiÉ ¶ÉÉºÉEòÒªÉ Eò¨ÉÇSÉÉ­ªÉÉxÉä {ÉÊ®ú{ÉjÉ +ÉEòÉ®úÉSªÉÉ ¡òCiÉ iªÉÉSªÉÉ UôÉªÉÉÊSÉjÉÉSªÉÉ nùÉäxÉ |ÉiÉÒ {ÉÉ`öÊ´ÉhÉä +É´É¶ªÉEò +É½äþ.
B30: (BEò) ¶ÉÉºÉEòÒªÉ Eò¨ÉÇSÉÉ­ªÉÉºÉ ¨É½þÉ®úÉ¹]Åõ xÉÉMÉ®úÒ ºÉä´ÉÉ (ÊxÉ´ÉÞkÉÒ´ÉäiÉxÉ) ÊxÉªÉ¨É 1982 ¨ÉvÉÒ±É ÊxÉªÉ¨É 116 ±ÉÉMÉÚ ½þÉäiÉ +ºÉä±É +ÉÊhÉ iÉÉä/iÉÒ +Ê´É´ÉÉÊ½þiÉ ËEò´ÉÉ Ê´ÉvÉÚ®ú
B31: ËEò´ÉÉ Ê´ÉvÉ´ÉÉ +ºÉä±É (nùÉäxÉ) ¶ÉÉºÉEòÒªÉ Eò¨ÉÇSÉÉ­ªÉÉºÉ ¨É½þÉ®úÉ¹]Åõ xÉÉMÉ®úÒ ºÉä´ÉÉ (ÊxÉ´ÉÞkÉÒ´ÉäiÉxÉ) ÊxÉªÉ¨É 1982 ¨ÉvÉÒ±É ÊxÉªÉ¨É 117 ±ÉÉMÉÚ ½þÉäiÉ +ºÉ±ªÉÉºÉ.BJÉÉtÉ
B32: ¶ÉÉºÉEòÒªÉ Eò¨ÉÇSÉÉ­ªÉÉºÉ +É{É±ªÉÉ {ÉixÉÒºÉ½þ ËEò´ÉÉ {ÉiÉÒºÉ½þ EòÉfø±Éä±Éä UôÉªÉÉÊSÉjÉ ºÉÉnù® úEò®úhÉä ¶ÉCªÉ ÚxÉºÉä±É iªÉÉ¤ÉÉ¤ÉiÉÒ±É iªÉÉxÉä ËEò´ÉÉ iÉÒxÉä º´ÉiÉÆjÉ UôÉªÉÉÊSÉjÉ
B33: ºÉÉnù®ú Eò®úÉ´ÉÒiÉ ½þÒ UôÉªÉÉÊSÉjÉä EòÉªÉÉÇ±ÉªÉ |É¨ÉÖJÉÉÆxÉä ºÉÉIÉÉÆÊEòiÉ Eäò±Éä±ÉÒ +ºÉ±ÉÒ {ÉÉÊ½þVÉä.¶ÉCªÉ +ºÉ±ªÉÉºÉ EòÉ½þÒ `ö³ýEò JÉÚhÉÉ ÊEò¨ÉÉxÉ nùÉäxÉ Ê´ÉÊxÉÌnù¹]õ Eò®úÉ´ªÉÉiÉ.
B35: {ÉkªÉÉ¨ÉvªÉä ¨ÉÉMÉÉ½ÚþxÉ EòÉ½þÒ ¤Énù±É ZÉÉ±ªÉÉºÉ iÉÉä EòÉªÉÉÇ±ÉªÉ |É¨ÉÖJÉÉºÉ Eò³ýÊ´É±ÉÉ {ÉÉÊ½þVÉä.
B36: ¶ÉÉºÉEòÒªÉEò¨ÉÇSÉÉ­ªÉÉ±ÉÉ ¨É½þÉ®úÉ¹]Åõ xÉÉMÉ®úÒ ºÉä´ÉÉ (ÊxÉ´ÉÞkÉÒ´ÉäiÉxÉ) ÊxÉªÉ¨É 1982 ¨ÉvÉÒ±É ÊxÉªÉ¨É 116 ±ÉÉMÉÚ ½þÉäiÉ +ºÉä±É iÉälÉäSÉ ¡òCiÉ ±ÉÉMÉÚ +É½äþ.
A37: xÉ¨ÉÖxÉÉ 5 SÉä ºÉ½þ{ÉjÉ.
B38: ='Pension form'!I14 -> सोमनाथ चटर्जी ,कक्ष अधिकारी पंचायत समिती कळवण नाशिक
B39: ªÉÉÆSÉÒ xÉ¨ÉÖxªÉÉSÉÒ ºÉ½þÒ / (ºÉÉIÉ®ú xÉºÉ±ªÉÉºÉ b÷É´ªÉÉ ½þÉiÉÉSÉä ¤ÉÉä]õÉÆSÉä `öºÉä)
A41: 1 | B41: -----------------------------------------
A43: 2 | B43: -----------------------------------------
A45: 3 | B45: -----------------------------------------
C47: |É¨ÉÉÊhÉiÉ Eò®úhªÉÉiÉ ªÉäiÉä EòÒ ´É®úÒ±É xÉ¨ÉÖxÉÉ ºÉ½þÒ ¨ÉÉZªÉÉ ºÉ¨ÉIÉ Eò®úhªÉÉÆiÉ +É±ÉÒ.
B48: Ê`öEòÉhÉ | D48: =D20 -> कळवण
B49: ÊnùxÉÉÆEò | D49: =D21 -> / /20
J50: ='Pension form'!D17 -> गट विकास अधिकारी वर्ग 1
J51: ='Pension form'!H5 -> पंचायत समिती | M51: ='Non Drawl letter'!AL117 -> 0
A54: xÉ¨ÉÖxÉÉ 5 SÉä ºÉ½þ{ÉjÉ.
B56: ÊxÉ´ÉÞkÉÒ´ÉäiÉxÉ vÉÉ®úEòÉSÉä UôÉªÉÉÊSÉjÉ.
I65: ÊxÉ´ÉÞkÉÒ´ÉäiÉxÉ vÉÉ®úEòÉSÉÒ ºÉ½þÒ
C67: |É¨ÉÉÊhÉiÉ Eò®úhªÉÉÆiÉ ªÉäiÉä EòÒ ´É®úÒ±É ºÉ½þÒ ´É UôÉªÉÉÊSÉjÉ
B68: ='Pension form'!I14 -> सोमनाथ चटर्जी ,कक्ष अधिकारी पंचायत समिती कळवण नाशिक | K68: ªÉÉÆSÉä +É½äþ.
B73: Ê`öEòÉhÉ | D73: =D48 -> कळवण | J73: =J50 -> गट विकास अधिकारी वर्ग 1
B74: ÊnùxÉÉÆEò | D74: =D49 -> / /20 | J74: =J51 -> पंचायत समिती | M74: =M51 -> 0
A81: xÉ¨ÉÖxÉÉ 5 SÉä ºÉ½þ{ÉjÉ.
F83: ´ÉhÉÇxÉ{É]õ
C85: ='Pension form'!I14 -> सोमनाथ चटर्जी ,कक्ष अधिकारी पंचायत समिती कळवण नाशिक
B86: úªÉÉÆSÉÒ =ÆSÉÒ ´É +Éä³ýJÉÒSªÉÉ JÉÖhÉÉ
A88: 1 | B88: =ÆSÉÒ | E88: ='Pension form'!D24 -> 5 ¡Öò]õõ 3 <ÆSÉ
A90: 2 | B90: +Éä³ýJÉÒSªÉÉ JÉÖhÉÉ | E90: ='Pension form'!D25 -> ½þÉiÉÉSÉä EòÉä{É®úÉ´É®ú EòÉ³ýÉ iÉÒ³ý
J92: ÊxÉ´ÉÞkÉÒ´ÉäiÉxÉ vÉÉ®úEòÉSÉÒ ºÉ½þÒ
B94: |É¨ÉÉÊhÉiÉ Eò®úhªÉÉÆiÉ ªÉäiÉä EòÒ ´É®úÒ±É =ÆÆSÉÒ ´É +Éä³ýJÉÒSªÉÉ JÉÚhÉÉ
B95: =C85 -> सोमनाथ चटर्जी ,कक्ष अधिकारी पंचायत समिती कळवण नाशिक | J95: ªÉÉÆSÉä +É½äþ.
B98: Ê`öEòÉhÉ | D98: =D73 -> कळवण
B99: ÊnùxÉÉÆEò | D99: =D74 -> / /20
J100: =J73 -> गट विकास अधिकारी वर्ग 1
J101: =J74 -> पंचायत समिती | M101: =M74 -> 0
A103: nùÉJÉ±ÉÉ
A104: (¨ÉÖÆ¤É<Ç xÉÉMÉ®úÒ ºÉä´ÉÉ ÊxÉªÉ¨É 229 +x´ÉªÉä)
A105: (Ê´É¦ÉÉMÉÒªÉ SÉÉèEò¶ÉÒ ´É ¶ÉÉºÉEòÒªÉ / ÊVÉ {É SªÉÉ ¨ÉÉMÉhªÉÉ ´ÉºÉÚ±ÉÒ ºÉÆ¤ÉÆvÉÉiÉ)
E106: nùÉJÉ±ÉÉ näùhªÉÉiÉ ªÉäiÉÉä EòÒ
C107: =B95 -> सोमनाथ चटर्जी ,कक्ष अधिकारी पंचायत समिती कळवण नाशिक
B108: ½äþ +ÆiÉMÉÇiÉ | C108: ='Pension form'!D26 -> 38176 | E108: iÉä | F108: ='Pension form'!F26 -> 50191 | H108: {ÉªÉÈiÉ EòÉªÉÇ®úiÉ +ºÉÚxÉ iªÉÉÆSÉää Ê´É¯ûvnù Ê´É¦ÉÉMÉÒªÉ
B109: SÉÉèEò¶ÉÒSÉä EòÉ¨ÉEòÉVÉ |ÉºlÉÊ{ÉiÉ iÉºÉäSÉ iªÉÉÆSÉä ZÉÉ±Éä±Éä xÉÉ½þÒ
B110: +lÉ´ÉÉ |ÉºlÉÊ{ÉiÉ Eò®úhªÉÉSÉä ªÉÉäÊVÉ±Éä±Éä xÉÉ½þÒ. EòbÚ÷xÉ EòÉähÉiªÉÉ½þÒ |ÉEòÉ®úSÉÒ ¶ÉÉºÉEòÒªÉ ´É ÊVÉ {É SªÉÉ näùªÉ ®úEò¨ÉÉ
B111: ´É ¨ÉÉMÉhªÉÉ ´ÉºÉÚ±É ½þÉähªÉÉSªÉÉ Ê¶É±±ÉEò xÉÉ½þÒiÉ +lÉ´ÉÉ |ÉºiÉÉÊ´ÉiÉ xÉÉ½þÒiÉ.
B113: ºÉnù®úSÉÉ nùÉJÉ±ÉÉ ºÉä´ÉÉÊxÉ´ÉÞkÉÂÒ ´ÉäiÉxÉ EòÉ¨ÉÒ Ênù±ÉÉ +ºÉä.
J115: =J100 -> गट विकास अधिकारी वर्ग 1
J116: =J101 -> पंचायत समिती | L116: ='Tapasani Suchi'!I49 -> कळवण
B117: Ê`öEòÉhÉ | D117: =D98 -> कळवण
B118: ÊnùxÉÉÆEò | D118: =D99 -> / /20
A121: nùÉJÉ±ÉÉ
A122: PÉ®ú¤ÉÉÆvÉhÉÒ EòVÉÇ ¶ÉÉºÉEòÒªÉ / ÊVÉ±½þÉ {ÉÊ®ú¹ÉnäùSÉÉ nùÉJÉ±ÉÉ
B124: nùÉJÉ±ÉÉ näùhªÉÉiÉ ªÉäiÉÉä EòÒ | E124: =C107 -> सोमनाथ चटर्जी ,कक्ष अधिकारी पंचायत समिती कळवण नाशिक
B125: +ÆiÉMÉÇiÉ EòÉªÉÇ®úiÉ +ºÉÚxÉ iªÉÉÆÆxÉÒ ÊVÉ±½þÉ {ÉÊ®ú¹ÉnäùSÉä | G125: PÉ®ú¤ÉÉÆvÉhÉÒ EòVÉÇ PÉäiÉ±Éä±Éä xÉÉ½þÒ .
C127: iªÉÉ¨ÉÖ³äý iªÉÉÆSÉä EòbÚ÷xÉ EòÉähÉiªÉÉ½þÒ º´É¯û{ÉÉSªÉÉ ÊVÉ {É SªÉÉ PÉ®ú¤ÉÉÆvÉhÉÒ +OÉÒ¨ÉÉ ºÉÆnù¦ÉÉÇiÉÒ±É näùªÉ ®úEò¨ÉÉ ´É
B128: ¨ÉÉMÉhªÉÉ ´ÉºÉÚ±É ½þÉähªÉÉSªÉÉ Ê¶É±±ÉEò xÉÉ½þÒiÉ.
B132: Ê`öEòÉhÉ | C132: =D117 -> कळवण | J132: =J115 -> गट विकास अधिकारी वर्ग 1
B133: ÊnùxÉÉÆEò | C133: =D118 -> / /20 | J133: =J116 -> पंचायत समिती | L133: =L116 -> कळवण
B156: |É¨ÉÉÊhÉiÉ Eò®úhªÉÉÆiÉ ªÉäiÉä EòÒ JÉÉ±ÉÒ±É ºÉ½þÒ ´É UôÉªÉÉÊSÉjÉ
B157: =E124 -> सोमनाथ चटर्जी ,कक्ष अधिकारी पंचायत समिती कळवण नाशिक | K157: ªÉÉÆSÉä +É½äþ.
B158: ÊxÉ´ÉÞkÉÒ´ÉäiÉxÉ vÉÉ®úEòÉSÉä UôÉªÉÉÊSÉjÉ.
J167: ÊxÉ´ÉÞkÉÒ´ÉäiÉxÉ vÉÉ®úEòÉSÉÒ ºÉ½þÒ
B171: ÊxÉ´ÉÞkÉÒ´ÉäiÉxÉ vÉÉ®úEòÉSÉä UôÉªÉÉÊSÉjÉ.
J180: ÊxÉ´ÉÞkÉÒ´ÉäiÉxÉ vÉÉ®úEòÉSÉÒ ºÉ½þÒ
B183: ÊxÉ´ÉÞkÉÒ´ÉäiÉxÉ vÉÉ®úEòÉSÉä UôÉªÉÉÊSÉjÉ.
J192: ÊxÉ´ÉÞkÉÒ´ÉäiÉxÉ vÉÉ®úEòÉSÉÒ ºÉ½þÒ

Sheet Form 3
A1: xÉ¨ÉÖxÉÉ -- 3
A2: ¨É½þÉ®úÉ¹]Åõ xÉÉMÉ®úÒ ºÉä´ÉÉ (ÊxÉ´ÉÞkÉÒ´ÉäiÉxÉ) ÊxÉªÉ¨É 1982 ¨ÉvÉÒ±É ÊxÉªÉ¨É 116 (14) {É½þÉ)
A3: EÖò]ÖÆõ¤ÉÉSÉÉ iÉ{ÉÊ¶É±É
A4: 1 | B4: ¶ÉÉºÉEòÒªÉ Eò¨ÉÇSÉÉ­ªÉÉSÉä xÉÉ´É | E4: ='Pension form'!C2 -> सोमनाथ चटर्जी
A5: 2 | B5: {ÉnùxÉÉ¨É | E5: ='Pension form'!C4 -> कक्ष अधिकारी
A6: 3 | B6: VÉx¨É iÉÉ®úÒJÉ | E6: ='Pension form'!C6 -> 29000
A7: 4 | B7: ÊxÉ´ÉÞkÉÒSÉÉ ÊnùxÉÉÆEò | E7: ='Pension form'!C8 -> 50191
A8: 5 | B8: ÊxÉªÉÖCiÉÒSÉÉ ÊnùxÉÉÆEò | E8: ='Pension form'!C7 -> 38047
A9: ='Pension form'!G1 -> 0 | B9: ='Pension form'!H1 -> / /20 | C9: ®úÉäVÉÒ ¨ÉÉZªÉÉ EÖò]ÖÆõ¤ÉÉiÉ +ºÉ±Éä±ªÉÉ ºÉnùºªÉÉÆSÉÉ iÉ{ÉÊ¶É±É.
A10: Gò | B10: EÖò]ÖÆõ¤ÉÉiÉÒ±É ºÉnùºªÉÉSÉä xÉÉ´É * | D10: VÉx¨ÉiÉÉ®úÒJÉ | F10: ¶ÉÉºÉEòÒªÉ Eò¨ÉÇSÉÉ ªÉÉ¶ÉÒ +ºÉ±Éä±Éä xÉÉiÉä. | G10: EòÉªÉÉÇ±ÉªÉ |É¨ÉÖJÉÉSÉÒ ºÉ½þÒ | H10: ¶Éä®úÉ
A12: 1 | B12: 2 | D12: 3 | F12: 4 | G12: 5 | H12: 6
A13: 1 | B13: ='Pension form'!B29 -> 0 | D13: ='Pension form'!C29 -> 29000 | F13: ='Pension form'!D29 -> º´ÉiÉ:
A14: 2 | B14: ='Pension form'!B30 -> 0 | D14: ='Pension form'!C30 -> 31352 | F14: ='Pension form'!D30 -> पत्नी
A15: 3 | B15: ='Pension form'!B31 -> 0 | D15: ='Pension form'!C31 -> 39245 | F15: ='Pension form'!D31 -> मुलगी
A16: 4 | B16: ='Pension form'!B32 -> 0 | D16: ='Pension form'!C32 -> 42445 | F16: ='Pension form'!D32 -> मुलगा
A17: 5 | B17: ='Pension form'!B33 -> 0 | D17: ='Pension form'!C33 -> 22255 | F17: ='Pension form'!D33 -> आई
B19: ´É®úÒ±É iÉ{ÉÊ¶É±ÉÉiÉ EòÉähÉiÉÒ½þÒ ¦É®ú {Éb÷±ªÉÉºÉ ËEò´ÉÉ ¡ò®ú¤Énù±É ZÉÉ±ªÉÉºÉ iªÉÉºÉÆ¤ÉÆvÉÒSÉÒ ¨ÉÉÊ½þiÉÒ EòÉªÉÉÇ±ÉªÉ |É¨ÉÖJÉÉºÉ /
A20: ±ÉäJÉÉ{ÉÊ®úIÉÉ +ÊvÉEòÉ­ªÉÉºÉ Eò³ý´ÉÚxÉ ½þÉ iÉ{ÉÊ¶É±É +tªÉÉ´ÉiÉ `äö´ÉhªÉÉSÉÒ ¨ÉÒ ªÉÉ´nùÉ®äú ½þ¨ÉÒ PÉäiÉÉä.
B22: Ê`öEòÉhÉ | C22: ='Form 5'!D20 -> कळवण
B23: ÊnùxÉÉÆEò | C23: ='Form 5'!D21 -> / /20
F24: ='Pension form'!I14 -> सोमनाथ चटर्जी ,कक्ष अधिकारी पंचायत समिती कळवण नाशिक
A27: * ªÉÉ |ÉªÉÉäVÉxÉÉºÉÉ`öÒ “EÖò]ÖÆõ¤É” ªÉÉSÉÉ +lÉÇ ¨É½þÉ®úÉ¹]Åõ xÉÉMÉ®úÒ ºÉä´ÉÉ (ÊxÉ´ÉÞkÉÒ´ÉäiÉxÉ) ÊxÉªÉ¨É 1982 ªÉÉiÉÒ±É ÊxÉªÉ¨É
A28: 116 (16) ªÉÉiÉ ´ªÉÉJªÉÉ Eäò±ªÉÉ|É¨ÉÉhÉä +ºÉ±Éä±Éä “EÖò]ÖÆõ¤É” +ºÉÉ ½þÉäiÉÉä.
A29: Ê]õ{É :- {ÉixÉÒ ´É {ÉiÉÒ ªÉÉ¨ÉvªÉä +xÉÖGò¨Éä xªÉÉªÉiÉ: Ê´É¦ÉCiÉ ZÉÉ±Éä±ªÉÉ {ÉixÉÒSÉÉ ´É {ÉiÉÒSÉÉ ºÉ¨ÉÉ´Éä¶É ½þÉäiÉÉä.
G32: ='Form 5'!J50 -> गट विकास अधिकारी वर्ग 1
F33: ='Form 5'!J51 -> पंचायत समिती | H33: ='Non Drawl letter'!AI117 -> कळवण

Sheet Form 6
A1: xÉ¨ÉÖxÉÉ -- 6
A2: ¨É½þÉ®úÉ¹]Åõ xÉÉMÉ®úÒ ºÉä´ÉÉ (ÊxÉ´ÉÞkÉÒ´ÉäiÉxÉ) ÊxÉªÉ¨É 1982 ¨ÉvÉÒ±É ÊxÉªÉ¨É 120 122 123 (1) ´É (3) +ÉÊhÉ 127 (1) {É½þÉ
A3: ÊxÉ´ÉÞkÉÒ´ÉäiÉxÉ ´É ={ÉnùÉxÉ ªÉÉÆSªÉÉ ÊxÉvÉÉÇ®úhÉÉºÉÉ`öÒ xÉ¨ÉÖxÉÉ.
A4: (nÖùºÉ­ªÉÉ ±ÉäJÉÉ{ÉÊ®úIÉÉ ¨ÉÆb÷³ýÉEòbÚ÷xÉ ®úCEò¨É |ÉnùÉxÉ Eò®úÉ´ÉªÉÉSÉÒ +ºÉ±ªÉÉºÉ nùÉäxÉ |ÉiÉÒ {ÉÉ`ö´ÉÉ´ªÉÉÆiÉ)
A5: ¦ÉÉMÉ BEò
A6: 1 | B6: ¶ÉÉºÉEòÒªÉ Eò¨ÉÇSÉÉ-ªÉÉÆSÉä xÉÉÆ´É | G6: ='Pension form'!C2 -> सोमनाथ चटर्जी
A7: 2 | B7: ´Éb÷Ò±ÉÉÆSÉä xÉÉ´É (¨ÉÊ½þ±ÉÉ Eò¨ÉÇSÉÉ­ªÉÉSÉä ¤ÉÉ¤ÉiÉÒiÉ {ÉiÉÒSÉä xÉÉ´É) | G7: ='Pension form'!C3 -> 0
A8: 3 | B8: VÉx¨É iÉÉ®úÒJÉ | G8: ='Pension form'!C6 -> 29000
A9: 4 | B9: vÉ¨ÉÇ | G9: ='Pension form'!E2:E2 -> हिंदु
A10: 5 | B10: MÉÉÆ´É ¶É½þ®ú ÊVÉ±½þÉ´É®úÉVªÉ nù¶ÉÇÊ´ÉhÉÉ®úÉEòÉªÉ¨É ®úÉ½þhªÉÉSÉÉ {ÉkÉÉ | G10: ='Pension form'!D21 -> ¨ÉÖ {ÉÉä +b÷É´Énù iÉÉ SÉÉä{Éb÷É
A11: 6 | B11: ºÉvªÉÉSÉÒ ËEò´ÉÉ ªÉÉ{ÉÚ´ÉÔSÉÒ ÊxÉªÉÖCiÉÒ ´É +ÉºlÉÉ{ÉxÉäSÉä xÉÉ´É
B12: (BEò) ºlÉÉªÉÒ | G12: ºlÉÉªÉÒ
B13: (nùÉäxÉ) +ºÉ±ªÉÉºÉ ºlÉÉxÉ{ÉzÉ
A14: 7 | B14: ºÉä´ÉÉ ºÉÖ¯û ZÉÉ±ªÉÉSÉÒ iÉÉ®úÒJÉ | G14: ='Pension form'!C7 -> 38047
A15: 8 | B15: ºÉä´ÉÉ ºÉ¨ÉÉ{iÉÒSÉÒ iÉÉ®úÒJÉ | G15: ='Pension form'!C8 -> 50191
A16: 9 | B16: (BEò) ÊxÉ´ÉÞkÉÒ´ÉäiÉxÉ ËEò´ÉÉ ={ÉnùÉxÉ ¨ÉÆVÉÚ®ú Eäò±Éä±ªÉÉ ºÉèÊxÉEòÒ ºÉä´ÉäSÉÉ
B17: BEÖòhÉ EòÉ±ÉÉ´ÉvÉÒ.
B18: (nùÉäxÉ)ºÉèÊxÉEòÒ ºÉä´Éä¤Éqù±É Ê¨É³ýÉ±Éä±ªÉÉEòÉähÉiªÉÉ½þÒ ÊxÉ´ÉÞkÉÒ ´ÉäiÉxÉÉSÉÒ
B19: / ={ÉnùÉxÉÉSÉÒ ®úCEò¨É ´É iªÉÉSÉä º´É¯û{É.
A20: 10 | B20: {ÉÚ´ÉÔSªÉÉ xÉÉMÉ®úÒ ºÉä´Éä¤Éqù±É Ê¨É³ýÉ±Éä±ªÉÉ EòÉähÉiªÉÉ½þÒ ÊxÉ´ÉÞkÉÒ ´ÉäiÉxÉÉSÉÒ
B21: / ={ÉnùÉxÉÉSÉÒ ®úCEò¨É ´É iªÉÉSÉä º´É¯û{É.
A22: 11 | B22: ÊxÉªÉÖCiÉÒSªÉÉ Gò¨ÉÉxÉÖºÉÉ®ú VªÉÉ ¶ÉÉºÉxÉÉSÉÒ ºÉä´ÉÉ | F22: ´É¹ÉÇ | G22: ¨ÉÊ½þxÉä | H22: Ênù´ÉºÉ
B23: Eäò±ÉÒ +ºÉä±É iÉä ¶ÉÉºÉxÉ | F23: ='Pension form'!E9 -> 33 | G23: ='Pension form'!F9 -> 2 | H23: ='Pension form'!G9 -> 30
A24: 12 | B24: ±ÉÉMÉÚ +ºÉ±Éä±ÉÉ ºÉä´ÉÉÊxÉ´ÉÞkÉÒ´ÉäiÉxÉÉSÉÉ |ÉEòÉ® | G24: ='Pension form'!F8 -> नियत वयोमानानुसार
A25: 13 | B25: EòÉªÉÇ´ÉÉ½þÒ ºÉÖ¯û Eäò±ªÉÉSÉÉ ÊnùxÉÉÆEò | G25: ='Pension form'!H1 -> / /20
B26: (BEò) ¨É½þÉ®úÉ¹]Åõ xÉÉMÉ®úÒ ºÉä´ÉÉ (ÊxÉ´ÉÞkÉÒ´ÉäiÉxÉ) ÊxÉªÉ¨É 1982 ¨ÉvÉÒ±É | G26: =G25 -> / /20
B27: ÊxÉªÉ¨É 119 +x´ÉªÉä ºÉÆ¤ÉvÉÒiÉ EòÉªÉÇEòÉ®úÒ +Ê¦ÉªÉÆiÉÉ ªÉÉÆSªÉÉEòbÚ÷xÉ
B28: ‘xÉÉ ¨ÉÉMÉhÉÒ |É¨ÉÉhÉ{ÉjÉ’ Ê¨É³ýÊ´ÉhÉä.
B29: (nùÉäxÉ) ¨É½þÉ®úÉ¹]Åõ xÉÉMÉ®úÒ ºÉä´ÉÉ (ÊxÉ´ÉÞkÉÒ´ÉäiÉxÉ) ÊxÉªÉ¨É 1982 ¨ÉvÉÒ±É | G29: =G26 -> / /20
B30: ÊxÉªÉ¨É 121 +x´ÉªÉä ÊxÉ´ÉÞkÉÒ ´ÉäiÉxÉÉºÉÉ`öÒ +½ÇþiÉÉEòÉ®úÒ ºÉä´ÉÉ ´É ´ÉäiÉxÉ
B31: ÊxÉvÉÉÇÊ®úiÉ Eò®úhÉä.
B32: (iÉÒxÉ) ¨É½þÉ®úÉ¹]Åõ xÉÉMÉ®úÒ ºÉä´ÉÉ (ÊxÉ´ÉÞkÉÒ´ÉäiÉxÉ) ÊxÉªÉ¨É 1982 ¨ÉvÉÒ±É | G32: =G29 -> / /20
B33: ÊxÉªÉ¨É 34 +x´ÉªÉä ¶ÉÉºÉEòÒªÉ ÊxÉ´ÉÉºÉ ºlÉÉxÉÉÆSÉÉ ´ÉÉ{É®úÉSªÉÉ
B34: ºÉÆ¤ÉÆvÉÉiÉÒ±É ¶ÉÉºÉEòÒªÉ ªÉähÉä ®úEò¨ÉÉ ´ªÉÊiÉ®úÒCiÉ <iÉ®ú ªÉähÉä ®úEò¨ÉÉ
B35: ÊxÉvÉÉÇÊ®úiÉ Eò®úhÉä
A36: 14 | B36: ¨É½þÉ®úÉ¹]Åõ xÉÉMÉ®úÒ ºÉä´ÉÉ (ÊxÉ´ÉÞkÉÒ´ÉäiÉxÉ) ÊxÉªÉ¨É 1982 ¨ÉvÉÒ±É | H36: ='Pension form'!G36 -> ÊxÉ®ÆúEò
B37: ÊxÉªÉ¨É 121 +x´ÉªÉä ºÉä´ÉÉ{ÉÖºiÉEòÉiÉÒ±É Ê½þ¶ÉäÉ¤ÉÉiÉ xÉ PÉäiÉ±Éä±ªÉÉ
B38: ´ÉMÉ³ýhÉÖEòÒ , +{ÉÖhÉÇiÉÉ ´É =hÉÒ´ÉÉ ªÉÉ ºÉÆ¤ÉÆvÉÒSÉÉ iÉ{ÉÊ¶É±É.
A39: 15 | B39: +½ÇþiÉÉEòÉ®úÒ ºÉä´ÉäSÉÉ BEÖòhÉ EòÉ±ÉÉ´ÉvÉÒ (JÉÆb÷ÒiÉ EòÉ±ÉÉ´ÉvÉÒSÉÒ
A40: ¤Éä®úÒVÉEò®úhªÉÉºÉÉ`öÒ 30Ênù´ÉºÉÉÆSÉÉ BEò ¨ÉÊ½þxÉÉ ºÉ¨ÉVÉhªÉÉiÉ | F40: ´É¹ÉÇ | G40: ¨ÉÊ½þxÉÉ | H40: Ênù´ÉºÉ
A41: ªÉäiÉÉä | C41: BEÖòhÉ +½ÇþiÉÉEòÉ®úÒ ºÉä´ÉÉ | F41: =F23 -> 33 | G41: =G23 -> 2 | H41: =H23 -> 30
C42: ÊxÉ´ÉÞkÉÒ´ÉäiÉxÉÉºÉÉ`öÒ OÉÉÁ ºÉä´ÉÉ | F42: =F41 -> 33 | G42: 0 | H42: 0
E43: ¨½þhÉVÉäSÉ | F43: ='Pension form'!C10 -> 33 | G43: ´É¹ÉÇ
A44: +xÉ½ÇþiÉÉEòÉ®úÒ ºÉä´ÉäSÉÉ EòÉ±ÉÉ´ÉvÉÒ | F44: ´É¹ÉÇ | G44: ¨ÉÊ½þxÉÉ | H44: Ênù´ÉºÉ
B45: (1)¨É½þÉ®úÉ¹]Åõ xÉÉMÉ®úÒ ºÉä´ÉÉ (ÊxÉ´ÉÞkÉÒ´ÉäiÉxÉ) ÊxÉªÉ¨É 1982¨ÉvÉÒ±É
B46: ÊxÉªÉ¨É 48 +x´ÉªÉä ºÉä´ÉäiÉÒ±É IÉ¨ÉÉ{ÉÒiÉ Eäò±Éä±ÉÉ JÉÆb
B47: (2) ÊxÉ´ÉÞkÉÒ´ÉäiÉxÉÉºÉÉ`öÒ +xÉ½ÇþiÉÉEòÉ®úÒ ¨½þhÉÚxÉ Ê´É¶Éä¹ÉÊ®úiªÉÉ
B48: ¨ÉÆVÉÚ®ú Eäò±Éä±ÉÒ +ºÉÉvÉÉ®úhÉ ®úVÉÉ
B49: (3)+½ÇþiÉÉEòÉ®úÒ ¨½þhÉÚxÉ ¨ÉÉxÉ±ÉÉ xÉ VÉÉhÉÉ®úÉ ÊxÉ±ÉÆ¤ÉxÉÉSÉÉ EòÉ±ÉÉ´ÉvÉÒ.
B50: (4)+½ÇþiÉÉEòÉ®úÒ ¨½þhÉÚxÉ ¨ÉÉxÉ±ÉÒ xÉ VÉÉhÉÉ®úÒ +xªÉ EòÉähÉiÉÒ½þÒ ºÉä´ÉÉ.
A51: 17 | B51: ={ÉnùÉxÉÉºÉÉ`öÒ VÉ¨ÉäºÉ vÉ®ú±Éä±Éä ´ÉäiÉxÉ | E51: ='Pension form'!D37 -> 67100 | F51: OÉä ´ÉäiÉxÉ ¯û | G51: ='Pension form'!E37 -> 0 | H51: BEÚòhÉ´ÉäiÉxÉ | I51: =E51+G51 -> 67100
A52: 18 | B52: ºÉ®úÉºÉ®úÒ ÊxÉ´ÉÞkÉÒ´ÉäiÉxÉÉ½Çþ ´ÉäiÉxÉ ¯û{ÉªÉä | G52: ='Pension form'!D38 -> 67100
B53: ºÉä´ÉäSªÉÉ ¨ÉÉMÉÒ±É nù½þÉ ¨ÉÊ½þxªÉÉÆSªÉÉ EòÉ±ÉÉ´ÉvÉÒiÉ Ê¨É³ýÉ±Éä±Éä ´ÉäiÉxÉ
B54: vÉÉ®úhÉ Eäò±Éä±Éä {Énù | C54: {ÉÉºÉÚxÉ | D54: {ÉªÉÈiÉ | E54: ´ÉäiÉxÉ | F54: OÉä ´ÉäiÉxÉ ¯û | G54: BEÚòhÉ | H54: ¨ÉÊ½þxÉä | I54: BEÚòhÉ
B55: ='Pension form'!C4 -> कक्ष अधिकारी | C55: ¨Éä 18 | D55: VÉÚxÉ 18 | E55: ='Pension form'!D39 -> 67100 | F55: 4200 | G55: =SUM(E55:F55) -> 71300 | H55: 2 | I55: =G55*H55 -> 142600
C56: VÉÖ±Éè 18 | D56: {¡èò¤ÉÖ 19 | E56: =E51 -> 67100 | F56: 4200 | G56: =SUM(E56:F56) -> 71300 | H56: 8 | I56: =G56*H56 -> 570400
C57: BEÚòhÉ ´ÉäiÉxÉ | I57: =I55+I56 -> 713000
C58: ºÉ®úÉºÉ®úÒ ´ÉäiÉxÉ | I58: =I57/10 -> 71300
A59: *(1) ºÉ®úÉºÉ®úÒ ´ÉäiÉxÉ EòÉføhªÉÉºÉÉ`öÒ VÉ¨ÉäºÉ xÉ vÉ®úÉ´ÉªÉÉSÉÉ EòÉ±ÉÉ´ÉvÉÒ VÉä´½þÉ ¨ÉÉMÉÒ±É nù½þÉ ¨ÉÊ½þxªÉÉiÉ
A60: ºÉ¨ÉÉÊ´É¹`ö +ºÉä±É iÉä´½þÉ iªÉÉ¨ÉÉMÉÒ±É ÊiÉiÉEòÉSÉ EòÉ±ÉÉ´ÉvÉÒ ºÉ®úÉºÉ®úÒ ´ÉäxÉiÉ EòÉføhªÉÉºÉÉ`öÒ Ê½þ¶Éä¤ÉÉiÉ
A61: PÉäiÉ±ÉÉ {ÉÉÊ½þVÉä.
A62: (2)ºÉ®úÉºÉ®úÒ ´ÉäiÉxÉÉSÉÒ MÉhÉxÉÉ ½þÒ |ÉiªÉäEò ¨ÉÊ½þxªÉÉiÉÒ±É |ÉiªÉIÉ Ênù´ÉºÉÉÆSªÉÉ ºÉÆJªÉä´É®ú +ÉvÉÉÊ®úiÉ +ºÉ±ÉÒ {ÉÉÊ½þVÉä.
A63: 19 | B63: ¶ÉÉºÉEòÒªÉ Eò¨ÉÇSÉÉ­ªÉÉEòbÚ÷xÉ xÉ¨ÉÖxÉÉ 5 ¦É¯ûxÉ PÉäiÉ±ªÉÉSÉÉ ÊnùxÉÉÆEò | H63: =G32 -> / /20
B64: (¶ÉÉºÉEòÒªÉ Eò¨ÉÇSÉÉ­ªÉÉSªÉÉ ÊxÉ´ÉÞkÉÒSªÉÉ ÊnùxÉÉÆEòÉ+ÉvÉÒ +É`ö ¨ÉÊ½þxÉä PÉähªÉÉÆiÉ ªÉÉ´ÉÉ).
A65: 20 | B65: (BEò) |ÉºiÉÉÊ´ÉiÉ ÊxÉ´ÉÞkÉÒ´ÉäiÉxÉ | H65: ='Pension form'!F50 -> 33550
B66: (nùÉäxÉ) ÊxÉ´ÉÞkÉÒ ´ÉäiÉxÉÉ´É®úÒ±É |ÉºiÉÉÊ´ÉiÉ ´ÉÉfø | H66: ='Pension form'!F51 -> 16775
A67: 21 | B67: |ÉºiÉÉÊ´ÉiÉ ¨ÉÞiªÉÚ-ÊxÉ-ºÉä´ÉÉÊxÉ´ÉÞkÉÒ ={ÉnùÉxÉ | H67: ='Pension form'!F52 -> 1107150
A68: 22 | B68: ÊxÉ´ÉÞkÉÒ´ÉäiÉxÉ ºÉÖ¯û ½þÉähÉÉ®ú +ºÉä±É iÉÉä ÊnùxÉÉÆEò | H68: ='Pension form'!D8 -> 50192
A69: 23 | B69: iÉÉi{ÉÖ®úiªÉÉ ÊxÉ´ÉÞkÉÒ´ÉäiÉxÉÉSÉÒ |ÉºiÉÉÊ´ÉiÉ ®úCEò¨É
B70: (¶ÉÉºÉEòÒªÉ Eò¨ÉÇSÉÉ­ªÉÉÊ´É¯ûvnù Ê´É¦ÉÉMÉÒªÉ ËEò´ÉÉ xªÉÉÊªÉEò EòÉªÉÇ´ÉÉ½þÒ nùÉJÉ±É
B71: Eò®úhªÉÉiÉ +É±ÉÒ +ºÉä±É iÉ®ú)
A72: 24 | B72: ={ÉnùÉxÉÉiÉÚxÉ ´ÉºÉÚ±É Eò®úÉ´ÉªÉÉSªÉÉ ¶ÉÉºÉxÉÉSªÉÉ ªÉähÉä ®úEò¨ÉÉÆSÉÉ iÉ{É¶ÉÒ±É +ÉÊhÉ
B73: iªÉÉ VªÉÉ JÉÉ±ÉÒ VÉ¨ÉÉ Eò®úÉ´ÉªÉÉSªÉÉ iÉä ±ÉäJÉÉÊ¶É¹ÉÇ.
B74: (1) ¶ÉÉºÉEòÒªÉ ÊxÉ´ÉÉºÉºlÉÉxÉ Ê¨É³ýÉ±ªÉÉ¤Éqù±É ±ÉÉªÉºÉxºÉ ¡òÒ (¨É½þÉ®úÉ¹]Åõ
B75: xÉÉMÉ®úÒ ºÉä´ÉÉ (ÊxÉ´ÉÞkÉÒ´ÉäiÉxÉ) ÊxÉªÉ¨É,1982 ¨ÉvÉÒ±É 133 SÉä {ÉÉä]õÊxÉªÉ¨É
B76: (2) ,(3) ´É (4) {É½þÉ.
B77: (2)¨É½þÉ®úÉ¹]Åõ xÉÉMÉ®úÒ ºÉä´ÉÉ (ÊxÉ´ÉÞkÉÒ´ÉäiÉxÉ) ÊxÉªÉ¨É,1982 ¨ÉvÉÒ±É 134 ¨ÉvªÉä | I77: ='Pension form'!F56 -> 0
B78: =±±ÉäÊJÉ±Éä±ªÉÉ ªÉähÉä ®úEò¨ÉÉ
A80: 25 | B80: JÉÉ±ÉÒ±É MÉÉä¹]õÓºÉÉ`öÒ xÉÉ¨ÉÊxÉnæù¶ÉxÉ Eò®úhªÉÉiÉ +É±Éä +É½äþ EòÉªÉ
B81: (BEò) ¨ÉÞiªÉÚ-ÊxÉ-ºÉä´ÉÉÊxÉ´ÉÞkÉÒ ={ÉnùÉxÉ | H81: ='Pension form'!D57 -> ½þÉäªÉ
B82: (näùÉxÉ) ±ÉÉMÉÚ +ºÉ±ªÉÉºÉ, EÖò]ÖÆõ¤É ÊxÉ´ÉÞkÉÒ´ÉäiÉxÉ, 1950 | H82: =H81 -> ½þÉäªÉ
A83: 26 | B83: ¶ÉÉºÉEòÒªÉ Eò¨ÉÇSÉÉ­ªÉÉ±ÉÉ EÖò]ÖÆõ¤É ÊxÉ´ÉÞkÉÒ´ÉäiÉxÉ, 1964 ±ÉÉMÉÚ +É½äþ EòÉªÉ +ÉÊhÉ +ºÉ±ªÉÉºÉ
A84: (1)EÖò]ÖÆõ¤ÉÊxÉ´ÉÞkÉÒ´ÉäiÉxÉÉºÉÉ`öÒ VÉ¨Éäº ÉvÉ®ú±Éä±Éä ´ÉäiÉxÉ | E84: ='Pension form'!D37 -> 67100 | F84: OÉä ´ÉäiÉxÉ ¯û | G84: ='Pension form'!E37 -> 0 | H84: BEÚòhÉ´ÉäiÉxÉ | I84: =E84+G84 -> 67100
A85: (nùÉäxÉ) ºÉä´ÉÉÊxÉ´ÉÞkÉÒxÉÆiÉ® ¨ÉÞiªÉÚ ZÉÉ±ªÉÉºÉ ¶ÉÉºÉEòÒªÉ Eò¨ÉÇSÉÉ­ªÉÉSªÉÉ EÖò]ÖÆõ¤ÉÉ±ÉÉ näùªÉ
A86: ½þÉähÉÉ®úÒ EÖò]ÖÆõ¤É ÊxÉ´ÉÞkÉÒ´ÉäiÉxÉÉSÉÒ ®úCEò¨É.
B87: (+) ´ÉªÉÉSÉÒ 65 ´É¹Éæ {ÉÚhÉÇ ½þÉähªÉÉ{ÉÚ´ÉÔ, ËEò´ÉÉ | F87: ='Pension form'!F58 -> 33550 | G87: ='Pension form'!D58 -> 33550 | H87: {ÉªÉÈiÉ
B88: (¤É) ´ÉªÉÉSÉÒ 65 ´É¹Éæ {ÉÚhÉÇ ZÉÉ±ªÉÉxÉÆiÉ®ú | F88: ='Pension form'!F59 -> 20130 | G88: ='Pension form'!D59 -> 20130 | H88: iÉnùxÉÆiÉ®ú
B89: (iÉÒxÉ) xÉ¨ÉÖxÉÉ 3 ¨ÉvªÉä Ênù±Éä±ÉÉ EÖò]ÖÆõ¤ÉÉSÉÉ ºÉÆ{ÉÚhÉÇ ´É +tÉ´ÉiÉ iÉ{É¶ÉÒ±É
B90: (¡òCiÉ {ÉiÉÒ-{ÉixÉÒ- 21 ´É¹ÉÇ ´ÉªÉÉSÉä +ÉÆiÉÒ±É ¨ÉÖ±ÉMÉÉ ´É 24 ´É¹ÉÇ ´ÉªÉÉSÉä +ÉiÉÒ±É +Ê´É´ÉÉÊ½þiÉ ¨ÉÖ±ÉMÉÒ)
B91: Gò¨ÉÉÆEò | C91: EÖò]ÖÆõ¤ÉÉiÉÒ±É ºÉnùºªÉÉSÉä xÉÉ´É * | F91: VÉx¨ÉiÉÉ®úÒJÉ | H91: xÉÉiÉä
B93: 1 | C93: 2 | F93: 3 | H93: 4
B94: 1 | C94: ='Form 3'!B13 -> 0 | F94: ='Form 3'!D13 -> 29000 | H94: ='Form 3'!F13 -> º´ÉiÉ:
B95: 2 | C95: ='Form 3'!B14 -> 0 | F95: ='Form 3'!D14 -> 31352 | H95: ='Form 3'!F14 -> पत्नी
B96: 3 | C96: ='Form 3'!B15 -> 0 | F96: ='Form 3'!D15 -> 39245 | H96: ='Form 3'!F15 -> मुलगी
B97: 4 | C97: ='Form 3'!B16 -> 0 | F97: ='Pension form'!C32 -> 42445 | H97: ='Form 3'!F16 -> मुलगा
B98: 5 | C98: ='Form 3'!B17 -> 0 | H98: ='Form 3'!F17 -> आई
A100: 27 | B100: =ÆSÉÒ | C100: …… | D100: …… | E100: ….. | F100: …. | G100: ='Pension form'!D24 -> 5 ¡Öò]õõ 3 <ÆSÉ
A101: 28 | B101: +Éä³ýJÉÊSÉx½äþ | C101: …… | D101: …… | E101: ….. | F101: ='Pension form'!D25 -> ½þÉiÉÉSÉä EòÉä{É®úÉ´É®ú EòÉ³ýÉ iÉÒ³ý
A102: 29 | B102: ÊxÉ´ÉÞkÉÒ´ÉäiÉxÉ näùhªÉÉSÉä Ê`öEòÉhÉ | F102: ='Pension form'!D22 -> 0
B103: ºÉÉ´ÉÇVÉÊxÉEò IÉäjÉÉiÉÒ±É ¤ÉÄEäòSÉÒ ¶ÉÉJÉÉ | F103: ='Pension form'!D23 -> VÉä b÷Ò ºÉÒ ºÉÒ ¤ÉÄEò ¶ÉÉJÉÉ +b÷É´Énù
...

Sheet Namuna b
A1: xÉ¨ÉÖxÉÉ- ¤ÉÒ
A2: ¨É½þÉ®úÉ¹]Åõ xÉÉMÉ®úÒ ºÉä´ÉÉ (ÊxÉ´ÉÞkÉÒ´ÉäiÉxÉÉSÉä +Æ¶É®úÉ¶ÉÒEò®úhÉ) ÊxÉªÉ¨É, 1984 ¨ÉvÉÒ±É ÊxÉªÉ¨É 5 (2) ; 6 (1) ; 12 ; 13 (1) ´É (2) ; 14 (1) ´É (2) ; 15 (1) ´É (2) ; +ÉÊhÉ 16 (1) ´É (2) ; {É½þÉ.
A3: ´ÉètEòÒªÉ iÉ{ÉÉºÉhÉÒÊ¶É´ÉÉªÉ ÊxÉ´ÉÞkÉÒ´ÉäiÉxÉÉSªÉÉ EòÉ½þÒ ¦ÉÉMÉÉSªÉÉ +Æ¶É®úÉ¶ÉÒEò®úhÉÉºÉÉ`öÒ +VÉÉÇSÉÉ xÉ¨ÉÖxÉÉ.
A4: (ºÉä´ÉÉÊxÉ´ÉÞkÉÒxÉÆiÉ®ú {É®ÆúiÉÖ ºÉä´ÉÉÊxÉ´ÉÞkÉÒSªÉÉ iÉÉ®úJÉä{ÉÉºÉÚxÉ BEò ´É¹ÉÉÇSªÉÉ +ÉiÉ nùÉäxÉ |ÉiÉÒ ºÉÉnù®ú Eò®úÉ´ªÉÉiÉ.)
A5: ¦ÉÉMÉ- BEò
B6: |ÉÊiÉ,
B7: ='Pension form'!C18 -> उप मुख्य कार्यकारी अधिकारी (साप्र)
B8: ='Pension form'!D18 -> जिल्हा परिषद ,नाशिक
B10: Ê´É¹ÉªÉ :-- ´ÉètEòÒªÉ iÉ{ÉÉºÉhÉÒÊ¶É´ÉÉªÉ ÊxÉ´ÉÞkÉÒ´ÉäiÉxÉÉSÉä +Æ¶É®úÉ¶ÉÒEò®úhÉ.
B11: ¨É½þÉ®úÉ¹]Åõ xÉÉMÉ®úÒ ºÉä´ÉÉ (ÊxÉ´ÉÞkÉÒ´ÉäiÉxÉÉSÉä +Æ¶É®úÉ¶ÉÒEò®úhÉ) ÊxÉªÉ¨É, 1984 ¨ÉvÉÒ±É iÉ®úiÉÖnùÒxÉÖºÉÉ®ú
A12: JÉÉ±ÉÒ nù¶ÉÇÊ´ÉhªÉÉiÉ +É±ªÉÉ|É¨ÉÉhÉä, ¨É±ÉÉ ¨ÉÉZªÉÉ ÊxÉ´ÉÞkÉÒ´ÉäiÉxÉÉSªÉÉ EòÉ½þÒ ¦ÉÉMÉÉSÉä +Æ¶É®úÉ¶ÉÒEò®úhÉ Eò®úÉ´ÉªÉÉSÉä
A13: +É½äþ.
A14: +É´É¶ªÉEò iÉ{É¶ÉÒ±É JÉÉ±ÉÒ Ênù±ÉÉ +É½äþ :--
A15: 1 | B15: ¶ÉÉºÉEòÒªÉ Eò¨ÉÇSÉÉ­ªÉÉSÉä xÉÉ´É | F15: ='Pension form'!C2 -> सोमनाथ चटर्जी
A16: 2 | B16: ´Éb÷Ò±ÉÉÆSÉä xÉÉ´É (¨ÉÊ½þ±ÉÉ Eò¨ÉÇSÉÉ­ªÉÉSÉä ¤ÉÉ¤ÉiÉÒiÉ {ÉiÉÒSÉä xÉÉ´É) | F16: ='Pension form'!C3 -> 0
A17: 3 | B17: ºÉä´ÉÉÊxÉ´ÉÞkÉÒSÉä ´Éä³ýÒ +ºÉ±Éä±Éä {ÉnùxÉÉ¨É | F17: ='Pension form'!C4 -> कक्ष अधिकारी
A18: 4 | B18: EòÉªÉÉÇ±ÉªÉÉSÉä xÉÉÆ´É | F18: ='Pension form'!C5 -> पंचायत समिती
A19: 5 | B19: VÉx¨É iÉÉ®úÒJÉ | E19: ='Pension form'!C6 -> 29000
A20: 6 | B20: ÊxÉ´ÉÞkÉÒSÉÉ ÊnùxÉÉÆEò | E20: ='Pension form'!C8 -> 50191
A21: 7 | B21: ºÉä´ÉÉÊxÉ´ÉÞkÉÒ´ÉäiÉxÉÉSÉÉ |ÉEòÉ® | F21: ='Pension form'!F8 -> नियत वयोमानानुसार
A22: 8 | B22: |ÉÉÊvÉEòÞiÉ Eò®úhªÉÉiÉ +É±Éä±ÉÒ ÊxÉ´ÉÞkÉÒ´ÉäiÉxÉÉSÉÒ ®úCEò¨É | G22: ='Form 6'!H65 -> 33550
B23: (ÊxÉ´ÉÞkÉÒ´ÉäiÉxÉÉSÉÒ +ÆiÉÒ¨É ®úCEò¨É |ÉÉÊvÉEÞòiÉ Eò®úhªÉÉiÉ +É±ÉÒ xÉºÉä±É iÉ®ú
B24: ¨É½þÉ®úÉ¹]Åõ xÉÉMÉ®úÒ ºÉä´ÉÉ (ÊxÉ´ÉÞkÉÒ´ÉäiÉxÉ) ÊxÉªÉ¨É 1982 ¨ÉvÉÒ±É ÊxÉªÉ¨É 126 +x´ÉªÉä
B25: ¨ÉÆVÉÚ®ú Eò®úhªÉÉiÉ +É±Éä±ªÉÉ iÉÉi{ÉÖ®úiªÉÉ ÊxÉ´ÉÞkÉÒ´ÉäiÉxÉÉSÉÒ ®úCEò¨É xÉ¨ÉÚnù Eò®úÉ´ÉÒ) .
A26: 9 | B26: +Æ¶É®úÉ¶ÉÒEò®úhÉÉºÉÉ`öÒ |ÉºiÉÉÊ´ÉiÉ Eäò±Éä±ÉÉ ÊxÉ´ÉÞkÉÒ ´ÉäiÉxÉÉSÉÉ ¦ÉÉMÉ. 40 ]õCEäò | G26: ='Pension form'!C53 -> 13420
A27: 10 | B27: ÊxÉ´ÉÞkÉÒ´ÉäiÉxÉ |ÉÉÊvÉEÞòiÉ Eò®úhÉÉ­ªÉÉ ±ÉäJÉÉ{ÉÊ®úIÉÉ +ÊvÉEòÉ­ªÉÉSÉä {ÉnùxÉÉ¨É
B28: ÊxÉ´ÉÞkÉÒ´ÉäiÉxÉ |ÉnùÉxÉ +Énäù¶É näùhªÉÉiÉ +ºÉä±É iÉ®ú iªÉÉSÉÉ Gò¨ ´É ÊnùxÉÉÆEò | G28: ='Pension form'!H1 -> / /20
A29: 11 | B29: ÊxÉ´ÉÞkÉÒ´ÉäiÉxÉÉSªÉÉ |ÉnùÉxÉÉºÉÉ`öÒ ºÉÆÊ´ÉiÉ®úhÉ |ÉÉÊvÉEò®úhÉ.
B30: (+) EòÉªÉÉÇ±ÉªÉÉSÉä xÉÉÆ´É | F30: ='Pension form'!D22 -> 0
B31: (¤É) ºÉÉ´ÉÇVÉÊxÉEò IÉäjÉÉiÉÒ±É ¤ÉÄEäòSÉÒ ¶ÉÉJÉÉ | F31: ='Pension form'!D23 -> VÉä b÷Ò ºÉÒ ºÉÒ ¤ÉÄEò ¶ÉÉJÉÉ +b÷É´Énù
B32: (Eò) ¨ÉÉÊºÉEò ÊxÉ´ÉÞkÉÒ´ÉäiÉxÉ VªÉÉ ¤ÉÄEòJÉÉiÉä Gò¨ÉÉÆEò
A34: Ê`öEòÉhÉ | C34: ='Form 5'!D20 -> कळवण
A35: ÊnùxÉÉÆEò | C35: ='Form 5'!D21 -> / /20
F36: ='Pension form'!I14 -> सोमनाथ चटर्जी ,कक्ष अधिकारी पंचायत समिती कळवण नाशिक
A40: Ê]õ{É :-- VÉälÉÂÚxÉ ÊxÉ´ÉÞkÉÒ´ÉäiÉxÉ PÉähªÉÉiÉ ªÉäiÉä iªÉÉ |ÉÉÊvÉEò®úhÉÉ¨ÉÉ¡ÇòiÉ ÊxÉ´ÉÞkÉÒ´ÉäiÉxÉÉSªÉÉ +Æ¶É®úÉ¶ÉÒEò®úhÉ ¨ÉÚ±ªÉÉSÉä |ÉnùÉxÉ
A41: Eò®úhªÉÉiÉ ªÉä<Ç±É. +¶ÉÉ |ÉÉÊvÉEò®úhÉÉ´ªÉÊiÉÊ®úCiÉ <iÉ®ú EòÉähÉiªÉÉ½þÒ ºÉÆÊ´ÉiÉ®úhÉ |ÉÉÊvÉEò®úhÉÉ¨ÉÉ¡ÇòiÉ ÊxÉ´ÉÞkÉÒ´ÉäiÉxÉÉSÉä
A42: +Æ¶É®úÉ¶ÉÒEÞòiÉ ¨ÉÚ±ªÉ PÉähªÉÉSÉÒ ¨ÉÚ¦ÉÉ +VÉÇnùÉ®úÉºÉ +ºÉhÉÉ®ú xÉÉ½þÒ.
A43: * VªÉÉ ¨ÉÉÊºÉEò ÊxÉ´ÉÞkÉÒ´ÉäiÉxÉÉSªÉÉ ®úEò¨ÉäSÉä(Eò¨ÉÉ±É BEòiÉÞiÉÒªÉÉÆ¶É ¦ÉÉMÉÉSªÉÉ +vÉÒxÉ ®úÉ½ÚþxÉ) ,+VÉÇnùÉ®úÉ±ÉÉ+Æ¶É®úÉ¶ÉÒEò®úhÉ
A44: Eò¯û <ÎSUôiÉÉä, iÉÉä ¦ÉÉMÉ ªÉälÉä xÉ¨ÉÚnù Eò®úÉ´ÉÉ. {É®ÆúiÉÖ iÉÒ ®úCEò¨É ¯û{ÉªÉÉÆ¨ÉvªÉä xÉ¨ÉÚnù Eò¯û xÉªÉä.
A45: ** ±ÉÉMÉÚ xÉºÉ±Éä±ÉÉ ¨ÉVÉEÚò®ú JÉÉäb÷É´ÉÉ.
B46: ¦ÉÉMÉ- nùÉäxÉ. PART- II {ÉÉäSÉ {ÉÉ´ÉiÉÒ Acknowledgement.
B47: ='Pension form'!I14 -> सोमनाथ चटर्जी ,कक्ष अधिकारी पंचायत समिती कळवण नाशिक | E47: ªÉÉÆSªÉÉEòbÚ÷xÉ ´ÉètEòÒªÉ iÉ{ÉÉºÉhÉÒÊ¶É´ÉÉªÉ ÊxÉ´ÉÞkÉÒ´ÉäiÉxÉÉSªÉÉ
A48: ¦ÉÉMÉÉSÉä +Æ¶É®úÉ¶ÉÒEò®úhÉ ({ÉnùxÉÉ¨É) (Degn) application in Part- I of Form-A for the commutation of
A49: a fraction Eò®úhªÉÉºÉÆ¤ÉÆvÉÉiÉÒ±É xÉ¨ÉÖxÉÉ B SªÉÉ ¦ÉÉMÉ BEò¨ÉvÉÒ±É +VÉÇ Ê¨É³ýÉ±ÉÉ.
A50: of pension without medical examination
A51: Ê`öEòÉhÉ | C51: =C34 -> कळवण
A52: ÊnùxÉÉÆEò | C52: =C35 -> / /20 | F52: ='Pension form'!D17 -> गट विकास अधिकारी वर्ग 1
F53: ='Pension form'!H5 -> पंचायत समिती
A54: Ê]õ{É:ÊxÉªÉiÉ ´ÉªÉ¨ÉÉxÉ ºÉä´ÉÉÊxÉ´ÉÞkÉÒSªÉÉ iÉÉ®úJÉä{ÉÚ´ÉÔ iÉÒxÉ ¨ÉÊ½þxªÉÉÆSªÉÉ EòÉ±ÉÉ´ÉvÉÒ ºÉÆ{ÉhªÉÉSªÉÉ +ÉiÉ EòÉªÉÉÇ±ÉªÉ |É¨ÉÖJÉÉ±ÉÉ +VÉÇ Ê¨É³ýÉ±ÉÉ +ºÉä±É iÉ®ú
A55: ½þÒ {ÉÉäSÉ {ÉÉ´ÉiÉÒ xÉ¨ÉÖxªÉÉ{ÉÉºÉÚxÉ +±ÉMÉ Eò¯ûxÉ +VÉÇnùÉ®úÉEòbä÷ ºÉÖ{ÉÖnÇù Eò®úÉ´ÉÒ. +VÉÇ b÷ÉEäòxÉä +É±ÉÉ +ºÉä±É iÉ®ú iªÉÉSÉÒ {ÉÉäSÉ iªÉÉSÉ Ênù´É¶ÉÒ tÉ´ÉÒ
A56: ´É iÉÒ {ÉÉ´ÉiÉÒ +VÉÇnùÉ®úÉEòbä÷ xÉÉånùhÉÒEÞòiÉ {ÉÉEòÒ]õÉ¨ÉvÉÚxÉ {ÉÉ`ö´ÉÉ´ÉÒ. +VÉÇ Ê´ÉÊxÉÌnù¹]õ iÉÉ®úJÉäxÉÆiÉ®ú Ê¨É³ýÉ±ÉÉ +ºÉä±É iÉ®ú iÉÉä iªÉÉ iÉÉ®úJÉäºÉ ËEò´ÉÉ
A57: iªÉÉ iÉÉ®úJÉä{ÉÚ´ÉÔ b÷ÉEäòxÉä {ÉÉ`ö´ÉhªÉÉiÉ +É±ÉÉ ªÉÉ¤Éqù±É ºÉ¤É³ý {ÉÖ®úÉ´ÉÉ +VÉÇnùÉ®úÉxÉä ºÉÉnù®ú Eäò±ªÉÉxÉÆiÉ®úSÉ iÉÉä +VÉÇ º´ÉÒEòÉ®úhªÉÉiÉ ªÉÉ´ÉÉ.
A58: ¦ÉÉMÉ-- iÉÒxÉ PART- II
B59: |ÉÊiÉ,
B60: ='Pension form'!C18 -> उप मुख्य कार्यकारी अधिकारी (साप्र)
B61: ='Pension form'!D18 -> जिल्हा परिषद ,नाशिक
C62: ªÉÉÆSªÉÉEòbä÷ JÉÉ±ÉÒ±É ¶Éä­ªÉÉÆºÉ½þ ®ú´ÉÉxÉÉ--
A63: (BEò) +VÉÇnùÉ®úÉxÉä ¦ÉÉMÉ BEò ¨ÉvªÉä Ênù±Éä±ÉÉ iÉ{É¶ÉÒ±É {Éb÷iÉÉ³ÚýxÉ {ÉÉ½þhªÉÉiÉ +É±ÉÉ +ÉÊhÉ iÉÉä ¤É®úÉä¤É®ú +É½äþ.
A64: (nùÉäxÉ) ´ÉètEòÒªÉ iÉ{ÉÉºÉhÉÒÊ¶É´ÉÉªÉ ÊxÉ´ÉÞkÉÒ´ÉäiÉxÉÉSªÉÉ EòÉ½þÒ ¦ÉÉMÉÉSÉä +Æ¶É®úÉ¶ÉÒEò®úhÉ Eò®úhªÉÉºÉ +VÉÇnùÉ®ú {ÉÉjÉ +É½äþ.
A65: (iÉÒxÉ) ºÉvªÉÉ ±ÉÉMÉÚ +ºÉ±Éä±ªÉÉ iÉCiªÉÉxÉÖºÉÉ®ú ÊxÉvÉÉÇÊ®úiÉ Eò®úhªÉÉiÉ +É±Éä±Éä ÊxÉ´ÉÞkÉÒ´ÉäiÉxÉÉSÉä +Æ¶É®úÉ¶ÉÒEò®úhÉ ¨ÉÚ±ªÉ
A66: ¯û | B66: ='Pension form'!F53 -> 1348066 | C66: +IÉ®úÒ ¯û | D66: ='Pension form'!G53 -> तेरा लाख अठ्ठेचाळीस हजार सहासष्ठ मात्र.
A67: (SÉÉ®ú) +Æ¶É®úÉ¶ÉÒEò®úhÉ Eäò±ªÉÉxÉÆiÉ®ú +´ÉÊ¶É¹`ö ÊxÉ´ÉÞkÉÒ´ÉäiÉxÉÉSÉÒ ®úCEò¨É | E67: ='Pension form'!C54 -> 33550-13420 | G67: ='Pension form'!D54 -> 20130
A68: <iÉEòÒ ½þÉä<Ç±É .
A69: 2 | B69: ÊxÉ´ÉÞkÉÒ´ÉäiÉxÉÉSªÉÉ +Æ¶É®úÉ¶ÉÒEÞòiÉ ®úEò¨ÉäSÉä |ÉnùÉxÉ |ÉÉÊvÉEÞòiÉ Eò®úhªÉÉºÉÆ¤ÉÆvÉÉiÉÒ±É {ÉÖføÒ±É EòÉªÉÇ´ÉÉ½þÒ, ¨É½þÉ®úÉ¹]Åõ xÉÉMÉ®úÒ
B70: ºÉä´ÉÉ (ÊxÉ´ÉÞkÉÒ´ÉäiÉxÉÉSÉä +Æ¶É®úÉ¶ÉÒEò®úhÉ) ÊxÉªÉ¨É, 1984 ¨ÉvÉÒxÉ ÊxÉªÉ¨É 15 +xÉÖºÉÉ®ú Eò®úhªÉÉiÉ ªÉÉ´ÉÒ +¶ÉÒ
B71: Ê´ÉxÉÆiÉÒ +É½äþ.
A72: 3 | B72: ªÉÉ xÉ¨ÉÖxªÉÉSÉÉ ¦ÉÉMÉ- BEòSÉÒ {ÉÉäSÉ, ¦ÉÉMÉ- nùÉäxÉ¨ÉvªÉä näùhªÉÉiÉ +É±ÉÒ +ºÉÚxÉ iÉÒ / /2018 ®úÉäVÉÒ
B73: +VÉÇnùÉ®úÉEòbä÷ º´ÉiÉÆjÉÊ®úiªÉÉ {ÉÉ`öÊ´ÉhªÉÉiÉ +É±ÉÒ +É½äþ.
A74: 4 | B74: ÊxÉ´ÉÞkÉÒ´ÉäxÉiÉÉSÉä +Æ¶É®úÉ¶ÉÒEÞòiÉ ¨ÉÚ±ªÉ Ê´ÉkÉ Ê´É¦ÉÉMÉÉJÉÉ±ÉÒ±É “¨ÉÉMÉhÉÒ Gò¨ÉÉÆEò 2071 , 266 ÊxÉ´ÉÞkÉÒ´ÉäiÉxÉä
B75: ´É <iÉ®ú ºÉä´ÉÉÊxÉ´ÉÞkÉÒ ±ÉÉÆ¦É--¤ÉÒ--ÊxÉ´ÉÞkÉÒ´ÉäxÉÉSÉä +Æ¶É®úÉ¶ÉÒEÞòiÉ ¨ÉÚ±ªÉ” ªÉÉ ±ÉäJÉÉÊ¶É¹ÉÉÇJÉÉ±ÉÒ JÉSÉÔ
B76: PÉÉ±ÉÉ´ÉªÉÉSÉä +É½äþ.
A78: Ê`öEòÉhÉ | C78: =C51 -> कळवण
A79: ÊnùxÉÉÆEò | C79: =C52 -> / /20 | F79: =F52 -> गट विकास अधिकारी वर्ग 1
E80: =F53 -> पंचायत समिती | G80: ='Non Drawl letter'!AI117 -> कळवण

Sheet Namuna1
A1: xÉ¨ÉÖxÉÉ 1
A2: (¨É½þÉ®úÉ¹]Åõ xÉÉMÉ®úÒ ºÉä´ÉÉ (ÊxÉ´ÉÞkÉÒ´ÉäiÉxÉ) ÊxÉªÉ¨É, 1982 ¨ÉvÉÒ±É ÊxÉªÉ¨É 115 (1) {É½þÉ )
A3: ¨ÉÞiªÉÚ-ÊxÉ-ºÉä´ÉÉÊxÉ´ÉÞkÉÒ ={ÉnùÉxÉÉEòÊ®úiÉÉ xÉÉ¨ÉÊxÉnæù¶ÉxÉ
A4: ¶ÉÉºÉEòÒªÉ Eò¨ÉÇSÉÉ­ªÉÉ±ÉÉ EÖò]ÖÆõ¤É +ºÉä±É +ÉÊhÉ iªÉÉ{ÉèEòÒ BEò ËEò´ÉÉ BEòÉ{ÉäIÉÉ +ÊvÉEò ºÉnùºªÉÉÆºÉ
A5: xÉÉ¨ÉÊxÉnæùÊ¶ÉiÉ Eò®úhªÉÉSÉÒ iªÉÉÆSÉÒ <SUôÉ +ºÉä±É iÉä´½þÉ.
A6: ¨ÉÒ | B6: ='Pension form'!C2 -> सोमनाथ चटर्जी | D6: ªÉÉ ´nùÉ®äú JÉÉ±ÉÒ ÊxÉÌnù¹]õ Eäò±Éä±ªÉÉ ¨ÉÉZªÉÉ EÖò]ÖÆõ¤ÉÉiÉÒ±É ºÉnùºªÉÉ±ÉÉ/ ºÉnùºªÉÉÆxÉÉ
A7: xÉÉ¨ÉÊxÉnæùÊ¶ÉiÉ Eò®úÒiÉ +É½äþ. +ÉÊhÉ ºÉä´ÉäiÉ +ºÉiÉÉÆxÉÉ ¨ÉÉZÉÉ ¨ÉÞiªÉÚ ZÉÉ±ªÉÉºÉ ¨É½þÉ®úÉ¹]Åõ ¶ÉÉºÉxÉÉEòbÚ÷xÉ ¨ÉÆVÉÚ®ú Eò®úhªÉÉiÉ ªÉä<Ç±É +ºÉä
A8: JÉÉ±ÉÒ Ê´ÉÊxÉÌnù¹]õ Eäò±Éä±ªÉÉ ¨ÉªÉÉÇnäù{ÉªÉÈiÉSÉ EòÉähÉiÉä½þÒ ={ÉnùÉxÉ Îº´ÉEòÉ®úhªÉÉSÉÉ +ÊvÉEòÉ®ú +ÉÊhÉ ºÉä´ÉÉÊxÉ´ÉÞkÉÒxÉÆiÉ®ú ¨ÉÉZÉÉ ¨ÉÞiªÉÚ
A9: ZÉÉ±ªÉÉºÉ iªÉÉ´Éä³ýÒ +nùkÉ ®úÉ½þÒ±É +ºÉä +xÉÖYÉäªÉ ZÉÉ±Éä±Éä JÉÉ±ÉÒ Ê´ÉÊxÉÌnù¹]õ Eäò±Éä±ªÉÉ ¨ÉªÉÉÇnäù{ÉªÉÈiÉSÉä ={ÉnùÉxÉ Îº´ÉEòÉ®úhªÉÉSÉÉ
A10: +ÊvÉEòÉ®ú iªÉÉ±ÉÉ/iªÉÉÆxÉÉ |ÉnùÉxÉ Eò®úÒiÉ +É½äþ.
B11: ='Pension form'!G1 -> 0 | C11: ='Pension form'!H1 -> / /20 | D11: ®úÉäVÉÒ ¨ÉÉZªÉÉ EÖò]ÖÆõ¤ÉÉiÉ +ºÉ±Éä±ªÉÉ ºÉnùºªÉÉÆSÉÉ iÉ{ÉÊ¶É±É.
A12: ¨ÉÚ³ý xÉÉ¨ÉÊxÉnæùÊ¶ÉiÉ ºÉnùºªÉ | F12: {ÉªÉÉÇªÉÒ xÉÉ¨ÉÊxÉnæùÊ¶ÉiÉ ºÉnùºªÉ
A13: xÉÉ¨ÉÊxÉnæùÊ¶ÉiÉ ºÉnùºªÉÉSÉä / ºÉnùºªÉÉÆSÉÒ xÉÉ´Éä ´É {ÉkÉÉ | C13: ¶ÉÉºÉEòÒªÉ Eò¨ÉÇSÉÉ­ªÉÉ¶ÉÒ +ºÉ±Éä±Éä xÉÉiÉä | D13: ´ÉªÉ | E13: |ÉiªÉäEò ºÉnùºªÉÉ±ÉÉ näùªÉ +ºÉä±É +¶ÉÒ ={ÉnùÉxÉÉSÉÒ ®úCEò¨É ËEò´ÉÉ iªÉÉSÉÉ Ê½þººÉÉ | F13: xÉÉ¨ÉÊxÉnæùÊ¶ÉiÉ ºÉnùºªÉ ½þÉ xÉÉ¨ÉÊxÉnæùÊ¶ÉiÉ Eò¨ÉÇSÉÉ­ªÉÉÆSÉÉ +MÉÉänù®ú ¨ÉÞiªÉÚ {ÉÉ´É±ÉÉ ÊEÆò´ÉÉ ¶ÉÉºÉEòÒªÉ Eò¨ÉÇSÉÉ­ªÉÉSªÉÉ ¨ÉÞiªÉÚ xÉÆiÉ®ú {É®ÆúiÉÖ ={ÉnùÉxÉÉSÉÒ ®úCEò¨É |ÉÉ{iÉ ½þÉähªÉÉ{ÉÚ´ÉÔ ¨ÉÞiªÉÚ {ÉÉ´É±ÉÉ iÉ®ú iªÉÉ¤ÉÉ¤ÉiÉÒ±É xÉÉ¨ÉÊxÉnæùÊ¶ÉiÉ ºÉnùºªÉÉ±ÉÉ |ÉnùÉxÉ Eäò±Éä±ÉÉ +ÊvÉEòÉ®ú VªÉÉ EòÉähÉiªÉÉ½þÒ +ºÉ±ªÉÉºÉ ´ªÉCiÉÒ±ÉÉ /´ªÉCiÉÓxÉÉ |ÉÉ{iÉ ½þÉä<Ç±É iªÉÉ ´ªÉCiÉÒSÉä / ´ªÉCiÉÒ xÉÉ´Éä {ÉkÉÉ ´É xÉÉiÉä. | H13: |ÉiªÉäEò ºÉnùºªÉÉ±ÉÉ näùªÉ +ºÉä±É +¶ÉÒ ={ÉnùÉxÉÉSÉÒ ®úCEò¨É ÊÆEÆò´ÉÉ iªÉÉSÉÉ Ê½þººÉÉ.
A14: 1 | C14: 2 | D14: 3 | E14: 4 | F14: 5 | H14: 6
A15: ='Pension form'!B30 -> 0 | C15: ='Pension form'!D30 -> पत्नी | D15: ='Pension form'!C30 -> 31352 | E15: 100 ]õCEäò | F15: ='Pension form'!B31 -> 0 | H15: =E15 -> 100 ]õCEäò
A16: ='Pension form'!D21 -> ¨ÉÖ {ÉÉä +b÷É´Énù iÉÉ SÉÉä{Éb÷É | F16: =A16 -> ¨ÉÖ {ÉÉä +b÷É´Énù iÉÉ SÉÉä{Éb÷É
B19: ={ÉnùÉxÉÉSªÉÉ ºÉÆ{ÉÚhÉÇ ®úEò¨ÉäSÉÉ ºÉ¨ÉÉ´Éä¶É ½þÉä<Ç±É +¶ÉÉ |ÉEòÉ®äú ½þÉ ºiÉÆ¦É ¦É®úÉ´ÉÉ.
B20: ªÉÉ ºiÉÆ¦ÉÉ¨ÉvªÉä nù¶ÉÇÊ´É±Éä±ªÉÉ ={ÉnùÉxÉÉSªÉÉ ®úEò¨ÉäiÉ / Ê½þ¶¶ªÉÉiÉ ¨ÉÖ³ý xÉÉ¨ÉÊxÉnæùÊ¶ÉiÉ ºÉnùºªÉÉ±ÉÉ / ºÉnùºªÉÉÆxÉÉ näùªÉ
B21: +ºÉ±Éä±ªÉÉ ºÉÆ{ÉÚhÉÇ ®úEò¨ÉäSÉÉ / Ê½þ¶¶ªÉÉÆSÉÉ ºÉ¨ÉÉ´Éä¶É +ºÉ±ÉÉ {ÉÉÊ½þVÉä.
B22: EòÉªÉÉÇ±ÉªÉ |É¨ÉÖJÉ ±ÉäJÉÉ{ÉÊ®úIÉÉ +ÊvÉEòÉ®úÒ ªÉÉÆxÉÉ xÉÉ¨ÉÊxÉnæù¶ÉxÉÉSÉÉ xÉ¨ÉÖxÉÉ Ê¨É³ýÉ±ªÉÉ¤Éqù±ÉSªÉÉ {ÉÉäSÉ{ÉÉ´ÉiÉÒSÉÉ xÉ¨ÉÖxÉÉ.
B23: |ÉÊiÉ,
B24: ¨É | C24: ='Pension form'!C18 -> उप मुख्य कार्यकारी अधिकारी (साप्र)
C25: ='Pension form'!D18 -> जिल्हा परिषद ,नाशिक
B26: +É{É±ªÉÉ ={ÉnùÉxÉÉSªÉÉ ºÉÆ¤ÉÆvÉÉiÉ ÊnùxÉÉÆEò- 1/2016 ®úÉäVÉÒ Eäò±Éä±Éä xÉÉ¨ÉÊxÉnæù¶ÉxÉ {ÉjÉÉ{ÉÚ´ÉÔSÉä xÉ¨ÉÖxªÉÉiÉÒ±É
B27: Ênù / /19 | C27: ®úÉäVÉÒ ®úqù Eäò±Éä±Éä xÉÉ¨ÉÊxÉnæù¶ÉxÉ {ÉjÉ Ê¨É³ýÉ±Éä +ºÉÚxÉ iÉä ªÉlÉÉäÊSÉiÉÊ®úiªÉÉ
B28: ªÉÉ +Ê¦É±ÉäJÉÉ¨ÉvªÉä `äö´ÉhªÉÉiÉ +É±Éä +É½äþ.
G30: ='Form 5'!J50 -> गट विकास अधिकारी वर्ग 1
F31: ='Form 5'!J51 -> पंचायत समिती | H31: ='Non Drawl letter'!AI117 -> कळवण
A34: Ê]õ{É :-- xÉÉ¨ÉÊxÉnæùÊ¶ÉiÉ Eäò±Éä±ªÉÉ ºÉnùºªÉÉSªÉÉ Ê½þiÉÉSªÉÉ où¹]õÒxÉä ¶ÉÉºÉEòÒªÉ Eò¨ÉÇSÉÉ­ªÉÉxÉä xÉÉ¨ÉÊxÉnæù¶ÉxÉ{ÉjÉä ºÉÆ¤ÉÆÊvÉiÉ xÉÉä]õÒºÉÉ ´É
A35: {ÉÉäSÉ {ÉÉ´ÉiÉÒ ªÉÉÆSªÉÉ |ÉiÉÒ ºÉÖ®úÊIÉiÉ{ÉhÉä `äö´ÉÉ´ªÉÉiÉ ¨½þhÉVÉä iªÉÉSªÉÉ ¨ÉÞiªÉÚxÉÆiÉ® iªÉÉSªÉÉ ±ÉÉ¦ÉÉÊvÉEòÉ­ªÉÉÆxÉÉ iªÉÉ |ÉiÉÒ ={É±É¤vÉ
A36: ½þÉä>ð ¶ÉEòiÉÒ±É.
A37: ªÉÉ xÉÉ¨ÉÊxÉnæù¶ÉxÉÉ¨ÉÖ³äý ¨ÉÒ ªÉÉ{ÉÚ´ÉÔ ÊnùxÉÉÆEò / / ®úÉäVÉÒ Eäò±Éä±Éä xÉÉ¨ÉÊxÉnæù¶ÉxÉ ®úqù `ö®ú±Éä +É½äþ.
A38: Ê]õ{É BEò) ¶ÉÉºÉEòÒªÉ Eò¨ÉÇSÉÉ­ªÉÉxÉä xÉÉ¨ÉÊxÉänÇù¶ÉxÉÉ´É®ú ºÉ½þÒ Eäò±ªÉÉxÉÆiÉ®ú iªÉÉ¨ÉvªÉä +ÉhÉJÉÒ EòÉähÉiÉä½þÒ xÉÉ´É ºÉ¨ÉÉÊ´É¹] õEò®úiÉÉ ªÉä´ÉÚ
A39: xÉªÉä ¨½þhÉÚxÉ ¶Éä´É]õSÉÒ xÉÉånù Eäò±ªÉÉ´É®ú Ê®úEòÉ¨ªÉÉ VÉÉMÉäiÉ ÊiÉ®ú{ªÉÉ ®äú¹ÉÉ EòÉføÉ´ªÉÉiÉ.
A40: nùÉäxÉ ) ±ÉÉMÉÚ xÉºÉ±Éä±ÉÉ ¨ÉVÉEÚò®ú JÉäÉb÷É´ÉÉ.
B42: Ê`öEòÉhÉ | C42: ='Form 3'!C22 -> कळवण
B43: ÊnùxÉÉÆEò | C43: ='Form 3'!C23 -> / /20
B45: ºÉ½þÒ Eò®úÒiÉÉ ºÉÉIÉÒnùÉ®ú
B46: 1) ----------------------------------------
B47: 2) ------------------------------------------
G48: ¶ÉÉºÉEòÒªÉ Eò¨ÉÇSÉÉ­ªÉÉÆSÉÒ ºÉ½þÒ
B49: (EòÉªÉÉÇ±ÉªÉ |É¨ÉÖJÉ / ±ÉäJÉÉ{ÉÊ®úIÉÉ +ÊvÉEòÉ®úÒ ªÉÉÆxÉÒ ¦É®úÉ´ÉªÉÉSÉÉ)
B51: xÉÉ¨ÉÊxÉnæù¶ÉxÉ Eò®úhÉÉ­ªÉÉ ´ªÉCiÉÒSÉä xÉÉÆ´É | D51: =B6 -> सोमनाथ चटर्जी
B52: {ÉnùxÉÉ¨É | D52: ='Pension form'!C4 -> कक्ष अधिकारी
B53: EòÉªÉÉÇ±ÉªÉ | D53: ='Namuna b'!F18 -> पंचायत समिती
B55: Ê`öEòÉhÉ | C55: =C42 -> कळवण
B56: ÊnùxÉÉÆEò | C56: =C43 -> / /20
G59: ='Namuna b'!F52 -> गट विकास अधिकारी वर्ग 1
F60: ='Namuna b'!F53 -> पंचायत समिती | H60: ='Non Drawl letter'!AI117 -> कळवण

Sheet LPC 
A1: -- : +ÆÊiÉ¨É ´ÉäiÉxÉ |É¨ÉÉhÉ{ÉjÉ :--
B2: ='Pension form'!I14 -> सोमनाथ चटर्जी ,कक्ष अधिकारी पंचायत समिती कळवण नाशिक
A3: ½äþ ÊnùxÉÉÆEò | B3: ='Pension form'!C8 -> 50191 | C3: ®úÉäVÉÒ ºÉä´ÉÉÊxÉ´ÉÞkÉ ½þÉähÉÉ®ú +ºÉ±ªÉÉxÉä iªÉÉÆSÉä +ÆiÉÒ¨É ´ÉäiÉxÉ |É¨ÉÉhÉ{ÉjÉ {ÉÉ`öÊ´ÉiÉ +É½äþ.
B4: iªÉÉÆSÉä {ÉMÉÉ®úÉ¤ÉÉ¤ÉiÉ iÉ{ÉÊ¶É±É JÉÉ±ÉÒ±É|É¨ÉÉhÉä +É½äþ.
A5: 1. | B5: =B3 -> 50191 | D5: ªÉälÉä {ÉMÉÉ®ú PÉäiÉ±ªÉÉSÉÒ +ÆiÉÒ¨É iÉÉ®úÒJÉ
A6: 2. | B6: EòÉªÉÇ¦ÉÉ®ú ºÉÉäb÷±ªÉÉSÉÒ iÉÉ®úÒJÉ | E6: =B5 -> 50191 | G6: ®ÉäVÉÒ EòÉªÉÉÇ±ÉªÉÒxÉ ´Éä³äýxÉÆiÉ®ú.
A7: 3. ¨ÉÚ³ý ´ÉäiÉxÉ ¯û{ÉªÉä | C7: =IF(B5="","",'Pension form'!D37) -> 67100 | E7: 4. OÉäb÷ ´ÉäiÉxÉ ¯û{ÉªÉä | H7: ='Pension form'!E37 -> 0
A9: 5. ¨É½þÉMÉÉ<Ç ¦ÉkÉÉ ¯û{ÉªÉä | C9: =IF(C7="","",ROUND(SUM(C7+H7)*'Pension form'!C13/100,0)) -> 33550 | E9: 6. PÉ®ú¦ÉÉbä÷ ¦ÉkÉÉ ¯û{ÉªÉä | H9: =IF(C7="","",ROUND(SUM(C7+H7)*8/100,0)) -> 5368
A11: 7. ´ÉÉ½þxÉ ¦ÉiÉÉ ¯û{ÉªÉä | C11: 400 | E11: 8. vÉÖ±ÉÉ<Ç ¦ÉkÉÉ ¯û{ÉªÉä | H11: 0
D13: Eò®úÉ´ÉªÉÉSÉÒ ´ÉVÉÉ´É]õ
A14: 1. ´ªÉ´ÉºÉÉªÉ Eò®ú ¯û{ÉªÉä 200
A16: 2.ÊVÉ.{É. ¦É.ÊxÉ.ÊxÉ. JÉÉiÉä Gò¨ÉÉÆEò. ´ÉMÉÇhÉÒ ¯û{ÉªÉä | D16: ='Pension form'!E13 -> 9282 | F16: ´ÉMÉhÉÇÒ ¯û | I16: ='Pension form'!C62 -> 0
A18: +) PÉäiÉ±Éä±Éä EòVÉÇ ¯û{ÉªÉä | D18: ='Pension form'!C63 -> 0 | F18: ¤É) Ê¶É±±ÉEò EòVÉÇ ¯û{ÉªÉ | I18: ='Pension form'!C64 -> 0
A19: Eò) EòVÉÇ ½þ{iÉÉ ¯û{ÉªÉä | D19: ='Pension form'!C65 -> 0
A21: 3.B±É. +ÉªÉ. ºÉÒ. JÉÉiÉä xÉÆ¤É®ú | F21: B±É.+ÉªÉ.ºÉÒ
A23: 4. ºÉhÉ +OÉÒ¨É ¯û{ÉªÉä | D23: ´ÉºÉÖ±É Eò®úÉ´ÉªÉÉSÉä ½þ{iÉä | H23: ½þ{iÉÉ ¯û{ÉªÉä
A25: 5. ¤Énù±ÉÒ +OÉÒ¨É ¯û{ÉªÉä | F25: PÉäiÉ±Éä +ºÉÚxÉ iªÉÉÆSÉä ¤Énù±ÉÒ ¦ÉkÉä ¤ÉÒ±ÉÉiÉÚxÉ ¤ÉºÉÚxÉ Eò¯ûxÉ <Eòbä÷ºÉ
A26: {ÉÉ`ö´ÉÉ´ÉäiÉ ¤Énù±ÉÒ ¦ÉkÉä ¤ÉÒ±É ´Éä³äýiÉ ºÉÉnù®ú Eäò±ªÉÉºÉ iªÉÉÆSÉä {ÉMÉÉ®úÉiÉÚxÉ BEòÉ ½þ{iªÉÉiÉ ´ÉºÉÖ±É Eò¯ûxÉ {ÉÉ`ö´ÉÉ´ÉäiÉ.
A27: 6.vÉÉxªÉ +ìb÷´½þÉxºÉ ¯û{ÉªÉä | E27: ¤ÉÉEòÒ +ºÉÖxÉ | G27: |É¨ÉÉhÉä | I27: ½þ{iªÉÉÆiÉ
A28: ´ÉºÉÖ±É Eò¯ûxÉ <Eòbä÷ºÉ {ÉÉ`ö´ÉÉ´ÉÒ.
A29: 7. <iÉ®ú ´ÉºÉÖ±ÉÒ ¯û{ÉªÉä MÉ]õ Ê´É¨ÉÉ ¯û | E29: 120 | F29: VÉÒBºÉB±É+ÉªÉBºÉ ¯û | I29: 180
F30: ='Pension form'!D67 -> 0
A32: Ê`öEòÉhÉ | B32: =Namuna1!C55 -> कळवण
A33: ÊnùxÉÉÆEò | B33: =Namuna1!C56 -> / /20
G34: =Namuna1!G59 -> गट विकास अधिकारी वर्ग 1
G35: =Namuna1!F60 -> पंचायत समिती | I35: ='Pension form'!G4 -> कळवण

Sheet Form 42
A1: xÉ¨ÉÖxÉÉ ¨É.EòÉä. 42 +ä. (ÊxÉªÉ¨É Gò.359 +ä ¤ÉÒ {É½þÉ)
A2: |ÉÊiÉ, | C2: ='Pension form'!D17 -> गट विकास अधिकारी वर्ग 1 | G2: ='Pension form'!H5 -> पंचायत समिती | H2: ='Pension form'!G4 -> कळवण
A3: ¨É. ±ÉäJÉÉÊvÉEòÉ®úÒ, ÊVÉ.{É.VÉ³ýMÉÉÆ´É (ÊxÉ´ÉÞkÉÒ ´ÉäiÉxÉ ºÉÊ´ÉiÉ®úhÉ +ÊvÉEòÉ®úÒ)
A4: ¨ÉÒ | B4: ='Pension form'!I14 -> सोमनाथ चटर्जी ,कक्ष अधिकारी पंचायत समिती कळवण नाशिक | H4: ªÉÉÆxÉÒ JÉÉ±ÉÒ±É xÉ¨ÉÖnù Eäò±Éä±ªÉÉ ´ªÉCiÉÒºÉ ¨É½þÉ®úÉ¹`Åö EòÉä¹ÉÉMÉÉ®ú ÊxÉªÉ¨É
A5: 1968 ¨ÉvÉÒ±É ÊxÉªÉ¨É 359 +ä 359 ¤ÉÒ +xÉÖºÉÉ®ú xÉÉ¨ÉÊxÉnæù¶ÉxÉ Eò®úÒiÉ +É½äþ.
A6: xÉÉ¨ÉÊxÉnæùÊ¶ÉiÉ ºÉnùºªÉÉSÉä / ºÉnùºªÉÉÆSÉÒ xÉÉ´Éä ´É {ÉkÉÉ | C6: ¶ÉÉºÉEòÒªÉ Eò¨ÉÇSÉÉ­ªÉÉ¶ÉÒ +ºÉ±Éä±Éä xÉÉiÉä | D6: VÉx¨ÉiÉÉ®úÒJÉ | E6: xÉÉ¨ÉÊxÉnæù¶ÉxÉ ´ªÉCiÉÒ +YÉÉxÉ +ºÉ±ªÉÉºÉ xÉÉ¨ÉÊxÉnæùÊ¶ÉiÉ ´ªÉCiÉÒ +YÉÉxÉ +ºÉä{ÉªÉÇxiÉ ºÉnù®ú½Öþ ÊxÉ´ÉÞkÉÒ´ÉäiÉxÉ VªÉÉºÉ Ê¨É³ýÉ´Éä iªÉÉ ´ªÉCiÉÒSÉä xÉÉÆ´É ´É {ÉkÉÉ. | F6: ºiÉÆ¦ÉÉ¨ÉvÉÒ±É xÉÉ¨ÉÊxÉnäùÇùÊ¶ÉiÉ ´ªÉCiÉÒ ÊxÉ´ÉÞkÉÒ´ÉäiÉxÉ vÉÉ®úEòÉSªÉÉ +MÉÉänù®ú ¨ÉÞiªÉÚ {ÉÉ´É±ªÉÉºÉ nÖùºÉ-ªÉÉ xÉÉ¨ÉÊxÉnæùÊ¶ÉiÉ ´ªÉCiÉÆÒSÉä xÉÉÆ´É ´É {ÉkÉÉ. | I6: ¶ÉÉºÉEòÒªÉ Eò¨ÉÇSÉÉ­ªÉÉ¶ÉÒ +ºÉ±Éä±Éä xÉÉiÉä | J6: nÖùºÉ®úÒ xÉÉ¨ÉÊxÉnæùÊ¶ÉiÉ ´ªÉCiÉÒ +YÉÉxÉ +ºÉ±ªÉÉºÉ iªÉÉSÉÒ VÉx¨ÉiÉÉ®úÒJÉ. | K6: xÉÉ¨ÉÊxÉnæù¶ÉxÉ ´ªÉCiÉÒ +YÉÉxÉ +ºÉ±ªÉÉºÉ xÉÉ¨ÉÊxÉnæùÊ¶ÉiÉ ´ªÉCiÉÒ +YÉÉxÉ +ºÉä{ÉªÉÇxiÉ ºÉnù®ú½Öþ ÊxÉ´ÉÞkÉÒ´ÉäiÉxÉ VªÉÉºÉ Ê¨É³ýÉ´Éä iªÉÉ ´ªÉCiÉÒSÉä xÉÉÆ´É ´É {ÉkÉÉ. | L6: xÉÉ¨ÉÊxÉnæù¶ÉÒiÉ Ê´ÉvÉÒ +OÉÉ½þªÉ `ö®äú±É +¶ÉÒ +EòÎº¨ÉEò PÉ]õxÉÉ.
A8: 1 | C8: 2 | D8: 3 | E8: 4 | F8: 5 | I8: 6 | J8: 7 | K8: 8 | L8: 9
A9: ='Pension form'!B30 -> 0 | C9: ='Pension form'!D30 -> पत्नी | D9: ='Pension form'!C30 -> 31352 | F9: =Namuna1!F15 -> 0 | I9: ¨ÉÖ±ÉMÉÉ
A10: ='Pension form'!D21 -> ¨ÉÖ {ÉÉä +b÷É´Énù iÉÉ SÉÉä{Éb÷É | F10: =A10 -> ¨ÉÖ {ÉÉä +b÷É´Énù iÉÉ SÉÉä{Éb÷É
A13: Ê`öEòÉhÉ | C13: ='LPC '!B32 -> कळवण | H13: ÊnùxÉÉÆEò | J13: ='LPC '!B33 -> / /20
A15: ºÉÉIÉÒnùÉ®úÉSÉÒ ºÉ½þÒ :-----------------
A16: xÉÉÆ´É ´É {ÉkÉÉ :--------------------------------------------------------------------------------------------------- | I16: ÊxÉ´ÉÞkÉÒ ´ÉäiÉxÉ vÉÉ®úEòÉSÉÒ ºÉ½þÒ ËEò´ÉÉ +ÆMÉ`öÉ.
B17: ='Form 5'!J50 -> गट विकास अधिकारी वर्ग 1 | C17: ='LPC '!G35 -> पंचायत समिती | E17: ªÉÉÆSÉä EòbÚ÷xÉ {ÉÉ`ö´ÉÉ´ÉªÉÉSÉÒ {ÉÉäSÉ {ÉÉ´ÉiÉÒ | H17: =B4 -> सोमनाथ चटर्जी ,कक्ष अधिकारी पंचायत समिती कळवण नाशिक
B18: =E4 -> 0 | D18: ªÉÉSÉäEòbÚ÷xÉ xÉÉ¨ÉÊxÉnæù¶ÉxÉ Ê¨É³ýÉ±Éä +ºÉä |É¨ÉÉÊhÉiÉ Eò®úhªÉÉiÉ ªÉäiÉ +É½äþ
K20: ='Form 5'!J50 -> गट विकास अधिकारी वर्ग 1
A21: Ê`öEòÉhÉ | C21: =C13 -> कळवण | K21: ='Form 5'!J51 -> पंचायत समिती
A22: ÊnùxÉÉÆEò | C22: =J13 -> / /20

Sheet Parigana
A1: ÊxÉ´ÉÞkÉÒ´ÉäiÉxÉ {ÉÊ®úMÉhÉxÉÉ ( |É{ÉjÉ Ê´É¦ÉÉMÉ - 3 )
A2: 1) | B2: xÉÉ´É | E2: ='Pension form'!C2 -> सोमनाथ चटर्जी
A3: 2) | B3: ºÉä´ÉÉÊxÉ´ÉkÉÒSÉä ´Éä³ýÒ vÉÉ®úhÉ Eäò±Éä±Éä | E3: ='Pension form'!C4 -> कक्ष अधिकारी
A4: 3) | B4: ºÉvªÉÉ EòÉ¨É EòÊ®úiÉ +ºÉ±Éä±Éä EòÉªÉÉÇ±ÉªÉ Ê´É¦ÉÉMÉ | E4: ='Pension form'!C5 -> पंचायत समिती | G4: ='Pension form'!G4 -> कळवण
A5: 4) | B5: VÉx¨É ÊnùxÉÉÆEò | E5: ='Pension form'!C6 -> 29000
A6: 5) | B6: ºÉä´ÉÉ ÊxÉ´ÉÞkÉ / ¨ÉªÉiÉ ÊnùxÉÉÆEò | E6: ='Pension form'!C8 -> 50191
A7: 6) | B7: ¨É. xÉÉ. ºÉä. (ÊxÉ´ÉÞiiÉÒ´ÉäiÉxÉ) ÊxÉªÉ¨É 1982 ´É iªÉÉ ´É®úÒ±É ºÉÖvÉÉ®úhÉää xÉÖºÉÉ®ú ÊxÉ´ÉÞiiÉÒ´ÉäiÉxÉ Ê´É¹ÉªÉ ±ÉÉ¦É ÊxÉÎ¶SÉiÉÒ
A8: 7) | B8: ÊxÉ´ÉÞkÉÒ´ÉäiÉxÉÉºÉÉ`öÒ +½ÇþiÉÉEòÉ®úÒ ºÉä´ÉäSÉÉ EòÉ±ÉÉ´ÉvÉÒ
B9: iÉ{É¶ÉÒ±É | C9: {ÉÉºÉÚxÉ | D9: {ÉªÉÇiÉ | E9: ´É¹ÉÇ | F9: ¨ÉÊ½þxÉä | G9: Ênù´ÉºÉ
C10: ='Pension form'!C7 -> 38047 | D10: =E6 -> 50191 | E10: ='Pension form'!N17 -> 33 years | F10: ='Pension form'!O17 -> 2 months | G10: ='Pension form'!P17 -> 30 days
B11: Ê¤ÉxÉ{ÉMÉÉ®úÒ ®úVÉÉ | C11: - | D11: - | E11: 0 | F11: 0 | G11: 0
B12: BEÚòhÉ OÉÉ½þªÉ ºÉä´ÉÉ | E12: ='Pension form'!C10 -> 33 | F12: =SUM(F10:F11) -> 0 | G12: =SUM(G10:G11) -> 0
D13: ¨½þhÉVÉäSÉ ´É¹Éæ | G13: ='Pension form'!C10 -> 33
A14: 8) | B14: ºÉä´ÉÉ ÊxÉ´ÉÞkÉÒSªÉÉ ±ÉMÉiÉ{ÉÖ´ÉÔSªÉÉ nù½þÉ ¨ÉÊ½þxªÉÉiÉ Ê¨É³ýÉ±Éä±ÉÒ ´ÉäiÉxÉ¸ÉähÉÒºÉ½ þÊnùxÉÉÆEòÉ {ÉÉºÉÚxÉ
B15: 01/01/2006 +xÉÖYÉäªÉ ´ÉäiÉxÉ ¸ÉähÉÒ | E15: ='Pension form'!C11 -> Pay Band 2 (9300-34800) - 4500
B16: 01-01-2016 {ÉÉºÉÖxÉ +xÉÖYÉäªÉ | D16: ='Pension form'!D11 -> S-16
A17: 9) | B17: ÊxÉ´ÉÞkÉÒ´ÉäiÉxÉÉ ´ÉäiÉxÉÉSÉÒ {ÉÊ®úMÉhÉxÉÉ ¨½þhÉVÉäSÉ ({ÉÊ®ú.xÉÖºÉÉ®ú ºÉ®úÉºÉ®úÒ ´ÉäiÉxÉ)
A18: {ÉÉºÉÚxÉ | B18: {ÉªÉÈiÉ | C18: ¨ÉÊ½þxÉä | D18: Ênù´ÉºÉ | E18: ¨ÉÖ³ý ´ÉäiÉxÉ | F18: OÉäb÷ {Éä. | G18: BEÚòhÉ ®úCEò¨É
A19: ='Pension form'!B39 -> ऑगस्ट-2036 | C19: 1 | E19: ='Pension form'!D39 -> 67100
A20: ='Pension form'!B40 -> सप्टेंबर-2036 | C20: 1 | E20: ='Pension form'!D40 -> 67100
A21: ='Pension form'!B41 -> ऑक्टोबर-2036 | C21: 1 | E21: ='Pension form'!D41 -> 67100
A22: ='Pension form'!B42 -> नोव्हेंबर-2036 | C22: 1 | E22: ='Pension form'!D42 -> 67100
A23: ='Pension form'!B43 -> डिसेंबर-2036 | C23: 1 | E23: ='Pension form'!D43 -> 67100
A24: ='Pension form'!B44 -> जानेवारी-2037 | C24: 1 | E24: ='Pension form'!D44 -> 67100
A25: ='Pension form'!B45 -> फेब्रुवारी-2037 | C25: 1 | E25: ='Pension form'!D45 -> 67100
A26: ='Pension form'!B46 -> मार्च-2037 | C26: 1 | E26: ='Pension form'!D46 -> 67100
A27: ='Pension form'!B47 -> एप्रिल-2037 | C27: 1 | E27: ='Pension form'!D47 -> 67100
A28: ='Pension form'!B48 -> मे-2037 | C28: 1 | E28: ='Pension form'!D48 -> 67100
C29: 2 | D29: 0 | G29: =(E29+F29)*C29 -> 0
C30: 8 | D30: 0 | G30: =(E30+F30)*C30 -> 0
B31: BEÖòhÉ | C31: 10 | E31: =SUM(E19:E30) -> 671000 | G31: =SUM(G29:G30) -> 0
D32: ºÉ®úÉºÉ®úÒ ´ÉäiÉxÉ | G32: =E31/10 -> 67100
A33: ¶Éä´É]õSÉä +ÆÊiÉ¨É ´ÉäiÉxÉ | E33: =E31 -> 671000 | F33: =F30 -> 0 | G33: =E33+F33 -> 671000
A34: Ê´ÉkÉ Ê´É¦ÉÉMÉÉ ÊxÉhÉÇªÉ Gò. ºÉäÊxÉ´Éä 1009/|É.Gò.-33/ºÉä´ÉÉ -4 ÊnùxÉÉÆEò 22/3/2009 SªÉÉ {ÉÊ®úSUäônù Gò. 6 xÉÖºÉÉ®ú ºÉ®úÉºÉ®úÒ ´ÉäiÉxÉÉSªÉÉ ËEò´ÉÉ ¶Éä´É]õSªÉÉ ¨ÉÊ½þxªÉÉSªÉÉ +ÌVÉiÉ Eäò±Éä±ªÉÉ ¨ÉÖ³ý ´ÉäiÉxÉÉSªÉÉ 50 ]õCEäò ªÉÉ{ÉèEòÒ VÉÒ ®úCEò¨É Eò¨ÉÇSÉÉ-ªÉÉºÉ ±ÉÉ¦ÉnùÉªÉEò `ö®äú±É iÉÒ ®úCEò¨É ÊxÉ´ÉÞkÉÒ ´ÉäiÉxÉ ¨½þhÉÚxÉ +xÉÖYÉäªÉ +É½äþ iªÉÉxÉÖºÉÉ®ú
A35: 10) +)+xÉÖYÉäªÉ ÊxÉ´ÉÞkÉÒ ´ÉäiÉxÉ- | C35: ¶Éä´É]õSÉä ´ÉäiÉxÉ °ü. | D35: =G33 -> 671000 | E35: SªÉÉ 50 ]õCEäò ®úCEò¨É | G35: =D35/2 -> 335500
A36: ¤É) +xÉÖYÉäªÉ EÖò]ÖÆõ¤É ÊxÉ´ÉÞkÉÒ ´ÉäiÉxÉ- | C36: ¶Éä´É]õSÉä ´ÉäiÉxÉ °ü. | D36: =G33 -> 671000 | E36: SªÉÉ 30 ]õCEäò ®úCEò¨É | G36: =ROUND(D36*30/100,0) -> 201300
A37: +ÉEòÉ®úhÉÒ ´ÉÉføÒ´É nù®ú - | C37: =G35 -> 335500 | D37: ='Pension form'!D59 -> 20130 | E37: iÉnÂùxÉÆiÉ®ú ºÉÉ¨ÉÉxªÉ nù®ú ¯û. | G37: =G36 -> 201300
B38: ='Pension form'!B30 -> 0 | C38: ªÉÉÆxÉÉ ½þªÉÉiÉ¦É®ú +lÉ´ÉÉ {ÉÖxÉÇÊ´É´ÉÉ½þÉSªÉÉ iÉÉ®úJÉä{ÉÉ´ÉäiÉÉä näùªÉ ®úÉ½þÒ±É.
A39: Eò) ºÉä´ÉäiÉ +ºÉ±Éä±ªÉÉ Eò¨ÉÇSÉÉ-ªÉÉÆSÉÉ ¨ÉÞiªÉÚ ÊnùxÉÉÆEò 1/1/2006xÉÆiÉ®ú ZÉÉ±ÉÉ +ºÉä±É/½þÉäiÉÉ +¶ÉÉ Eò¨ÉÇSÉÉ-
A40: ªÉÉÆSªÉÉ ´ÉÉ®úºÉÉÆxÉÉ 10 ´É¹ÉÉÇ{ÉªÉÈiÉ =SSÉ nù®úÉxÉä ÊxÉ´ÉÞkÉÒ ´ÉäiÉxÉ Ê¨É³äý±É 7 ´É¹Éæ ´ÉªÉÉSÉÒ 65 ´É¹ÉÇ {ÉÖhÉÇ
A41: ½þÉä<Ç{ÉÉ´ÉäiÉÉä /ÊxÉ´ÉÞkÉÒ´ÉäiÉxÉÉSÉÒ ¨ÉªÉÉÇÊnùiÉ )
A42: 11) ÊxÉ´ÉÞkÉÒ´ÉäiÉxÉÉSªÉÉ +Æ¶É®úÉ¶ÉÒEò®úhÉÉSÉÉ iÉ{É¶ÉÒ±É ( {ÉÖføÒ±É VÉx¨ÉiÉÉ®úJÉäºÉ ´ÉªÉ 59 ´É¹ÉÇ )
A43: 1-+Æ¶É®úÉ¶ÉÒEò®úhÉ Eäò±Éä±ªÉÉ ¨ÉÉÊºÉEò ´É ÊxÉ´ÉÞkÉÉÒ ´ÉäiÉxÉÉSªÉÉ ]õCEäò´ÉÉ®úÒSÉÒ ®úCC¨É +ÉEòÉ®úhÉÒ
A44: .+Æ¶É®úÉ¶ÉÒEÞòiÉ ÊxÉ´ÉÞkÉÒ ´ÉäiÉxÉÉSÉÉ ¦ÉÉMÉ (ÊxÉ.´Éä. SªÉÉ 40 ]õCEäò) | E44: =G35 -> 335500 | F44: 40 ]õCEäò | G44: =E44*40/100 -> 134200
A45: .+Æ¶É®úÉ¶ÉÒEò®úhÉ ¨ÉÖ±ªÉÆÉSÉÒ +ÉEòÉ®úhÉÒ | C45: =G44 -> 134200 | D45: x 12 | E45: x 8.371 = | F45: =ROUND(C45*12*'Pension form'!D53,0) -> 13480658
A46: ÊxÉ´ÉÞkÉÒ´ÉäiÉxÉÉSªÉÉ +Æ¶É®úÉ¶ÉÒEÞòiÉ ¨ÉÖ±ªÉÉSÉÒ |ÉÉÊvÉEÞòiÉ ®úCC¨É ¯û{ÉªÉä | E46: =F45 -> 13480658
A47: 12) ºÉä´ÉÉ ÊxÉ´ÉÞkÉÒ ={ÉnùÉxÉÉSÉÒ {ÉÊ®úMÉhÉxÉÉ - ¶Éä´É]õSÉä ´ÉäiÉxÉ | E47: =D35 -> 671000 | F47: x 24/2 = | G47: =E47*24/2 -> 8052000
A48: 13) ºÉä´ÉÉ ÊxÉ´ÉÞiiÉÒ ={ÉnùÉxÉÉSÉÒ ®úCEò¨É ¯û{ÉªÉä | D48: =G47 -> 8052000
A49: 14)+Æ¶É®úÉ¶ÉÒEò®úhÉÉxÉÆiÉ®ú näùªÉ ºÉä´ÉÉ ÊxÉ´ÉÞkÉÒ | D49: ='Pension form'!D54 -> 20130 | E49: ='Pension form'!C54 -> 33550-13420
A50: Ênù. | B50: ='Pension form'!D8 -> 50192 | C50: {ÉÉºÉÖxÉ +nùÉ Eò®úÉ´Éä
A51: 15) ÊxÉ´ÉÞkÉÂÒ ´ÉäiÉxÉ ´É ÊxÉ´ÉÞkÉÂÒ ´ÉäiÉxÉ Ê´É¹ÉªÉEò ±ÉÉ¦ÉÉSÉä ºÉÆÊ´ÉiÉ®úhÉ, {ÉÆSÉÉªÉiÉ ºÉÊ¨ÉiÉÒ, | F51: SÉÉä{Éb÷É | G51: ¨ÉÉ¡ÇòiÉ
A52: 16) ´ÉºÉÖ±ÉÒ - | B52: ¶ÉÉ MÉÞÊxÉ ºÉÆ | C52: +ÊiÉ|ÉnùÉxÉ ´ÉºÉÖ±ÉÒ | E52: MÉ ºÉ ºÉÉäºÉÉ
B53: ='Pension form'!D56 -> 0 | C53: ='Pension form'!E56 -> 0 | E53: ='Pension form'!C56 -> 0
E56: ='Pension form'!C18 -> उप मुख्य कार्यकारी अधिकारी (साप्र)
E57: ='Pension form'!D18 -> जिल्हा परिषद ,नाशिक

Sheet Ppo Order
A1: ´ÉÉSÉÉ : | B1: 1) ¨É½þÉ®úÉ¹]Åõ xÉÉMÉ®úÒ ºÉä´ÉÉ (ÊxÉ´ÉÞiÉÂÒ ´ÉäiÉxÉ) ÊxÉªÉ¨É 1982.
B2: 2) ¨É.¨ÉÖJªÉ EòÉªÉÇEòÉ®úÒ +ÊvÉEòÉ®úÒ ÊVÉ±½þÉ {ÉÊ®ú¹Énù VÉ³ýMÉÉÆ´É ªÉÉÆSÉä Eòb÷Ò±É +Énäù¶ÉGò.ºÉÉ|ÉÊ´É/+ÉºlÉÉ-4/+É®ú+É®ú
B3: 860/89 ÊnùxÉÉÆEò 08/09/1989
B4: 3) ªÉÉ EòÉªÉÉÇ±ÉªÉÉSÉä +Énäù¶É GÆò.ºÉÉ|ÉÊ´É/+ÉºlÉÉ.4/+É®ú+É®ú/25/014 Ênù.25/12/2014
B5: 4) ªÉÉ EòÉªÉÉÇ±ÉªÉÉSÉä +Énäù¶É GÆò.ºÉÉ|ÉÊ´É/+ÉºlÉÉ.4/+É®ú+É®ú/227/014 Ênù.17/8/2015
B6: 5) ªÉÉ EòÉªÉÉÇ±ÉªÉÉSÉä +Énäù¶É GÆò.ºÉÉ|ÉÊ´É/+ÉºlÉÉ.4/+É®ú+É®ú/53/014 Ênù.25/2/2016 | M6: 7645
B7: 6) | C7: ='Pension form'!C5 -> पंचायत समिती | E7: ='Pension form'!G4 -> कळवण | F7: ªÉÆÉSÉä Ênù. | G7: ='Non Drawl letter'!T3 -> Ênù:- / / | I7: .+x´ÉªÉä |ÉÉ{iÉ
B8: ZÉÉ±Éä±ÉÉ ÊxÉ´ÉÞkÉÒ ´ÉäiÉxÉ |ÉºiÉÉ´É.
B9: 7) ¨ÉÖJªÉ ±ÉäJÉÉ ´É Ê´ÉkÉ +ÊvÉEòÉ®úÒ,ÊVÉ±½þÉ {ÉÊ®ú¹Énù VÉ³ýMÉÉÆ´É ªÉÉÆxÉÒ näùªÉ ÊxÉ´ÉÞkÉÒ ´ÉäiÉxÉ iÉnùxÉÖ¹ÉÆÊMÉEò ±ÉÉ¦É ªÉÉ
B10: ºÉÆ¤ÉvÉÒSÉÉ |É¨ÉÉÊhÉiÉ Eäò±Éä±ÉÉ nùÉJÉ±ÉÉ ÊnùxÉÉÆEò | F10: 18/05/2017
B12: +Énäù¶É | F12: ='Pension form'!K2 -> जाक्र/ | G12: ='Pension form'!G5 -> सामन्य प्रशासन | H12: ='Pension form'!M2 -> अस्था /आरआर/ /20
F13: ='Pension form'!C18 -> उप मुख्य कार्यकारी अधिकारी (साप्र) | I13: ='Pension form'!D18 -> जिल्हा परिषद ,नाशिक
F14: ÊnùxÉÉÆEò | G14: 23/05/2017
B17: ='Pension form'!I14 -> सोमनाथ चटर्जी ,कक्ष अधिकारी पंचायत समिती कळवण नाशिक | F17: ½äþ | G17: ='Pension form'!F8 -> नियत वयोमानानुसार | I17: Ênù. | J17: =Parigana!E6 -> 50191
A18: .+JÉä®ú | B18: =G17 -> नियत वयोमानानुसार | D18: ZÉÉ±ÉäiÉ iªÉÉÆxÉÉ +xÉÖYÉäªÉ ½þÉähÉÉ®äú ÊxÉ´ÉÞkÉÒ´ÉäiÉxÉ ´É <iÉ®ú ±ÉÉ¦É JÉÉ±ÉÒ±É |É¨ÉÉhÉä
B19: ¨ÉÆVÉÚ®ú Eò®úhªÉÉiÉ ªÉäiÉ +É½äþ.
A20: 1) ÊxÉ´ÉÞkÉÒ ´ÉäiÉxÉ nù®ú¨É½þÉ ®úCEò¨É ¯û{ÉªÉä- | D20: =Parigana!G35 -> 335500 | E20: ªÉÉ n®úÉxÉä ÊnùxÉÉÆEò | G20: =Parigana!B50 -> 50192 | I20: {ÉÉºÉÚxÉ näùªÉ ®úÉÊ½þ±É.
A21: 2) ={ÉnùÉxÉ ®úCEò¨É | C21: =Parigana!D48 -> 8052000 | D21: .+IÉ®úÒ ¯û | E21: ='Pension form'!G52 -> अकरा लाख सात हजार शंभर पन्नास मात्र.
A22: 3) +xÉÖYÉäªÉ ÊxÉ´ÉÞkÉÒ ´ÉäiÉxÉÉ{ÉèEòÒ ®úCEò¨É ¯û{ÉªÉä | E22: =Parigana!G44 -> 134200 | F22: .+Æ¶É®úÉ¶ÉÒEò®úhÉÉºÉ ¨ÉÉxªÉiÉÉ näùhÉäiÉ ªÉä>ðxÉ iªÉÉÆSÉä
A23: .+Æ¶É®úÉ¶ÉÒEò®úhÉ ¨ÉÖ±ªÉ ®úCEò¨É ¯û{ÉªÉä | D23: =Parigana!F45 -> 13480658 | E23: .+IÉ®úÒ | F23: ='Pension form'!G53 -> तेरा लाख अठ्ठेचाळीस हजार सहासष्ठ मात्र.
A24: 4) +Æ¶É®úÉ¶ÉÒEò®úhÉÉ xÉÆiÉ®ú Eò¨ÉÒ nù®úÉxÉä +nùÉ Eò®úÉ´ÉªÉÉSÉä ÊxÉ´ÉÞkÉÒ ¯û. | G24: =Parigana!D49 -> 20130 | H24: =Parigana!E49 -> 33550-13420
A25: 5) ¨ÉÖ³äý ÊxÉ´ÉÞkÉÒ ´ÉäiÉxÉÉ´É®ú ÊnùxÉÉÆE | D25: =Parigana!B50 -> 50192 | E25: {ÉÉºÉÚxÉ +xÉÖYÉäªÉ nù®úÉxÉä ¨É½þÉMÉÉ<Ç ´ÉÉfø näùªÉ ®úÉÊ½þ±É.
A26: 6)+xÉÖYÉäªÉ ÊxÉ´ÉÞkÉÒ ´ÉäiÉxÉ ´É ¨É½þÉMÉÉ<Ç ´ÉÉfø ªÉÉÆSÉä ºÉÆÊ´ÉiÉ®úhÉ MÉ]õÊ´ÉEòÉºÉ +ÊvÉEòÉ®úÒ {ÉÆSÉÉªÉiÉ ºÉÊ¨ÉiÉÒ | J26: ='Pension form'!G4 -> कळवण
A27: ½äþ Eò®úiÉÒ±É.
A28: 7) Ênù. | B28: ='Form 42'!C22 -> / /20 | C28: SÉä xÉÉ¨ÉÊxÉnæù¶ÉxÉ {ÉjÉÉxÉÖºÉÉ®ú ½þªÉÉiÉEòÉ±ÉÒxÉ ÊxÉ´ÉÞkÉÒ ´ÉäiÉxÉÉSÉÒ lÉEò¤ÉÉEòÒ
A29: =Parigana!B38 -> 0 | D29: ªÉÉÆxÉÉ +xÉÖYÉäªÉ ®úÉÊ½þ±É.
A30: 8)ÊxÉ´ÉÞkÉÒ ´ÉäiÉxÉvÉÉ®úEòÉSÉä ¨ÉÞiªÉÖxÉÆiÉ®ú nÚùºÉ®äú Ênù´ÉºÉÉ{ÉÉºÉÚxÉ ´ÉÉføÒ´É nù®úÉxÉä EÖò]ÚÆõ¤É ÊxÉ´ÉÞkÉÒ ´ÉäiÉxÉ nù.¨É.¯û. | J30: =Parigana!C37 -> 335500
A31: |É¨ÉÉhÉä ÊnùxÉÆÉEò | C31: =Parigana!D37 -> 20130 | D31: {ÉÉ´ÉäiÉÉä iÉnÂùxÉÆiÉ®ú ®úCEò¨É ¯û. | G31: =Parigana!G37 -> 201300 | H31: |É¨ÉÉhÉä
A32: =A29 -> 0 | D32: ªÉÉÆxÉÉ ½þªÉÉiÉ¦É®ú ËEò´ÉÉ {ÉÖxÉÇÊ´É´ÉÉ½þÉSÉä iÉÉ®úJÉä {ÉÉ´ÉäiÉÉä näùªÉ ®úÉÊ½þ±É..
A33: 9) +Æ¶É®úÉ¶ÉÒEò®úhÉÉ¨ÉÖ³äý Eò¨ÉÒ nù®úÉxÉä +xÉÖYÉäªÉ ½þÉähÉÉ®äú ÊxÉ´ÉÞkÉÒ ´ÉäiÉxÉÉ ºÉÆ¤ÉvÉÒSÉÉ iÉ{É¶ÉÒ±É +Æ¶É®úÉ¶ÉÒEò®úhÉ ¨ÉÖ±ªÉ |ÉnùÉxÉÉSªÉÉ iÉ{É¶ÉÒ±ÉÉºÉ½þ ªÉÉ {ÉjÉÉSÉä ¶Éä´É]õÒ +±ÉÉÊ½þnùÉ Eò®úhªÉÉiÉ +É±Éä±ÉÉ +É½äþ.
A34: 10) ºÉnù®ú ¤ÉÉ¤ÉÒ´É®ú ½þÉähÉÉ®úÉ ºÉä´ÉÉÊxÉ´ÉÞkÉÒ ´ÉäiÉxÉ näùhÉäSÉÒ ªÉÉäVÉxÉÉ ¶ÉÉºÉEòÒªÉ JÉSÉÇÉ¨ÉvªÉä JÉSÉÇ ]õÉEòhªÉÉiÉ ªÉÉ´ÉÉ.
A35: 12) ´ÉºÉÖ±ÉÒ – | C35: =Parigana!B52 -> ¶ÉÉ MÉÞÊxÉ ºÉÆ | D35: =Parigana!C52 -> +ÊiÉ|ÉnùÉxÉ ´ÉºÉÖ±ÉÒ | F35: =Parigana!E52 -> MÉ ºÉ ºÉÉäºÉÉ
C36: =Parigana!B53 -> 0 | D36: =Parigana!C53 -> 0 | F36: =Parigana!E53 -> 0
G38: =Parigana!E56 -> उप मुख्य कार्यकारी अधिकारी (साप्र)
G39: =Parigana!E57 -> जिल्हा परिषद ,नाशिक
A40: |ÉiÉ- 1) ÊxÉ´ÉÞkÉÒ ´ÉäiÉxÉvÉÉ®úEò | D40: =A17 -> 0 | G40: ='Pension form'!D21 -> ¨ÉÖ {ÉÉä +b÷É´Énù iÉÉ SÉÉä{Éb÷É
A41: 2) MÉ]õ Ê´ÉEòÉºÉ +ÊvÉEòÉ®úÒ, {ÉÆSÉÉªÉiÉ ºÉÊ¨ÉiÉÒ, | F41: =Parigana!F51 -> SÉÉä{Éb÷É | G41: ªÉÉÆxÉÉ ºÉÉä¤ÉiÉ –{ÉÒ.{ÉÒ.+Éä. {ÉÉºÉ¤ÉÖEòÉºÉ½þ.
A42: 3) ¨É.¨ÉÖJªÉ ±ÉäJÉÉ ´É Ê´ÉkÉ +ÊvÉEòÉ®úÒ ÊVÉ.{É.VÉ³ýMÉÉÆ´É ªÉÉÆxÉÉ ¨ÉÉÊ½þiÉÒºÉÉ`öÒ ºÉÊ´ÉxÉªÉ ºÉÉnù®ú.
B43: ='Form 42'!K20 -> गट विकास अधिकारी वर्ग 1 | D43: ='Form 42'!K21 -> पंचायत समिती
G45: =G38 -> उप मुख्य कार्यकारी अधिकारी (साप्र)
G46: =G39 -> जिल्हा परिषद ,नाशिक

Sheet Ppo
A1: JALGAON ZILLA PARISHAD FORM APP 8-A
A2: PENSION PAYMENT ORDER
A3: DISBURSER’S PORTION
A5: Head of Account :- ÊxÉ´ÉÞkÉÒ ´ÉäiÉxÉ näùhÉäSÉÒ ªÉÉäVÉxÉÉ
A6: Major Head.19 : Pension and Other Retirement Benefits
A7: Minor Head IV : Payment of Pensions
A8: Place for Signature of ¶ÉÉºÉEòÒªÉ JÉSÉÇ D.L.Bd.Servants
A9: Pensioner on the first ------------------------------------- Detailed Head :- D.S.Bd.Servants
A10: Payment made Zilla Parishad Servants
A12: Class of Pension Date of Order Sanctioning it | B12: Personal Indentication | C12: Hight | D12: Date of approximate Date of Birth | E12: Sect. | F12: Residence Showing Village and Pargona | G12: Amount of monthly Pension
A16: ºÉä´ÉÉÊxÉ´ÉÞkÉÒ /+ÉºlÉÉ- +É®ú+É®úú/ /017 Ênù. 23/5/2017 | B16: ='Pension form'!D25 -> ½þÉiÉÉSÉä EòÉä{É®úÉ´É®ú EòÉ³ýÉ iÉÒ³ý | C16: ='Pension form'!D24 -> 5 ¡Öò]õõ 3 <ÆSÉ | D16: =Parigana!E5 -> 29000 | E16: {ÉÖ¯û¹É | F16: ='Ppo Order'!G40 -> ¨ÉÖ {ÉÉä +b÷É´Énù iÉÉ SÉÉä{Éb÷É | G16: ÊxÉ´ÉÞkÉÒ ´ÉäiÉxÉ ¯û 1/6/2016 | H16: ='Ppo Order'!D20 -> 335500
G17: ªÉÉ nù®úÉxÉä Ênù. | H17: ='Ppo Order'!G20 -> 50192
G18: {ÉÉºÉÖxÉ nù.¨É. näùªÉ ®úÉÊ½þ±É
A19: MÉ]õ Ê´ÉEòÉºÉ +ÊvÉEòÉ®úÒ {ÉÆSÉÉªÉiÉ ºÉÊ¨ÉiÉÒ | D19: ='Ppo Order'!F41 -> SÉÉä{Éb÷É | E19: ªÉÉÆxÉÒ +nùÉ Eò®úÉ´ÉªÉÉSÉÉ iÉ{ÉÊ¶É±É
A20: .={ÉnùÉxÉ ®úCEò¨É ¯û | B20: ='Ppo Order'!C21 -> 8052000 | D20: Ê´ÉGòÒ®ú.°ü | E20: ='Ppo Order'!E22 -> 134200 | F20: SÉä ¨ÉÖ±ªÉ ®úCC¨É °ü{ÉªÉä | H20: ='Ppo Order'!D23 -> 13480658
A21: .+Æ¶É®úÉ¶ÉÒEò®úhÉÉ xÉÆiÉ®ú Eò¨ÉÒ nù®úÉxÉä +nùÉ Eò®úÉ´ÉªÉÉSÉä ÊxÉ´ÉÞkÉÒ ´ÉäiÉxÉ ¯û. | F21: ='Ppo Order'!G24 -> 20130 | G21: ='Ppo Order'!H24 -> 33550-13420
B22: Office of the Chief Account and Finance Officer
A23: Zilla Parishad Jalgaon
A24: No. the 20
A25: Sir,
A26: Until Further Notice, and on the Expirtion of Every Month, be pleased pay to
A27: ='Pension form'!I14 -> सोमनाथ चटर्जी ,कक्ष अधिकारी पंचायत समिती कळवण नाशिक | G27: ½äþ ºÉä´ÉÉÊxÉ´ÉÞkÉÂÒ xÉÖºÉÉ®ú ÊnùxÉÉÆEò
A28: ='Ppo Order'!J17 -> 50191 | B28: ®úÉäÉVÉÒ ºÉä´ÉÉÊxÉ´ÉÞkÉ ZÉÉ±Éä | D28: The Sum of Rupees | F28: ='Ppo Order'!D20 -> 335500 | G28: (less income tax)
A29: being the amount of pension as | C29: =A27 -> सोमनाथ चटर्जी ,कक्ष अधिकारी पंचायत समिती कळवण नाशिक
A30: ½äþ (2) ¨ÉÞiªÉÚ ZÉÉ±ªÉÉºÉEÖò]ÖÆõ¤É ÊxÉ´ÉÞkÉÒ ´ÉäiÉxÉ nù®ú ¨É½þÉ ®úCEò¨É ¯û{ÉªÉä | F30: |É¨ÉÉhÉä ÊnùxÉÉÆEò | G30: ='Ppo Order'!C31 -> 20130
A31: {ÉÉ´ÉäiÉÉä iÉnÂùxÉÆiÉ®ú ¯û. | B31: ='Ppo Order'!G31 -> 201300 | C31: ='Ppo Order'!A32 -> 0 | F31: ='Ppo Order'!J30 -> 335500
A32: iÉÉ®úJÉä {ÉÉ´ÉäiÉÉä näùªÉ ®úÉÊ½þ±É.
A33: production of the Pensioner’s Portion of this Order taking from the claimant a receipt for the
A34: amount according to usal from.the payment should commence from | G34: ='Ppo Order'!G20 -> 50192
E38: Dy Chief Accounts & Finance Officer,
D39: Zilla Parishad, Jalgaon
A41: Accounts Officer F.D.
A42: The Block Development Officer, ]õÒ{É:- EÖò.ÊxÉ.´Éä vÉÉ®úEò ºÉä´ÉäiÉ +ºÉ±ÉäºÉ EÖò.ÊxÉ.´Éä.´É®ú ¨É½þÉMÉÉ<Ç näùªÉ xÉÉ½þÒ.
A43: Panchayat Samiti, | B43: ='Ppo Order'!F41 -> SÉÉä{Éb÷É
A45: Note –1) No pension shall be liable to seizure, attachment or [sequstratien] by process of any court in a part A and C states of india at the instance of creditor for demand against the pensioner [ Sec. II Act XXII of 1871].
A46: 2) Payment this order to be made only to the pensioner in person, with the following exceptions
A47: A] To person Specially exempted by the Government.
A48: B] To Females unaccustomed to appear in public and to person unable to appear on account of illness or bodily infirmity payment in both classes [a] and [b] in made on production of a life certificate signed by aresponsible officer of Government or other well-known and trustworthy person.
A49: C] To any person sending a life certificate signed by some person exercessing the powers of a Magistrate of any class under the criminal procedure code or by any Registrar or Sub-registrar under the registration Act or by any pensioned Officer who before retirements, exercised the powers of a magistrate, or by chaplain or any gazetted Officer of Government or by a munsiff or by any person holding a government
A50: D] In all cases reffered to in cluces [a] [b] and [c] the disbusing officer must at least once a year require proof, independen of that furnsed by the Life Certificate, or the continued existence of the pensioner.

Sheet Ppolastpage
A1: Reverse of Disburse’s Portion
A3: Amount of Pension of Rs. /- (in words) .
A4: This Document is to be retained by the Disbursing Officer so long as the authority remains in force in such mar.ner that the pensioner shall have no access to it. Every separate payment is to be recorded below.
B6: 20 -20 | D6: 20 -20 | F6: 20 -20 | H6: 20 -20 | J6: 20 -20
B7: Date of payment | C7: Dis-bursing Officers Initials | D7: Date of payment | E7: Dis-bursing Officers Initials | F7: Date of payment | G7: Dis-bursing Officers Initials | H7: Date of payment | I7: Dis-bursing Officers Initials | J7: Date of payment | K7: Dis-bursing Officers Initials | L7: Remarks
A8: March - | B8: {ÉÆSÉÉªÉiÉ ºÉÊ¨ÉiÉÒ, | F8: ='Ppo Order'!F41 -> SÉÉä{Éb÷É | H8: ªÉÉÆSÉä EòbÖ÷xÉ +nùÉ Eò®úÉ´ÉªÉÉSªÉÉ ®úCEò¨ÉÉÆSÉÉ iÉ{ÉÊ¶É±É
A9: April - | F9: .+Æ¶É®úÉ¶ÉÒEò®úhÉ ¨ÉÖ±ªÉ | I9: ={ÉnùÉxÉ | K9: BEÖòhÉ
A10: May - | F10: =Ppo!H20 -> 13480658 | I10: =Ppo!B20 -> 8052000 | K10: =F10+I10 -> 21532658
A11: June -
F12: +ÊiÉ|ÉnùÉxÉ ´ÉºÉÖ±ÉÒ ¯û | K12: 0
A13: Jully - | F13: ÊxÉ´´É³ý näùªÉ ®úCEò¨É ¯û. | K13: =K10-K12 -> 21532658
A14: August -
A15: September - | B15: .+¶ÉÆ®úÉ¶ÉÒEò®úhÉÉ xÉÆiÉ®ú Eò¨ÉÒ nù®úÉxÉä +nùÉ Eò®úÉ´ÉªÉÉSÉä ÊxÉ´ÉÞkÉÒ ´ÉäiÉxÉ ¯û{ÉªÉä | I15: =Ppo!F21 -> 20130 | J15: =Ppo!G21 -> 33550-13420
A16: October -
A17: November -
A18: December -
A19: January - | G19: ='Pension form'!C18 -> उप मुख्य कार्यकारी अधिकारी (साप्र)
A20: February - | G20: ='Ppo Order'!G39 -> जिल्हा परिषद ,नाशिक

Sheet Ppo Book
A1: Office of the Chief Account and Finance Officer
A2: Zilla Parishad Jalgaon
A3: No. the 20
A4: Sir,
A5: Until Further Notice, and on the Expirtion of Every Month, be pleased pay to
A6: =Ppo!A27 -> सोमनाथ चटर्जी ,कक्ष अधिकारी पंचायत समिती कळवण नाशिक | F6: ½äþ ÊxÉªÉiÉ ´ÉªÉÉä¨ÉÉxÉÉ xÉÖºÉÉ®ú ÊnùxÉÉÆEò
A7: ='Ppo Order'!J17 -> 50191 | B7: ®úÉäÉVÉÒ ºÉä´ÉÉÊxÉ´ÉÞkÉ ZÉÉ±Éä | D7: The Sum of Rupees | F7: ='Ppo Order'!D20 -> 335500 | G7: (less income tax)
A8: being the amount of pension as | C8: =A6 -> सोमनाथ चटर्जी ,कक्ष अधिकारी पंचायत समिती कळवण नाशिक
A9: ½äþ (2) ¨ÉÞiªÉÚ ZÉÉ±ªÉÉºÉ EÖò]ÖÆõ¤É ÊxÉ´ÉÞkÉÒ ´ÉäiÉxÉ nù®ú¨É½þÉ ®úCEò¨É ¯û{ÉªÉä | E9: ='Ppo Order'!J30 -> 335500 | F9: |É¨ÉÉhÉä ÊnùxÉÉÆEò | G9: ='Ppo Order'!C31 -> 20130
A10: {ÉÉ´ÉäiÉÉä iÉnÂùxÉÆiÉ®ú ¯û. | B10: ='Ppo Order'!G31 -> 201300 | C10: ='Ppo Order'!A32 -> 0 | F10: ªÉÉÆxÉÉ ½þªÉÉiÉ¦É®ú ËEò´ÉÉ {ÉÖxÉÇÊ´É´ÉÉ½þÉSÉä
A11: iÉÉ®úJÉä {ÉÉ´ÉäiÉÉä näùªÉ ®úÉÊ½þ±É.
A12: production of the Pensioner’s Portion of this Order taking from the claimant a receipt for the
A13: amount according to usal from.the payment should commence from | G13: ='Ppo Order'!G20 -> 50192
E16: Dy Chief Accounts & Finance Officer,
D17: Zilla Parishad, Jalgaon
A19: Accounts Officer F.D.
A20: The Block Development Officer, ]õÒ{É:- EÖò.ÊxÉ.´Éä vÉÉ®úEò ºÉä´ÉäiÉ +ºÉ±ÉäºÉ EÖò.ÊxÉ.´Éä.´É®ú ¨É½þÉMÉÉ<Ç näùªÉ xÉÉ½þÒ.
A21: Panchayat Samiti, | B21: ='Ppo Order'!F41 -> SÉÉä{Éb÷É

Sheet GPF
I1: =I34 -> जाक्र/ सामन्य प्रशासन/अस्था /आरआर/ /20
I2: =I35 -> पंचायत समिती कळवण नाशिक
I3: =I36 -> ÊnùxÉÉÆEò | K3: =K36 -> / /20
B4: |ÉÊiÉ,
B5: ¨É | C5: ='Pension form'!C18 -> उप मुख्य कार्यकारी अधिकारी (साप्र)
C6: ='Pension form'!D18 -> जिल्हा परिषद ,नाशिक
B8: Ê´É¹ÉªÉ :- | C8: =E11 -> सोमनाथ चटर्जी ,कक्ष अधिकारी पंचायत समिती कळवण नाशिक
C9: ½äþ/ ½þªÉÉþ ºÉä´ÉÉÊxÉ´ÉÞkÉ ½þÉähÉÉ®ú +ºÉ±ªÉÉxÉä {Éäx¶ÉxÉ |ÉºiÉÉ´É ºÉÉnù®ú Eò®úhÉä¤ÉÉ¤ÉiÉ
B11: ={É®úÉäCiÉ Ê´É¹ÉªÉÉxÉÖºÉÉ®ú | E11: =C201 -> सोमनाथ चटर्जी ,कक्ष अधिकारी पंचायत समिती कळवण नाशिक
B12: ½äþ/½þªÉÉþ | C12: ='Pension form'!C8 -> 50191 | E12: ®úÉäVÉÒ ºÉä´ÉÉÊxÉ´ÉÞkÉ ½þÉähÉÉ®ú +ºÉÚxÉ iªÉÉÆSÉä {Éäx¶ÉxÉ |ÉºiÉÉ´É ºÉÆnù¦ÉÉÇiÉÒ±É ºÉ´ÉÇ xÉÉ näùªÉ
B13: nùÉJÉ±Éä |ÉÉ{iÉ ZÉÉ±Éä±Éä +ºÉÚxÉ iªÉÉÆxÉÒ {Éäx¶ÉxÉ |ÉºiÉÉ´É½þÒ ªÉÉ EòÉªÉÉÇ±ÉªÉÉºÉ {ÉÊ®ú{ÉÚhÉÇ ºÉÉnù® Eäò±Éä±ÉÉ +É½äþ.
B14: =E11 -> सोमनाथ चटर्जी ,कक्ष अधिकारी पंचायत समिती कळवण नाशिक | E14: ½ªÉÉÆSÉÉ ºÉnù®úSÉÉ {Éäx¶ÉxÉ |ÉºiÉÉ´É +ÆÊiÉ¨É ¨ÉÆVÉÚ®úÒºÉÉ`öÒ +É{ÉhÉÉEòbä÷ºÉ ºÉÉnù®ú Eò®úhÉäiÉ
B15: ªÉäiÉ +É½äþ. EÞò{ÉªÉÉ Îº´ÉEÞòiÉ ½þÉä´ÉÚxÉ {ÉÖføÒ±É ºÉä´ÉÉÊxÉ´ÉÞkÉÒ Ê´É¹ÉªÉEò +Énäù¶É ½þÉähÉäºÉ Ê´ÉxÉÆiÉÒ +É½äþ.
N21: ='Pension form'!D17 -> गट विकास अधिकारी वर्ग 1
M22: ='Pension form'!H5 -> पंचायत समिती | Q22: =P2 -> 0
I34: =I256 -> जाक्र/ सामन्य प्रशासन/अस्था /आरआर/ /20
I35: =I257 -> पंचायत समिती कळवण नाशिक
I36: =I258 -> ÊnùxÉÉÆEò | K36: =K258 -> / /20
B37: |ÉÊiÉ,
B38: ¨É | C38: =C5 -> उप मुख्य कार्यकारी अधिकारी (साप्र)
C39: =C6 -> जिल्हा परिषद ,नाशिक
B41: Ê´É¹ÉªÉ :- ÊVÉ±½þÉ {ÉÊ®ú¹Énù ¦ÉÉÊ´É¹ªÉ ÊxÉ´ÉÉÇ½þ ÊxÉvÉÒSÉÒ ºÉÆ{ÉÚhÉÇ ®úCEò¨É Ê¨É³ýhÉä ¤ÉÉ¤ÉiÉ.
C42: =C8 -> सोमनाथ चटर्जी ,कक्ष अधिकारी पंचायत समिती कळवण नाशिक
B44: ={É®úÉäCiÉ Ê´É¹ÉªÉÉx´ÉªÉä Ê´ÉxÉÆiÉÒ EòÒ | F44: =C42 -> सोमनाथ चटर्जी ,कक्ष अधिकारी पंचायत समिती कळवण नाशिक
B45: =C12 -> 50191 | D45: ®úÉäVÉÒ ºÉä´ÉÉÊxÉ´ÉÞkÉ ½þÉähÉÉ®ú +ºÉÚxÉ iªÉÉÆSÉÉ ÊVÉ±½þÉ {ÉÊ®ú¹Énù ¦ÉÉÊ´É¹ªÉ ÊxÉ´ÉÉÇ½þ ÊxÉvÉÒ JÉÉiÉä Gò¨ÉÉÆEò
B46: ='Pension form'!C61 -> 9282 | D46: +ºÉÉ +ºÉÚxÉ ªÉÉ{ÉjÉÉºÉÉä¤ÉiÉ iªÉÉÆSÉÉ ºÉÆ{ÉÚhÉÇ ®úCEò¨É Ê¨É³ýhÉä ¤ÉÉ¤ÉiÉSÉÉ |ÉºiÉÉ´É +É´É¶ªÉEò iªÉÉ ºÉÆ{ÉÚhÉÇ
B47: EòÉMÉnù{ÉjÉÉºÉ½þ ºÉÉnù®ú Eò®úÒiÉ +É½äþ.
B48: iÉ®úÒ ºÉÆ¤ÉvÉÒiÉÉºÉ iªÉÉÆSÉÉ JÉÉiÉäGò¨ÉÉÆEò | G48: =B46 -> 9282 | I48: +ºÉÚxÉ ºÉnù®ú JÉÉiªÉÉiÉ Ê¶É±±ÉEò +ºÉ±Éä±ÉÒ ºÉÆ{ÉÚhÉÇ ®úCEò¨É
C49: =F44 -> सोमनाथ चटर्जी ,कक्ष अधिकारी पंचायत समिती कळवण नाशिक
B50: ªÉÉÆxÉÉ +nùÉ ½þÉähÉä¤ÉÉ¤ÉiÉ {ÉÖføÒ±É EòÉªÉÇ´ÉÉ½þÒ ½þÉähÉäºÉ Ê´ÉxÉÆiÉÒ +É½äþ.
M54: =N21 -> गट विकास अधिकारी वर्ग 1
L55: =M22 -> पंचायत समिती | P55: ='Pension form'!G4 -> कळवण
A69: ÊVÉ±½þÉ {ÉÊ®ú¹Énù VÉ³ýMÉÉÆ´É.
A70: ÊVÉ±½þÉ {ÉÊ®ú¹Énù ¦ÉÉÊ´É¹ªÉ ÊxÉ´ÉÉÇ½þ ÊxÉvÉÒ JÉÉiÉÒ Ê¶É±±ÉEò ºÉÆ{ÉÚhÉÇ ®úCEò¨É ¨ÉÉMÉhÉÒ +VÉÈ.
A72: 1 | B72: ¨ÉÉMÉhÉÒ nùÉ®úÉSÉä xÉÉÆ´É ´É ½ÖþvnùÉ | F72: =C42 -> सोमनाथ चटर्जी ,कक्ष अधिकारी पंचायत समिती कळवण नाशिक
A74: 2 | B74: ÊVÉ±½þÉ {ÉÊ®ú¹Énù ¦ÉÉÊ´É¹ªÉ ÊxÉ´ÉÉÇ½þ JÉÉiÉä Gò¨ÉÉÆEò | K74: =B46 -> 9282
A76: 3 | B76: ºÉä´ÉÉÊxÉ´ÉÞkÉÒ/®úÉVÉÒxÉÉ¨ÉÉ/EòÉ¨ÉÉ´É¯ûxÉ Eò¨ÉÒ Eäò±ªÉÉSÉÒ iÉÉ®úÒJÉ | K76: ='Pension form'!D8 -> 50192
K77: =B45 -> 50191
A78: 4 | B78: ´ÉMÉÇhÉÒnùÉ®úÉSÉÒ ºÉä´ÉÉÊxÉ´ÉÞkÉÒ iÉÉ®úÒJÉ | K78: =K77 -> 50191
A79: 5 | B79: ´ÉÉ®úºÉÉSÉä xÉÉÆ´É ´É +VÉÉÇSªÉÉ iÉÉ®úJÉäºÉ ´ÉªÉ
A80: 6 | B80: ´ÉÉ®úºÉ +YÉÉxÉ +ºÉ±ªÉÉºÉ +YÉÉxÉ{ÉÉ±ÉEòÉSÉä xÉÉÆ´É | K80: ='Pension form'!D22 -> 0
A81: 7 | B81: ®úCEò¨É EòÉä`äö Ê¨É³ýÉ´ÉªÉÉºÉ ½þ´ÉÒ (EòÉªÉÉÇ±ÉªÉÉSÉä xÉÉÆ´É )
A82: 8 | B82: ½þ±±ÉÒ ®úÉ½þhªÉÉSÉÉ {ÉkÉÉ | K82: ='Pension form'!D21 -> ¨ÉÖ {ÉÉä +b÷É´Énù iÉÉ SÉÉä{Éb÷É
A84: 9 | B84: +VÉÉÇºÉÉä¤ÉiÉ JÉÉ±ÉÒ±É |É¨ÉÉhÉä EòÉMÉnù{ÉjÉ VÉÉäb÷±Éä±ÉÒ +É½äþiÉ.
B85: + ) ¨ÉÞiªÉÚSÉÉ nùÉJÉ±ÉÉ
B86: ¤É ) ºÉä´ÉÉÊxÉ´ÉÞkÉÒ +Énäù¶ÉÉSÉÒ |ÉiÉ | G86: ºÉÉä¤ÉiÉ VÉÉäb÷±Éä±Éä +É½äþ
B87: Eò ) ´ÉÉ®úºÉÉSÉÉ nùÉJÉ±ÉÉ
B89: Ê]õ{É :- ¨É±ÉÉ ºÉnù®úSÉä +VÉÉÇxÉÖºÉÉ®ú ®úCEò¨É Ê¨É³ýÉ±ÉäxÉÆiÉ®ú ±ÉäJÉÉ {ÉÊ®úIÉhÉÉiÉ VÉÉnùÉ ®úCEò¨É Ê¨É³ýÉ±ªÉÉSÉä +Éfø³ÚýxÉ +É±ªÉÉºÉ
B90: VÉÉnùÉ Ê¨É³ýÉ±Éä±ÉÒ ®úCEò¨É ¨ÉÒ i´É®úÒiÉ {É®úiÉ Eò®úhªÉÉºÉ ¤ÉÆvÉxÉEòÉ®úEò +É½äþ.iÉºÉäSÉ ´É®ú Ênù±Éä±ÉÒ ¨ÉÉÊ½þiÉÒ ¤É®úÉä¤É®ú +É½äþ
B91: ¨ÉÒ |ÉÊiÉYÉÉ{ÉÚ´ÉÇEò Ê±É½ÚþxÉ näùiÉÉä.
B93: ='Form 42'!A22 -> ÊnùxÉÉÆEò | C93: ='Form 42'!C22 -> / /20
K94: ='Pension form'!I14 -> सोमनाथ चटर्जी ,कक्ष अधिकारी पंचायत समिती कळवण नाशिक
C96: =M54 -> गट विकास अधिकारी वर्ग 1
C97: =L55 -> पंचायत समिती
B99: |ÉÊiÉ | C99: =C38 -> उप मुख्य कार्यकारी अधिकारी (साप्र) | I99: ªÉÉÆxÉÉ ¨ÉÉÊ½þiÉÒºiÉ´É ºÉÊ´ÉxÉªÉ ºÉÉnù®ú
C100: =C39 -> जिल्हा परिषद ,नाशिक
K103: =C96 -> गट विकास अधिकारी वर्ग 1
K104: =C97 -> पंचायत समिती | Q104: ='Pension form'!G4 -> कळवण
B109: JÉÉiÉä|É¨ÉÖJÉ/MÉ]õÊ´ÉEòÉºÉ +ÊvÉEòÉ®úÒ {ÉÆSÉÉªÉiÉ ºÉÊ¨ÉiÉÒ ªÉÉÆxÉÒ ¦É®úÉ´ÉªÉÉSÉÒ ¨ÉÉÊ½þiÉÒ JÉÉ±ÉÒ±É |É¨ÉÉhÉä.
B110: ´ÉMÉÇhÉÒnùùÉ®úÉSÉä xÉÉ´É ´É ½ÖþpùnùÉ | G110: =K94 -> सोमनाथ चटर्जी ,कक्ष अधिकारी पंचायत समिती कळवण नाशिक
B112: ÊVÉ.{É.¦ÉÉÊ´É¹ªÉ ÊxÉ´ÉÉÇ½þ ÊxÉvÉÒ JÉÉiÉä Gò¨ÉÉÆEò | J112: ='Pension form'!E13 -> 9282
B114: ºÉä´ÉÉÊxÉ´ÉÞkÉÒSÉÒ, ®úÉVÉÒxÉÉ¨ªÉÉSÉÒ, EòÉ¨ÉÉ´É¯ûxÉ | J114: =K76 -> 50192
B115: Eò¨ÉÒ Eäò±ªÉÉSÉÒ iÉÉ®úÒJÉ | J115: =K78 -> 50191
B117: ®úÉVÉÒxÉÉ¨ÉÉ Ênù±ÉÉ +ºÉä±É iÉ®ú BEò ¨ÉÊ½þxªÉÉSÉÉ
B118: {ÉMÉÉ®ú ¦É®ú±ÉÉ +ºÉä±É iÉ®ú SÉ±ÉxÉ xÉÆ¤É®ú +ÉÊhÉ iÉÉ®úÒJÉ
B120: ´ÉMÉÇhÉÒnùÉ®úÉSÉÉ ¨ÉÞiªÉÚ ZÉÉ±ÉÉ +ºÉä±É iÉ®ú OÉÉ¨É{ÉÆSÉÉªÉiÉ
B121: ËEò´ÉÉ {ÉÉä±ÉÒºÉ {ÉÉ]õÒ±É ËEò´ÉÉ xÉMÉ®ú{ÉÊ®ú¹Énù ªÉÉÆSÉÉ nùÉJÉ±ÉÉ
B123: ´ÉMÉÇhÉÒnùÉ®ú ¨ÉªÉiÉ +ºÉä±É ´É ¨ÉÞiªÉÚ{ÉÖ´ÉÔ ´ÉMÉÇhÉÒnùÉ®úÉxÉä
B124: xÉÉ¨ÉÊxÉnæù¶ÉxÉ {ÉjÉ ¦É¯ûxÉ Ênù±Éä xÉºÉä±É iÉ®ú iÉ½þÊºÉ±ÉnùÉ®ú
B125: ªÉÉÆSÉÉ ´ÉÉ®úºÉÉSÉÉ nùÉJÉ±ÉÉ VÉÉäb÷É´ÉÉ.
B127: ´ÉMÉÇhÉÒnùÉ®ú ºÉä´ÉÉÊxÉ´ÉÞkÉ ZÉÉ±ÉÉ +ºÉä±É iÉ®ú ºÉä´ÉÉÊxÉ´ÉÞkÉÒ :- | K127: ºÉÉä¤ÉiÉ VÉÉäb÷±Éä±ÉÉ +É½äþ
B128: +Énäù¶ÉÉ´ÉÒ |ÉiÉ VÉÉäb÷É´ÉÒ.
B130: ÊVÉ±½þÉ {ÉÊ®ú¹ÉnäùSªÉÉ ´É {ÉÆSÉÉªÉiÉ ºÉÊ¨ÉiÉÒSªÉÉ ºÉ´ÉÇ | K130: ÊxÉ®ÆúEò
B131: +Éìb÷Ò]õxÉÉä]õ {ÉÉ½ÚþxÉ ´ÉMÉÇhÉÒnùÉ®úÉEòbä÷ EòÉ½þÒ +Éìb÷Ò]õSÉÒ
B132: ´ÉºÉÖ±ÉÒ +ºÉ±ªÉÉºÉ ®úCEò¨É ¯û{ÉªÉä—
B134: ´ÉMÉÇhÉÒnùÉ®úÉxÉä <iÉ®ú ½þ®ú´É±Éä±ªÉÉ ºÉÉ¨ÉÉxÉÉSÉÒ :- | K134: ÊxÉ®ÆúEò
B135: ´ÉºÉÖ±ÉÒSÉÒ ®úCEò¨É ¯û{ÉªÉä—
B137: +ìb÷´½þÉxºÉ ®úÊVÉ¹]õ®ú {ÉÉ½ÚþxÉ ´ÉMÉÇhÉÒnùÉ®úÉEòbä÷ EòÉ½þÒ :- | K137: ÊxÉ®ÆúEò
B138: +ìb÷´½þÉxºÉSÉÒ ´ÉºÉÖ±ÉÒ ´½þÉ´ÉªÉÉSÉÒ +ºÉ±ªÉÉºÉ |ÉiªÉäEò
B139: |ÉEòÉ®úSªÉÉ +ìb÷´½þÉxºÉSÉÒ ®úCEò¨É Ê±É½þÉ´ÉÒ.
B141: ´ÉMÉÇhÉÒ ´É EòVÉÇ ½þ{iÉÉ ¨ÉÉ½ä | F141: ='Pension form'!F61 -> xÉÉä´½äþ 2018 | G141: +JÉä®ú Eäò±Éä±ÉÒ +É½äþ
B142: -----------------------------------------------------------------------------------------------------
C143: nùÉJÉ±ÉÉ näùhªÉÉiÉ ªÉäiÉÉä EòÒ, ´ÉÊ®ú±É Ênù±Éä±ÉÒ ºÉ´ÉÇ ¨ÉÉÊ½þiÉÒ ¤É®úÉä¤É®ú +ºÉÚxÉ iÉÒ ®úÊVÉ¹]õ®ú ´É +ÉìÊ¡òºÉ ®äúEòÉbÇ÷
B144: {ÉÉ½ÚþxÉ Ênù±Éä±ÉÒ +É½äþ.
M147: =K103 -> गट विकास अधिकारी वर्ग 1
L148: =K104 -> पंचायत समिती | P148: ='Pension form'!G4 -> कळवण
A152: nùÉJÉ±ÉÉ.
C154: ='Pension form'!I14 -> सोमनाथ चटर्जी ,कक्ष अधिकारी पंचायत समिती कळवण नाशिक | R154: ½þä
B155: =J115 -> 50191 | D155: ®úÉäVÉÒ ºÉä´ÉÉÊxÉ´ÉÞiÉ ½þÉähÉÉ®ú +É½äþiÉ. iªÉÉÆSªÉÉEòbä÷ºÉ EòÉähÉiªÉÉ½þÒ |ÉEòÉ®úSÉä ¶ÉÉºÉÊEòªÉ +lÉ´ÉÉ ÊVÉ±½þÉ
B156: {ÉÊ®ú¹ÉnäùSÉä näùhÉä / PÉähÉä ¤ÉÉEòÒ xÉÉ½þÒ. iÉºÉäSÉ iªÉÉÆSªÉÉEòbä÷ºÉ EòÉähÉiªÉÉ½þÒ |ÉEòÉ®úSÉÉ SÉÉVÉÇ näùhÉä ¤ÉÉEòÒ xÉÉ½þÒ.
C158: ºÉnù®úSÉÉ nùÉJÉ±ÉÉ ÊVÉ±½þÉ {ÉÊ®ú¹Énù ¦ÉÉÊ´É¹ªÉ ÊxÉ´ÉÉÇ½þ ÊxÉvÉÒSÉÒ +ÆÊiÉ¨É ®úCEò¨É +nùÉ Eò®úhÉä EòÉ¨ÉÒ Ênù±ÉÉ +ºÉä.
B161: Ê`öEòÉhÉ | D161: ='Form 42'!C21 -> कळवण
B162: ÊnùxÉÉÆEò | D162: ='Form 42'!C22 -> / /20 | O162: =M147 -> गट विकास अधिकारी वर्ग 1
L163: =L148 -> पंचायत समिती
L164: ='Pension form'!G4 -> कळवण
A165: ----------------------------------------------------------------------------------------------------------
I166: =I256 -> जाक्र/ सामन्य प्रशासन/अस्था /आरआर/ /20
I167: =I257 -> पंचायत समिती कळवण नाशिक
I168: ÊnùxÉÉÆEò | K168: =D162 -> / /20
B171: EòÉªÉÉÇ±ÉªÉÒxÉ +Énäù¶É.
...

Sheet Leave incash
B1: (nùÒPÉÇ ¨ÉÖnùiÉÒSªÉÉ ®úVÉäSÉÉ +VÉÇ)
B3: ú1 iÉä 11 {ÉªÉÈiÉSªÉÉ ¤ÉÉ¤ÉÒ ®úÉVÉ{ÉÊjÉiÉ/ +®úÉVÉ{ÉjÉÒiÉ +¶ÉÉ ºÉ´ÉÇ +VÉÇnùÉ®úÉÆxÉÒ ¦É®ú±ªÉÉ {ÉÉÊ½þVÉä.
B5: 1 | C5: +VÉÇnùÉ®úÉSÉä xÉÉÆ´É | G5: =GPF!F72 -> सोमनाथ चटर्जी ,कक्ष अधिकारी पंचायत समिती कळवण नाशिक
B7: 2 | C7: ®úVÉäºÉ ±ÉÉMÉÚ +ºÉ±Éä±Éä ÊxÉªÉ¨É | H7: ¨É xÉÉ ºÉä (®úVÉÉ)ÊxÉªÉ¨É 1981
B9: 3 | C9: vÉÉ®úhÉ Eäò±Éä±É {Énù | G9: ='Pension form'!C4 -> कक्ष अधिकारी
B11: 4 | C11: Ê´É¦ÉÉMÉ / EòÉªÉÉÇ±ÉªÉÉSÉä xÉÉÆ´É | G11: ='Pension form'!C5 -> पंचायत समिती | J11: ='Pension form'!G4 -> कळवण
B12: 5 | C12: ¨ÉÉÊºÉEò ¨ÉÖ³ý ´ÉäiÉxÉ | H12: ='Pension form'!D37 -> 67100 | I12: OÉäb÷ ´ÉäiÉxÉ | J12: ='Pension form'!E37 -> 0 | K12: ='Pension form'!D11 -> S-16
B13: 6 | C13: PÉ®ú¦ÉÉbä÷ ¦ÉkÉÉ | H13: 09 ]õCEäò
B14: 7 | C14: ¨ÉÉÊMÉiÉ±Éä±ªÉÉ ®úVÉäSÉä º´É°ü{É ´É EòÉ±ÉÉ´ÉvÉÒ | H14: =GPF!K78 -> 50191 | J14: ºÉä ÊxÉ ¨ÉÚÖ³äý
C15: ®úVÉÉ VªÉÉ ÊnùxÉÉÆEòÉ{ÉÉºÉÚxÉ VÉÉäb÷É´ÉªÉÉSÉÒ +ºÉ±ªÉÉºÉ | H15: ®úVÉÉ ®úÉäJÉÒEò®úhÉ
C16: iÉÉä ÊnùxÉÉÆEò
B17: 8 | C17: ®úVÉÉ ¨ÉÉMÉhªÉÉSÉä EòÉ®úhÉ | H17: ºÉä ÊxÉ ¨ÉÚÖ³äý ®úVÉÉ ®úÉäJÉÒEò®úhÉ
B19: 9 | C19: ®úVÉäSªÉÉ ¨ÉÉMÉä ´É {ÉÖfäø ®úÊ´É´ÉÉ®ú ËEò´ÉÉ ºÉÖ]õ¬É
C20: VÉÉäb÷É´ÉªÉÉSªÉÉ +ºÉ±ªÉÉºÉ iªÉÉÆSÉä ÊnùxÉÉÆEò
B21: 10 | C21: {ÉÚ´ÉÔ PÉäiÉ±Éä±ªÉÉ ®úVÉä´É°üxÉ {É®úiÉ +É±ªÉÉSÉÉ
C22: ÊnùxÉÉÆEò ´É iªÉÉ ®úVÉäSÉä º´É°ü{É ´É EòÉ±ÉÉ´ÉvÉÒ
B23: 11 | C23: ¨ÉÒ PÉähÉÉ®ú +ºÉ±Éä±ªÉÉ ®úVÉäSªÉÉ +´ÉvÉÒiÉ
C24: ªÉÉ MÉiÉ´É¹ÉÉÇºÉÉ`öÒ ¡òÉªÉnùÉ PÉä>ð
C25: <ÎSUôiÉä,
B26: ='Form 42'!A22 -> ÊnùxÉÉÆEò | D26: ='Form 42'!C22 -> / /20
J27: ='Pension form'!C2 -> सोमनाथ चटर्जी
J28: ='Pension form'!C4 -> कक्ष अधिकारी
J29: ='Pension form'!H5 -> पंचायत समिती | L29: ='Pension form'!G4 -> कळवण
B41: ´ÉÉSÉÉ | C41: :- 1) | D41: =G5 -> सोमनाथ चटर्जी ,कक्ष अधिकारी पंचायत समिती कळवण नाशिक
D42: ªÉÉÆSÉÉ +VÉÇ Ênù: | E42: =D26 -> / /20
C43: 2) ¨É ¨ÉÖJªÉ EòÉªÉÇEòÉ®úÒ +ÊvÉEòÉ®úÒ ÊVÉ {É VÉ³ýMÉÉÆ´É Eòb÷Ò±É +Énäù¶É Gò ºÉÉ|ÉÊ´É/+ÉºlÉÉ-4
C44: /+É®ú+É®ú / /2017 Ênù:- 17/05/2017
C45: 3) ¨É xÉÉ ºÉä´ÉÉ (®úVÉÉ) ÊxÉªÉ¨É 1981 ÊxÉªÉ¨É 68
G47: =GPF!I1 -> जाक्र/ सामन्य प्रशासन/अस्था /आरआर/ /20
G48: =GPF!I2 -> पंचायत समिती कळवण नाशिक
G49: =GPF!I3 -> ÊnùxÉÉÆEò | H49: =GPF!K36 -> / /20
B50: +Énäù¶É
C51: =D41 -> सोमनाथ चटर्जी ,कक्ष अधिकारी पंचायत समिती कळवण नाशिक | K51: ½äþ
B52: =H14 -> 50191 | D52: ®úÉäVÉÒ ºÉä´ÉÉÊxÉ´ÉÞkÉ ½þÉähÉÉ®ú +É½äþiÉ. iªÉÉÆSÉä +ÌVÉiÉ ®úVÉäSªÉÉ JÉÉiÉÒ | J52: ='Pension form'!D69 -> 300 | K52: Ênù´ÉºÉ +ÌVÉiÉ
B53: ®úVÉÉ Ê¶É±±ÉEò +É½äþ
C54: ¨É½þÉ®úÉ¹]Åõ xÉÉMÉ®úÒ ºÉä´ÉÉ (®úVÉÉ) ÊxÉªÉ¨É 1981 SÉä ÊxÉªÉ¨ÉÉxÉÖºÉÉ®ú ´É ¨É ¨ÉÖJªÉ EòÉªÉÇEòÉ®úÒ +ÊvÉEòÉ®úÒ
B55: ÊVÉ {É VÉ³ýMÉÉÆ´É ªÉÉÆSÉäEòb÷Ò±É +Énäù¶É Gò ºÉÉ|ÉÊ´É/+ÉºlÉÉ-4/+É®ú+É®ú/ /2017 | J55: Ênù:-17/05/2017 xÉÖºÉÉ®ú
B56: ='Pension form'!I23 -> गट विकास अधिकारी वर्ग 1,पंचायत समिती | G56: ªÉÉÆxÉÉ ¤É½þÉ±É Eäò±Éä±ªÉÉ +ÊvÉEòÉ®úÉSÉÉ ´ÉÉ{É®ú Eò¯ûxÉ ¨ÉÒ
B57: =B56 -> गट विकास अधिकारी वर्ग 1,पंचायत समिती | G57: ¨ÉÉZªÉÉ +ÊvÉ{ÉiªÉÉJÉÉ±ÉÒ EòÉªÉÇ®úiÉ +ºÉ±Éä±Éä
B58: =C51 -> सोमनाथ चटर्जी ,कक्ष अधिकारी पंचायत समिती कळवण नाशिक | K58: ªÉÉÆSÉä ºÉä´ÉÉÊxÉ´ÉÞkÉÒSÉä
B59: ÊnùxÉÉÆEòÉºÉ +ÊVÉiÉÇ ®úVÉäSªÉÉ JÉÉiÉÒ Ê¶É±±ÉEò +ÌVÉiÉ ®úVÉÉ | H59: =J52 -> 300
B60: Ênù´ÉºÉÉÆSÉä ®úVÉÉ ®úÉäJÉÒEò®úhÉÉºÉÉ`öÒ ¨ÉÆVÉÚ®ú Eò®úhªÉÉiÉ ªÉäiÉ +É½äþ. ºÉnù®úSªÉÉ ®úVÉÉ ®úÉäJÉÒEò®úhÉÉ¨ÉÖ³äý näùªÉ ½þÉähÉÉ®äú
B61: ´ÉäiÉxÉÉSÉÒ ®úCEò¨É | E61: =B58 -> सोमनाथ चटर्जी ,कक्ष अधिकारी पंचायत समिती कळवण नाशिक
B62: ªÉÉÆxÉÉ +nùÉ Eò®úhªÉÉºÉ ¨ÉÉxªÉiÉÉ näùhªÉÉiÉ ªÉäiÉ +É½äþ.
C63: ºÉnù®ú +Énäù¶ÉÉSÉÒ xÉÉånù | E63: =C51 -> सोमनाथ चटर्जी ,कक्ष अधिकारी पंचायत समिती कळवण नाशिक
B64: ªÉÉÆSÉä ºÉä´ÉÉ{ÉÖºiÉEòÉiÉ PÉähªÉÉiÉ ªÉÉ´ÉÒ.
J66: =GPF!M54 -> गट विकास अधिकारी वर्ग 1
J67: =GPF!L55 -> पंचायत समिती
B68: |ÉiÉ | C68: =E63 -> सोमनाथ चटर्जी ,कक्ष अधिकारी पंचायत समिती कळवण नाशिक
B69: |ÉiÉ | C69: =GPF!C38 -> उप मुख्य कार्यकारी अधिकारी (साप्र) | F69: =GPF!C39 -> जिल्हा परिषद ,नाशिक | I69: ªÉÉÆxÉÉ ¨ÉÉÊ½þiÉÒºiÉ´É ºÉÊ´ÉxÉªÉ
B70: 2/- | C70: =C68 -> सोमनाथ चटर्जी ,कक्ष अधिकारी पंचायत समिती कळवण नाशिक
C71: ªÉÉÆxÉÉ +ÌVÉiÉ ®úVÉÉ ®úÉäJÉÒEò®úhÉÉSÉÒ ®úEòEò¨É +nùÉ Eò®úÉ´ÉªÉÉSÉÒ +ºÉ±ªÉÉxÉä +É´É¶ªÉEò +ºÉhÉÉ®úÉ ÊxÉvÉÒ ªÉÉ
C72: EòÉªÉÉÇ±ÉªÉÉºÉ {ÉÉ`öÊ´ÉhªÉÉiÉ ªÉÉ´ÉÉ Ê½þ Ê´ÉxÉÆiÉÒ
B73: |ÉiÉ :- | C73: MÉ]õ Ê´ÉEòÉºÉ +ÊvÉEòÉ®úÒ {ÉÆSÉÉªÉiÉ ºÉÊ¨ÉiÉÒ | G73: ='Ppo Book'!B21 -> SÉÉä{Éb÷É
J76: =J66 -> गट विकास अधिकारी वर्ग 1
J77: =J67 -> पंचायत समिती

Sheet BTR26
A1: Form B.T.R. 26
A2: [ Rule 260 (1) ]
A3: Pay Bill of the | D3: Permanant Establishment Revised on Leave Incashment Bill
D5: Temporary | H5: Net revised on
B7: Time Scale of Pay : | F7: 9300-34800 Geade Pay 4200 | O7: Bill No.
B8: Name of the Dept. : | F8: ='Leave incash'!J77 -> पंचायत समिती | J8: ='Pension form'!G4 -> कळवण
I10: HEAD OF ACCOUNT
B11: For The Finance Dept. | F11: Administrative Department
F12: Demand No.
F13: Major Head | N13: *Government Fund
F14: Minor Head | N14: Z.P. Fund.
F15: Sub-Head
F16: Detailed Head | N16: Passed for payment Rs | Q16: =N34 -> 1006500
F17: (Object of Expenditure) | L17: =Sum!B4 -> Rupees seven lakhs nine thousand five hundred ninety and paise nil only
A19: Sr. No. | C19: (Detailded Head) | K19: Col No. | M19: Amount
M20: (Plan / Non-Plan) | R20: Block Development officer HG
N21: Rs. | R21: Panchayat Samiti Jalgaon
A23: 1 | C23: Pay Band - Festival Advance | K23: 5 | N23: =Inn!E36-Inn!E37 -> 671000
A24: 2 | C24: Leave Salary | K24: 4 | N24: =Inn!D36 -> 0
A25: 3 | C25: Grade Pay / Personal / Dearness Pay / D.P. | K25: 3 | N25: =Inn!C36+Inn!C37+Inn!C38 -> 0
A26: 4 | C26: Compensatory Local Allowance | K26: 7 | N26: =Inn!G36 -> 0
A27: 5 | C27: Honorarium | K27: 11 | N27: =Inn!K36 -> 0
A28: 6 | C28: Dearness Allowance | K28: 6 | N28: =Inn!F36+Inn!F37 -> 335500
A29: 7 | C29: House Rent Allowance | K29: 8 | N29: =Inn!H36 -> 0
A30: 8 | C30: Conveyance Allowance / P.T.A. | K30: 11 | N30: 0
A31: 9 | C31: Washing Allowance+ | K31: 9 | N31: =Inn!I36 -> 0
A32: 10 | C32: Roness Allowance+ | K32: 9 | N32: 0
A33: 11 | C33: Dearness Allowance Arrears | K33: 6 | N33: =Inn!F38
A34: 12 | C34: Gross Total | K34: 12 | N34: =SUM(N23:O33) -> 1006500
C35: (A) Deductions Adjustable by the Finance Dept.
A36: 1 | C36: Zilla Parishad, General Provident Fund (G.P.F.) | K36: 14b | N36: =Inn!O36+Inn!O37+Inn!O38 -> 0
A37: 2 | C37: Income Tax | K37: 17 | N37: =Inn!R36 -> 0
A38: 3 | C38: Group Insurance Scheme ( G.I.S.) | K38: 18 | N38: =Inn!S38 -> 0
A39: 4 | C39: Professional Tax (P.T.X.) | K39: 20 | N39: =Inn!U36+Inn!U37 -> 0
A40: 5 | C40: Life Insurance Carporation (L.I.C.) | K40: 18 | N40: =Inn!S37 -> 0
A41: 6 | C41: G.S.L.I. | K41: 18 | N41: =Inn!S36 -> 0
A42: 7 | C42: Govt. Co-op. Society | K42: 21 | N42: =Inn!V36 -> 0
A43: 8 | C43: Dhule Co-op Society | K43: 19 | N43: =Inn!T36 -> 0
A44: 9 | C44: GSSS PAT S.D.NJ | K44: 19 | N44: =Inn!T37 -> 0
A45: 10 | C45: Apang Govt. Emt socity | K45: 19 | N45: =Inn!T38+Inn!T39 -> 0
A46: 11 | C46: Recouring Deposit (R.D.) | K46: 15 | N46: =Inn!P37 -> 0
A47: 12 | C47: Social Welfare Fund (S.W.F.) | K47: 15 | N47: =Inn!P38 -> 0
A48: 13 | C48: Grain Advance (G.A.)/ Festival advance | K48: 22 | N48: =Inn!W36 -> 0
A49: 14 | C49: House Builidng Advance (H.B.A.) Z P | K49: 15 | N49: =Inn!P36 -> 0
A50: 15 | C50: GIS Housing loan/ SBI Jam HSL / Contry . Pension | K50: 16 | N50: 0
A51: 16 | C51: (B) TOTAL | N51: =SUM(N36:O50) -> 0
A52: 17 | C52: (C) Undisbursed Pay refunded by short drawal | N52: 0
A53: 18 | C53: (B+C) Total Deductions | K53: 23 | N53: =N51+N52 -> 0
C54: Net Payable Amount | K54: 24 | N54: =N34-N53 -> 1006500
B55: * Strike out which is not applicable
I56: ( in wards) Rupees : | K56: =TRIM(IF(((RIGHT(N54,9)-RIGHT(N54,7))/10000000)=0,"",INDEX({"One","Two","Three","Four","Five","Six","Seven","Eight","Nine","Ten","Eleven","Twelve","Thirteen","Fourteen","Fifteen","Sixteen","Seventeen","Eighteen","Nineteen","Twenty","Twenty one","Twenty two","Twenty three","Twenty four","Twenty five","Twenty six","Twenty seven","Twenty eight","Twenty nine","Thirty","Thirty one","Thirty two","Thirty three","Thirty four","Thirty five","Thirty six","Thirty seven","Thirty eight","Thirty nine","Fourty","Fourty one","Fourty two","Fourty three","Fourty four","Fourty five","Fourty six","Fourty seven","Fourty eight","Fourty nine","Fifty","Fifty One","Fifty Two","Fifty Three","Fifty Four","Fifty Five","Fifty Six","Fifty Seven","Fifty Eight","Fifty Nine","Sixty","Sixty One","Sixty Two","Sixty Three","Sixty Four","Sixty Five","Sixty Six","Sixty Seven","Sixty Eight","Sixty Nine","Seventy","Seventy One","Seventy Two","Seventy Three","Seventy Four","Seventy Five","Seventy Six","Seventy Seven","Seventy Eight","Seventy Nine","Eighty","Eighty One","Eighty Two","Eighty Three","Eighty Four","Eighty Five","Eighty Six","Eighty Seven","Eighty Eight","Eighty Nine","Ninety","Ninety One","Ninety Two","Ninety Three","Ninety Four","Ninety Five","Ninety Six","Ninety Seven","Ninety Eight","Ninety Nine"},MATCH(((RIGHT(N54,9)-RIGHT(N54,7))/10000000),{1,2,3,4,5,6,7,8,9,10,11,12,13,14,15,16,17,18,19,20,21,22,23,24,25,26,27,28,29,30,31,32,33,34,35,36,37,38,39,40,41,42,43,44,45,46,47,48,49,50,51,52,53,54,55,56,57,58,59,60,61,62,63,64,65,66,67,68,69,70,71,72,73,74,75,76,77,78,79,80,81,82,83,84,85,86,87,88,89,90,91,92,93,94,95,96,97,98,99},0))&" Crore")&" "&IF(((RIGHT(N54,7)-RIGHT(N54,5))/100000)=0,"",INDEX({"One","Two","Three","Four","Five","Six","Seven","Eight","Nine","Ten","Eleven","Twelve","Thirteen","Fourteen","Fifteen","Sixteen","Seventeen","Eighteen","Nineteen","Twenty","Twenty one","Twenty two","Twenty three","Twenty four","Twenty five","Twenty six","Twenty seven","Twenty eight","Twenty nine","Thirty","Thirty one","Thirty two","Thirty three","Thirty four","Thirty five","Thirty six","Thirty seven","Thirty eight","Thirty nine","Fourty","Fourty one","Fourty two","Fourty three","Fourty four","Fourty five","Fourty six","Fourty seven","Fourty eight","Fourty nine","Fifty","Fifty One","Fifty Two","Fifty Three","Fifty Four","Fifty Five","Fifty Six","Fifty Seven","Fifty Eight","Fifty Nine","Sixty","Sixty One","Sixty Two","Sixty Three","Sixty Four","Sixty Five","Sixty Six","Sixty Seven","Sixty Eight","Sixty Nine","Seventy","Seventy One","Seventy Two","Seventy Three","Seventy Four","Seventy Five","Seventy Six","Seventy Seven","Seventy Eight","Seventy Nine","Eighty","Eighty One","Eighty Two","Eighty Three","Eighty Four","Eighty Five","Eighty Six","Eighty Seven","Eighty Eight","Eighty Nine","Ninety","Ninety One","Ninety Two","Ninety Three","Ninety Four","Ninety Five","Ninety Six","Ninety Seven","Ninety Eight","Ninety Nine"},MATCH(((RIGHT(N54,7)-RIGHT(N54,5))/100000),{1,2,3,4,5,6,7,8,9,10,11,12,13,14,15,16,17,18,19,20,21,22,23,24,25,26,27,28,29,30,31,32,33,34,35,36,37,38,39,40,41,42,43,44,45,46,47,48,49,50,51,52,53,54,55,56,57,58,59,60,61,62,63,64,65,66,67,68,69,70,71,72,73,74,75,76,77,78,79,80,81,82,83,84,85,86,87,88,89,90,91,92,93,94,95,96,97,98,99},0))&" Lakh")&" "&IF(((RIGHT(N54,5)-RIGHT(N54,3))/1000)=0,"",INDEX({"One","Two","Three","Four","Five","Six","Seven","Eight","Nine","Ten","Eleven","Twelve","Thirteen","Fourteen","Fifteen","Sixteen","Seventeen","Eighteen","Nineteen","Twenty","Twenty one","Twenty two","Twenty three","Twenty four","Twenty five","Twenty six","Twenty seven","Twenty eight","Twenty nine","Thirty","Thirty one","Thirty two","Thirty three","Thirty four","Thirty five","Thirty six","Thirty seven","Thirty eight","Thirty nine","Fourty","Fourty one","Fourty two","Fourty three","Fourty four","Fourty five","Fourty six","Fourty seven","Fourty eight","Fourty nine","Fifty","Fifty One","Fifty Two","Fifty Three","Fifty Four","Fifty Five","Fifty Six","Fifty Seven","Fifty Eight","Fifty Nine","Sixty","Sixty One","Sixty Two","Sixty Three","Sixty Four","Sixty Five","Sixty Six","Sixty Seven","Sixty Eight","Sixty Nine","Seventy","Seventy One","Seventy Two","Seventy Three","Seventy Four","Seventy Five","Seventy Six","Seventy Seven","Seventy Eight","Seventy Nine","Eighty","Eighty One","Eighty Two","Eighty Three","Eighty Four","Eighty Five","Eighty Six","Eighty Seven","Eighty Eight","Eighty Nine","Ninety","Ninety One","Ninety Two","Ninety Three","Ninety Four","Ninety Five","Ninety Six","Ninety Seven","Ninety Eight","Ninety Nine"},MATCH(((RIGHT(N54,5)-RIGHT(N54,3))/1000),{1,2,3,4,5,6,7,8,9,10,11,12,13,14,15,16,17,18,19,20,21,22,23,24,25,26,27,28,29,30,31,32,33,34,35,36,37,38,39,40,41,42,43,44,45,46,47,48,49,50,51,52,53,54,55,56,57,58,59,60,61,62,63,64,65,66,67,68,69,70,71,72,73,74,75,76,77,78,79,80,81,82,83,84,85,86,87,88,89,90,91,92,93,94,95,96,97,98,99},0))&" Thousand")&" "&IF(((RIGHT(N54,3)-RIGHT(N54,2))/100)=0,"",INDEX({"One","Two","Three","Four","Five","Six","Seven","Eight","Nine"},MATCH(((RIGHT(N54,3)-RIGHT(N54,2))/100),{1,2,3,4,5,6,7,8,9},0))&" Hundred")&" "&(IF(RIGHT(N54,2)="00","",INDEX({"One","Two","Three","Four","Five","Six","Seven","Eight","Nine","Ten","Eleven","Twelve","Thirteen","Fourteen","Fifteen","Sixteen","Seventeen","Eighteen","Nineteen","Twenty","Twenty one","Twenty two","Twenty three","Twenty four","Twenty five","Twenty six","Twenty seven","Twenty eight","Twenty nine","Thirty","Thirty one","Thirty two","Thirty three","Thirty four","Thirty five","Thirty six","Thirty seven","Thirty eight","Thirty nine","Fourty","Fourty one","Fourty two","Fourty three","Fourty four","Fourty five","Fourty six","Fourty seven","Fourty eight","Fourty nine","Fifty","Fifty One","Fifty Two","Fifty Three","Fifty Four","Fifty Five","Fifty Six","Fifty Seven","Fifty Eight","Fifty Nine","Sixty","Sixty One","Sixty Two","Sixty Three","Sixty Four","Sixty Five","Sixty Six","Sixty Seven","Sixty Eight","Sixty Nine","Seventy","Seventy One","Seventy Two","Seventy Three","Seventy Four","Seventy Five","Seventy Six","Seventy Seven","Seventy Eight","Seventy Nine","Eighty","Eighty One","Eighty Two","Eighty Three","Eighty Four","Eighty Five","Eighty Six","Eighty Seven","Eighty Eight","Eighty Nine","Ninety","Ninety One","Ninety Two","Ninety Three","Ninety Four","Ninety Five","Ninety Six","Ninety Seven","Ninety Eight","Ninety Nine"},MATCH(SUM(RIGHT(N54,2)),{1,2,3,4,5,6,7,8,9,10,11,12,13,14,15,16,17,18,19,20,21,22,23,24,25,26,27,28,29,30,31,32,33,34,35,36,37,38,39,40,41,42,43,44,45,46,47,48,49,50,51,52,53,54,55,56,57,58,59,60,61,62,63,64,65,66,67,68,69,70,71,72,73,74,75,76,77,78,79,80,81,82,83,84,85,86,87,88,89,90,91,92,93,94,95,96,97,98,99},0))))&" Only") -> Ten Lakh Six Thousand Five Hundred Only

Sheet Pass
C2: Section of Establishment | F2: Name | H2: Period | K2: Rupees
B8: FOR USE OF FINANCE DEPARTMENT | L8: Signature of Drawing and Disbursing Officer
B10: Pay Rs. : | E10: (In words) Rupees : | K10: Please pay to Shri .................................. Designation ................
K11: Whose Signature below is hereby attested.
B13: Deductions | K13: Received payment through Shri .......................................................
B14: as detailed below :- | J14: Rupees | K14: Whose specimen signature is hereby attested.
A16: 1 | B16: Net Payment
A17: 2
A18: 3 | K18: Date :
A19: 4 | L19: Signature of Drawing and Disbursing Officer
A20: 5
A21: 6
A22: 7
A23: 8 | K23: Drawn on : ..................................................
A24: 9 | L24: A.O. / C.A. & F.O.
A25: 10
A26: 11
A27: 12
A29: 13
A30: 14
A31: 15
A32: 16
A33: 17
A34: 18
A35: 19
A36: 20
A37: 21
... A39: 23
B40: Head Accountant | F40: TOTAL
B41: Auditor

Sheet Inn
A1: ADDITION | M1: DEDUCTION
A2: Sr. No. | B2: Section of Establishment and Name of Incumbent | C2: Grade Pay/ Subst/ Perso/ arness Pay | D2: Leave Salary | E2: Pay Band -F.A. | F2: D.A.Adl.D.A & D.A. Arrears | G2: Compens-atory Local Allowance | H2: House Rent Allowance | I2: Other Charges (W.A.) Ron.Fran. | J2: Gross Salary (PA+TA) | K2: Add Conv. PTA Hono. | L2: Gross Total | M2: For use of Audit Office | N2: Adjustable By Finance Department | X2: Total Deduction | Y2: Net Amount Payable
N3: General Provident Fund | P3: H.B.A., R.D., S.W.F. | Q3: GIS HLO / SBI HLO/C P F | R3: Income Tax | S3: GSLI L.I.C. GIS | T3: Dhule Soci., Yawal Soci Peon Soci. Gsspsdnj | U3: Prof. Tax Arrs | V3: Govt. Society HSL Recovery | W3: Grain Advance/ F A
N4: Account No. | O4: Z.P. Advance Recovery
A5: 1 | B5: 2 | C5: 3 | D5: 4 | E5: 5 | F5: 6 | G5: 7 | H5: 8 | I5: 9 | J5: 10 | K5: 11 | L5: 12 | M5: 13 | N5: 14a | O5: 14b | P5: 15 | Q5: 16 | R5: 17 | S5: 18 | T5: 19 | U5: 20 | V5: 21 | W5: 22 | X5: 23 | Y5: 24
C6: Rs. | D6: Rs. | E6: Rs. | F6: Rs. | G6: Rs. | H6: Rs. | I6: Rs. | J6: Rs. | K6: Rs. | L6: Rs. | M6: S.| L.| O. | O6: Rs. | P6: Rs. | Q6: Rs. | R6: Rs. | S6: Rs. | T6: Rs. | U6: Rs. | V6: Rs. | W6: Rs. | X6: Rs. | Y6: Rs.
B7: Post of Sr Asst. In The Pay Band (s-1) 5200-20200 & Grade Pay2400 Leave Incashment Bill
C8: =ROUND((B12)*300/30,0) -> 0 | D8: 0 | E8: =ROUND((B11)*C16/30,0) -> 671000 | F8: =ROUND((B13)*C16/30,0) -> 335500 | G8: 0 | H8: 0 | I8: 0 | J8: =J9-E9 -> 1006500 | K8: 0 | L8: =J8 -> 1006500 | N8: 0 | O8: 0 | P8: 0 | Q8: 0 | R8: 0 | S8: 0 | T8: 0 | U8: 0 | V8: 0 | W8: 0
A9: 1 | B9: ='Pension form'!D71 -> 0 | C9: 0 | E9: 0 | F9: 0 | J9: =C8+E8+F8+G8+H8+C9+F9 -> 1006500 | K9: 0 | O9: 0 | P9: 0 | S9: 0 | T9: 0 | U9: 0
B10: ='Pension form'!D72 -> 0 | C10: 0 | F10: 0 | K10: 0 | O10: 0 | P10: 0 | S10: 0 | T10: 0 | X10: =O8+O9+O10+P8+P9+P10+Q8+Q9+Q10+R8+R9+R10+S8+S9+S10+T8+T9+T10+U8+U9+V8+W8 -> 0 | Y10: =L8-X10 -> 1006500
A11: Pay @ 16520 & Grade Pay @ 4200 | B11: ='Pension form'!D37 -> 67100
A12: G p | B12: ='Pension form'!E37 -> 0
A13: DA | B13: =ROUND((B11+B12)*'Pension form'!C13/100,0) -> 33550 | C13: 0 | R13: Remarks :
A14: Fun. | B14: Basic pay+ grade pay+ da x leave
B15: 30
A16: Sanction Leave for | C16: ='Pension form'!D69 -> 300 | D16: Days
C19: =C8 -> 0 | D19: =D8 -> 0 | E19: =E8 -> 671000 | F19: =F8 -> 335500 | G19: =G8 -> 0 | H19: =H8 -> 0 | I19: =I8 -> 0 | J19: =J8 -> 1006500 | ... L19: =L8 -> 1006500 | O19: =O8 -> 0 | P19: =P8 -> 0 | Q19: =Q8 -> 0 | R19: =R8 -> 0 | S19: =S8 -> 0 | T19: =T8 -> 0 | U19: =U8 -> 0 | V19: =V8 -> 0 | W19: =W8 -> 0
C20: =C9 -> 0 | E20: =E9 -> 0 | F20: =F9 -> 0 | J20: =J9 -> 1006500 | K20: =K9 -> 0 | O20: =O9 -> 0 | P20: =P9 -> 0 | Q20: =Q9 -> 0 | S20: =S9 -> 0 | T20: =T9 -> 0 | U20: =U9 -> 0
B21: Total of Page No.1 | C21: =C10 -> 0 | F21: =F10 -> 0 | K21: =K10 -> 0 | O21: =O10 -> 0 | P21: =P10 -> 0 | S21: =S10 -> 0 | T21: =T10 -> 0 | X21: =X10 -> 0 | Y21: =Y10 -> 1006500
C22: =C11 -> 0
C23: =C13 -> 0
A24: PAGEWISE ABSTRACT
A25: ADDITION | M25: DEDUCTION
A26: Sr. No. | B26: Section of Establishment and Name of Incumbent | C26: Grade Pay/ Subst/ Perso/ arness Pay | D26: Leave Salary | E26: Pay Band -F.A. | F26: D.A.Adl.D.A & D.A. Arrears | G26: Compens-atory Local Allowance | H26: House Rent Allowance | I26: Other Charges (W.A.) Ron.Fran. | J26: Gross Salary (PA+TA) | K26: Add Conv. PTA Hono. | L26: Gross Total | M26: For use of Audit Office | N26: Adjustable By Finance Department | X26: Total Deduction | Y26: Net Amount Payable
N27: General Provident Fund | P27: H.B.A., R.D., S.W.F. | Q27: Other Recove-ries | R27: Income Tax | S27: GSLI L.I.C. GIS | T27: Dhule Soci., Yawal Soci | U27: Prof. Tax Arrs | V27: Govt. Society HSL Recovery | W27: Grain Advance
N28: Account No. | O28: Z.P. Advance Recovery
A29: 1 | B29: 2 | C29: 3 | D29: 4 | E29: 5 | F29: 6 | G29: 7 | H29: 8 | I29: 9 | J29: 10 | K29: 11 | L29: 12 | M29: 13 | N29: 14a | O29: 14b | P29: 15 | Q29: 16 | R29: 17 | S29: 18 | T29: 19 | U29: 20 | V29: 21 | W29: 22 | X29: 23 | Y29: 24
C30: Rs. | D30: Rs. | E30: Rs. | F30: Rs. | G30: Rs. | H30: Rs. | I30: Rs. | J30: Rs. | K30: Rs. | L30: Rs. | M30: S.| L.| O. | O30: Rs. | P30: Rs. | Q30: Rs. | R30: Rs. | S30: Rs. | T30: Rs. | U30: Rs. | V30: Rs. | W30: Rs. | X30: Rs. | Y30: Rs.
C31: =C19 -> 0 | D31: =D19 -> 0 | E31: =E19 -> 671000 | F31: =F19 -> 335500 | G31: =G19 -> 0 | H31: =H19 -> 0 | I31: =I19 -> 0 | J31: =J19 -> 1006500 | ... L31: =L19 -> 1006500 | O31: =O19 -> 0 | P31: =P19 -> 0 | Q31: =Q19 -> 0 | R31: =R19 -> 0 | S31: =S19 -> 0 | T31: =T19 -> 0 | U31: =U19 -> 0 | V31: =V19 -> 0 | W31: =W19 -> 0
C32: =C20 -> 0 | E32: =E20 -> 0 | F32: =F20 -> 0 | J32: =J20 -> 1006500 | O32: =O20 -> 0 | P32: =P20 -> 0 | Q32: =Q20 -> 0 | S32: =S20 -> 0 | T32: =T20 -> 0 | U32: =U20 -> 0
B33: 1 | C33: =C21 -> 0 | F33: =F21 -> 0 | O33: =O21 -> 0 | P33: =P21 -> 0 | S33: =S21 -> 0 | T33: =T21 -> 0 | X33: =X21 -> 0 | Y33: =Y21 -> 1006500
C34: =C22 -> 0 | P34: =P22
C35: =C23 -> 0
C36: =C31 -> 0 | D36: =D31 -> 0 | E36: =E31 -> 671000 | F36: =F31 -> 335500 | G36: =G31 -> 0 | H36: =H31 -> 0 | I36: =I31 -> 0 | J36: =J31 -> 1006500 | ... L36: =L31 -> 1006500 | O36: =O31 -> 0 | P36: =P31 -> 0 | Q36: =Q31 -> 0 | R36: =R31 -> 0 | S36: =S31 -> 0 | T36: =T31 -> 0 | U36: =U31 -> 0 | V36: =V31 -> 0 | W36: =W31 -> 0
C37: =C32 -> 0 | E37: =E32 -> 0 | F37: =F32 -> 0 | J37: =J32 -> 1006500 | K37: =K32 -> 0 | O37: =O32 -> 0 | P37: =P32 -> 0 | Q37: =Q32+#REF!+#REF!+#REF!+#REF! -> #REF! | S37: =S32 -> 0 | T37: =T32 -> 0 | U37: =U32 -> 0
B38: Total of All The Pages | C38: =C33 -> 0 | K38: =K33 -> 0 | O38: =O33 -> 0 | P38: =P33 -> 0 | S38: =S33 -> 0 | T38: =T33 -> 0 | X38: =X33 -> 0 | Y38: =L36-X38 -> 1006500
C39: =C34 -> 0 | T39: =T34 -> 0
C40: =C35 -> 0
E41: ( in wards) Rupees : | F41: =TRIM(IF(((RIGHT(Y21,9)-RIGHT(Y21,7))/10000000)=0,"",INDEX({"One","Two","Three","Four","Five","Six","Seven","Eight","Nine","Ten","Eleven","Twelve","Thirteen","Fourteen","Fifteen","Sixteen","Seventeen","Eighteen","Nineteen","Twenty","Twenty one","Twenty two","Twenty three","Twenty four","Twenty five","Twenty six","Twenty seven","Twenty eight","Twenty nine","Thirty","Thirty one","Thirty two","Thirty three","Thirty four","Thirty five","Thirty six","Thirty seven","Thirty eight","Thirty nine","Fourty","Fourty one","Fourty two","Fourty three","Fourty four","Fourty five","Fourty six","Fourty seven","Fourty eight","Fourty nine","Fifty","Fifty One","Fifty Two","Fifty Three","Fifty Four","Fifty Five","Fifty Six","Fifty Seven","Fifty Eight","Fifty Nine","Sixty","Sixty One","Sixty Two","Sixty Three","Sixty Four","Sixty Five","Sixty Six","Sixty Seven","Sixty Eight","Sixty Nine","Seventy","Seventy One","Seventy Two","Seventy Three","Seventy Four","Seventy Five","Seventy Six","Seventy Seven","Seventy Eight","Seventy Nine","Eighty","Eighty One","Eighty Two","Eighty Three","Eighty Four","Eighty Five","Eighty Six","Eighty Seven","Eighty Eight","Eighty Nine","Ninety","Ninety One","Ninety Two","Ninety Three","Ninety Four","Ninety Five","Ninety Six","Ninety Seven","Ninety Eight","Ninety Nine"},MATCH(((RIGHT(Y21,9)-RIGHT(Y21,7))/10000000),{1,2,3,4,5,6,7,8,9,10,11,12,13,14,15,16,17,18,19,20,21,22,23,24,25,26,27,28,29,30,31,32,33,34,35,36,37,38,39,40,41,42,43,44,45,46,47,48,49,50,51,52,53,54,55,56,57,58,59,60,61,62,63,64,65,66,67,68,69,70,71,72,73,74,75,76,77,78,79,80,81,82,83,84,85,86,87,88,89,90,91,92,93,94,95,96,97,98,99},0))&" Crore")&" "&IF(((RIGHT(Y21,7)-RIGHT(Y21,5))/100000)=0,"",INDEX({"One","Two","Three","Four","Five","Six","Seven","Eight","Nine","Ten","Eleven","Twelve","Thirteen","Fourteen","Fifteen","Sixteen","Seventeen","Eighteen","Nineteen","Twenty","Twenty one","Twenty two","Twenty three","Twenty four","Twenty five","Twenty six","Twenty seven","Twenty eight","Twenty nine","Thirty","Thirty one","Thirty two","Thirty three","Thirty four","Thirty five","Thirty six","Thirty seven","Thirty eight","Thirty nine","Fourty","Fourty one","Fourty two","Fourty three","Fourty four","Fourty five","Fourty six","Fourty seven","Fourty eight","Fourty nine","Fifty","Fifty One","Fifty Two","Fifty Three","Fifty Four","Fifty Five","Fifty Six","Fifty Seven","Fifty Eight","Fifty Nine","Sixty","Sixty One","Sixty Two","Sixty Three","Sixty Four","Sixty Five","Sixty Six","Sixty Seven","Sixty Eight","Sixty Nine","Seventy","Seventy One","Seventy Two","Seventy Three","Seventy Four","Seventy Five","Seventy Six","Seventy Seven","Seventy Eight","Seventy Nine","Eighty","Eighty One","Eighty Two","Eighty Three","Eighty Four","Eighty Five","Eighty Six","Eighty Seven","Eighty Eight","Eighty Nine","Ninety","Ninety One","Ninety Two","Ninety Three","Ninety Four","Ninety Five","Ninety Six","Ninety Seven","Ninety Eight","Ninety Nine"},MATCH(((RIGHT(Y21,7)-RIGHT(Y21,5))/100000),{1,2,3,4,5,6,7,8,9,10,11,12,13,14,15,16,17,18,19,20,21,22,23,24,25,26,27,28,29,30,31,32,33,34,35,36,37,38,39,40,41,42,43,44,45,46,47,48,49,50,51,52,53,54,55,56,57,58,59,60,61,62,63,64,65,66,67,68,69,70,71,72,73,74,75,76,77,78,79,80,81,82,83,84,85,86,87,88,89,90,91,92,93,94,95,96,97,98,99},0))&" Lakh")&" "&IF(((RIGHT(Y21,5)-RIGHT(Y21,3))/1000)=0,"",INDEX({"One","Two","Three","Four","Five","Six","Seven","Eight","Nine","Ten","Eleven","Twelve","Thirteen","Fourteen","Fifteen","Sixteen","Seventeen","Eighteen","Nineteen","Twenty","Twenty one","Twenty two","Twenty three","Twenty four","Twenty five","Twenty six","Twenty seven","Twenty eight","Twenty nine","Thirty","Thirty one","Thirty two","Thirty three","Thirty four","Thirty five","Thirty six","Thirty seven","Thirty eight","Thirty nine","Fourty","Fourty one","Fourty two","Fourty three","Fourty four","Fourty five","Fourty six","Fourty seven","Fourty eight","Fourty nine","Fifty","Fifty One","Fifty Two","Fifty Three","Fifty Four","Fifty Five","Fifty Six","Fifty Seven","Fifty Eight","Fifty Nine","Sixty","Sixty One","Sixty Two","Sixty Three","Sixty Four","Sixty Five","Sixty Six","Sixty Seven","Sixty Eight","Sixty Nine","Seventy","Seventy One","Seventy Two","Seventy Three","Seventy Four","Seventy Five","Seventy Six","Seventy Seven","Seventy Eight","Seventy Nine","Eighty","Eighty One","Eighty Two","Eighty Three","Eighty Four","Eighty Five","Eighty Six","Eighty Seven","Eighty Eight","Eighty Nine","Ninety","Ninety One","Ninety Two","Ninety Three","Ninety Four","Ninety Five","Ninety Six","Ninety Seven","Ninety Eight","Ninety Nine"},MATCH(((RIGHT(Y21,5)-RIGHT(Y21,3))/1000),{1,2,3,4,5,6,7,8,9,10,11,12,13,14,15,16,17,18,19,20,21,22,23,24,25,26,27,28,29,30,31,32,33,34,35,36,37,38,39,40,41,42,43,44,45,46,47,48,49,50,51,52,53,54,55,56,57,58,59,60,61,62,63,64,65,66,67,68,69,70,71,72,73,74,75,76,77,78,79,80,81,82,83,84,85,86,87,88,89,90,91,92,93,94,95,96,97,98,99},0))&" Thousand")&" "&IF(((RIGHT(Y21,3)-RIGHT(Y21,2))/100)=0,"",INDEX({"One","Two","Three","Four","Five","Six","Seven","Eight","Nine"},MATCH(((RIGHT(Y21,3)-RIGHT(Y21,2))/100),{1,2,3,4,5,6,7,8,9},0))&" Hundred")&" "&(IF(RIGHT(Y21,2)="00","",INDEX({"One","Two","Three","Four","Five","Six","Seven","Eight","Nine","Ten","Eleven","Twelve","Thirteen","Fourteen","Fifteen","Sixteen","Seventeen","Eighteen","Nineteen","Twenty","Twenty one","Twenty two","Twenty three","Twenty four","Twenty five","Twenty six","Twenty seven","Twenty eight","Twenty nine","Thirty","Thirty one","Thirty two","Thirty three","Thirty four","Thirty five","Thirty six","Thirty seven","Thirty eight","Thirty nine","Fourty","Fourty one","Fourty two","Fourty three","Fourty four","Fourty five","Fourty six","Fourty seven","Fourty eight","Fourty nine","Fifty","Fifty One","Fifty Two","Fifty Three","Fifty Four","Fifty Five","Fifty Six","Fifty Seven","Fifty Eight","Fifty Nine","Sixty","Sixty One","Sixty Two","Sixty Three","Sixty Four","Sixty Five","Sixty Six","Sixty Seven","Sixty Eight","Sixty Nine","Seventy","Seventy One","Seventy Two","Seventy Three","Seventy Four","Seventy Five","Seventy Six","Seventy Seven","Seventy Eight","Seventy Nine","Eighty","Eighty One","Eighty Two","Eighty Three","Eighty Four","Eighty Five","Eighty Six","Eighty Seven","Eighty Eight","Eighty Nine","Ninety","Ninety One","Ninety Two","Ninety Three","Ninety Four","Ninety Five","Ninety Six","Ninety Seven","Ninety Eight","Ninety Nine"},MATCH(SUM(RIGHT(Y21,2)),{1,2,3,4,5,6,7,8,9,10,11,12,13,14,15,16,17,18,19,20,21,22,23,24,25,26,27,28,29,30,31,32,33,34,35,36,37,38,39,40,41,42,43,44,45,46,47,48,49,50,51,52,53,54,55,56,57,58,59,60,61,62,63,64,65,66,67,68,69,70,71,72,73,74,75,76,77,78,79,80,81,82,83,84,85,86,87,88,89,90,91,92,93,94,95,96,97,98,99},0))))&" Only") -> Ten Lakh Six Thousand Five Hundred Only
E42: nùÉJÉ±ÉÉ
E43: 1) ºÉnù®ú SÉä näùªÉEò ªÉÉ{ÉÚ´ÉÔ ºÉÉnù®ú iÉºÉäSÉ +nùÉ Eäò±Éä±Éä xÉÉ½þÒ.
E44: 2) ºÉnù®ú näùªÉEò iÉ{ÉÊ¶É±É ´É ¤ÉÉ¤ÉÒ ¤É®úÉä¤É®ú +É½äþiÉ.
E45: 3) ºÉnù®ú ®úVÉÉ ®úÉäJÉÒEò®úhÉ ¨ÉÆVÉÚ®úÒSÉÒ xÉÉånù ¨ÉÚÖ³ý ºÉä´ÉÉ{ÉÖºiÉEòÉiÉ PÉähªÉÉiÉ +É±Éä±ÉÒ +É½äþ.
T46: ='BTR26'!R20 -> Block Development officer HG
T47: ='BTR26'!R21 -> Panchayat Samiti Jalgaon

Sheet Certi
A1: Uner Rupees ( In wards) : | E1: =F9 -> Ten Lakh Six Thousand Five Hundred Only
B4: Net Amount required for Payment | O4: Rs.
B5: ( Brought forward from First Page)
O6: ='BTR26'!N54 -> 1006500
B9: ( in wards) Rupees : | F9: =TRIM(IF(((RIGHT(O6,9)-RIGHT(O6,7))/10000000)=0,"",INDEX({"One","Two","Three","Four","Five","Six","Seven","Eight","Nine","Ten","Eleven","Twelve","Thirteen","Fourteen","Fifteen","Sixteen","Seventeen","Eighteen","Nineteen","Twenty","Twenty one","Twenty two","Twenty three","Twenty four","Twenty five","Twenty six","Twenty seven","Twenty eight","Twenty nine","Thirty","Thirty one","Thirty two","Thirty three","Thirty four","Thirty five","Thirty six","Thirty seven","Thirty eight","Thirty nine","Fourty","Fourty one","Fourty two","Fourty three","Fourty four","Fourty five","Fourty six","Fourty seven","Fourty eight","Fourty nine","Fifty","Fifty One","Fifty Two","Fifty Three","Fifty Four","Fifty Five","Fifty Six","Fifty Seven","Fifty Eight","Fifty Nine","Sixty","Sixty One","Sixty Two","Sixty Three","Sixty Four","Sixty Five","Sixty Six","Sixty Seven","Sixty Eight","Sixty Nine","Seventy","Seventy One","Seventy Two","Seventy Three","Seventy Four","Seventy Five","Seventy Six","Seventy Seven","Seventy Eight","Seventy Nine","Eighty","Eighty One","Eighty Two","Eighty Three","Eighty Four","Eighty Five","Eighty Six","Eighty Seven","Eighty Eight","Eighty Nine","Ninety","Ninety One","Ninety Two","Ninety Three","Ninety Four","Ninety Five","Ninety Six","Ninety Seven","Ninety Eight","Ninety Nine"},MATCH(((RIGHT(O6,9)-RIGHT(O6,7))/10000000),{1,2,3,4,5,6,7,8,9,10,11,12,13,14,15,16,17,18,19,20,21,22,23,24,25,26,27,28,29,30,31,32,33,34,35,36,37,38,39,40,41,42,43,44,45,46,47,48,49,50,51,52,53,54,55,56,57,58,59,60,61,62,63,64,65,66,67,68,69,70,71,72,73,74,75,76,77,78,79,80,81,82,83,84,85,86,87,88,89,90,91,92,93,94,95,96,97,98,99},0))&" Crore")&" "&IF(((RIGHT(O6,7)-RIGHT(O6,5))/100000)=0,"",INDEX({"One","Two","Three","Four","Five","Six","Seven","Eight","Nine","Ten","Eleven","Twelve","Thirteen","Fourteen","Fifteen","Sixteen","Seventeen","Eighteen","Nineteen","Twenty","Twenty one","Twenty two","Twenty three","Twenty four","Twenty five","Twenty six","Twenty seven","Twenty eight","Twenty nine","Thirty","Thirty one","Thirty two","Thirty three","Thirty four","Thirty five","Thirty six","Thirty seven","Thirty eight","Thirty nine","Fourty","Fourty one","Fourty two","Fourty three","Fourty four","Fourty five","Fourty six","Fourty seven","Fourty eight","Fourty nine","Fifty","Fifty One","Fifty Two","Fifty Three","Fifty Four","Fifty Five","Fifty Six","Fifty Seven","Fifty Eight","Fifty Nine","Sixty","Sixty One","Sixty Two","Sixty Three","Sixty Four","Sixty Five","Sixty Six","Sixty Seven","Sixty Eight","Sixty Nine","Seventy","Seventy One","Seventy Two","Seventy Three","Seventy Four","Seventy Five","Seventy Six","Seventy Seven","Seventy Eight","Seventy Nine","Eighty","Eighty One","Eighty Two","Eighty Three","Eighty Four","Eighty Five","Eighty Six","Eighty Seven","Eighty Eight","Eighty Nine","Ninety","Ninety One","Ninety Two","Ninety Three","Ninety Four","Ninety Five","Ninety Six","Ninety Seven","Ninety Eight","Ninety Nine"},MATCH(((RIGHT(O6,7)-RIGHT(O6,5))/100000),{1,2,3,4,5,6,7,8,9,10,11,12,13,14,15,16,17,18,19,20,21,22,23,24,25,26,27,28,29,30,31,32,33,34,35,36,37,38,39,40,41,42,43,44,45,46,47,48,49,50,51,52,53,54,55,56,57,58,59,60,61,62,63,64,65,66,67,68,69,70,71,72,73,74,75,76,77,78,79,80,81,82,83,84,85,86,87,88,89,90,91,92,93,94,95,96,97,98,99},0))&" Lakh")&" "&IF(((RIGHT(O6,5)-RIGHT(O6,3))/1000)=0,"",INDEX({"One","Two","Three","Four","Five","Six","Seven","Eight","Nine","Ten","Eleven","Twelve","Thirteen","Fourteen","Fifteen","Sixteen","Seventeen","Eighteen","Nineteen","Twenty","Twenty one","Twenty two","Twenty three","Twenty four","Twenty five","Twenty six","Twenty seven","Twenty eight","Twenty nine","Thirty","Thirty one","Thirty two","Thirty three","Thirty four","Thirty five","Thirty six","Thirty seven","Thirty eight","Thirty nine","Fourty","Fourty one","Fourty two","Fourty three","Fourty four","Fourty five","Fourty six","Fourty seven","Fourty eight","Fourty nine","Fifty","Fifty One","Fifty Two","Fifty Three","Fifty Four","Fifty Five","Fifty Six","Fifty Seven","Fifty Eight","Fifty Nine","Sixty","Sixty One","Sixty Two","Sixty Three","Sixty Four","Sixty Five","Sixty Six","Sixty Seven","Sixty Eight","Sixty Nine","Seventy","Seventy One","Seventy Two","Seventy Three","Seventy Four","Seventy Five","Seventy Six","Seventy Seven","Seventy Eight","Seventy Nine","Eighty","Eighty One","Eighty Two","Eighty Three","Eighty Four","Eighty Five","Eighty Six","Eighty Seven","Eighty Eight","Eighty Nine","Ninety","Ninety One","Ninety Two","Ninety Three","Ninety Four","Ninety Five","Ninety Six","Ninety Seven","Ninety Eight","Ninety Nine"},MATCH(((RIGHT(O6,5)-RIGHT(O6,3))/1000),{1,2,3,4,5,6,7,8,9,10,11,12,13,14,15,16,17,18,19,20,21,22,23,24,25,26,27,28,29,30,31,32,33,34,35,36,37,38,39,40,41,42,43,44,45,46,47,48,49,50,51,52,53,54,55,56,57,58,59,60,61,62,63,64,65,66,67,68,69,70,71,72,73,74,75,76,77,78,79,80,81,82,83,84,85,86,87,88,89,90,91,92,93,94,95,96,97,98,99},0))&" Thousand")&" "&IF(((RIGHT(O6,3)-RIGHT(O6,2))/100)=0,"",INDEX({"One","Two","Three","Four","Five","Six","Seven","Eight","Nine"},MATCH(((RIGHT(O6,3)-RIGHT(O6,2))/100),{1,2,3,4,5,6,7,8,9},0))&" Hundred")&" "&(IF(RIGHT(O6,2)="00","",INDEX({"One","Two","Three","Four","Five","Six","Seven","Eight","Nine","Ten","Eleven","Twelve","Thirteen","Fourteen","Fifteen","Sixteen","Seventeen","Eighteen","Nineteen","Twenty","Twenty one","Twenty two","Twenty three","Twenty four","Twenty five","Twenty six","Twenty seven","Twenty eight","Twenty nine","Thirty","Thirty one","Thirty two","Thirty three","Thirty four","Thirty five","Thirty six","Thirty seven","Thirty eight","Thirty nine","Fourty","Fourty one","Fourty two","Fourty three","Fourty four","Fourty five","Fourty six","Fourty seven","Fourty eight","Fourty nine","Fifty","Fifty One","Fifty Two","Fifty Three","Fifty Four","Fifty Five","Fifty Six","Fifty Seven","Fifty Eight","Fifty Nine","Sixty","Sixty One","Sixty Two","Sixty Three","Sixty Four","Sixty Five","Sixty Six","Sixty Seven","Sixty Eight","Sixty Nine","Seventy","Seventy One","Seventy Two","Seventy Three","Seventy Four","Seventy Five","Seventy Six","Seventy Seven","Seventy Eight","Seventy Nine","Eighty","Eighty One","Eighty Two","Eighty Three","Eighty Four","Eighty Five","Eighty Six","Eighty Seven","Eighty Eight","Eighty Nine","Ninety","Ninety One","Ninety Two","Ninety Three","Ninety Four","Ninety Five","Ninety Six","Ninety Seven","Ninety Eight","Ninety Nine"},MATCH(SUM(RIGHT(O6,2)),{1,2,3,4,5,6,7,8,9,10,11,12,13,14,15,16,17,18,19,20,21,22,23,24,25,26,27,28,29,30,31,32,33,34,35,36,37,38,39,40,41,42,43,44,45,46,47,48,49,50,51,52,53,54,55,56,57,58,59,60,61,62,63,64,65,66,67,68,69,70,71,72,73,74,75,76,77,78,79,80,81,82,83,84,85,86,87,88,89,90,91,92,93,94,95,96,97,98,99},0))))&" Only") -> Ten Lakh Six Thousand Five Hundred Only
B12: In Cash Rs. | D12: : | E12: ='BTR26'!N54 -> 1006500 | F12: ( In words) | H12: Rupees | I12: =F9 -> Ten Lakh Six Thousand Five Hundred Only
B13: By RTR/Bank Draft (Rs) : | E13: 0 | F13: ( In words) | H13: Rupees
B14: By Adjustment Rs. : | E14: ='BTR26'!N51 -> 0 | F14: ( In words) | H14: Rupees | I14: Rupees nil and paise nil only
A16: 1 | B16: Certified that 6th pay commission is implemented in May 2009 paid in June 2009 & April 2009 Pay Diffrence implemented in this month as per Govt.Resulation of Finance Department, Mantalaya Mumbai & R.D.D. Mantralaya Mumbai as per G.R.No. in Marathi , vpr/1209/cr no.69/seva-9 Dt. 29, April 2009 & RDD G.R. Dt. 20 May, 2009
A17: 2 | B17: Certified that no person in superior service has been absent either on deputation or suspension with or without leave ( except on casual leave) during the month of Note,- When an absentee statment acconpanies the bill this certificate should be struck out.
A18: 3 | B18: Certified that no leave has been granted until by referance to the applicent's Service Book, leave accounts & to the leave rules applicable to him. I had satisfied myself that it was admissible and that all grants of leave and departures on and returns from and all periods of suspension and depution and other events which are required under the rules to be so recored have been recored in the Service Books and leave accounts under my initials.
A19: 4 | B19: Certified that all appointments and permanent promotions and such of the officiating promotions as have to be entered in the service books have been entered in the Service books of the persons concerned under my intials.
A20: 5 | B20: Certified that all Zilla Parishad, servants whose names are omitted from but for whom pay has been drawn in the bill have actually been employed during the month and that full details of the names of the persons concerned and the emoluments drawn for them working upto the total included in this bill have been duly shown in the office copy and that emoluments drawn are according tot he relevent rules and orders.
A21: 6 | B21: Certificed that all class IV servants for whom increments have been claimed in the bill have rendered the required priod of approved service entitling them to the increased pay drawn in the bills.
A22: 7 | B22: Certified that no person for whom house-rent allowance has been drawn in this bill has been in occupation of rent-free Z.P. Quarters during the period for which the allowance has been drawn. Also certified that I have satisfied myself that the months for whom house-rent allowance has been claimed in this bill are entitled to it either at the revised rates of pay or at the reduced rates of pay in accordance with the order of Govt. issued from time to time. Personal pay given on account of the revision or reduction of the scales of pay has been merged into increments as they accrued.
A23: 8 | B23: Certified that in the case of Zilla Parishad servants i subordinates services for whom pay on promotion on or after 1st May 1935 has been claimed in the old scales. It has been seen that it is correctly admissible according to the orders and rules in the matter.
A24: 9 | B24: Full presumption pay of the posts in which the Zilla Parishad servants concerned have been shown above as officiating has been allowed after due consideration of the responsibility involved as required by Rules. In other cases, officiating pay has been fixed in proporton to the responsibility involved.
A25: 10 | B25: Certified that the leave salary drawn in this bill is the pay of the permanent post held substantively by the incumbent at the time of taking leave.
A26: 11 | B26: Certified that in cases where the compensattory allowance have been claimed during leave ( or temporary transfer as the case may be ) the likehood of the officers returing to the same or similar posts was recored in the original orders sanctioing the leave ( or temporary transfer as the case may be.)
A27: 12 | B27: Certified that the Zilla Paridhad, servants from whom bad climate allowance is claimed in this bill are neither natives of not have their residence in the tract or place for which the allowance is sanctioned not are their headquarter at healthy place and that the rates do not exceed those menttioned in Rules.
... A31: 16 | B31: Certified that requisite certificates laid down in Rules in support of Compensatory Allowance and House Rent Allowance claims during leave and temporary transfer have been obtained from the incumbents and placed on record in my office.
O32: =Inn!T46 -> Block Development officer HG
O33: =Inn!T47 -> Panchayat Samiti Jalgaon

Sheet Transfer Ta
C1: ='Pension form'!C2 -> सोमनाथ चटर्जी | G1: ¤Énù±ÉÒ |É´ÉÉºÉ ¦ÉkÉÉ näùªÉEò | M1: =E6 -> 50192 | O1: ªÉÉ ¨ÉÊ½þxªÉÉSªÉÉ |É´ÉÉºÉ ¦ÉiªÉÉSÉä Ê¤É±É
A2: xÉÉÆ´É ´É {ÉnùxÉÉ¨É | B2: ¨ÉÖJªÉÉ±ÉªÉ | C2: |ÉiªÉIÉ ´ÉäiÉxÉ ´ÉÉ½þxÉ ¦ÉkÉÉ ËEò´ÉÉ EòÉªÉ¨É |É´ÉÉºÉ ¦ÉkÉÉ | D2: |É´ÉÉºÉÉSÉÉ +ÉÊhÉ ¨ÉÖCEòÉ¨ÉÉSÉÉ iÉ{ÉÊ¶É±É | J2: |É´ÉÉºÉÉSªÉÉ |ÉEòÉ®ú ®äú±´ÉäxÉä (¨Éä±É, BCºÉ|ÉäºÉ {ÉìºÉäVÉ®ú +ÉMÉ¤ÉÉä]õÒxÉä | K2: ®äú±´Éä / ¤ÉÉ¹{ÉxÉÉèEòÉ | M2: ¶É½þ®ú ¤ÉºÉ ºÉä´ÉÉ ¦ÉÉbä÷ | O2: nèùÊxÉEò JÉSÉÇ | R2: |ÉiªÉIÉ JÉSÉÇ ¨É½þÉxÉMÉ®ú ¦ÉkÉÉ | T2: |É´ÉÉºÉÉSÉä |ÉªÉÉäVÉxÉ | U2: |ÉiªÉäEò +Éä³ýÒSÉÒ BEÚòhÉ | V2: ¶Éä®úÉ
D3: |É¨ÉÉhÉ | G3: +ÉMÉ¨ÉxÉ | J3: +) ºÉb÷EäòxÉä ËEò´ÉÉ ]ÅõÉì±ÉÒiÉÚxÉ | K3: ¤É) |É´ÉÉºÉ ¦ÉÉbä÷ | M3: ÊE. ò¨ÉÒ | N3: ®úCEò¨É ¯û {Éè | O3: Ênù´ÉºÉ ºÉÆJªÉÉ ´É iÉÉºÉ | P3: nù®ú | Q3: ®úCEò¨É ®úÉ {Éè | R3: iÉ{ÉÊ¶É±É iÉÉºÉ | S3: ®úCEò¨É ¯û {Éè | U3: ®ú{ÉªÉä {ÉèºÉä
D4: Ê]õEòÉhÉ | E4: ÊnùxÉÉÆEò | F4: ´Éä³ý | G4: Ê]õEòÉhÉ | H4: ÊnùxÉÉÆEò | I4: ´Éä³ý | K4: ¦ÉÉbä÷ ¦ÉÉb÷ªÉÉÆSÉÒ ºÉÆJªÉÉ | L4: ®úCEò¨É
A5: =C1 -> सोमनाथ चटर्जी | B5: ='Pension form'!G4 -> कळवण | C5: =Inn!B11 -> 67100 | O5: 0 | Q5: =O5*P5 -> 0 | R5: =I5-F5 -> 0 | U5: =Q5+S5+L5 -> 0
C6: =Inn!B12 -> 0 | D6: =B5 -> कळवण | E6: ='Pension form'!D8 -> 50192 | F6: 9 | G6: ='Pension form'!D70 -> 0 | H6: =E6 -> 50192 | I6: 11 | J6: ¤ÉºÉ | K6: 4 | L6: 0 | M6: 48 | P6: 110 | S6: 220 | T6: ºÉä´ÉÉÊxÉ´ÉÞkÉÒ xÉÆiÉ®ú º´ÉMÉÞ½þÒ {É®úiÉ | U6: =S6 -> 220
D7: ºÉä´ÉÉÊxÉ´ÉÞkÉÒ xÉÆiÉ®úSÉä ¨ÉÚÖ³ý º´ÉMÉÞ½þÒ {É®úiÉÒSÉä ¤Énù±ÉÒ |É´ÉÉºÉ¦ÉkÉä +xÉÖnùÉxÉ ´ÉäiÉxÉÉSªÉÉ SªÉÉ 1/2 ]õCEÂòä ®úCEò¨É | J7: =C5 -> 67100 | S7: =ROUND(J9*1/2,0) -> 33550 | U7: =Q7+S7+L7 -> 33550
J8: =C6 -> 0
J9: =SUM(J7:J8) -> 67100
Q10: =O10*P10 -> 0
D19: +.Gò | E19: ºÉnùºªÉÉSÉÆ xÉÆÉ´É | G19: ´ÉªÉ
D20: 1 | E20: ='Pension form'!B29 -> 0 | G20: ='Pension form'!F29 -> 45 वर्ष, 8 महिना, 22 दिवस
D21: 2 | E21: ='Pension form'!B30 -> 0 | G21: ='Pension form'!F30 -> 39 वर्ष, 3 महिना, 15 दिवस
D22: 3 | E22: ='Pension form'!B31 -> 0 | G22: ='Pension form'!F31 -> 17 वर्ष, 8 महिना, 4 दिवस
D23: 4 | E23: ='Pension form'!B32 -> 0 | G23: ='Pension form'!F32 -> 8 वर्ष, 11 महिना, 0 दिवस
D24: 5 | E24: ='Pension form'!B33 -> 0 | G24: ='Pension form'!F33 -> 64 वर्ष, 2 महिना, 11 दिवस
M25: nùÉJÉ±ÉÉ
M26: 1) ºÉnù®ú SÉä näùªÉEò ªÉÉ{ÉÚ´ÉÔ ºÉÉnù®ú iÉºÉäSÉ +nùÉ Eäò±Éä±Éä xÉÉ½þÒ.
M27: 2) ºÉnù®ú näùªÉEòÉiÉ nù¶ÉÇÊ´É±ªÉÉ |É¨ÉÉhÉä ºÉÆ¤ÉÊvÉiÉÉxÉä |É´ÉÉºÉ Eò¨ÉÒiÉ Eò¨ÉÒ +ÆiÉ®úÉxÉä ¦ÉÉb÷ªÉÉSªÉÉ JÉSÉÉÇºÉ½þ Eäò±ÉÉ +É½äþ.
M28: 3) ºÉnù®ú näùªÉEò iÉ{ÉÊ¶É±É ´É ¤ÉÉ¤ÉÒ ¤É®úÉä¤É®ú +É½äþiÉ.
M29: 4) ºÉnù®ú ¤Énù±ÉÒ |É´ÉÉºÉ ¦ÉkÉÉ +xÉÖnùÉxÉ PÉäiÉ±Éä±Éä xÉÉ½þÒ ´É ºÉÉ¨ÉÉxÉÉSÉÒ ´ÉÉ½þiÉÖEò ½þÒ VÉ´É³ýSªÉÉ ¨ÉÉMÉÉÇxÉä Eò±Éä±ÉÒ +É½äþ.
I35: BEÖòhÉ | L35: =SUM(L5:L26) -> 0 | M35: =SUM(M5:M24) -> 48 | N35: =SUM(N5:N24) -> 0 | O35: =SUM(O5:O24) -> 0 | Q35: =SUM(Q5:Q24) -> 0 | S35: =SUM(S5:S24) -> 33770 | T35: =SUM(T5:T24) -> 0 | U35: =SUM(U5:U24) -> 33770
